Workbook
Name e申請書Version: 項目一覧!$C$348
Name その他の区域1: 項目一覧!$C$80
Name その他の区域2: 項目一覧!$C$81
Name その他の区域3: 項目一覧!$C$82
Name その他の区域4: 項目一覧!$C$83
Name その他の区域5: 項目一覧!$C$84
Name その他の区域6: 項目一覧!$C$85
Name その他必要な事項: 項目一覧!$C$166
Name その他必要な事項4_1: 項目一覧②!$F$61
Name その他必要な事項4_2: 項目一覧②!$F$311
Name その他必要な事項4_3: 項目一覧②!$F$561
Name その他必要な事項5_1_1: 項目一覧②!$F$88
Name その他必要な事項5_1_2: 項目一覧②!$F$115
Name その他必要な事項5_1_3: 項目一覧②!$F$142
Name その他必要な事項5_1_4: 項目一覧②!$F$169
Name その他必要な事項5_1_5: 項目一覧②!$F$196
Name その他必要な事項5_1_6: 項目一覧②!$F$223
Name その他必要な事項5_1_7: 項目一覧②!$F$250
Name その他必要な事項5_2_1: 項目一覧②!$F$338
Name その他必要な事項5_2_2: 項目一覧②!$F$365
Name その他必要な事項5_2_3: 項目一覧②!$F$392
Name その他必要な事項5_2_4: 項目一覧②!$F$419
Name その他必要な事項5_2_5: 項目一覧②!$F$446
Name その他必要な事項5_2_6: 項目一覧②!$F$473
Name その他必要な事項5_2_7: 項目一覧②!$F$500
Name その他必要な事項5_3_1: 項目一覧②!$F$588
Name その他必要な事項5_3_2: 項目一覧②!$F$615
Name その他必要な事項5_3_3: 項目一覧②!$F$642
Name その他必要な事項5_3_4: 項目一覧②!$F$669
Name その他必要な事項5_3_5: 項目一覧②!$F$696
Name その他必要な事項5_3_6: 項目一覧②!$F$723
Name その他必要な事項5_3_7: 項目一覧②!$F$750
Name プログラム認定区分6_1: 項目一覧②!$F$768
Name プログラム認定区分6_2: 項目一覧②!$F$789
Name プログラム認定区分6_3: 項目一覧②!$F$810
Name プログラム認定区分その他6_1: 項目一覧②!$F$770
Name プログラム認定区分その他6_2: 項目一覧②!$F$791
Name プログラム認定区分その他6_3: 項目一覧②!$F$812
Name プログラム名称6_1: 項目一覧②!$F$767
Name プログラム名称6_2: 項目一覧②!$F$788
Name プログラム名称6_3: 項目一覧②!$F$809
Name メーカー会社名: 項目一覧!$C$2
Name メーカー管理番号: 項目一覧!$C$341
Name メーカー事業所: 項目一覧!$C$3
Name メーカー申請担当メールアドレス: 項目一覧!$C$170
Name 一部構造1: 項目一覧!$C$149
Name 一部構造2: 項目一覧!$C$150
Name 一部構造3: 項目一覧!$C$151
Name 一面備考: 項目一覧!$C$66
Name 延べ面積6_1: 項目一覧②!$F$753
Name 延べ面積6_2: 項目一覧②!$F$774
Name 延べ面積6_3: 項目一覧②!$F$795
Name 延べ面積EV昇降路申請以外: 項目一覧!$C$335
Name 延べ面積EV昇降路申請合計: 項目一覧!$C$336
Name 延べ面積EV昇降路申請部分: 項目一覧!$C$334
Name 延べ面積共同住宅共用合計: 項目一覧!$C$129
Name 延べ面積共同住宅共用申請部分: 項目一覧!$C$127
Name 延べ面積共同住宅共用申請部分以外: 項目一覧!$C$128
Name 延べ面積建築物全体申請以外: 項目一覧!$C$122
Name 延べ面積建築物全体申請合計: 項目一覧!$C$123

Sheet 初期画面
A4: 建築確認申請書
A7: 46327
A8: 更新履歴はこちら
B11: このEXCEL表により株式会社東日本住宅評価センターへの提出図書を作成（印刷）することができます。
A16: 作業メニュー
B20: 内容に関する質問及びご要望に関しては、以下の問合せ先にてお受けいたします。 尚、このEXCEL表は公開時点で最新のウイルス対策ソフトで確認しておりますが、このソフトを使用したことによる全ての損害等に対し株式会社東日本住宅評価センターは一切責任を負いません。
B25: 各シートの編集を行った場合はサポートの対象外となりますので、ご了承ください。
B35: 株式会社東日本住宅評価センター
A36: 株式会社東日本住宅評価センター
A37: http://www.e-hyoka.co.jp

Sheet 作業メニュー
A1: 作業メニュー | AG1: 初期画面
B3: １．データ入力
C4: 「確認申請書入力」画面にて申請内容を入力してください。建築主が２以上の場合は、「他の建築主入力」画面にて追加入力してください。
C5: 「確認申請書（注記）」をご覧ください。
C6: 「代理者」「設計者」「監理者」の担当者を「担当者登録」に、「構造･設備設計者」を「構造･設備担当者登録」に、「施工者」を「施工者登録」に、それぞれ入力していただくと、一覧から選択できるようになります。
D9: 確認申請書等入力 | N9: 確認申請書（注記） | Y9: 担当者登録 | AB9: （代理者、設計者、監理者欄に表示されます）
D10: 他の建築主入力 | Y10: 構造･設備担当者登録
D11: 建築物別概要（追加）入力 | N11: 建築物独立部分別概要（追加）入力 | Y11: 施工者登録
B13: ２．帳票印刷 （追加入力項目あり） | M13: 計画通知の場合は✅チェックして下さい | AM13: FALSE
C14: 印刷対象の帳票を指定し、印刷内容を表示して確認後に印刷してください。
C15: 各帳票は、「確認申請書（建築）入力画面」にて入力した内容を反映しておりますが、帳票によって追加で入力する項目がございます。
C16: 帳票に直接上書きすることも可能です。
C18: (1) | D18: =IF(AM13=TRUE, "計画通知書（建築物）", "確認申請書（建築物）") -> 確認申請書（建築物） | O18: (8) | P18: =IF(AM13=TRUE, "計画変更通知書（昇降機）", "計画変更確認申請書（昇降機）") -> 計画変更確認申請書（昇降機） | AB18: (17) | AC18: 仮使用認定申請書
D19: 別紙（他の建築主） | P19: 別紙（他の設置者） | AD19: （注記）
D20: 別紙（昇降機の概要） | Q20: （注記）
D21: 建築物別概要（追加） | AB21: (18) | AC21: 軽微な変更説明書
D22: 建築物独立部分別概要（追加） | O22: (9) | P22: =IF(AM13=TRUE, "計画変更通知書", "計画変更確認申請書") -> 計画変更確認申請書
E23: （注記） | P23: （昇降機以外の建築設備） | AB23: (19) | AC23: =IF(AM13=TRUE, "計画通知取下げ届", "確認申請取下げ届") -> 確認申請取下げ届
Q24: （注記）
C25: (2) | D25: =IF(AM13=TRUE, "計画通知書（昇降機）", "確認申請書（昇降機）") -> 確認申請書（昇降機） | AB25: (20) | AC25: 工事取止め届
D26: 別紙（他の設置者） | O26: (10) | P26: =IF(AM13=TRUE, "計画変更通知書（工作物１）", "計画変更確認申請書（工作物１）") -> 計画変更確認申請書（工作物１）
E27: （注記） | P27: 別紙（他の築造主） | AB27: (21) | AC27: =IF(AM13=TRUE, "特定工事終了通知取下げ届", "中間検査申請取下げ届") -> 中間検査申請取下げ届
Q28: （注記）
C29: (3) | D29: =IF(AM13=TRUE, "計画通知書（昇降機以外の建築設備）", "確認申請書（昇降機以外の建築設備）") -> 確認申請書（昇降機以外の建築設備） | AB29: (22) | AC29: =IF(AM13=TRUE, "工事完了通知取下げ届", "完了検査申請取下げ届") -> 完了検査申請取下げ届
D30: 別紙（他の設置者） | O30: (11) | P30: =IF(AM13=TRUE, "計画変更通知書（工作物２）", "計画変更確認申請書（工作物２）") -> 計画変更確認申請書（工作物２）
E31: （注記） | P31: 別紙（他の築造主） | AB31: (23) | AC31: 仮使用認定申請取下げ届
Q32: （注記）
C33: (4) | D33: =IF(AM13=TRUE, "計画通知書（工作物１）", "確認申請書（工作物１）") -> 確認申請書（工作物１） | I33: （法第８８条第１項） | AB33: (24) | AC33: 建築主等変更届
D34: 別紙（他の築造主） | O34: (12) | P34: =IF(AM13=TRUE, "特定工程工事終了通知書", "中間検査申請書") -> 中間検査申請書
E35: （注記） | P35: 別紙（他の建築主） | AB35: (25) | AC35: 工事監理者届
Q36: （注記）
C37: (5) | D37: =IF(AM13=TRUE, "計画通知書（工作物２）", "確認申請書（工作物２）") -> 確認申請書（工作物２） | I37: （法第８８条第２項） | AB37: (26) | AC37: 工事施工者届
D38: 別紙（他の築造主） | O38: (13) | P38: =IF(AM13=TRUE, "工事完了通知書", "完了検査申請書") -> 完了検査申請書
E39: （注記） | P39: 別紙（他の建築主） | AB39: (27) | AC39: 完了検査追加説明書
Q40: （注記）
C41: (6) | D41: 建築計画概要書 | AB41: (28) | AC41: 築造計画概要書
D42: 別紙（他の建築主） | O42: (14) | P42: 検査添付写真（軸組仕口） | AC42: 別紙（他の築造主）
D43: 別紙（昇降機の概要） | AD43: （注記）
E44: （注記） | O44: (15) | P44: 建築工事届 | S44: （注記）
AB45: (29) | AC45: 記載内容変更訂正届
C46: (7) | D46: =IF(AM13=TRUE, "計画変更通知書（建築物）", "計画変更確認申請書（建築物）") -> 計画変更確認申請書（建築物） | K46: （注記） | O46: (16) | P46: 建築物除却届 | T46: （注記）
B50: ３．メンテナンス
C51: プルダウンメニューの項目を変更することができます。
D53: プルダウンメニュー値一覧 | N53: 担当者登録 | T53: 構造･設備担当者登録
D54: 主要用途一覧 | T54: 施工者登録
B67: チェックボックス項目 | C67: □ | D67: ■

Sheet 確認申請書（建築）入力
A1: 確認申請書（建築物）入力画面 | X1: 作業メニュー
B2: ※この画面は入力専用画面です。印刷する場合は「作業メニュー」→帳票確認・印刷より印刷してください。
B4: 提出先 | M4: 指定確認検査機関 株式会社東日本住宅評価センター 様
B6: 提出先支店名
B8: 確認申請日 | S8: （記入例： 2019年5月1日 ）
B10: 建築名称フリガナ
B11: 建築名称 | AK11: メーカー管理番号
A13: 建築主等の概要
A14: [ | B14: 1．建築主 ] | M14: 建築主が２以上のときは、「他の建築主入力」画面で追加入力してください | AG14: 他の建築主入力
B15: 建築主会社名フリガナ | AD15: ※建築主が法人の場合、こちらに会社名を入力してください。
B16: 建築主会社名
B18: 【ｲ．氏名のフリガナ】 | V18: =IF(他の建築主入力!$F$4="","",他の建築主入力!$F$4) | AE18: =IF(他の建築主入力!$F$12="","",他の建築主入力!$F$12) | AN18: =IF(他の建築主入力!$F$20="","",他の建築主入力!$F$20)
B19: 【ﾛ．氏名】 | V19: =IF(他の建築主入力!$F$5="","",他の建築主入力!$F$5) | AE19: =IF(他の建築主入力!$F$13="","",他の建築主入力!$F$13) | AN19: =IF(他の建築主入力!$F$21="","",他の建築主入力!$F$21)
B20: 【ﾊ．郵便番号】
B21: 【ﾆ．住所】
B22: 【ﾎ．電話番号】
A24: [ | B24: 2．代理者]
B26: 【ｲ．資格】 | M26: （ | N26: =IF($M$27="","",VLOOKUP($M$27,担当者登録!$B$2:$J$51,2,FALSE)) | Q26: ）建築士 | U26: （ | V26: =IF($M$27="","",VLOOKUP($M$27,担当者登録!$B$2:$J$51,3,FALSE)) | AB26: ）登録 第 | AE26: =IF($M$27="","",VLOOKUP($M$27,担当者登録!$B$2:$J$51,4,FALSE)) | AK26: 号 | AN26: ←担当者登録は、こちらから。
B27: 【ﾛ．氏名】
B28: 【ﾊ．建築士事務所名】 | M28: （ | N28: =IF($M$27="","",VLOOKUP($M$27,担当者登録!$B$2:$J$51,7,FALSE)) | Q28: ）建築士事務所 | V28: （ | W28: =IF($M$27="","",VLOOKUP($M$27,担当者登録!$B$2:$J$51,8,FALSE)) | AA28: ）知事登録 第 | AE28: =IF($M$27="","",VLOOKUP($M$27,担当者登録!$B$2:$J$51,9,FALSE)) | AK28: 号
M29: =IF($M$27="","",VLOOKUP($M$27,担当者登録!$B$2:$J$51,6,FALSE))
B30: 【ﾆ．郵便番号】 | M30: =IF($M$27="","",VLOOKUP($M$27,担当者登録!$B$2:$M$51,10,FALSE))
B31: 【ﾎ．所在地】 | M31: =IF($M$27="","",VLOOKUP($M$27,担当者登録!$B$2:$M$51,11,FALSE))
B32: 【ﾍ．電話番号】 | M32: =IF($M$27="","",VLOOKUP($M$27,担当者登録!$B$2:$M$51,12,FALSE))
A34: [ | B34: 3．設計者 ]
B35: （代表となる設計者）
B36: 【ｲ．資格】 | M36: （ | N36: =IF($M$37="","",VLOOKUP($M$37,担当者登録!$B$2:$J$51,2,FALSE)) | Q36: ）建築士 | U36: （ | V36: =IF($M$37="","",VLOOKUP($M$37,担当者登録!$B$2:$J$51,3,FALSE)) | AB36: ）登録 第 | AE36: =IF($M$37="","",VLOOKUP($M$37,担当者登録!$B$2:$J$51,4,FALSE)) | AK36: 号 | AN36: ←担当者登録は、こちらから。
B37: 【ﾛ．氏名】
B38: 【ﾊ．建築士事務所名】 | M38: （ | N38: =IF($M$37="","",VLOOKUP($M$37,担当者登録!$B$2:$J$51,7,FALSE)) | Q38: ）建築士事務所 | V38: （ | W38: =IF($M$37="","",VLOOKUP($M$37,担当者登録!$B$2:$J$51,8,FALSE)) | AA38: ）知事登録 第 | AE38: =IF($M$37="","",VLOOKUP($M$37,担当者登録!$B$2:$J$51,9,FALSE)) | AK38: 号
M39: =IF($M$37="","",VLOOKUP($M$37,担当者登録!$B$2:$J$51,6,FALSE))
B40: 【ﾆ．郵便番号】 | M40: =IF($M$37="","",VLOOKUP($M$37,担当者登録!$B$2:$M$51,10,FALSE))
B41: 【ﾎ．所在地】 | M41: =IF($M$37="","",VLOOKUP($M$37,担当者登録!$B$2:$M$51,11,FALSE))
B42: 【ﾍ．電話番号】 | M42: =IF($M$37="","",VLOOKUP($M$37,担当者登録!$B$2:$M$51,12,FALSE))
B43: 【ト．作成又は確認した設計図書】
B45: （その他の設計者）
B46: 【ｲ．資格】 | M46: （ | N46: =IF($M$47="","",VLOOKUP($M$47,担当者登録!$B$2:$J$51,2,FALSE)) | Q46: ）建築士 | U46: （ | V46: =IF($M$47="","",VLOOKUP($M$47,担当者登録!$B$2:$J$51,3,FALSE)) | AB46: ）登録 第 | AE46: =IF($M$47="","",VLOOKUP($M$47,担当者登録!$B$2:$J$51,4,FALSE)) | AK46: 号
B47: 【ﾛ．氏名】
B48: 【ﾊ．建築士事務所名】 | M48: （ | N48: =IF($M$47="","",VLOOKUP($M$47,担当者登録!$B$2:$J$51,7,FALSE)) | Q48: ）建築士事務所 | V48: （ | W48: =IF($M$47="","",VLOOKUP($M$47,担当者登録!$B$2:$J$51,8,FALSE)) | AA48: ）知事登録 第 | AE48: =IF($M$47="","",VLOOKUP($M$47,担当者登録!$B$2:$J$51,9,FALSE)) | AK48: 号
M49: =IF($M$47="","",VLOOKUP($M$47,担当者登録!$B$2:$J$51,6,FALSE))
B50: 【ﾆ．郵便番号】 | M50: =IF($M$47="","",VLOOKUP($M$47,担当者登録!$B$2:$M$51,10,FALSE))
B51: 【ﾎ．所在地】 | M51: =IF($M$47="","",VLOOKUP($M$47,担当者登録!$B$2:$M$51,11,FALSE))
B52: 【ﾍ．電話番号】 | M52: =IF($M$47="","",VLOOKUP($M$47,担当者登録!$B$2:$M$51,12,FALSE))
B53: 【ト．作成又は確認した設計図書】
B55: 【ｲ．資格】 | M55: （ | N55: =IF($M$56="","",VLOOKUP($M$56,担当者登録!$B$2:$J$51,2,FALSE)) | Q55: ）建築士 | U55: （ | V55: =IF($M$56="","",VLOOKUP($M$56,担当者登録!$B$2:$J$51,3,FALSE)) | AB55: ）登録 第 | AE55: =IF($M$56="","",VLOOKUP($M$56,担当者登録!$B$2:$J$51,4,FALSE)) | AK55: 号
B56: 【ﾛ．氏名】
B57: 【ﾊ．建築士事務所名】 | M57: （ | N57: =IF($M$56="","",VLOOKUP($M$56,担当者登録!$B$2:$J$51,7,FALSE)) | Q57: ）建築士事務所 | V57: （ | W57: =IF($M$56="","",VLOOKUP($M$56,担当者登録!$B$2:$J$51,8,FALSE)) | AA57: ）知事登録 第 | AE57: =IF($M$56="","",VLOOKUP($M$56,担当者登録!$B$2:$J$51,9,FALSE)) | AK57: 号
M58: =IF($M$56="","",VLOOKUP($M$56,担当者登録!$B$2:$J$51,6,FALSE))
B59: 【ﾆ．郵便番号】 | M59: =IF($M$56="","",VLOOKUP($M$56,担当者登録!$B$2:$M$51,10,FALSE))
B60: 【ﾎ．所在地】 | M60: =IF($M$56="","",VLOOKUP($M$56,担当者登録!$B$2:$M$51,11,FALSE))
B61: 【ﾍ．電話番号】 | M61: =IF($M$56="","",VLOOKUP($M$56,担当者登録!$B$2:$M$51,12,FALSE))
B62: 【ト．作成又は確認した設計図書】
B64: 【ｲ．資格】 | M64: （ | N64: =IF($M$65="","",VLOOKUP($M$65,担当者登録!$B$2:$J$51,2,FALSE)) | Q64: ）建築士 | U64: （ | V64: =IF($M$65="","",VLOOKUP($M$65,担当者登録!$B$2:$J$51,3,FALSE)) | AB64: ）登録 第 | AE64: =IF($M$65="","",VLOOKUP($M$65,担当者登録!$B$2:$J$51,4,FALSE)) | AK64: 号
B65: 【ﾛ．氏名】
B66: 【ﾊ．建築士事務所名】 | M66: （ | N66: =IF($M$65="","",VLOOKUP($M$65,担当者登録!$B$2:$J$51,7,FALSE)) | Q66: ）建築士事務所 | V66: （ | W66: =IF($M$65="","",VLOOKUP($M$65,担当者登録!$B$2:$J$51,8,FALSE)) | AA66: ）知事登録 第 | AE66: =IF($M$65="","",VLOOKUP($M$65,担当者登録!$B$2:$J$51,9,FALSE)) | AK66: 号
M67: =IF($M$65="","",VLOOKUP($M$65,担当者登録!$B$2:$J$51,6,FALSE))
B68: 【ﾆ．郵便番号】 | M68: =IF($M$65="","",VLOOKUP($M$65,担当者登録!$B$2:$M$51,10,FALSE))
B69: 【ﾎ．所在地】 | M69: =IF($M$65="","",VLOOKUP($M$65,担当者登録!$B$2:$M$51,11,FALSE))
B70: 【ﾍ．電話番号】 | M70: =IF($M$65="","",VLOOKUP($M$65,担当者登録!$B$2:$M$51,12,FALSE))
B71: 【ト．作成又は確認した設計図書】
B73: （構造設計一級建築士又は設備設計一級建築士である旨の表示をした者）
B74: 上記の設計者のうち、
B75: 建築士法第20条の2第1項の表示をした者
L76: 【ｲ．氏名】 | AC76: ←構造・設備担当者登録はこちら。
L77: 【ﾛ．資格】 | M77: 構造設計一級建築士交付第 | T77: =IF($M$76="","",VLOOKUP($M$76,構造・設備担当者登録!$B$2:$C$514,2,FALSE)) | Z77: 号
B78: 建築士法第20条の2第3項の表示をした者
L79: 【ｲ．氏名】
L80: 【ﾛ．資格】 | M80: 構造設計一級建築士交付第 | T80: =IF($M$79="","",VLOOKUP($M$79,構造・設備担当者登録!$B$2:$C$514,2,FALSE)) | Z80: 号
B81: 建築士法第20条の3第1項の表示をした者
L82: 【ｲ．氏名】
L83: 【ﾛ．資格】 | M83: 設備設計一級建築士交付第 | Z83: 号
L84: 【ｲ．氏名】
L85: 【ﾛ．資格】 | M85: 設備設計一級建築士交付第 | Z85: 号
L86: 【ｲ．氏名】
L87: 【ﾛ．資格】 | M87: 設備設計一級建築士交付第 | Z87: 号
B88: 建築士法第20条の3第3項の表示をした者
L89: 【ｲ．氏名】
L90: 【ﾛ．資格】 | M90: 設備設計一級建築士交付第 | Z90: 号
L91: 【ｲ．氏名】
L92: 【ﾛ．資格】 | M92: 設備設計一級建築士交付第 | Z92: 号
L93: 【ｲ．氏名】
L94: 【ﾛ．資格】 | M94: 設備設計一級建築士交付第 | Z94: 号
A95: [ | B95: 4．建築設備の設計に関し意見を聴いた者 ]（確認申請の場合に入力してください。）
B96: （代表となる建築設備の設計に関し意見を聴いた者）
B97: 【ｲ．氏名】
B98: 【ﾛ．勤務先】
B99: 【ﾊ．郵便番号】
B100: 【ﾆ．所在地】
B101: 【ﾎ．電話番号】
B102: 【ﾍ．登録番号】
B103: 【ﾄ．意見を聴いた設計図書】
B105: （その他の建築設備の設計に関し意見を聴いた者）
B106: 【ｲ．氏名】
B107: 【ﾛ．勤務先】
B108: 【ﾊ．郵便番号】
... B128: 【ﾄ．意見を聴いた設計図書】
A130: [ | B130: 5．工事監理者]
B131: （代表となる工事監理者）
B132: 【ｲ．資格】 | M132: （ | N132: =IF($M$133="","",VLOOKUP($M$133,担当者登録!$B$2:$J$51,2,FALSE)) | Q132: ）建築士 | U132: （ | V132: =IF($M$133="","",VLOOKUP($M$133,担当者登録!$B$2:$J$51,3,FALSE)) | AB132: ）登録 第 | AE132: =IF($M$133="","",VLOOKUP($M$133,担当者登録!$B$2:$J$51,4,FALSE)) | AK132: 号 | AN132: ←担当者登録は、こちらから。
B133: 【ﾛ．氏名】
B134: 【ﾊ．建築士事務所名】 | M134: （ | N134: =IF($M$133="","",VLOOKUP($M$133,担当者登録!$B$2:$J$51,7,FALSE)) | Q134: ）建築士事務所 | V134: （ | W134: =IF($M$133="","",VLOOKUP($M$133,担当者登録!$B$2:$J$51,8,FALSE)) | AA134: ）知事登録 第 | AE134: =IF($M$133="","",VLOOKUP($M$133,担当者登録!$B$2:$J$51,9,FALSE)) | AK134: 号
...

Sheet 他の建築主入力
A1: 他の建築主 入力画面 | M1: 作業メニュー
A3: [１．他の建築主（１） ]
A4: 【ｲ.氏名のフリガナ】
A5: 【ﾛ.氏名】
A6: 【ﾊ.郵便番号】
A7: 【ﾆ.住所】
A8: 【ﾎ.電話番号】
A11: [１．他の建築主（２） ]
A12: 【ｲ.氏名のフリガナ】
A13: 【ﾛ.氏名】
A14: 【ﾊ.郵便番号】
A15: 【ﾆ.住所】
A16: 【ﾎ.電話番号】
... A24: 【ﾎ.電話番号】

Sheet 建築物別概要（追加）入力
A1: 建築物別概要 入力画面 | O1: 作業メニュー | W1: 建築物 番号3
A2: 建築物別概要
A3: [ | B3: １．番号 ] | D3: 2
A4: [ | B4: ２．用途 ] | AF4: ←プルダウンメニューは変更できます。
B5: （区分 | H5: ） | I5: =IF(項目一覧②!$G$253=1,"",INDEX(主要用途!$D$2:$D$63,項目一覧②!$G$253)) | AG5: メンテナンスより、
B6: （区分 | H6: ） | I6: =IF(項目一覧②!$G$255=1,"",INDEX(主要用途!$D$2:$D$63,項目一覧②!$G$255)) | AG6: 項目を書き換えて
B7: （区分 | H7: ） | I7: =IF(項目一覧②!$G$257=1,"",INDEX(主要用途!$D$2:$D$63,項目一覧②!$G$257)) | AG7: ください。
A8: [ | B8: ３．工事種別 ]
D9: 新築 | G9: 増築 | J9: 改築 | M9: 移転 | P9: 用途変更 | T9: 大規模の修繕 | Y9: 大規模の模様替 | AD9: =IF(COUNTIF(項目一覧②!$G$259:$M$259,TRUE)=1,"","工事種別をいずれか１つ選択してください") -> 工事種別をいずれか１つ選択してください
A11: [ | B11: ４．構造 ]
A14: [ | B14: 5．主要構造部 ] | D14: 耐火構造 | G14: （防火上及び避難上支障がない主要構造部を有しない場合）
D15: 耐火構造 | G15: （防火上及び避難上支障がない主要構造部を有する場合）
D16: 建築基準法施行令第108条の４第1項第1号イ及びロに掲げる基準に適合する構造
D17: 準耐火構造
D18: 準耐火構造と同等の準耐火性能を有する構造（ロ－1）
D19: 準耐火構造と同等の準耐火性能を有する構造（ロ－2）
D20: その他
A23: [ | B23: 6．建築基準法第21条及び第27条の規定の適用 ]
D24: 建築基準法施行令第109条の５第1号に掲げる基準に適合する構造
D25: 建築基準法第21条第1項ただし書に該当する建築物
D26: 建築基準法施行令第109条の７第１項第１号に掲げる基準に適する構造
D27: 建築基準法施行令第110条第1号に掲げる基準に適合する構造
D28: その他
D29: 建築基準法第21条又は第27条の規定の適用を受けない
A32: [ | B32: 7．建築基準法第61条の規定の適用 ]
D33: 耐火建築物 | J33: 延焼防止建築物 | Q33: 準耐火建築物 | W33: 準延焼防止建築物
D34: その他 | J34: 建築基準法第61条の規定の適用を受けない
A36: [ | B36: ８．階数 ]
B37: 【ｲ．地階を除く階数】 | AD37: ←プルダウンメニューは変更できます。
B38: 【ﾛ．地階の階数】 | AE38: メンテナンスより、
B39: 【ﾊ．昇降機塔等の階の数】 | AE39: 項目を書き換えて
B40: 【ﾆ．地階の倉庫等の階の数】 | AE40: ください。
A42: [ | B42: ９．高さ ]
B43: 【ｲ．最高の高さ】 | H43: ｍ
B44: 【ﾛ．最高の軒の高さ】 | H44: ｍ
A46: [ | B46: １０．建築設備の種類]
A48: [ | B48: １１．確認の特例 ]
B49: 【ｲ．建築基準法第６条の３第１項ただし書又は同法第１８条第５項ただし書の規定による審査の特例の適用の有無】
U50: 有 | X50: 無 | AE50: =IF(COUNTIF(項目一覧②!G20:H20,TRUE)<2,"","特例の適用の有無はどちらか１つを選択してください")
B51: 【ﾛ. 適用があるときは、特例の区分】
D52: 建築基準法第６条の３第１項第１号に掲げる確認審査又は同法第18条第5項第１号に掲げ る審査
D53: 建築基準法第６条の３第１項第２号に掲げる確認審査又は同法第18条第5項第２号に掲げる審査
D54: （構造設計を行った構造設計一級建築士又は構造関係規定に適合することを確認した構造設計一級建築士）
D55: (1)氏名
D56: (2)資格 構造設計一級建築士交付第 | R56: 号
B57: 【ﾊ．建築基準法第６条の４第１項の規定による確認の特例の適用の有無】 | U57: 有 | X57: 無
B58: 【ﾆ．建築基準法施行令第１０条各号に掲げる建築物の区分】
P59: 第 | AC59: 号
B60: 【ﾎ．認定型式の認定番号】
P61: 第 | AC61: 号
B63: 【ﾍ．適合する一連の規定の区分】 | R63: 建築基準法施行令第１３６条の２の１１第１号イ
R64: 建築基準法施行令第１３６条の２の１１第１号ロ
R65: 建築基準法施行令第１３６条の２の１１第１号ハ
B66: 【ﾄ．認定型式部材等認証番号】
P67: 第 | AC67: 号
A69: [ | B69: １２．床面積 ]
B70: 【ｲ．階別】 | I70: （ | J70: 申請部分 | O70: ）（ | P70: 申請以外の部分 | U70: ）（ | V70: 合 計 | AA70: ）
C71: （ | H71: ) | I71: （ | N71: ㎡ | O71: ）（ | T71: ㎡ | U71: ）（ | V71: =J71+P71 -> 0 | Z71: ㎡ | AA71: ） | AF71: ←プルダウンメニューは変更できます。
C72: （ | H72: ) | I72: （ | N72: ㎡ | O72: ）（ | T72: ㎡ | U72: ）（ | V72: =J72+P72 -> 0 | Z72: ㎡ | AA72: ） | AG72: メンテナンスより、
C73: （ | H73: ) | I73: （ | N73: ㎡ | O73: ）（ | T73: ㎡ | U73: ）（ | V73: =J73+P73 -> 0 | Z73: ㎡ | AA73: ） | AG73: 項目を書き換えて
C74: （ | H74: ) | I74: （ | N74: ㎡ | O74: ）（ | T74: ㎡ | U74: ）（ | V74: =J74+P74 -> 0 | Z74: ㎡ | AA74: ） | AG74: ください。
C75: （ | H75: ) | I75: （ | N75: ㎡ | O75: ）（ | T75: ㎡ | U75: ）（ | V75: =J75+P75 -> 0 | Z75: ㎡ | AA75: ）
C76: （ | H76: ) | I76: （ | N76: ㎡ | O76: ）（ | T76: ㎡ | U76: ）（ | V76: =J76+P76 -> 0 | Z76: ㎡ | AA76: ）
C77: （ | H77: ) | I77: （ | N77: ㎡ | O77: ）（ | T77: ㎡ | U77: ）（ | V77: =J77+P77 -> 0 | Z77: ㎡ | AA77: ）
C78: （ | H78: ) | I78: （ | N78: ㎡ | O78: ）（ | T78: ㎡ | U78: ）（ | V78: =J78+P78 -> 0 | Z78: ㎡ | AA78: ）
B79: 【ﾛ．合計】 | I79: （ | J79: =SUM(J71:M78) -> 0 | N79: ㎡ | O79: ）（ | P79: =SUM(P71:S78) -> 0 | T79: ㎡ | U79: ）（ | V79: =SUM(V71:Y78) -> 0 | Z79: ㎡ | AA79: ）
A82: [ | B82: １３．屋根 ]
A83: [ | B83: １４．外壁 ]
A84: [ | B84: １５．軒裏 ]
A85: [ | B85: １６．居室の床の高さ] | I85: ｍ
A86: [ | B86: １７．便所の種類 ]
A88: [ | B88: １８．その他必要な事項 ]
A90: [ | B90: １９．備考 ]
A94: 建築物の階別概要
B95: 【1．番 号】 | E95: =$D$3 -> 2
B96: 【2．階】 | I96: 階
B97: 【3．柱の小径】 | I97: ｍ
B98: 【4．横架材間の垂直距離】 | I98: ｍ
B99: 【5．階の高さ】 | I99: ｍ
B100: 【6．天井】 【ｲ．居室の天井の高さ】 | I100: ｍ
B101: 【ﾛ．建築基準法施行令第39条第3項に規定する特定天井】 | O101: 有 | R101: 無
B102: 【7．用途別床面積】
D103: （ | E103: 用途の区分 | J103: ）（ | K103: 具体的な用途の名称 | U103: ）（ | V103: 床面積 | AA103: )
B104: 【ｲ．】 | D104: （ | J104: ）（ | K104: =IF(項目一覧②!$G$320=1,"",INDEX(主要用途!$D$2:$D$72,項目一覧②!$G$320)) | U104: ）（ | Z104: ㎡ | AA104: ) | AF104: ←プルダウンメニューは変更できます。
B105: 【ﾛ．】 | D105: （ | J105: ）（ | K105: =IF(項目一覧②!$G$321=1,"",INDEX(主要用途!$D$2:$D$72,項目一覧②!$G$321)) | U105: ）（ | Z105: ㎡ | AA105: ) | AG105: メンテナンスより、
B106: 【ﾊ．】 | D106: （ | J106: ）（ | K106: =IF(項目一覧②!$G$322=1,"",INDEX(主要用途!$D$2:$D$72,項目一覧②!$G$322)) | U106: ）（ | Z106: ㎡ | AA106: ) | AG106: 項目を書き換えて
B107: 【ﾆ．】 | D107: （ | J107: ）（ | K107: =IF(項目一覧②!$G$323=1,"",INDEX(主要用途!$D$2:$D$72,項目一覧②!$G$323)) | U107: ）（ | Z107: ㎡ | AA107: ) | AG107: ください。
B108: 【ﾎ．】 | D108: （ | J108: ）（ | K108: =IF(項目一覧②!$G$324=1,"",INDEX(主要用途!$D$2:$D$72,項目一覧②!$G$324)) | U108: ）（ | Z108: ㎡ | AA108: )
B109: 【ﾍ．】 | D109: （ | J109: ）（ | K109: =IF(項目一覧②!$G$325=1,"",INDEX(主要用途!$D$2:$D$72,項目一覧②!$G$325)) | U109: ）（ | Z109: ㎡ | AA109: )
B110: 【8．その他必要な事項】
B113: 【9．備 考】
A117: 建築物の階別概要
B118: 【1．番 号】 | E118: =$D$3 -> 2
B119: 【2．階】 | I119: 階
B120: 【3．柱の小径】 | I120: ｍ
B121: 【4．横架材間の垂直距離】 | I121: ｍ
B122: 【5．階の高さ】 | I122: ｍ
B123: 【6．天井】 【ｲ．居室の天井の高さ】 | I123: ｍ
B124: 【ﾛ．建築基準法施行令第39条第3項に規定する特定天井】 | O124: 有 | R124: 無
B125: 【7．用途別床面積】
...

Sheet 建築物独立部分別概要（追加）入力
A1: 建築物独立部分別概要 入力画面 | V1: 作業メニュー
A4: ［ | B4: 1. | C4: 番号］ | F4: 2
A6: ［ | B6: 2. | C6: 延べ面積］ | J6: ㎡
A8: ［ | B8: 3. | C8: 建築物の高さ等］
B9: ［ | C9: イ. | D9: 最高の高さ］ | M9: m
B10: ［ | C10: ロ. | D10: 最高の軒の高さ］ | M10: m
B11: ［ | C11: ハ. | D11: 階数］ | H11: 地上 | M11: 階 | P11: 地下 | U11: 階
B12: ［ | C12: ニ. | D12: 構造］ | R12: 一部
A14: ［ | B14: 4. | C14: 特定構造計算基準又は特定増改築構造計算基準の別］
D15: 特定構造計算基準
D16: 特定増改築構造計算基準
A18: ［ | B18: 5. | C18: 構造計算の区分］
D19: 建築基準法施行令第81条第1項各号に掲げる基準に従った構造計算
D20: 建築基準法施行令第81条第2項第1号イに掲げる構造計算
D21: 建築基準法施行令第81条第2項第1号ロに掲げる構造計算
D22: 建築基準法施行令第81条第2項第2号イに掲げる構造計算
D23: 建築基準法施行令第81条第3項に掲げる構造計算
A25: ［ | B25: 6. | C25: 構造計算に用いたプログラム］
B26: ［ | C26: イ. | D26: 名称］
B27: ［ | C27: ロ. | D27: 区分］
D28: 建築基準法第20条第1項第2号イ又は第3号イの認定を受けたプログラム
S29: （大臣認定番号 | Z29: ）
D30: その他プログラム
A32: ［ | B32: 7. | C32: 建築基準法施行令第137条の2各号に定める基準の区分］ | S32: （ | Z32: ）
A34: ［ | B34: 8. | C34: 備考］
A39: ［ | B39: 1. | C39: 番号］ | F39: 3
A41: ［ | B41: 2. | C41: 延べ面積］ | J41: ㎡
A43: ［ | B43: 3. | C43: 建築物の高さ等］
B44: ［ | C44: イ. | D44: 最高の高さ］ | M44: m
B45: ［ | C45: ロ. | D45: 最高の軒の高さ］ | M45: m
B46: ［ | C46: ハ. | D46: 階数］ | H46: 地上 | M46: 階 | P46: 地下 | U46: 階
B47: ［ | C47: ニ. | D47: 構造］ | R47: 一部
A49: ［ | B49: 4. | C49: 特定構造計算基準又は特定増改築構造計算基準の別］
D50: 特定構造計算基準
D51: 特定増改築構造計算基準
A53: ［ | B53: 5. | C53: 構造計算の区分］
D54: 建築基準法施行令第81条第1項各号に掲げる基準に従った構造計算
D55: 建築基準法施行令第81条第2項第1号イに掲げる構造計算
D56: 建築基準法施行令第81条第2項第1号ロに掲げる構造計算
D57: 建築基準法施行令第81条第2項第2号イに掲げる構造計算
D58: 建築基準法施行令第81条第3項に掲げる構造計算
A60: ［ | B60: 6. | C60: 構造計算に用いたプログラム］
B61: ［ | C61: イ. | D61: 名称］
B62: ［ | C62: ロ. | D62: 区分］
D63: 建築基準法第20条第1項第2号イ又は第3号イの認定を受けたプログラム
S64: （大臣認定番号 | Z64: ）
D65: その他プログラム
A67: ［ | B67: 7. | C67: 建築基準法施行令第137条の2各号に定める基準の区分］
A69: ［ | B69: 8. | C69: 備考］

Sheet 確認申請書（建築）印刷
A1: 確認申請書（建築物） | V1: 作業メニュー | AE1: ※入力項目があります
B2: =IF(作業メニュー!AM13=TRUE, "第四十二号様式（第八条の二の二及び第八条の二の六関係） (A4)", "第二号様式（第一条の三、第三条、第三条の三関係）") -> 第二号様式（第一条の三、第三条、第三条の三関係）
H4: =IF(作業メニュー!AM13=TRUE, "建築基準法第18条第２項又は第４項の規定による ", "")
B5: =IF(作業メニュー!AM13=TRUE, "計画通知書 （建築物）", "確認申請書 （建築物）") -> 確認申請書 （建築物）
N7: （第一面）
C9: =IF(作業メニュー!AM13=TRUE, " 建築基準法第18条第２項又は第４項の規定により計画を通知します。", " 建築基準法第６条第１項又は第６条の２第１項の規定による確認を申請します。") -> 建築基準法第６条第１項又は第６条の２第１項の規定による確認を申請します。
C10: =IF(作業メニュー!AM13=TRUE, "", " この申請書及び添付図書に記載の事項は、事実に相違ありません。") -> この申請書及び添付図書に記載の事項は、事実に相違ありません。
B13: =IF('確認申請書（建築）入力'!$M$4=0,"",'確認申請書（建築）入力'!$M$4) -> 指定確認検査機関 株式会社東日本住宅評価センター 様
V15: =IF(作業メニュー!AM13=TRUE, "第", "") | AB15: =IF(作業メニュー!AM13=TRUE, "号", "")
T16: =IF(OR(項目一覧!$C$168=0,項目一覧!$C$168="")," 年 月 日",IF(項目一覧!$C$168>=DATE(2019,5,1),"令和"&IF(YEAR(項目一覧!$C$168)-2018=1,"元",YEAR(項目一覧!$C$168)-2018)&"年"&MONTH(項目一覧!$C$168)&"月"&DAY(項目一覧!$C$168)&"日",項目一覧!$C$168)) -> 年 月 日
P19: =項目一覧!$C$183
J20: =IF(作業メニュー!AM13=TRUE, " 通 知 者 官 職", " 申 請 者 氏 名") -> 申 請 者 氏 名 | P20: =項目一覧!$C$4
M22: =IF(AJ22=TRUE,"氏名 ","") | P22: =IF(AJ22=TRUE,項目一覧!$C$173,"") | AJ22: FALSE
M24: =IF(AJ24=TRUE,"氏名 ","") | P24: =IF(AJ24=TRUE,項目一覧!$C$178,"") | AJ24: FALSE
M26: =IF(AJ26=TRUE,"氏名 ","") | P26: =IF(AJ26=TRUE,項目一覧!$C$184,"") | AJ26: FALSE
P30: =項目一覧!$C$30
J31: 設 計 者 氏 名 | P31: =項目一覧!$C$25
B38: ※ 受付欄 | I38: =IF(作業メニュー!AM13=TRUE, "※ 消防関係通知欄", "※ 消防関係同意欄") -> ※ 消防関係同意欄 | O38: ※ 決裁欄 | U38: ※ 確認番号欄
O39: 別紙による | U39: 年 月 日
U40: 第 東日本 号
U43: 日付、番号は別紙による
A49: （第二面）
B50: 建築主等の概要
A51: [ | B51: １． 建築主 ]
B52: [ｲ． 氏名のフリガナ] | H52: =IF(項目一覧!$C$21=0,"",項目一覧!$C$21&" ")&IF(項目一覧!$C$5=0,"",項目一覧!$C$5)
B53: [ﾛ． 氏名] | H53: =IF(項目一覧!$C$183=0,"",項目一覧!$C$183&" ")&IF(項目一覧!$C$4=0,"",項目一覧!$C$4)
B54: [ﾊ． 郵便番号] | H54: =項目一覧!$C$6
B55: [ﾆ． 住所] | H55: =項目一覧!$C$7
B56: [ﾎ． 電話番号] | H56: =項目一覧!$C$8
A57: [ | B57: ２． 代理者 ]
B58: [ｲ． 資格] | H58: =IF(項目一覧!$C$9=0,"","("&項目一覧!$C$9&") 建築士 （"&項目一覧!$C$10&"）登録 第 "&項目一覧!$C$11&" 号") -> () 建築士 （）登録 第 号
B59: [ﾛ． 氏名] | H59: =項目一覧!$C$12
B60: [ﾊ． 建築士事務所名] | H60: =IF(項目一覧!$C$13=0,"","("&項目一覧!$C$13&") 建築士事務所 （"&項目一覧!$C$14&"）知事登録 第 "&項目一覧!$C$15&" 号") -> () 建築士事務所 （）知事登録 第 号
H61: =項目一覧!$C$16
B62: [ﾆ． 郵便番号] | H62: =項目一覧!$C$17
B63: [ﾎ． 所在地] | H63: =項目一覧!$C$18
B64: [ﾍ． 電話番号] | H64: =項目一覧!$C$19
A65: [ | B65: ３． 設計者 ]
B66: （代表となる設計者）
B67: [ｲ． 資格] | H67: =IF(項目一覧!$C$22=0,"","("&項目一覧!$C$22&") 建築士 （"&項目一覧!$C$23&"）登録 第 "&項目一覧!$C$24&" 号") -> () 建築士 （）登録 第 号
B68: [ﾛ． 氏名] | H68: =項目一覧!$C$25
B69: [ﾊ． 建築士事務所名] | H69: =IF(項目一覧!$C$27=0,"","("&項目一覧!$C$27&") 建築士事務所 （"&項目一覧!$C$28&"）知事登録 第 "&項目一覧!$C$29&" 号") -> () 建築士事務所 （）知事登録 第 号
H70: =項目一覧!$C$30
B71: [ﾆ． 郵便番号] | H71: =項目一覧!$C$31
B72: [ﾎ． 所在地] | H72: =項目一覧!$C$32
B73: [ﾍ． 電話番号] | H73: =項目一覧!$C$33
B74: [ﾄ． 作成又は確認した設計図書] | J74: =項目一覧!$C$35
B76: （その他の設計者）
B77: [ｲ． 資格] | H77: =IF(項目一覧!$C$189=0,"","("&項目一覧!$C$189&") 建築士 （"&項目一覧!$C$190&"）登録 第 "&項目一覧!$C$191&" 号") -> () 建築士 （）登録 第 号
B78: [ﾛ． 氏名] | H78: =項目一覧!$C$192
B79: [ﾊ． 建築士事務所名] | H79: =IF(項目一覧!$C$194=0,"","("&項目一覧!$C$194&") 建築士事務所 （"&項目一覧!$C$195&"）知事登録 第 "&項目一覧!$C$196&" 号") -> () 建築士事務所 （）知事登録 第 号
H80: =項目一覧!$C$197
B81: [ﾆ． 郵便番号] | H81: =項目一覧!$C$198
B82: [ﾎ． 所在地] | H82: =項目一覧!$C$199
B83: [ﾍ． 電話番号] | H83: =項目一覧!$C$200
B84: [ﾄ． 作成又は確認した設計図書] | J84: =項目一覧!$C$202
B86: [ｲ． 資格] | H86: =IF(項目一覧!$C$203=0,"","("&項目一覧!$C$203&") 建築士 （"&項目一覧!$C$204&"）登録 第 "&項目一覧!$C$205&" 号") -> () 建築士 （）登録 第 号
B87: [ﾛ． 氏名] | H87: =項目一覧!$C$206
B88: [ﾊ． 建築士事務所名] | H88: =IF(項目一覧!$C$208=0,"","("&項目一覧!$C$208&") 建築士事務所 （"&項目一覧!$C$209&"）知事登録 第 "&項目一覧!$C$210&" 号") -> () 建築士事務所 （）知事登録 第 号
H89: =項目一覧!$C$211
B90: [ﾆ． 郵便番号] | H90: =項目一覧!$C$212
B91: [ﾎ． 所在地] | H91: =項目一覧!$C$213
B92: [ﾍ． 電話番号] | H92: =項目一覧!$C$214
B93: [ﾄ． 作成又は確認した設計図書] | J93: =項目一覧!$C$216
B95: [ｲ． 資格] | H95: =IF(項目一覧!$C$217=0,"","("&項目一覧!$C$217&") 建築士 （"&項目一覧!$C$218&"）登録 第 "&項目一覧!$C$219&" 号") -> () 建築士 （）登録 第 号
B96: [ﾛ． 氏名] | H96: =項目一覧!$C$220
B97: [ﾊ． 建築士事務所名] | H97: =IF(項目一覧!$C$222=0,"","("&項目一覧!$C$222&") 建築士事務所 （"&項目一覧!$C$223&"）知事登録 第 "&項目一覧!$C$224&" 号") -> () 建築士事務所 （）知事登録 第 号
H98: =項目一覧!$C$225
B99: [ﾆ． 郵便番号] | H99: =項目一覧!$C$226
B100: [ﾎ． 所在地] | H100: =項目一覧!$C$227
B101: [ﾍ． 電話番号] | H101: =項目一覧!$C$228
B102: [ﾄ． 作成又は確認した設計図書] | J102: =項目一覧!$C$230
B104: （構造設計一級建築士又は設備設計一級建築士である旨の表示をした者）
B105: 上記の設計者のうち、
B106: =IF(項目一覧!$D$316=TRUE,"■","□") -> □ | C106: 建築士法第20条の2第1項の表示をした者
C107: [ｲ． 氏名] | H107: =項目一覧!$C$317
C108: [ﾛ． 資格] | F108: 構造設計一級建築士交付第 | M108: =項目一覧!$C$318 | O108: 号
B109: =IF(項目一覧!$D$319=TRUE,"■","□") -> □ | C109: 建築士法第20条の2第3項の表示をした者
C110: [ｲ． 氏名] | H110: =項目一覧!$C$320
C111: [ﾛ． 資格] | F111: 構造設計一級建築士交付第 | M111: =項目一覧!$C$321 | O111: 号
B112: □ | C112: 建築士法第20条の3第1項の表示をした者
C113: [ｲ． 氏名]
C114: [ﾛ． 資格] | F114: 設備設計一級建築士交付第 | O114: 号
C115: [ｲ． 氏名]
C116: [ﾛ． 資格] | F116: 設備設計一級建築士交付第 | O116: 号
C117: [ｲ． 氏名]
C118: [ﾛ． 資格] | F118: 設備設計一級建築士交付第 | O118: 号
B119: □ | C119: 建築士法第20条の3第3項の表示をした者
C120: [ｲ． 氏名]
C121: [ﾛ． 資格] | F121: 設備設計一級建築士交付第 | O121: 号
C122: [ｲ． 氏名]
C123: [ﾛ． 資格] | F123: 設備設計一級建築士交付第 | O123: 号
C124: [ｲ． 氏名]
C125: [ﾛ． 資格] | F125: 設備設計一級建築士交付第 | O125: 号
A127: [ | B127: ４． 建築設備の設計に関し意見を聴いた者 ]
B128: （代表となる建築設備の設計に関し意見を聴いた者）
B129: [ｲ． 氏名] | H129: =項目一覧!$C$36
B130: [ﾛ． 勤務先] | H130: =項目一覧!$C$37
B131: [ﾊ． 郵便番号] | H131: =項目一覧!$C$38
B132: [ﾆ． 所在地] | H132: =項目一覧!$C$39
...

Sheet 建築物別概要（追加）印刷
A1: 確認申請書（建築物）印刷画面 | W1: 作業メニュー
A2: （第四面）
B3: 建築物別概要
A4: [ | B4: １．番号 ] | F4: =項目一覧②!$F$252 -> 2
A5: [ | B5: ２．用途 ] | E5: （区分 | G5: =項目一覧②!$F$253 | I5: ） | J5: =項目一覧②!$F$254
E6: （区分 | G6: =項目一覧②!$F$255 | I6: ） | J6: =項目一覧②!$F$256
E7: （区分 | G7: =項目一覧②!$F$257 | I7: ） | J7: =項目一覧②!$F$258
E8: （区分 | I8: ）
A9: [ | B9: ３．工事種別 ]
B10: =IF(項目一覧②!$G$259=TRUE,"■","□") -> □ | C10: 新築 | E10: =IF(項目一覧②!$H$259=TRUE,"■","□") -> □ | F10: 増築 | H10: =IF(項目一覧②!$I$259=TRUE,"■","□") -> □ | I10: 改築 | K10: =IF(項目一覧②!$J$259=TRUE,"■","□") -> □ | L10: 移転 | N10: =IF(項目一覧②!$K$259=TRUE,"■","□") -> □ | O10: 用途変更 | R10: =IF(項目一覧②!$L$259=TRUE,"■","□") -> □ | S10: 大規模の修繕 | W10: =IF(項目一覧②!$M$259=TRUE,"■","□") -> □ | X10: 大規模の模様替
A11: [ | B11: ４．構造 ] | H11: =項目一覧②!$F$260&IF(項目一覧②!$F$876="",""," 一部 "&項目一覧②!$F$876)
A12: [ | B12: ５．主要構造部 ]
E13: =IF(項目一覧②!$G$833=TRUE,"■","□") -> □ | F13: 耐火構造 | I13: （防火上及び避難上支障がない主要構造部を有しない場合）
E14: =IF(項目一覧②!$G$879=TRUE,"■","□") -> □ | F14: 耐火構造 | I14: （防火上及び避難上支障がない主要構造部を有する場合）
E15: =IF(項目一覧②!$G$834=TRUE,"■","□") -> □ | F15: 建築基準法施行令第108条の４第１項第１号イ及びロに掲げる基準に適合する構造
E16: =IF(項目一覧②!$G$835=TRUE,"■","□") -> □ | F16: 準耐火構造
E17: =IF(項目一覧②!$G$836=TRUE,"■","□") -> □ | F17: 準耐火構造と同等の準耐火性能を有する構造（ロ－1）
E18: =IF(項目一覧②!$G$837=TRUE,"■","□") -> □ | F18: 準耐火構造と同等の準耐火性能を有する構造（ロ－2）
E19: =IF(項目一覧②!$G$863=TRUE,"■","□") -> □ | F19: その他
A20: [ | B20: ６．建築基準法第21条及び第27条の規定の適用 ]
E21: =IF(項目一覧②!$G$839=TRUE,"■","□") -> □ | F21: 建築基準法施行令第109条の５第１号に掲げる基準に適合する構造
E22: =IF(項目一覧②!$G$840=TRUE,"■","□") -> □ | F22: 建築基準法第21条第１項ただし書に該当する建築物
E23: =IF(項目一覧②!$G$882=TRUE,"■","□") -> □ | F23: 建築基準法施行令第109条の７第１項第１号に掲げる基準に適する構造
E24: =IF(項目一覧②!$G$841=TRUE,"■","□") -> □ | F24: 建築基準法施行令第110条第１号に掲げる基準に適合する構造
E25: =IF(項目一覧②!$G$864=TRUE,"■","□") -> □ | F25: その他
E26: =IF(項目一覧②!$G$865=TRUE,"■","□") -> □ | F26: 建築基準法第21条又は第27条の規定の適用を受けない
A27: [ | B27: ７．建築基準法第61条の規定の適用 ]
E28: =IF(項目一覧②!$G$866=TRUE,"■","□") -> □ | F28: 耐火建築物 | J28: =IF(項目一覧②!$G$842=TRUE,"■","□") -> □ | K28: 延焼防止建築物 | P28: =IF(項目一覧②!$G$867=TRUE,"■","□") -> □ | Q28: 準耐火建築物 | U28: =IF(項目一覧②!$G$843=TRUE,"■","□") -> □ | V28: 準延焼防止建築物
E29: =IF(項目一覧②!$G$844=TRUE,"■","□") -> □ | F29: その他 | J29: =IF(項目一覧②!$G$868=TRUE,"■","□") -> □ | K29: 建築基準法第61条の規定の適用を受けない
A30: [ | B30: ８．階数 ]
B31: [ｲ． | C31: 地階を除く階数] | K31: =項目一覧②!$F$263
B32: [ﾛ． | C32: 地階の階数] | K32: =項目一覧②!$F$264
B33: [ﾊ． | C33: 昇降機塔等の階の数] | K33: =項目一覧②!$F$265
B34: [ﾆ． | C34: 地階の倉庫等の階の数] | K34: =項目一覧②!$F$266
A35: [ | B35: ９．高さ ]
B36: [ｲ． | C36: 最高の高さ] | K36: =項目一覧②!$F$267 | O36: ｍ
B37: [ﾛ． | C37: 最高の軒の高さ] | K37: =項目一覧②!$F$268 | O37: ｍ
A38: [ | B38: １０．建築設備の種類 ] | H38: =項目一覧②!$F$269
A39: [ | B39: １１．確認の特例 ]
B40: [ｲ． | C40: 建築基準法第６条の３第１項ただし書又は同法第１８条第５項ただし書の規定による審査の特例の適用の有無]
U41: =IF(項目一覧②!$G$270=TRUE,"■","□") -> □ | V41: 有 | X41: =IF(項目一覧②!$H$270=TRUE,"■","□") -> □ | Y41: 無
B42: ［ﾛ. 適用があるときは、特例の区分］
C43: =IF(項目一覧②!$G$981=TRUE,"■","□") -> □ | D43: 建築基準法第６条の３第１項第１号に掲げる確認審査又は同法第18条第5項第１号に掲げ る審査
C44: =IF(項目一覧②!$G$982=TRUE,"■","□") -> □ | D44: 建築基準法第６条の３第１項第２号に掲げる確認審査又は同法第18条第5項第２号に掲げる審査
D45: （構造設計を行った構造設計一級建築士又は構造関係規定に適合することを確認した構造設計一級建築士）
D46: (1)氏名 | G46: =項目一覧②!$F$983
D47: (2)資格 構造設計一級建築士交付第 | M47: =項目一覧②!$F$984 | R47: 号
B48: [ﾊ． | C48: 建築基準法第６条の４第１項の規定による確認の特例の適用の有無] | U48: =IF(項目一覧②!$G$271=TRUE,"■","□") -> □ | V48: 有 | X48: =IF(項目一覧②!$H$271=TRUE,"■","□") -> □ | Y48: 無
B49: [ﾆ． | C49: 建築基準法施行令第１０条各号に掲げる建築物の区分]
L50: =IF(項目一覧②!$F$272="","第 号","第 "&項目一覧②!$F$272&" 号") -> 第 号
B51: [ﾎ． | C51: 認定型式の認定番号]
L52: =IF(項目一覧②!$F$273="","第 号","第 "&項目一覧②!$F$273&" 号") -> 第 号
B53: [ﾍ． | C53: 適合する一連の規定の区分］
G54: =IF(項目一覧②!$G$817=TRUE,"■","□") -> □ | H54: 建築基準法施行令第１３６条の２の１１第１号イ
G55: =IF(項目一覧②!$G$818=TRUE,"■","□") -> □ | H55: 建築基準法施行令第１３６条の２の１１第１号ロ
G56: =IF(項目一覧②!$G$990=TRUE,"■","□") -> □ | H56: 建築基準法施行令第１３６条の２の１１第１号ハ
B57: [ﾄ． | C57: 認証型式部材等認証番号]
L58: =IF(項目一覧②!$F$274="","","第 "&項目一覧②!$F$274&" 号")
A59: [ | B59: １２．床面積 ]
B60: [ｲ． 階別] | I60: ( | J60: 申請部分 | N60: ) | O60: ( | P60: 申請以外の部分 | T60: ) | U60: ( | V60: 合計 | Z60: )
D61: ( | E61: =項目一覧②!$F$275 | G61: ) | I61: ( | J61: =項目一覧②!$F$282 | N61: ) | O61: ( | P61: =項目一覧②!$F$289 | T61: ) | U61: ( | V61: =項目一覧②!$F$296 | Z61: ）㎡
D62: ( | E62: =項目一覧②!$F$276 | G62: ) | I62: ( | J62: =項目一覧②!$F$283 | N62: ) | O62: ( | P62: =項目一覧②!$F$290 | T62: ) | U62: ( | V62: =項目一覧②!$F$297 | Z62: ）㎡
D63: ( | E63: =項目一覧②!$F$277 | G63: ) | I63: ( | J63: =項目一覧②!$F$284 | N63: ) | O63: ( | P63: =項目一覧②!$F$291 | T63: ) | U63: ( | V63: =項目一覧②!$F$298 | Z63: ）㎡
D64: ( | E64: =項目一覧②!$F$278 | G64: ) | I64: ( | J64: =項目一覧②!$F$285 | N64: ) | O64: ( | P64: =項目一覧②!$F$292 | T64: ) | U64: ( | V64: =項目一覧②!$F$299 | Z64: ）㎡
D65: ( | E65: =項目一覧②!$F$279 | G65: ) | I65: ( | J65: =項目一覧②!$F$286 | N65: ) | O65: ( | P65: =項目一覧②!$F$293 | T65: ) | U65: ( | V65: =項目一覧②!$F$300 | Z65: ）㎡
D66: ( | E66: =項目一覧②!$F$280 | G66: ) | I66: ( | J66: =項目一覧②!$F$287 | N66: ) | O66: ( | P66: =項目一覧②!$F$294 | T66: ) | U66: ( | V66: =項目一覧②!$F$301 | Z66: ）㎡
D67: ( | E67: =項目一覧②!$F$281 | G67: ) | I67: ( | J67: =項目一覧②!$F$288 | N67: ) | O67: ( | P67: =項目一覧②!$F$295 | T67: ) | U67: ( | V67: =項目一覧②!$F$302 | Z67: ）㎡
D68: ( | E68: =項目一覧②!$F$888 | G68: ) | I68: ( | J68: =項目一覧②!$F$889 | N68: ) | O68: ( | P68: =項目一覧②!$F$890 | T68: ) | U68: ( | V68: =項目一覧②!$F$891 | Z68: ）㎡
B69: [ﾛ． 合計] | I69: ( | J69: =項目一覧②!$F$303 | N69: ) | O69: ( | P69: =項目一覧②!$F$304 | T69: ) | U69: ( | V69: =項目一覧②!$F$305 | Z69: ）㎡
A70: [ | B70: １３．屋根 ] | F70: =項目一覧②!$F$306
A71: [ | B71: １４．外壁 ] | F71: =項目一覧②!$F$307
A72: [ | B72: １５．軒裏 ] | F72: =項目一覧②!$F$308
A73: [ | B73: １６．居室の床の高さ ] | J73: =項目一覧②!$F$309 | O73: ｍ
A74: [ | B74: １７．便所の種類 ] | L74: =項目一覧②!$F$310
A75: [ | B75: １８．その他必要な事項 ] | I75: =項目一覧②!$F$311
A77: [ | B77: １９．備考 ] | F77: =項目一覧②!$F$312
A80: （第五面）
B81: 建築物の階別概要
A82: [ | B82: １．番号 ] | M82: =項目一覧②!$F$313 -> 2
A83: [ | B83: ２．階 ] | J83: =項目一覧②!$F$314 | N83: 階
A84: [ | B84: ３．柱の小径 ] | J84: =項目一覧②!$F$315 | N84: ｍ
A85: [ | B85: ４．横架材間の垂直距離 ] | J85: =項目一覧②!$F$316 | N85: ｍ
A86: [ | B86: ５．階の高さ ] | J86: =項目一覧②!$F$317 | N86: ｍ
A87: [ | B87: ６．天井 ]
C88: ［ｲ． | D88: 居室の天井の高さ］ | J88: =項目一覧②!$F$318 | N88: ｍ
C89: ［ﾛ． | D89: 建築基準法施行令第39条第3項に規定する特定天井］ | Q89: =IF(項目一覧②!$G$319=TRUE,"■","□") -> □ | R89: 有 | T89: =IF(項目一覧②!$H$319=TRUE,"■","□") -> □ | U89: 無
A90: [ | B90: ７．用途別床面積 ]
D91: （用途の区分) （ | I91: 具体的な用途の名称 | W91: ） ( | X91: 床面積 | AA91: ）
B92: [ｲ．] | D92: （ | E92: =項目一覧②!$F$320 | G92: ) （ | H92: =項目一覧②!$F$326 | W92: ） ( | X92: =項目一覧②!$F$332 | AA92: ）㎡
B93: [ﾛ．] | D93: （ | E93: =項目一覧②!$F$321 | G93: ) （ | H93: =項目一覧②!$F$327 | W93: ） ( | X93: =項目一覧②!$F$333 | AA93: ）㎡
B94: [ﾊ．] | D94: （ | E94: =項目一覧②!$F$322 | G94: ) （ | H94: =項目一覧②!$F$328 | W94: ） ( | X94: =項目一覧②!$F$334 | AA94: ）㎡
B95: [ﾆ．] | D95: （ | E95: =項目一覧②!$F$323 | G95: ) （ | H95: =項目一覧②!$F$329 | W95: ） ( | X95: =項目一覧②!$F$335 | AA95: ）㎡
B96: [ﾎ．] | D96: （ | E96: =項目一覧②!$F$324 | G96: ) （ | H96: =項目一覧②!$F$330 | W96: ） ( | X96: =項目一覧②!$F$336 | AA96: ）㎡
B97: [ﾍ．] | D97: （ | E97: =項目一覧②!$F$325 | G97: ) （ | H97: =項目一覧②!$F$331 | W97: ） ( | X97: =項目一覧②!$F$337 | AA97: ）㎡
A98: [ | B98: ８．その他必要な事項 ]
F99: =項目一覧②!$F$338
A101: [ | B101: ９．備考 ]
F102: =項目一覧②!$F$339
A105: （第五面）
B106: 建築物の階別概要
...

Sheet 建築物独立部分別概要（追加）印刷
A1: 建築物独立部分別概要 印刷画面 | V1: 作業メニュー
A3: （第六面）
A5: ［ | B5: 1. | C5: 番号］ | G5: =項目一覧②!$F$773 -> 2
A6: ［ | B6: 2. | C6: 延べ面積］ | G6: =項目一覧②!$F$774 | J6: ㎡
A7: ［ | B7: 3. | C7: 建築物の高さ等］
B8: ［ | C8: イ. | D8: 最高の高さ］ | I8: =項目一覧②!$F$775 | M8: m
B9: ［ | C9: ロ. | D9: 最高の軒の高さ］ | I9: =項目一覧②!$F$776 | M9: m
B10: ［ | C10: ハ. | D10: 階数］ | H10: 地上 | J10: =項目一覧②!$F$777 | M10: 階 | P10: 地下 | R10: =項目一覧②!$F$778 | U10: 階
B11: ［ | C11: ニ. | D11: 構造］ | I11: =項目一覧②!$F$779&IF(項目一覧②!$F$780="",""," 一部 "&項目一覧②!$F$780)
A12: ［ | B12: 4. | C12: 特定構造計算基準又は特定増改築構造計算基準の別］
C13: =IF(項目一覧②!$G$781=TRUE,"■","□") -> □ | D13: 特定構造計算基準
C14: =IF(項目一覧②!$G$782=TRUE,"■","□") -> □ | D14: 特定増改築構造計算基準
A15: ［ | B15: 5. | C15: 構造計算の区分］
C16: =IF(項目一覧②!$G$783=TRUE,"■","□") -> □ | D16: 建築基準法施行令第81条第1項各号に掲げる基準に従った構造計算
C17: =IF(項目一覧②!$G$781=TRUE,"■","□") -> □ | D17: 建築基準法施行令第81条第2項第1号イに掲げる構造計算
C18: =IF(項目一覧②!$G$784=TRUE,"■","□") -> □ | D18: 建築基準法施行令第81条第2項第1号ロに掲げる構造計算
C19: =IF(項目一覧②!$G$785=TRUE,"■","□") -> □ | D19: 建築基準法施行令第81条第2項第2号イに掲げる構造計算
C20: =IF(項目一覧②!$G$786=TRUE,"■","□") -> □ | D20: 建築基準法施行令第81条第3項に掲げる構造計算
A21: ［ | B21: 6. | C21: 構造計算に用いたプログラム］
B22: ［ | C22: イ. | D22: 名称］ | F22: =項目一覧②!$F$788 | G22: =項目一覧②!$F$788
B23: ［ | C23: ロ. | D23: 区分］
C24: =IF(項目一覧②!$G$789=TRUE,"■","□") -> □ | D24: 建築基準法第20条第1項第2号イ又は第3号イの認定を受けたプログラム
S25: （大臣認定番号 | T25: =項目一覧②!$F$790 | Z25: ）
C26: =IF(項目一覧②!$G$791=TRUE,"■","□") -> □ | D26: その他プログラム
A27: ［ | B27: 7. | C27: 建築基準法施行令第137条の2各号に定める基準の区分］ | S27: （ | T27: =項目一覧②!$F$792 | Z27: ）
A28: ［ | B28: 8. | C28: 備考］ | E28: =項目一覧②!$F$793
A31: （第六面）
A33: ［ | B33: 1. | C33: 番号］ | G33: =項目一覧②!$F$794 -> 3
A34: ［ | B34: 2. | C34: 延べ面積］ | G34: =項目一覧②!$F$795 | K34: ㎡
A35: ［ | B35: 3. | C35: 建築物の高さ等］
B36: ［ | C36: イ. | D36: 最高の高さ］ | I36: =項目一覧②!$F$796 | M36: m
B37: ［ | C37: ロ. | D37: 最高の軒の高さ］ | I37: =項目一覧②!$F$797 | M37: m
B38: ［ | C38: ハ. | D38: 階数］ | H38: 地上 | I38: =項目一覧②!$F$798 | M38: 階 | P38: 地下 | Q38: =項目一覧②!$F$799 | U38: 階
B39: ［ | C39: ニ. | D39: 構造］ | I39: =項目一覧②!$F$800&IF(項目一覧②!$F$801="",""," 一部 "&項目一覧②!$F$801)
A40: ［ | B40: 4. | C40: 特定構造計算基準又は特定増改築構造計算基準の別］
C41: =IF(項目一覧②!$G$802=TRUE,"■","□") -> □ | D41: 特定構造計算基準
C42: =IF(項目一覧②!$G$803=TRUE,"■","□") -> □ | D42: 特定増改築構造計算基準
A43: ［ | B43: 5. | C43: 構造計算の区分］
C44: =IF(項目一覧②!$G$804=TRUE,"■","□") -> □ | D44: 建築基準法施行令第81条第1項各号に掲げる基準に従った構造計算
C45: =IF(項目一覧②!$G$805=TRUE,"■","□") -> □ | D45: 建築基準法施行令第81条第2項第1号イに掲げる構造計算
C46: =IF(項目一覧②!$G$806=TRUE,"■","□") -> □ | D46: 建築基準法施行令第81条第2項第1号ロに掲げる構造計算
C47: =IF(項目一覧②!$G$807=TRUE,"■","□") -> □ | D47: 建築基準法施行令第81条第2項第2号イに掲げる構造計算
C48: =IF(項目一覧②!$G$808=TRUE,"■","□") -> □ | D48: 建築基準法施行令第81条第3項に掲げる構造計算
A49: ［ | B49: 6. | C49: 構造計算に用いたプログラム］
B50: ［ | C50: イ. | D50: 名称］ | F50: =項目一覧②!$F$809 | G50: =項目一覧②!F809
B51: ［ | C51: ロ. | D51: 区分］
C52: =IF(項目一覧②!$G$810=TRUE,"■","□") -> □ | D52: 建築基準法第20条第1項第2号イ又は第3号イの認定を受けたプログラム
S53: （大臣認定番号 | T53: =項目一覧②!$F$811 | Z53: ）
C54: =IF(項目一覧②!$G$812=TRUE,"■","□") -> □ | D54: その他プログラム
A55: ［ | B55: 7. | C55: 建築基準法施行令第137条の2各号に定める基準の区分］ | S55: （ | T55: =項目一覧②!$F$813 | Z55: ）
A56: ［ | B56: 8. | C56: 備考］ | E56: =項目一覧②!$F$814

Sheet 他の建築主（申請書用）
A1: 確認申請書別紙（他の建築主） 印刷画面 | T1: 作業メニュー
B3: 別紙
A4: [ | B4: １． 他の建築主（１） ]
B5: [ｲ． 氏名のフリガナ] | I5: =項目一覧!$C$174
B6: [ﾛ． 氏名] | I6: =項目一覧!$C$173
B7: [ﾊ． 郵便番号] | I7: =項目一覧!$C$175
B8: [ﾆ． 住所] | I8: =項目一覧!$C$176
B9: [ﾎ． 電話番号] | I9: =項目一覧!$C$177
A11: [ | B11: １． 他の建築主（2） ]
B12: [ｲ． 氏名のフリガナ] | I12: =項目一覧!$C$179
B13: [ﾛ． 氏名] | I13: =項目一覧!$C$178
B14: [ﾊ． 郵便番号] | I14: =項目一覧!$C$180
B15: [ﾆ． 住所] | I15: =項目一覧!$C$181
B16: [ﾎ． 電話番号] | I16: =項目一覧!$C$182
A18: [ | B18: １． 他の建築主（3） ]
B19: [ｲ． 氏名のフリガナ] | I19: =項目一覧!$C$185
B20: [ﾛ． 氏名] | I20: =項目一覧!$C$184
B21: [ﾊ． 郵便番号] | I21: =項目一覧!$C$186
B22: [ﾆ． 住所] | I22: =項目一覧!$C$187
B23: [ﾎ． 電話番号] | I23: =項目一覧!$C$188

Sheet 昇降機の概要（申請書用）
A1: 確認申請書別紙（昇降機の概要） 印刷画面 | T1: 作業メニュー
B3: 別紙
A4: [ | B4: 昇降機の概要 ] | G4: （番号 1 ）
B5: [ｲ． 種別] | G5: =項目一覧!$C$380
B6: [ﾛ． 用途] | G6: =項目一覧!$C$381
B7: [ﾊ． 積載荷重] | G7: ='確認申請書（建築）入力'!BG341 -> 0 | H7: N
B8: [ﾆ． 最大定員] | G8: ='確認申請書（建築）入力'!BG342 -> 0 | H8: 人
B9: [ﾎ． 定格速度] | G9: ='確認申請書（建築）入力'!BG343 -> 0 | H9: ｍ/分
B10: [ﾎ． その他必要な事項] | G10: ='確認申請書（建築）入力'!BG344 -> 0
A11: =IF(G12<>"", " [ 昇降機の概要 ] （番号 ２ ）", "")
B12: =IF(G12<>"", "[ｲ． 種別]", "") | G12: =項目一覧!$C$386
B13: =IF(G13<>"", "[ﾛ． 用途]", "") | G13: =項目一覧!$C$387
B14: =IF(ISBLANK('確認申請書（建築）入力'!BU341), "", "[ﾊ． 積載荷重]") | G14: ='確認申請書（建築）入力'!BU341 -> 0 | H14: =IF(ISBLANK('確認申請書（建築）入力'!BU341), "", "N")
B15: =IF(ISBLANK('確認申請書（建築）入力'!BU342), "", "[ﾆ． 最大定員]") | G15: ='確認申請書（建築）入力'!BU342 -> 0 | H15: =IF(ISBLANK('確認申請書（建築）入力'!BU341), "", "人")
B16: =IF(ISBLANK('確認申請書（建築）入力'!BU343), "", "[ﾎ． 定格速度]") | G16: ='確認申請書（建築）入力'!BU343 -> 0 | H16: =IF(ISBLANK('確認申請書（建築）入力'!BU341), "", "ｍ/分")
B17: =IF(ISBLANK('確認申請書（建築）入力'!BU344), "", "[ﾍ． その他必要な事項]") | G17: ='確認申請書（建築）入力'!BU344 -> 0

Sheet 建築計画概要書
A1: 建築計画概要書 | P1: 作業メニュー | AE1: ※建築主複数の場合、手入力あります。
B3: 第三号様式 | M3: ※受付欄 | U3: ※確認済証番号
B4: （第一条の三、第三条、第三条の三、第三条の四、第三条の七、第三条の十、第六条の三、第十一条の三関係）
U5: 年 月 日
U7: 第 東日本
AA8: 号
A11: 建築計画概要書 （第一面）
B12: 建築主等の概要
A13: [ | B13: １． 建築主 ] | AE13: 建築主ごとに住所が異なる場合に対応しておりません。
B14: [ｲ． 氏名のフリガナ] | H14: =IF(項目一覧!$C$21=0,"",項目一覧!$C$21&" ")&IF(項目一覧!$C$5=0,"",項目一覧!$C$5) | N14: =IF(項目一覧!$C$174=0,"",項目一覧!$C$174&" ") | S14: =IF(項目一覧!$C$179=0,"",項目一覧!$C$179&" ") | X14: =IF(項目一覧!$C$185=0,"",項目一覧!$C$185&" ") | AF14: 左側画面に上書きで入力し、修正してください。
B15: [ﾛ． 氏名] | H15: =IF(項目一覧!$C$183=0,"",項目一覧!$C$183&" ")&IF(項目一覧!$C$4=0,"",項目一覧!$C$4) | N15: =IF(項目一覧!$C$173=0,"",項目一覧!$C$173&" ") | S15: =IF(項目一覧!$C$178=0,"",項目一覧!$C$178&" ") | X15: =IF(項目一覧!$C$184=0,"",項目一覧!$C$184&" ")
B16: [ﾊ． 郵便番号] | H16: =項目一覧!$C$6 | AE16: －－－以下は「他の建築主」より参照－－－
B17: [ﾆ． 住所] | H17: =項目一覧!$C$7 | AF17: （１）
AF18: =他の建築主入力!F4 -> 0
A19: [ | B19: ２． 代理者 ] | AF19: =他の建築主入力!F5 -> 0
B20: [ｲ． 資格] | H20: =IF(項目一覧!$C$9=0,"","("&項目一覧!$C$9&") 建築士 （"&項目一覧!$C$10&"）登録 第 "&項目一覧!$C$11&" 号") -> () 建築士 （）登録 第 号 | AF20: =他の建築主入力!F6 -> 0
B21: [ﾛ． 氏名] | H21: =項目一覧!$C$12 | AF21: =他の建築主入力!F7 -> 0
B22: [ﾊ． 建築士事務所名] | H22: =IF(項目一覧!$C$13=0,"","("&項目一覧!$C$13&") 建築士事務所 （"&項目一覧!$C$14&"）知事登録 第 "&項目一覧!$C$15&" 号") -> () 建築士事務所 （）知事登録 第 号 | AF22: （２）
H23: =項目一覧!$C$16 | AF23: =他の建築主入力!F12 -> 0
B24: [ﾆ． 郵便番号] | H24: =項目一覧!$C$17 | AF24: =他の建築主入力!F13 -> 0
B25: [ﾎ． 所在地] | H25: =項目一覧!$C$18 | AF25: =他の建築主入力!F14 -> 0
B26: [ﾍ． 電話番号] | H26: =項目一覧!$C$19 | AF26: =他の建築主入力!F15 -> 0
A27: [ | B27: ３． 設計者 ] | AF27: （３）
B28: （代表となる設計者） | AF28: =他の建築主入力!F20 -> 0
B29: [ｲ． 資格] | H29: =IF(項目一覧!$C$22=0,"","("&項目一覧!$C$22&") 建築士 （"&項目一覧!$C$23&"）登録 第 "&項目一覧!$C$24&" 号") -> () 建築士 （）登録 第 号 | AF29: =他の建築主入力!F21 -> 0
B30: [ﾛ． 氏名] | H30: =項目一覧!$C$25 | AF30: =他の建築主入力!F22 -> 0
B31: [ﾊ． 建築士事務所名] | H31: =IF(項目一覧!$C$27=0,"","("&項目一覧!$C$27&") 建築士事務所 （"&項目一覧!$C$28&"）知事登録 第 "&項目一覧!$C$29&" 号") -> () 建築士事務所 （）知事登録 第 号 | AF31: =他の建築主入力!F23 -> 0
H32: =項目一覧!$C$30
B33: [ﾆ． 郵便番号] | H33: =項目一覧!$C$31
B34: [ﾎ． 所在地] | H34: =項目一覧!$C$32
B35: [ﾍ． 電話番号] | H35: =項目一覧!$C$33
B36: [ﾄ． 作成又は確認した設計図書] | J36: =項目一覧!$C$35
B38: （その他の設計者）
B39: [ｲ． 資格] | H39: =IF(項目一覧!$C$189=0,"","("&項目一覧!$C$189&") 建築士 （"&項目一覧!$C$190&"）登録 第 "&項目一覧!$C$191&" 号") -> () 建築士 （）登録 第 号 | AF39: =他の建築主入力!F30 -> 0
B40: [ﾛ． 氏名] | H40: =項目一覧!$C$192 | AF40: =他の建築主入力!F31 -> 0
B41: [ﾊ． 建築士事務所名] | H41: =IF(項目一覧!$C$194=0,"","("&項目一覧!$C$194&") 建築士事務所 （"&項目一覧!$C$195&"）知事登録 第 "&項目一覧!$C$196&" 号") -> () 建築士事務所 （）知事登録 第 号 | AF41: =他の建築主入力!F32 -> 0
H42: =項目一覧!$C$197
B43: [ﾆ． 郵便番号] | H43: =項目一覧!$C$198
B44: [ﾎ． 所在地] | H44: =項目一覧!$C$199
B45: [ﾍ． 電話番号] | H45: =項目一覧!$C$200
B46: [ﾄ． 作成又は確認した設計図書] | J46: =項目一覧!$C$202
B48: [ｲ． 資格] | H48: =IF(項目一覧!$C$203=0,"","("&項目一覧!$C$203&") 建築士 （"&項目一覧!$C$204&"）登録 第 "&項目一覧!$C$205&" 号") -> () 建築士 （）登録 第 号 | AF48: =他の建築主入力!F39 -> 0
B49: [ﾛ． 氏名] | H49: =項目一覧!$C$206 | AF49: =他の建築主入力!F40 -> 0
B50: [ﾊ． 建築士事務所名] | H50: =IF(項目一覧!$C$208=0,"","("&項目一覧!$C$208&") 建築士事務所 （"&項目一覧!$C$209&"）知事登録 第 "&項目一覧!$C$210&" 号") -> () 建築士事務所 （）知事登録 第 号 | AF50: =他の建築主入力!F41 -> 0
H51: =項目一覧!$C$211
B52: [ﾆ． 郵便番号] | H52: =項目一覧!$C$212
B53: [ﾎ． 所在地] | H53: =項目一覧!$C$213
B54: [ﾍ． 電話番号] | H54: =項目一覧!$C$214
B55: [ﾄ． 作成又は確認した設計図書] | J55: =項目一覧!$C$216
B57: [ｲ． 資格] | H57: =IF(項目一覧!$C$217=0,"","("&項目一覧!$C$217&") 建築士 （"&項目一覧!$C$218&"）登録 第 "&項目一覧!$C$219&" 号") -> () 建築士 （）登録 第 号 | AF57: =他の建築主入力!F48 -> 0
B58: [ﾛ． 氏名] | H58: =項目一覧!$C$220 | AF58: =他の建築主入力!F49 -> 0
B59: [ﾊ． 建築士事務所名] | H59: =IF(項目一覧!$C$222=0,"","("&項目一覧!$C$222&") 建築士事務所 （"&項目一覧!$C$223&"）知事登録 第 "&項目一覧!$C$224&" 号") -> () 建築士事務所 （）知事登録 第 号 | AF59: =他の建築主入力!F50 -> 0
H60: =項目一覧!$C$225
B61: [ﾆ． 郵便番号] | H61: =項目一覧!$C$226
B62: [ﾎ． 所在地] | H62: =項目一覧!$C$227
B63: [ﾍ． 電話番号] | H63: =項目一覧!$C$228
B64: [ﾄ． 作成又は確認した設計図書] | J64: =項目一覧!$C$230
B66: （構造設計一級建築士又は設備設計一級建築士である旨の表示をした者）
B67: 上記の設計者のうち、
B68: =IF(項目一覧!$D$316=TRUE,"■","□") -> □ | C68: 建築士法第20条の2第1項の表示をした者
C69: [ｲ． 氏名] | H69: =項目一覧!$C$317
C70: [ﾛ． 資格] | F70: 構造設計一級建築士交付第 | M70: =項目一覧!$C$318 | O70: 号
B71: =IF(項目一覧!$D$319=TRUE,"■","□") -> □ | C71: 建築士法第20条の2第3項の表示をした者
C72: [ｲ． 氏名] | H72: =項目一覧!$C$320
C73: [ﾛ． 資格] | F73: 構造設計一級建築士交付第 | M73: =項目一覧!$C$321 | O73: 号
B74: □ | C74: 建築士法第20条の3第1項の表示をした者
C75: [ｲ． 氏名]
C76: [ﾛ． 資格] | F76: 設備設計一級建築士交付第 | O76: 号
C77: [ｲ． 氏名]
C78: [ﾛ． 資格] | F78: 設備設計一級建築士交付第 | O78: 号
C79: [ｲ． 氏名]
C80: [ﾛ． 資格] | F80: 設備設計一級建築士交付第 | O80: 号
B81: □ | C81: 建築士法第20条の3第3項の表示をした者
C82: [ｲ． 氏名]
C83: [ﾛ． 資格] | F83: 設備設計一級建築士交付第 | O83: 号
C84: [ｲ． 氏名]
C85: [ﾛ． 資格] | F85: 設備設計一級建築士交付第 | O85: 号
C86: [ｲ． 氏名]
C87: [ﾛ． 資格] | F87: 設備設計一級建築士交付第 | O87: 号
A89: [ | B89: ４ 建築設備の設計に関し意見を聴いた者 ]
B90: （代表となる建築設備の設計に関し意見を聴いた者）
B91: [ｲ． 氏名] | H91: =項目一覧!$C$36
B92: [ﾛ． 勤務先] | H92: =項目一覧!$C$37
B93: [ﾊ． 郵便番号] | H93: =項目一覧!$C$38
B94: [ﾆ． 所在地] | H94: =項目一覧!$C$39
B95: [ﾎ． 電話番号] | H95: =項目一覧!$C$40
B96: [ﾍ． 登録番号] | H96: =項目一覧!$C$41
B97: [ﾄ． 意見を聴いた設計図書] | I97: =項目一覧!$C$42
B99: （その他の建築設備設計に関し意見を聴いた者）
B100: [ｲ． 氏名] | H100: =項目一覧!$C$231
B101: [ﾛ． 勤務先] | H101: =項目一覧!$C$232
B102: [ﾊ． 郵便番号] | H102: =項目一覧!$C$233
B103: [ﾆ． 所在地] | H103: =項目一覧!$C$234
B104: [ﾎ． 電話番号] | H104: =項目一覧!$C$235
B105: [ﾍ． 登録番号] | H105: =項目一覧!$C$236
B106: [ﾄ． 意見を聴いた設計図書] | I106: =項目一覧!$C$237
B108: [ｲ． 氏名] | H108: =項目一覧!$C$238
B109: [ﾛ． 勤務先] | H109: =項目一覧!$C$239
B110: [ﾊ． 郵便番号] | H110: =項目一覧!$C$240
B111: [ﾆ． 所在地] | H111: =項目一覧!$C$241
...

Sheet 他の建築主(概要書用)
A1: 建築計画概要書（別紙） | M1: 作業メニュー
A2: 建築計画概要書（別紙）
B4: 建築主等の概要
A5: [ | B5: １． 他の建築主（１） ]
B6: [ｲ． 氏名のフリガナ] | I6: =項目一覧!$C$174
B7: [ﾛ． 氏名] | I7: =項目一覧!$C$173
B8: [ﾊ． 郵便番号] | I8: =項目一覧!$C$175
B9: [ﾆ． 住所] | I9: =項目一覧!$C$176
A12: [ | B12: １． 他の建築主（2） ]
B13: [ｲ． 氏名のフリガナ] | I13: =項目一覧!$C$179
B14: [ﾛ． 氏名] | I14: =項目一覧!$C$178
B15: [ﾊ． 郵便番号] | I15: =項目一覧!$C$180
B16: [ﾆ． 住所] | I16: =項目一覧!$C$181
A19: [ | B19: １． 他の建築主（3） ]
B20: [ｲ． 氏名のフリガナ] | I20: =項目一覧!$C$185
B21: [ﾛ． 氏名] | I21: =項目一覧!$C$184
B22: [ﾊ． 郵便番号] | I22: =項目一覧!$C$186
B23: [ﾆ． 住所] | I23: =項目一覧!$C$187

Sheet 建築工事届（別記第40号様式）
A1: 建築工事届 | X1: 作業メニュー | AC1: ※直接入力してください
A2: 第四十号様式（第八条関係）（Ａ４）
A5: 建築基準法第15条第１項の規定による
A7: 建築工事届
A9: （第一面）
AC11: 年 | AF11: 月 | AI11: 日
M13: 知事 様
A16: 建築主
D17: 氏名 | I17: =IF(項目一覧!$C$4=0,"",項目一覧!$C$4) | AP17: 建築主ごとに住所が異なる場合に対応しておりません。
D18: 郵便番号 | I18: =項目一覧!$C$6 | AP18: 左側画面に上書きで入力し、修正してください。
D19: 住所 | I19: =項目一覧!$C$7
D20: 電話番号 | I20: =項目一覧!$C$8 | AP20: －－－以下は「他の建築主」より参照－－－
A22: 工事施工者（設計者又は代理者） | AN22: (1) | AP22: =他の建築主入力!S8 -> 0
D23: 氏名 | I23: =項目一覧!$C$55 | AP23: =他の建築主入力!S9 -> 0
D24: 営業所名（建築士事務所名） | P24: =項目一覧!$C$59 | AP24: =他の建築主入力!S10 -> 0
D25: 郵便番号 | I25: =項目一覧!$C$60 | AP25: =他の建築主入力!S11 -> 0
D26: 所在地 | I26: =項目一覧!$C$61 | AN26: (2) | AP26: =他の建築主入力!S16 -> 0
D27: 電話番号 | I27: =項目一覧!$C$62 | AP27: =他の建築主入力!S17 -> 0
D28: 担当者の氏名 | AP28: =他の建築主入力!S18 -> 0
D29: 担当者の電話番号 | P29: - | V29: - | AP29: =他の建築主入力!S19 -> 0
A31: 工事監理者 | AN31: (3) | AP31: =他の建築主入力!S23 -> 0
D32: 氏名 | I32: =項目一覧!$C$46 | AP32: =他の建築主入力!S24 -> 0
D33: 営業所名（建築士事務所名） | P33: =項目一覧!$C$50 | AP33: =他の建築主入力!S25 -> 0
D34: 郵便番号 | I34: =項目一覧!$C$51 | AP34: =他の建築主入力!S26 -> 0
D35: 所在地 | I35: =項目一覧!$C$52 | AP35: =他の建築主入力!S27 -> 0
D36: 電話番号 | I36: =項目一覧!$C$53
A38: 建築確認
D39: 確認済証番号 | O39: 第 | AD39: 号
D40: 確認済証交付年月日 | R40: 年 | W40: 月 | AB40: 日
D41: 確認済証交付者 | L41: 株式会社東日本住宅評価センター
A43: 除却工事施工者
D44: 氏名
D45: 営業所名
D46: 郵便番号 | N46: -
D47: 所在地
D48: 電話番号 | N48: - | T48: -
D49: 担当者の氏名
D50: 担当者の電話番号 | P50: - | V50: -
A53: ※受付経由機関記載欄
A57: （第二面）
A60: 【１．着工及び工事完了の予定期日】
B61: イ．着工予定期日 | J61: =IF(項目一覧!$C$155=""," 年 月 日",項目一覧!$C$155) -> 年 月 日 | AM61: =IF(OR(J61="",Q61="",U61=""),"未入力","") -> 未入力
B62: ロ．工事完了予定期日 | J62: =IF(項目一覧!$C$156=""," 年 月 日",項目一覧!$C$156) -> 年 月 日 | AM62: =IF(OR(J62="",Q62="",U62=""),"未入力","") -> 未入力
A65: 【２．建築主】
B66: イ．建築主の種別 | K66: (1)国 | S66: (2)都道府県 | AC66: (3)市区町村 | AM66: =IF(COUNTIF(AN66:AP67,TRUE)>1,"複数選択",IF(COUNTIF(AN66:AP67,TRUE)=0,"未入力","")) -> 未入力 | AN66: FALSE | AO66: FALSE | AP66: FALSE
K67: (4)会社 | S67: (5)会社でない団体 | AC67: (6)個人 | AN67: FALSE | AO67: FALSE | AP67: FALSE
B68: ロ．資本の額又は 出資の総額 | K68: (1)1,000万円以下 | V68: (2)1,000万円超～3,000万円以下 | AM68: =IF(AN67=FALSE,"",IF(COUNTIF(AN68:AP70,TRUE)>1,"複数選択",IF(COUNTIF(AN68:AP70,TRUE)=0,"未入力",""))) | AN68: TRUE | AO68: FALSE
K69: (3)3,000万円超～1億円以下 | V69: (4)1億円超～10億円以下 | AF69: (5)10億円超 | AN69: FALSE
A72: 【３．敷地の位置】
B73: イ．地名地番 | J73: =IF(項目一覧!$C$69=0,"",IF(項目一覧!$C$71=0,項目一覧!$C$69&項目一覧!$C$70,項目一覧!$C$69&項目一覧!$C$70&項目一覧!$C$71)) | AM73: =IF(OR(H73="",O73="",U73=""),"未入力（地番まで）","") -> 未入力（地番まで）
B74: ロ．都市計画 | K74: (1)市街化区域 | AA74: (2)市街化調整区域 | AM74: =IF(COUNTIF(AN74:AP77,TRUE)>1,"複数選択",IF(COUNTIF(AN74:AP77,TRUE)=0,"未入力","")) -> 未入力 | AN74: FALSE | AO74: FALSE
K75: (3)区域区分非設定都市計画区域 | AA75: (4)準都市計画区域 | AN75: FALSE | AO75: FALSE
K76: (5)都市計画区域及び準都市計画区域外 | AN76: FALSE
A79: 【４．工事種別】 | K79: (1)新築 | P79: (2)増築 | U79: (3)改築 | Z79: (4)移転 | AM79: =IF(COUNTIF(AN79:AQ79,TRUE)>1,"複数選択",IF(COUNTIF(AN79:AQ79,TRUE)=0,"未入力","")) -> 未入力 | AN79: FALSE | AO79: FALSE | AP79: FALSE | AQ79: FALSE
A82: 【５．主要用途】 | S82: （注意欄に記載の記号を記入してください）
A84: 【６．一の建築物ごとの内容】
B85: イ．番号 | AM85: =IF(COUNTA(K85,T85,AC85)=0,"未入力","") -> 未入力
B86: ロ．物件名
B87: ハ．用途 （注意欄に記載の記号を 記入してください） | AM87: =#REF!&#REF!&#REF! -> #REF! | AN87: FALSE | AO87: FALSE | AP87: FALSE
J88: 多用途 | S88: 多用途 | AB88: 多用途
B89: ニ．工事部分の構造 （注意欄に記載の記号を 記入してください） | AN89: FALSE | AO89: FALSE | AP89: FALSE
AN90: FALSE | AO90: FALSE | AP90: FALSE
B91: ホ．工事の予定期間 | P91: 月間 | Y91: 月間 | AH91: 月間 | AM91: =#REF! -> #REF!
B92: ヘ．工事部分の 床面積の合計
P93: ㎡ | Y93: ㎡ | AH93: ㎡ | AM93: =#REF! -> #REF!
B95: ト．用途ごとの工事部 分の床面積 （工事部分の用途が１種類 のみであり、ハの用途と 同一である場合は、記入 不要です。） | J95: ① | K95: 用途 | S95: ① | T95: 用途 | AB95: ① | AC95: 用途
K96: 床面積 | R96: ㎡ | T96: 床面積 | AA96: ㎡ | AC96: 床面積 | AJ96: ㎡
J97: ② | K97: 用途 | S97: ② | T97: 用途 | AB97: ② | AC97: 用途
K98: 床面積 | R98: ㎡ | T98: 床面積 | AA98: ㎡ | AC98: 床面積 | AJ98: ㎡
J99: ③ | K99: 用途 | S99: ③ | T99: 用途 | AB99: ③ | AC99: 用途
K100: 床面積 | R100: ㎡ | T100: 床面積 | AA100: ㎡ | AC100: 床面積 | AJ100: ㎡
B101: チ．建築工事費予定額 | P101: 万円 | Y101: 万円 | AH101: 万円 | AM101: =#REF! -> #REF! | AN101: =L101/L93*10 -> #DIV/0! | AO101: =U101/U92*10 -> #DIV/0! | AP101: =AD101/AD93*10 -> #DIV/0!
N103: 消費税込み | W103: 消費税込み | AF103: 消費税込み
B104: リ．新築工事の場合に おける地上の階数 | AM104: =#REF! -> #REF!
P105: 階 | Y105: 階 | AH105: 階
B106: ヌ．新築工事の場合に おける地下の階数 | AM106: =#REF! -> #REF!
K107: 地下 | P107: 階 | T107: 地下 | Y107: 階 | AC107: 地下 | AH107: 階
A110: 【７．新築工事の場合における敷地面積】 | AA110: ㎡ | AM110: =IF(AND($AN$79=TRUE,R110=""),"未入力",IF(AND($AN$79=FALSE,R110<>""),"入力不要",""))
A113: （第三面）
A116: 【１．住宅部分の概要】
B117: イ．番号
B118: ロ．新設又は その他の別 | K118: (1)新設 | Q118: (2)その他 | AN118: FALSE | AO118: FALSE | AP118: FALSE
B119: ハ．新設住宅の資金 | K119: (1)民間資金住宅 | S119: (2)公営住宅 | Z119: (3)住宅金融支援機構住宅 | AN119: FALSE | AO119: FALSE | AP119: FALSE
K120: (4)都市再生機構住宅 | U120: (5)その他 | AN120: FALSE | AO120: FALSE
B121: ニ．住宅の建築工法 | K121: (1)在来工法 | R121: (2)プレハブ工法 | Y121: (3)枠組壁工法 | AN121: FALSE | AP121: FALSE
B122: ホ．住宅の種類 | K122: (1)専用住宅 | R122: (2)併用住宅 | Y122: (3)その他の住宅 | AN122: FALSE | AO122: FALSE | AP122: FALSE
B123: ヘ．住宅の建て方 | K123: (1)一戸建住宅 | R123: (2)長屋建住宅 | Y123: (3)共同住宅 | AN123: FALSE | AO123: FALSE | AP123: FALSE
B124: ト．利用関係 | K124: (1)持家 | R124: (2)貸家 | Y124: (3)給与住宅 | AF124: (4)分譲住宅 | AN124: FALSE | AO124: FALSE | AP124: FALSE | AQ124: FALSE
B125: チ．住宅の戸数 | O125: 戸 | V125: 戸 | AC125: 戸 | AJ125: 戸
B126: リ．工事部分の 床面積の合計 | O126: ㎡ | V126: ㎡ | AC126: ㎡ | AJ126: ㎡
B129: イ．番号
B130: ロ．新設又は その他の別 | K130: (1)新設 | Q130: (2)その他
B131: ハ．新設住宅の資金 | K131: (1)民間資金住宅 | S131: (2)公営住宅 | Z131: (3)住宅金融支援機構住宅
K132: (4)都市再生機構住宅 | U132: (5)その他
B133: ニ．住宅の建築工法 | K133: (1)在来工法 | R133: (2)プレハブ工法 | Y133: (3)枠組壁工法
B134: ホ．住宅の種類 | K134: (1)専用住宅 | R134: (2)併用住宅 | Y134: (3)その他の住宅
B135: ヘ．住宅の建て方 | K135: (1)一戸建住宅 | R135: (2)長屋建住宅 | Y135: (3)共同住宅
B136: ト．利用関係 | K136: (1)持家 | R136: (2)貸家 | Y136: (3)給与住宅 | AF136: (4)分譲住宅
B137: チ．住宅の戸数 | O137: 戸 | V137: 戸 | AC137: 戸 | AJ137: 戸
B138: リ．工事部分の 床面積の合計 | O138: ㎡ | V138: ㎡ | AC138: ㎡ | AJ138: ㎡
...

Sheet 建築物除却届（別記第41号様式）
A1: 建築物除却届 | X1: 作業メニュー | AC1: ※直接入力してください
A2: 第四十一号様式（第八条関係）（Ａ４）
A5: 建築基準法第15条第１項の規定による
A7: 建築物除却届
A9: （第一面）
Y16: 年 | AB16: 月 | AE16: 日
K20: 知事 様
B24: 除却工事施工者
B26: 氏名
B28: 営業所名
B30: 郵便番号 | O30: -
B32: 所在地
B34: 電話番号 | M34: - | R34: -
B36: 担当者の氏名
B38: 担当者の電話番号 | M38: - | R38: -
B42: ※受付経由機関記載欄
A76: （第二面）
B79: 【１．物件名】
B83: 【２．除却予定期日】 | T83: 年 | Y83: 月 | AD83: 日
M86: =IF(項目一覧!$C$69=0,"",IF(項目一覧!$C$71=0,項目一覧!$C$69&項目一覧!$C$70,項目一覧!$C$69&項目一覧!$C$70&項目一覧!$C$71))
B87: 【３．除却場所】
B91: 【４．主要用途】 | X91: （注意欄に記載の記号を 記入してください）
B95: 【５．除却原因】 | O95: (1)老朽して危険があるため | AA95: (2)その他
B99: 【６．構造】 | O99: (1)木造 | AA99: (2)その他
B103: 【７．建築物の数】 | AD103: 棟
B107: 【８．住宅の戸数】 | AD107: 戸
B111: 【９．建築物の床面積の合計】 | AD111: ㎡
B115: 【10．建築物の評価額】 | AD115: 万円

Sheet 計画変更確認申請書
A1: 計画変更確認申請書（建築物）申請者複数 | U1: 作業メニュー | AD1: ※入力項目があります
B3: =IF(作業メニュー!AM13=TRUE, "第四十二号の二様式（第八条の二の二関係）（Ａ４）", "第四号様式（第一条の三、第三条、第三条の三関係）") -> 第四号様式（第一条の三、第三条、第三条の三関係）
I4: =IF(作業メニュー!AM13=TRUE, "建築基準法第18条第２項又は第４項の規定による ", "")
B5: =IF(作業メニュー!AM13=TRUE, "計画変更通知書 （建築物）", "計画変更確認申請書 （建築物）") -> 計画変更確認申請書 （建築物）
A7: （第一面）
C9: =IF(作業メニュー!AM13=TRUE, " 建築基準法第18条第２項又は第４項の規定により計画の変更を通知します。", " 建築基準法第６条第１項又は第６条の２第１項の規定による計画の変更の確認を申請します。 この申請書及び添付図書に記載の事項は、事実に相違ありません。") -> 建築基準法第６条第１項又は第６条の２第１項の規定による計画の変更の確認を申請します。 この申請書及び添付図書に記載の事項は、事実に相違ありません。
C14: =IF('確認申請書（建築）入力'!$M$4=0,"",'確認申請書（建築）入力'!$M$4) -> 指定確認検査機関 株式会社東日本住宅評価センター 様
T16: =IF(作業メニュー!AM13=TRUE, "第", "") | Z16: =IF(作業メニュー!AM13=TRUE, "号", "")
S17: =IF($AK$18=""," 年 月 日",IF(DATE(2019,5,1)>$AK$18,$AK$18,"令和"&IF(YEAR($AK$18)-2018=1,"元",YEAR($AK$18)-2018)&"年"&MONTH($AK$18)&"月"&DAY($AK$18)&"日")) -> 年 月 日 | AC17: 入力してください→
AC18: 計画変更申請日
AC19: （記入例： ２０１９年６月７日 ）
J20: =IF(作業メニュー!AM13=TRUE, " 通 知 者 官 職", " 申 請 者 氏 名") -> 申 請 者 氏 名 | P20: =項目一覧!$C$4
M22: =IF(AJ22=TRUE,"氏名 ","") | P22: =IF(AJ22=TRUE,項目一覧!$C$173,"") | AJ22: FALSE
M24: =IF(AJ24=TRUE,"氏名 ","") | P24: =IF(AJ24=TRUE,項目一覧!$C$178,"") | AJ24: FALSE
M26: =IF(AJ26=TRUE,"氏名 ","") | P26: =IF(AJ26=TRUE,項目一覧!$C$184,"") | AJ26: FALSE
P30: =項目一覧!$C$30
J31: 設 計 者 氏 名 | P31: =項目一覧!$C$25
D34: =IF(作業メニュー!AM13=TRUE, "[計画を変更する建築物の直前の審査]", "[計画を変更する建築物の直前の確認]") -> [計画を変更する建築物の直前の確認] | AD34: 入力してください→
E35: [確認済証番号] | L35: =$AK$35 -> 0 | AD35: [確認済証番号]
E36: [確認済証交付年月日] | L36: =IF($AK$36=""," 年 月 日",IF(DATE(2019,5,1)>$AK$36,$AK$36,"令和"&IF(YEAR($AK$36)-2018=1,"元",YEAR($AK$36)-2018)&"年"&MONTH($AK$36)&"月"&DAY($AK$36)&"日")) -> 年 月 日 | AD36: [確認済証交付年月日]
E37: [確認済証交付者] | L37: =$AK$37 -> 0 | AD37: [確認済証交付者]
E38: [計画変更の概要] | L38: =$AK$38 -> 0 | AD38: [計画変更の概要]
B40: ※ 受付欄 | I40: =IF(作業メニュー!AM13=TRUE, "※ 消防関係通知欄", "※ 消防関係同意欄") -> ※ 消防関係同意欄 | O40: ※ 決裁欄 | U40: ※ 確認番号欄
I41: =IF(AJ26=TRUE," 氏 名 ","") | O41: 別紙による | U41: 年 月 日
U42: 第 東日本 号
U45: 日付、番号は別紙による
A48: （第二面）
B49: 建築主等の概要
A50: [ | B50: １． 建築主 ]
B51: [ｲ． 氏名のフリガナ] | H51: =IF(項目一覧!$C$21=0,"",項目一覧!$C$21&" ")&IF(項目一覧!$C$5=0,"",項目一覧!$C$5)
B52: [ﾛ． 氏名] | H52: =IF(項目一覧!$C$183=0,"",項目一覧!$C$183&" ")&IF(項目一覧!$C$4=0,"",項目一覧!$C$4)
B53: [ﾊ． 郵便番号] | H53: =項目一覧!$C$6
B54: [ﾆ． 住所] | H54: =項目一覧!$C$7
B55: [ﾎ． 電話番号] | H55: =項目一覧!$C$8
A56: [ | B56: ２． 代理者 ]
B57: [ｲ． 資格] | H57: =IF(項目一覧!$C$9=0,"","("&項目一覧!$C$9&") 建築士 （"&項目一覧!$C$10&"）登録 第 "&項目一覧!$C$11&" 号") -> () 建築士 （）登録 第 号
B58: [ﾛ． 氏名] | H58: =項目一覧!$C$12
B59: [ﾊ． 建築士事務所名] | H59: =IF(項目一覧!$C$13=0,"","("&項目一覧!$C$13&") 建築士事務所 （"&項目一覧!$C$14&"）知事登録 第 "&項目一覧!$C$15&" 号") -> () 建築士事務所 （）知事登録 第 号
H60: =項目一覧!$C$16
B61: [ﾆ． 郵便番号] | H61: =項目一覧!$C$17
B62: [ﾎ． 所在地] | H62: =項目一覧!$C$18
B63: [ﾍ． 電話番号] | H63: =項目一覧!$C$19
A64: [ | B64: ３． 設計者 ]
B65: （代表となる設計者）
B66: [ｲ． 資格] | H66: =IF(項目一覧!$C$22=0,"","("&項目一覧!$C$22&") 建築士 （"&項目一覧!$C$23&"）登録 第 "&項目一覧!$C$24&" 号") -> () 建築士 （）登録 第 号
B67: [ﾛ． 氏名] | H67: =項目一覧!$C$25
B68: [ﾊ． 建築士事務所名] | H68: =IF(項目一覧!$C$27=0,"","("&項目一覧!$C$27&") 建築士事務所 （"&項目一覧!$C$28&"）知事登録 第 "&項目一覧!$C$29&" 号") -> () 建築士事務所 （）知事登録 第 号
H69: =項目一覧!$C$30
B70: [ﾆ． 郵便番号] | H70: =項目一覧!$C$31
B71: [ﾎ． 所在地] | H71: =項目一覧!$C$32
B72: [ﾍ． 電話番号] | H72: =項目一覧!$C$33
B73: [ﾄ． 作成又は確認した設計図書] | J73: =項目一覧!$C$35
B75: （その他の設計者）
B76: [ｲ． 資格] | H76: =IF(項目一覧!$C$189=0,"","("&項目一覧!$C$189&") 建築士 （"&項目一覧!$C$190&"）登録 第 "&項目一覧!$C$191&" 号") -> () 建築士 （）登録 第 号
B77: [ﾛ． 氏名] | H77: =項目一覧!$C$192
B78: [ﾊ． 建築士事務所名] | H78: =IF(項目一覧!$C$194=0,"","("&項目一覧!$C$194&") 建築士事務所 （"&項目一覧!$C$195&"）知事登録 第 "&項目一覧!$C$196&" 号") -> () 建築士事務所 （）知事登録 第 号
H79: =項目一覧!$C$197
B80: [ﾆ． 郵便番号] | H80: =項目一覧!$C$198
B81: [ﾎ． 所在地] | H81: =項目一覧!$C$199
B82: [ﾍ． 電話番号] | H82: =項目一覧!$C$200
B83: [ﾄ． 作成又は確認した設計図書] | J83: =項目一覧!$C$202
B85: [ｲ． 資格] | H85: =IF(項目一覧!$C$203=0,"","("&項目一覧!$C$203&") 建築士 （"&項目一覧!$C$204&"）登録 第 "&項目一覧!$C$205&" 号") -> () 建築士 （）登録 第 号
B86: [ﾛ． 氏名] | H86: =項目一覧!$C$206
B87: [ﾊ． 建築士事務所名] | H87: =IF(項目一覧!$C$208=0,"","("&項目一覧!$C$208&") 建築士事務所 （"&項目一覧!$C$209&"）知事登録 第 "&項目一覧!$C$210&" 号") -> () 建築士事務所 （）知事登録 第 号
H88: =項目一覧!$C$211
B89: [ﾆ． 郵便番号] | H89: =項目一覧!$C$212
B90: [ﾎ． 所在地] | H90: =項目一覧!$C$213
B91: [ﾍ． 電話番号] | H91: =項目一覧!$C$214
B92: [ﾄ． 作成又は確認した設計図書] | J92: =項目一覧!$C$216
B94: [ｲ． 資格] | H94: =IF(項目一覧!$C$217=0,"","("&項目一覧!$C$217&") 建築士 （"&項目一覧!$C$218&"）登録 第 "&項目一覧!$C$219&" 号") -> () 建築士 （）登録 第 号
B95: [ﾛ． 氏名] | H95: =項目一覧!$C$220
B96: [ﾊ． 建築士事務所名] | H96: =IF(項目一覧!$C$222=0,"","("&項目一覧!$C$222&") 建築士事務所 （"&項目一覧!$C$223&"）知事登録 第 "&項目一覧!$C$224&" 号") -> () 建築士事務所 （）知事登録 第 号
H97: =項目一覧!$C$225
B98: [ﾆ． 郵便番号] | H98: =項目一覧!$C$226
B99: [ﾎ． 所在地] | H99: =項目一覧!$C$227
B100: [ﾍ． 電話番号] | H100: =項目一覧!$C$228
B101: [ﾄ． 作成又は確認した設計図書] | J101: =項目一覧!$C$230
B103: （構造設計一級建築士又は設備設計一級建築士である旨の表示をした者）
B104: 上記の設計者のうち、
B105: =IF(項目一覧!$D$316=TRUE,"■","□") -> □ | C105: 建築士法第20条の2第1項の表示をした者
C106: [ｲ． 氏名] | H106: =項目一覧!$C$317
C107: [ﾛ． 資格] | F107: 構造設計一級建築士交付第 | M107: =項目一覧!$C$318 | O107: 号
B108: =IF(項目一覧!$D$319=TRUE,"■","□") -> □ | C108: 建築士法第20条の2第3項の表示をした者
C109: [ｲ． 氏名] | H109: =項目一覧!$C$320
C110: [ﾛ． 資格] | F110: 構造設計一級建築士交付第 | M110: =項目一覧!$C$321 | O110: 号
B111: □ | C111: 建築士法第20条の3第1項の表示をした者
C112: [ｲ． 氏名]
C113: [ﾛ． 資格] | F113: 設備設計一級建築士交付第 | O113: 号
C114: [ｲ． 氏名]
C115: [ﾛ． 資格] | F115: 設備設計一級建築士交付第 | O115: 号
C116: [ｲ． 氏名]
C117: [ﾛ． 資格] | F117: 設備設計一級建築士交付第 | O117: 号
B118: □ | C118: 建築士法第20条の3第3項の表示をした者
C119: [ｲ． 氏名]
C120: [ﾛ． 資格] | F120: 設備設計一級建築士交付第 | O120: 号
C121: [ｲ． 氏名]
C122: [ﾛ． 資格] | F122: 設備設計一級建築士交付第 | O122: 号
C123: [ｲ． 氏名]
C124: [ﾛ． 資格] | F124: 設備設計一級建築士交付第 | O124: 号
A126: [ | B126: ４. 建築設備の設計に関し意見を聴いた者 ]
...

Sheet 中間検査申請書
A1: 中間検査申請書 申請者複数 | U1: 作業メニュー | AD1: ※入力項目があります
B3: =IF(作業メニュー!AM13=TRUE, "第四十二号の十七様式（第八条の二の二関係）（Ａ４） ", "第二十六号様式（第四条の八、第四条の十一の二関係）") -> 第二十六号様式（第四条の八、第四条の十一の二関係）
A5: =IF(作業メニュー!AM13=TRUE, "特定工程工事終了通知書", "中間検査申請書") -> 中間検査申請書
A6: （第一面）
A8: =IF(作業メニュー!AM13=TRUE, " 特定工程に係る工事を終えましたので、建築基準法第18条第28項又は第32項（同法第87条の４又は第88条第１項において準用する場合を含む。）の規定により、通知します。 ", " 建築基準法第７条の３第１項又は第７条の４第１項（これらの規定を同法第87条の４又は第88条第１項において準用する場合を含む。）の規定により検査を申請します。この申請書及び添付図書に記載の事項は、事実に相違ありません。") -> 建築基準法第７条の３第１項又は第７条の４第１項（これらの規定を同法第87条の４又は第88条第１項において準用する場合を含む。）の規定により検査を申請します。この申請書及び添付図書に記載の事項は、事実に相違ありません。
B14: =IF('確認申請書（建築）入力'!$M$4=0,"",'確認申請書（建築）入力'!$M$4) -> 指定確認検査機関 株式会社東日本住宅評価センター 様
T16: =IF(作業メニュー!AM13=TRUE, "第", "") | Z16: =IF(作業メニュー!AM13=TRUE, "号", "") | AE16: 入力してください→
R17: =IF($AK$17=""," 年 月 日","令和"&IF(YEAR($AK$17)-2018=1,"元",YEAR($AK$17)-2018)&"年"&MONTH($AK$17)&"月"&DAY($AK$17)&"日") -> 年 月 日 | AE17: 中間検査申請日
AE18: （記入例： ２０１９年６月７日 ）
O19: =項目一覧!$C$183
J20: =IF(作業メニュー!AM13=TRUE, " 通 知 者 官 職", "申 請 者 氏 名") -> 申 請 者 氏 名 | O20: =項目一覧!$C$4
I22: =IF(AD22=TRUE," 氏 名","") | O22: =IF(AD22=TRUE,項目一覧!$C$173,"") | AD22: FALSE
I24: =IF(AD24=TRUE," 氏 名","") | O24: =IF(AD24=TRUE,項目一覧!$C$178,"") | AD24: FALSE
I26: =IF(AD26=TRUE," 氏 名","") | O26: =IF(AD26=TRUE,項目一覧!$C$184,"") | AD26: FALSE
A32: 第四面に記載の事項は、事実に相違ありません。
O35: =項目一覧!$C$50
I36: 工事監理者 氏 名 | O36: =項目一覧!$C$46
B39: =IF(作業メニュー!AM13=TRUE, "[検査を受ける建築物等]", "[検査を申請する建築物等]") -> [検査を申請する建築物等] | AE39: 選択してください↓
C40: =IF(AO40=2,"■","□") -> □ | D40: 建築物 | K40: =IF(AO40=3,"■","□") -> □ | L40: 建築設備（昇降機） | S40: =IF(AO40=4,"■","□") -> □ | T40: 建築設備（昇降機以外） | AO40: 1
C41: =IF(AO40=5,"■","□") -> □ | D41: 工作物（昇降機） | K41: =IF(AO40=6,"■","□") -> □ | L41: 工作物（法第８８条第１項）
A42: ※受付欄 | G42: ※検査の特例欄 | K42: ※検査欄 | Q42: ※決裁欄 | V42: ※合格番号欄
K43: 別紙による | Q43: 別紙による | V43: 年 月 日
V44: 第 東日本 号
V45: 日付、番号は別紙による
A50: （第二面）
B51: 建築主、設置者又は築造主等の概要
A52: [ | B52: １． 建築主、設置者又は築造主 ]
B53: [ｲ． 氏名のフリガナ] | H53: =IF(項目一覧!$C$21=0,"",項目一覧!$C$21&" ")&IF(項目一覧!$C$5=0,"",項目一覧!$C$5)
B54: [ﾛ． 氏名] | H54: =IF(項目一覧!$C$183=0,"",項目一覧!$C$183&" ")&IF(項目一覧!$C$4=0,"",項目一覧!$C$4)
B55: [ﾊ． 郵便番号] | H55: =項目一覧!$C$6
B56: [ﾆ． 住所] | H56: =項目一覧!$C$7
B57: [ﾎ． 電話番号] | H57: =項目一覧!$C$8
A58: [ | B58: ２． 代理者 ]
B59: [ｲ． 資格] | H59: =IF(項目一覧!$C$9=0,"","("&項目一覧!$C$9&") 建築士 （"&項目一覧!$C$10&"）登録 第 "&項目一覧!$C$11&" 号") -> () 建築士 （）登録 第 号
B60: [ﾛ． 氏名] | H60: =項目一覧!$C$12
B61: [ﾊ． 建築士事務所名] | H61: =IF(項目一覧!$C$13=0,"","("&項目一覧!$C$13&") 建築士事務所 （"&項目一覧!$C$14&"）知事登録 第 "&項目一覧!$C$15&" 号") -> () 建築士事務所 （）知事登録 第 号
H62: =項目一覧!$C$16
B63: [ﾆ． 郵便番号] | H63: =項目一覧!$C$17
B64: [ﾎ． 所在地] | H64: =項目一覧!$C$18
B65: [ﾍ． 電話番号] | H65: =項目一覧!$C$19
A66: [ | B66: ３． 設計者 ]
B67: （代表となる設計者）
B68: [ｲ． 資格] | H68: =IF(項目一覧!$C$22=0,"","("&項目一覧!$C$22&") 建築士 （"&項目一覧!$C$23&"）登録 第 "&項目一覧!$C$24&" 号") -> () 建築士 （）登録 第 号
B69: [ﾛ． 氏名] | H69: =項目一覧!$C$25
B70: [ﾊ． 建築士事務所名] | H70: =IF(項目一覧!$C$27=0,"","("&項目一覧!$C$27&") 建築士事務所 （"&項目一覧!$C$28&"）知事登録 第 "&項目一覧!$C$29&" 号") -> () 建築士事務所 （）知事登録 第 号
H71: =項目一覧!$C$30
B72: [ﾆ． 郵便番号] | H72: =項目一覧!$C$31
B73: [ﾎ． 所在地] | H73: =項目一覧!$C$32
B74: [ﾍ． 電話番号] | H74: =項目一覧!$C$33
B75: [ﾄ． 作成した設計図書] | H75: =項目一覧!$C$35
B77: （その他の設計者）
B78: [ｲ． 資格] | H78: =IF(項目一覧!$C$189=0,"","("&項目一覧!$C$189&") 建築士 （"&項目一覧!$C$190&"）登録 第 "&項目一覧!$C$191&" 号") -> () 建築士 （）登録 第 号
B79: [ﾛ． 氏名] | H79: =項目一覧!$C$192
B80: [ﾊ． 建築士事務所名] | H80: =IF(項目一覧!$C$194=0,"","("&項目一覧!$C$194&") 建築士事務所 （"&項目一覧!$C$195&"）知事登録 第 "&項目一覧!$C$196&" 号") -> () 建築士事務所 （）知事登録 第 号
H81: =項目一覧!$C$197
B82: [ﾆ． 郵便番号] | H82: =項目一覧!$C$198
B83: [ﾎ． 所在地] | H83: =項目一覧!$C$199
B84: [ﾍ． 電話番号] | H84: =項目一覧!$C$200
B85: [ﾄ． 作成した設計図書] | H85: =項目一覧!$C$202
B87: [ｲ． 資格] | H87: =IF(項目一覧!$C$203=0,"","("&項目一覧!$C$203&") 建築士 （"&項目一覧!$C$204&"）登録 第 "&項目一覧!$C$205&" 号") -> () 建築士 （）登録 第 号
B88: [ﾛ． 氏名] | H88: =項目一覧!$C$206
B89: [ﾊ． 建築士事務所名] | H89: =IF(項目一覧!$C$208=0,"","("&項目一覧!$C$208&") 建築士事務所 （"&項目一覧!$C$209&"）知事登録 第 "&項目一覧!$C$210&" 号") -> () 建築士事務所 （）知事登録 第 号
H90: =項目一覧!$C$211
B91: [ﾆ． 郵便番号] | H91: =項目一覧!$C$212
B92: [ﾎ． 所在地] | H92: =項目一覧!$C$213
B93: [ﾍ． 電話番号] | H93: =項目一覧!$C$214
B94: [ﾄ． 作成した設計図書] | H94: =項目一覧!$C$216
B96: [ｲ． 資格] | H96: =IF(項目一覧!$C$217=0,"","("&項目一覧!$C$217&") 建築士 （"&項目一覧!$C$218&"）登録 第 "&項目一覧!$C$219&" 号") -> () 建築士 （）登録 第 号
B97: [ﾛ． 氏名] | H97: =項目一覧!$C$220
B98: [ﾊ． 建築士事務所名] | H98: =IF(項目一覧!$C$222=0,"","("&項目一覧!$C$222&") 建築士事務所 （"&項目一覧!$C$223&"）知事登録 第 "&項目一覧!$C$224&" 号") -> () 建築士事務所 （）知事登録 第 号
H99: =項目一覧!$C$225
B100: [ﾆ． 郵便番号] | H100: =項目一覧!$C$226
B101: [ﾎ． 所在地] | H101: =項目一覧!$C$227
B102: [ﾍ． 電話番号] | H102: =項目一覧!$C$228
B103: [ﾄ． 作成した設計図書] | H103: =項目一覧!$C$230
A105: [ | B105: ４． 工事監理者 ]
B106: （代表となる工事監理者）
B107: [ｲ． 資格] | H107: =IF(項目一覧!$C$43=0,"","("&項目一覧!$C$43&") 建築士 （"&項目一覧!$C$44&"）登録 第 "&項目一覧!$C$45&" 号") -> () 建築士 （）登録 第 号
B108: [ﾛ． 氏名] | H108: =項目一覧!$C$46
B109: [ﾊ． 建築士事務所名] | H109: =IF(項目一覧!$C$47=0,"","("&項目一覧!$C$47&") 建築士事務所 （"&項目一覧!$C$48&"）知事登録 第 "&項目一覧!$C$49&" 号") -> () 建築士事務所 （）知事登録 第 号
H110: =項目一覧!$C$50
B111: [ﾆ． 郵便番号] | H111: =項目一覧!$C$51
B112: [ﾎ． 所在地] | H112: =項目一覧!$C$52
B113: [ﾍ． 電話番号] | H113: =項目一覧!$C$53
B114: [ﾄ． 工事と照合した設計図書] | I114: =項目一覧!$C$54
B116: （その他の工事監理者）
B117: [ｲ． 資格] | H117: =IF(項目一覧!$C$252=0,"","("&項目一覧!$C$252&") 建築士 （"&項目一覧!$C$253&"）登録 第 "&項目一覧!$C$254&" 号") -> () 建築士 （）登録 第 号
B118: [ﾛ． 氏名] | H118: =項目一覧!$C$255
B119: [ﾊ． 建築士事務所名] | H119: =IF(項目一覧!$C$256=0,"","("&項目一覧!$C$256&") 建築士事務所 （"&項目一覧!$C$257&"）知事登録 第 "&項目一覧!$C$258&" 号") -> () 建築士事務所 （）知事登録 第 号
H120: =項目一覧!$C$259
B121: [ﾆ． 郵便番号] | H121: =項目一覧!$C$260
B122: [ﾎ． 所在地] | H122: =項目一覧!$C$261
B123: [ﾍ． 電話番号] | H123: =項目一覧!$C$262
B124: [ﾄ． 工事と照合した設計図書] | I124: =項目一覧!$C$263
B126: [ｲ． 資格] | H126: =IF(項目一覧!$C$264=0,"","("&項目一覧!$C$264&") 建築士 （"&項目一覧!$C$265&"）登録 第 "&項目一覧!$C$266&" 号") -> () 建築士 （）登録 第 号
B127: [ﾛ． 氏名] | H127: =項目一覧!$C$267
B128: [ﾊ． 建築士事務所名] | H128: =IF(項目一覧!$C$268=0,"","("&項目一覧!$C$268&") 建築士事務所 （"&項目一覧!$C$269&"）知事登録 第 "&項目一覧!$C$270&" 号") -> () 建築士事務所 （）知事登録 第 号
H129: =項目一覧!$C$271
B130: [ﾆ． 郵便番号] | H130: =項目一覧!$C$272
B131: [ﾎ． 所在地] | H131: =項目一覧!$C$273
...

Sheet 完了検査申請書
A1: 完了検査申請書 申請者複数 | Q1: 作業メニュー | AD1: ※入力項目があります
B3: =IF(作業メニュー!AM13=TRUE, "第四十二号の十三様式（第八条の二の二関係）（Ａ４） ", "第十九号様式（第四条、第四条の四の二関係）") -> 第十九号様式（第四条、第四条の四の二関係）
A5: =IF(作業メニュー!AM13=TRUE, "工事完了通知書", "完了検査申請書") -> 完了検査申請書
A7: （第一面）
A9: =IF(作業メニュー!AM13=TRUE, " 工事を完了しましたので、建築基準法第18条第20項又は第23項（同法第87条の４又は第88条第１項若しくは第２項において準用する場合を含む。）の規定により、通知します。 ", " 建築基準法第７条第１項又は第７条の２第１項（これらの規定を同法第87条の４又は第88条第１項若しくは第２項において準用する場合を含む。）の規定により検査を申請します。この申請書及び添付図書に記載の事項は、事実に相違ありません。") -> 建築基準法第７条第１項又は第７条の２第１項（これらの規定を同法第87条の４又は第88条第１項若しくは第２項において準用する場合を含む。）の規定により検査を申請します。この申請書及び添付図書に記載の事項は、事実に相違ありません。
B17: =IF('確認申請書（建築）入力'!$M$4=0,"",'確認申請書（建築）入力'!$M$4) -> 指定確認検査機関 株式会社東日本住宅評価センター 様
U18: =IF(作業メニュー!AM13=TRUE, "第", "") | AA18: =IF(作業メニュー!AM13=TRUE, "号", "") | AE18: 入力してください→
S19: =IF($AK$19=""," 年 月 日",IF(YEAR($AK$19)-2018>0,"令和"&IF(YEAR($AK$19)-2018=1,"元",YEAR($AK$19)-2018)&"年"&MONTH($AK$19)&"月"&DAY($AK$19)&"日")) -> 年 月 日 | AE19: 完了検査申請日
AE20: （記入例： ２０１９年６月７日 ）
O22: =項目一覧!$C$183
J23: =IF(作業メニュー!AM13=TRUE, " 通 知 者 官 職", "申 請 者 氏 名") -> 申 請 者 氏 名 | O23: =項目一覧!$C$4
I25: =IF(AD25=TRUE," 氏 名","") | O25: =IF(AD25=TRUE,項目一覧!$C$173,"") | AD25: FALSE
I27: =IF(AD27=TRUE," 氏 名","") | O27: =IF(AD27=TRUE,項目一覧!$C$178,"") | AD27: FALSE
I29: =IF(AD29=TRUE," 氏 名","") | O29: =IF(AD29=TRUE,項目一覧!$C$184,"") | AD29: FALSE
A38: 第四面に記載の事項は、事実に相違ありません。
O40: =項目一覧!$C$50
I41: 工事監理者 氏 名 | O41: =項目一覧!$C$46
B43: =IF(作業メニュー!AM13=TRUE, "[検査を受ける建築物等]", "[検査を申請する建築物等]") -> [検査を申請する建築物等] | AF43: 選択してください↓
C44: =IF(AR44=2,"■","□") -> □ | D44: 建築物 | L44: =IF(AR44=3,"■","□") -> □ | M44: 建築設備（昇降機） | U44: =IF(AR44=4,"■","□") -> □ | V44: 建築設備（昇降機以外） | AR44: 1
C45: =IF(AR44=5,"■","□") -> □ | D45: 工作物（昇降機） | L45: =IF(AR44=6,"■","□") -> □ | M45: 工作物（法第８８条第１項） | U45: =IF(AR44=7,"■","□") -> □ | V45: 工作物（法第８８条第２項）
A47: ※受付欄 | G47: ※検査の特例欄 | K47: ※検査欄 | Q47: ※決裁欄 | V47: ※検査済番号欄
K48: 別紙による | Q48: 別紙による | V48: 年 月 日
V49: 第 東日本 号
V50: 日付、番号は別紙による
A52: （第二面）
B53: 建築主、設置者又は築造主等の概要
A54: [ | B54: １． 建築主、設置者又は築造主 ]
B55: [ｲ． 氏名のフリガナ] | H55: =IF(項目一覧!$C$21=0,"",項目一覧!$C$21&" ")&IF(項目一覧!$C$5=0,"",項目一覧!$C$5)
B56: [ﾛ． 氏名] | H56: =IF(項目一覧!$C$183=0,"",項目一覧!$C$183&" ")&IF(項目一覧!$C$4=0,"",項目一覧!$C$4)
B57: [ﾊ． 郵便番号] | H57: =項目一覧!$C$6
B58: [ﾆ． 住所] | H58: =項目一覧!$C$7
B59: [ﾎ． 電話番号] | H59: =項目一覧!$C$8
A60: [ | B60: ２． 代理者 ]
B61: [ｲ． 資格] | H61: =IF(項目一覧!$C$9=0,"","("&項目一覧!$C$9&") 建築士 （"&項目一覧!$C$10&"）登録 第 "&項目一覧!$C$11&" 号") -> () 建築士 （）登録 第 号
B62: [ﾛ． 氏名] | H62: =項目一覧!$C$12
B63: [ﾊ． 建築士事務所名] | H63: =IF(項目一覧!$C$13=0,"","("&項目一覧!$C$13&") 建築士事務所 （"&項目一覧!$C$14&"）知事登録 第 "&項目一覧!$C$15&" 号") -> () 建築士事務所 （）知事登録 第 号
H64: =項目一覧!$C$16
B65: [ﾆ． 郵便番号] | H65: =項目一覧!$C$17
B66: [ﾎ． 所在地] | H66: =項目一覧!$C$18
B67: [ﾍ． 電話番号] | H67: =項目一覧!$C$19
A68: [ | B68: ３． 設計者 ]
B69: （代表となる設計者）
B70: [ｲ． 資格] | H70: =IF(項目一覧!$C$22=0,"","("&項目一覧!$C$22&") 建築士 （"&項目一覧!$C$23&"）登録 第 "&項目一覧!$C$24&" 号") -> () 建築士 （）登録 第 号
B71: [ﾛ． 氏名] | H71: =項目一覧!$C$25
B72: [ﾊ． 建築士事務所名] | H72: =IF(項目一覧!$C$27=0,"","("&項目一覧!$C$27&") 建築士事務所 （"&項目一覧!$C$28&"）知事登録 第 "&項目一覧!$C$29&" 号") -> () 建築士事務所 （）知事登録 第 号
H73: =項目一覧!$C$30
B74: [ﾆ． 郵便番号] | H74: =項目一覧!$C$31
B75: [ﾎ． 所在地] | H75: =項目一覧!$C$32
B76: [ﾍ． 電話番号] | H76: =項目一覧!$C$33
B77: [ﾄ． 作成した設計図書] | H77: =項目一覧!$C$35
B79: （その他の設計者）
B80: [ｲ． 資格] | H80: =IF(項目一覧!$C$189=0,"","("&項目一覧!$C$189&") 建築士 （"&項目一覧!$C$190&"）登録 第 "&項目一覧!$C$191&" 号") -> () 建築士 （）登録 第 号
B81: [ﾛ． 氏名] | H81: =項目一覧!$C$192
B82: [ﾊ． 建築士事務所名] | H82: =IF(項目一覧!$C$194=0,"","("&項目一覧!$C$194&") 建築士事務所 （"&項目一覧!$C$195&"）知事登録 第 "&項目一覧!$C$196&" 号") -> () 建築士事務所 （）知事登録 第 号
H83: =項目一覧!$C$197
B84: [ﾆ． 郵便番号] | H84: =項目一覧!$C$198
B85: [ﾎ． 所在地] | H85: =項目一覧!$C$199
B86: [ﾍ． 電話番号] | H86: =項目一覧!$C$200
B87: [ﾄ． 作成した設計図書] | H87: =項目一覧!$C$202
B89: [ｲ． 資格] | H89: =IF(項目一覧!$C$203=0,"","("&項目一覧!$C$203&") 建築士 （"&項目一覧!$C$204&"）登録 第 "&項目一覧!$C$205&" 号") -> () 建築士 （）登録 第 号
B90: [ﾛ． 氏名] | H90: =項目一覧!$C$206
B91: [ﾊ． 建築士事務所名] | H91: =IF(項目一覧!$C$208=0,"","("&項目一覧!$C$208&") 建築士事務所 （"&項目一覧!$C$209&"）知事登録 第 "&項目一覧!$C$210&" 号") -> () 建築士事務所 （）知事登録 第 号
H92: =項目一覧!$C$211
B93: [ﾆ． 郵便番号] | H93: =項目一覧!$C$212
B94: [ﾎ． 所在地] | H94: =項目一覧!$C$213
B95: [ﾍ． 電話番号] | H95: =項目一覧!$C$214
B96: [ﾄ． 作成した設計図書] | H96: =項目一覧!$C$216
B98: [ｲ． 資格] | H98: =IF(項目一覧!$C$217=0,"","("&項目一覧!$C$217&") 建築士 （"&項目一覧!$C$218&"）登録 第 "&項目一覧!$C$219&" 号") -> () 建築士 （）登録 第 号
B99: [ﾛ． 氏名] | H99: =項目一覧!$C$220
B100: [ﾊ． 建築士事務所名] | H100: =IF(項目一覧!$C$222=0,"","("&項目一覧!$C$222&") 建築士事務所 （"&項目一覧!$C$223&"）知事登録 第 "&項目一覧!$C$224&" 号") -> () 建築士事務所 （）知事登録 第 号
H101: =項目一覧!$C$225
B102: [ﾆ． 郵便番号] | H102: =項目一覧!$C$226
B103: [ﾎ． 所在地] | H103: =項目一覧!$C$227
B104: [ﾍ． 電話番号] | H104: =項目一覧!$C$228
B105: [ﾄ． 作成した設計図書] | H105: =項目一覧!$C$230
A107: [ | B107: ４． 工事監理者 ]
B108: （代表となる工事監理者）
B109: [ｲ． 資格] | H109: =IF(項目一覧!$C$43=0,"","("&項目一覧!$C$43&") 建築士 （"&項目一覧!$C$44&"）登録 第 "&項目一覧!$C$45&" 号") -> () 建築士 （）登録 第 号
B110: [ﾛ． 氏名] | H110: =項目一覧!$C$46
B111: [ﾊ． 建築士事務所名] | H111: =IF(項目一覧!$C$47=0,"","("&項目一覧!$C$47&") 建築士事務所 （"&項目一覧!$C$48&"）知事登録 第 "&項目一覧!$C$49&" 号") -> () 建築士事務所 （）知事登録 第 号
H112: =項目一覧!$C$50
B113: [ﾆ． 郵便番号] | H113: =項目一覧!$C$51
B114: [ﾎ． 所在地] | H114: =項目一覧!$C$52
B115: [ﾍ． 電話番号] | H115: =項目一覧!$C$53
B116: [ﾄ． 工事と照合した設計図書] | I116: =項目一覧!$C$54
B118: （その他の工事監理者）
B119: [ｲ． 資格] | H119: =IF(項目一覧!$C$252=0,"","("&項目一覧!$C$252&") 建築士 （"&項目一覧!$C$253&"）登録 第 "&項目一覧!$C$254&" 号") -> () 建築士 （）登録 第 号
B120: [ﾛ． 氏名] | H120: =項目一覧!$C$255
B121: [ﾊ． 建築士事務所名] | H121: =IF(項目一覧!$C$256=0,"","("&項目一覧!$C$256&") 建築士事務所 （"&項目一覧!$C$257&"）知事登録 第 "&項目一覧!$C$258&" 号") -> () 建築士事務所 （）知事登録 第 号
H122: =項目一覧!$C$259
B123: [ﾆ． 郵便番号] | H123: =項目一覧!$C$260
B124: [ﾎ． 所在地] | H124: =項目一覧!$C$261
B125: [ﾍ． 電話番号] | H125: =項目一覧!$C$262
B126: [ﾄ． 工事と照合した設計図書] | I126: =項目一覧!$C$263
B128: [ｲ． 資格] | H128: =IF(項目一覧!$C$264=0,"","("&項目一覧!$C$264&") 建築士 （"&項目一覧!$C$265&"）登録 第 "&項目一覧!$C$266&" 号") -> () 建築士 （）登録 第 号
B129: [ﾛ． 氏名] | H129: =項目一覧!$C$267
B130: [ﾊ． 建築士事務所名] | H130: =IF(項目一覧!$C$268=0,"","("&項目一覧!$C$268&") 建築士事務所 （"&項目一覧!$C$269&"）知事登録 第 "&項目一覧!$C$270&" 号") -> () 建築士事務所 （）知事登録 第 号
H131: =項目一覧!$C$271
B132: [ﾆ． 郵便番号] | H132: =項目一覧!$C$272
B133: [ﾎ． 所在地] | H133: =項目一覧!$C$273
...

Sheet 確認（昇降機）
A1: 確認申請書（昇降機） | Q1: 作業メニュー | AE1: ※直接入力してください
B3: =IF(作業メニュー!AM13=TRUE, "第四十二号の七様式（第八条の二の二、第八条の二の五及び第八条の二の六関係） （昇降機用）（Ａ４）", "第八号様式（第一条の三、第二条の二、第三条の三関係）（昇降機用）") -> 第八号様式（第一条の三、第二条の二、第三条の三関係）（昇降機用）
E4: =IF(作業メニュー!AM13=TRUE, "建築基準法第87条の４において準用する同法第18条第２項又は第４項の規定による", " ")
L5: =IF(作業メニュー!AM13=TRUE, "計画通知書 （昇降機）", "確認申請書 （昇降機）") -> 確認申請書 （昇降機）
N7: （第一面）
C9: =IF(作業メニュー!AM13=TRUE, "建築基準法第87条の４において準用する同法第18条第２項又は第４項の規定により計画を通知します。 ", " 建築基準法第87条の４において準用する同法第６条第１項又は第６条の２第１項の規定による確認を申請します。この申請書及び添付図書に記載の事項は、事実に相違ありません。") -> 建築基準法第87条の４において準用する同法第６条第１項又は第６条の２第１項の規定による確認を申請します。この申請書及び添付図書に記載の事項は、事実に相違ありません。
B15: =IF('確認申請書（建築）入力'!$M$4=0,"",'確認申請書（建築）入力'!$M$4) -> 指定確認検査機関 株式会社東日本住宅評価センター 様
W17: =IF(作業メニュー!AM13=TRUE, "第", "") | AB17: =IF(作業メニュー!AM13=TRUE, "号", "")
U18: 年 月 日
P24: =IF(項目一覧!$C$183=0,"",項目一覧!$C$183)
J25: =IF(作業メニュー!AM13=TRUE, " 通 知 者 官 職", " 申 請 者 氏 名") -> 申 請 者 氏 名 | P25: =IF(項目一覧!$C$4=0,"",項目一覧!$C$4)
B37: ※ 受付欄 | I37: ※ 決裁欄 | U37: ※ 確認番号欄
I38: 別紙による | U38: 年 月 日
U39: 第 東日本 号
U40: 日付、番号は別紙による
A45: （第二面）
A46: [ | B46: １． 設置者 ]
B47: [ｲ． 氏名のフリガナ] | G47: =IF(項目一覧!$C$21=0,"",項目一覧!$C$21&" ")&IF(項目一覧!$C$5=0,"",項目一覧!$C$5)
B48: [ﾛ． 氏名] | G48: =IF(項目一覧!$C$183=0,"",項目一覧!$C$183&" ")&IF(項目一覧!$C$4=0,"",項目一覧!$C$4)
B49: [ﾊ． 郵便番号] | G49: =IF(項目一覧!$C$6=0,"",項目一覧!$C$6)
B50: [ﾆ． 住所] | G50: =IF(項目一覧!$C$7=0,"",項目一覧!$C$7)
B51: [ﾎ． 電話番号] | G51: =IF(項目一覧!$C$8=0,"",項目一覧!$C$8)
A52: [ | B52: ２． 代理者 ]
B53: [ｲ． 資格] | G53: =IF(項目一覧!$C$9=0,"","("&項目一覧!$C$9&") 建築士 （"&項目一覧!$C$10&"）登録 第 "&項目一覧!$C$11&" 号") -> () 建築士 （）登録 第 号
B54: [ﾛ． 氏名] | G54: =IF(項目一覧!$C$12=0,"",項目一覧!$C$12)
B55: [ﾊ． 建築士事務所名] | G55: =IF(項目一覧!$C$13=0,"","("&項目一覧!$C$13&") 建築士事務所 （"&項目一覧!$C$14&"）知事登録 第 "&項目一覧!$C$15&" 号") -> () 建築士事務所 （）知事登録 第 号
G56: =IF(項目一覧!$C$16=0,"",項目一覧!$C$16)
B57: [ﾆ． 郵便番号] | G57: =IF(項目一覧!$C$17=0,"",項目一覧!$C$17)
B58: [ﾎ． 所在地] | G58: =IF(項目一覧!$C$18=0,"",項目一覧!$C$18)
B59: [ﾍ． 電話番号] | G59: =IF(項目一覧!$C$19=0,"",項目一覧!$C$19)
A60: [ | B60: ３． 設計者 ]
B61: （代表となる設計者）
B62: [ｲ． 資格] | G62: =IF(項目一覧!$C$22=0,"","("&項目一覧!$C$22&") 建築士 （"&項目一覧!$C$23&"）登録 第 "&項目一覧!$C$24&" 号") -> () 建築士 （）登録 第 号
B63: [ﾛ． 氏名] | G63: =IF(項目一覧!$C$25=0,"",項目一覧!$C$25)
B64: [ﾊ． 建築士事務所名] | G64: =IF(項目一覧!$C$27=0,"","("&項目一覧!$C$27&") 建築士事務所 （"&項目一覧!$C$28&"）知事登録 第 "&項目一覧!$C$29&" 号") -> () 建築士事務所 （）知事登録 第 号
G65: =IF(項目一覧!$C$30=0,"",項目一覧!$C$30)
B66: [ﾆ． 郵便番号] | G66: =IF(項目一覧!$C$31=0,"",項目一覧!$C$31)
B67: [ﾎ． 所在地] | G67: =IF(項目一覧!$C$32=0,"",項目一覧!$C$32)
B68: [ﾍ． 電話番号] | G68: =IF(項目一覧!$C$33=0,"",項目一覧!$C$33)
B69: [ﾄ． 作成した設計図書] | G69: =IF(項目一覧!$C$35=0,"",項目一覧!$C$35)
B71: （その他の設計者）
B72: [ｲ． 資格] | G72: =IF(項目一覧!$C$189=0,"","("&項目一覧!$C$189&") 建築士 （"&項目一覧!$C$190&"）登録 第 "&項目一覧!$C$191&" 号") -> () 建築士 （）登録 第 号
B73: [ﾛ． 氏名] | G73: =IF(項目一覧!$C$192=0,"",項目一覧!$C$192)
B74: [ﾊ． 建築士事務所名] | G74: =IF(項目一覧!$C$194=0,"","("&項目一覧!$C$194&") 建築士事務所 （"&項目一覧!$C$195&"）知事登録 第 "&項目一覧!$C$196&" 号") -> () 建築士事務所 （）知事登録 第 号
G75: =IF(項目一覧!$C$197=0,"",項目一覧!$C$197)
B76: [ﾆ． 郵便番号] | G76: =IF(項目一覧!$C$198=0,"",項目一覧!$C$198)
B77: [ﾎ． 所在地] | G77: =IF(項目一覧!$C$199=0,"",項目一覧!$C$199)
B78: [ﾍ． 電話番号] | G78: =IF(項目一覧!$C$200=0,"",項目一覧!$C$200)
B79: [ﾄ． 作成した設計図書] | G79: =IF(項目一覧!$C$202=0,"",項目一覧!$C$202)
B81: [ｲ． 資格] | G81: =IF(項目一覧!$C$203=0,"","("&項目一覧!$C$203&") 建築士 （"&項目一覧!$C$204&"）登録 第 "&項目一覧!$C$205&" 号") -> () 建築士 （）登録 第 号
B82: [ﾛ． 氏名] | G82: =IF(項目一覧!$C$206=0,"",項目一覧!$C$206)
B83: [ﾊ． 建築士事務所名] | G83: =IF(項目一覧!$C$208=0,"","("&項目一覧!$C$208&") 建築士事務所 （"&項目一覧!$C$209&"）知事登録 第 "&項目一覧!$C$210&" 号") -> () 建築士事務所 （）知事登録 第 号
G84: =IF(項目一覧!$C$211=0,"",項目一覧!$C$211)
B85: [ﾆ． 郵便番号] | G85: =IF(項目一覧!$C$212=0,"",項目一覧!$C$212)
B86: [ﾎ． 所在地] | G86: =IF(項目一覧!$C$213=0,"",項目一覧!$C$213)
B87: [ﾍ． 電話番号] | G87: =IF(項目一覧!$C$214=0,"",項目一覧!$C$214)
B88: [ﾄ． 作成した設計図書] | G88: =IF(項目一覧!$C$216=0,"",項目一覧!$C$216)
B90: [ｲ． 資格] | G90: =IF(項目一覧!$C$217=0,"","("&項目一覧!$C$217&") 建築士 （"&項目一覧!$C$218&"）登録 第 "&項目一覧!$C$219&" 号") -> () 建築士 （）登録 第 号
B91: [ﾛ． 氏名] | G91: =IF(項目一覧!$C$220=0,"",項目一覧!$C$220)
B92: [ﾊ． 建築士事務所名] | G92: =IF(項目一覧!$C$222=0,"","("&項目一覧!$C$222&") 建築士事務所 （"&項目一覧!$C$223&"）知事登録 第 "&項目一覧!$C$224&" 号") -> () 建築士事務所 （）知事登録 第 号
G93: =IF(項目一覧!$C$225=0,"",項目一覧!$C$225)
B94: [ﾆ． 郵便番号] | G94: =IF(項目一覧!$C$226=0,"",項目一覧!$C$226)
B95: [ﾎ． 所在地] | G95: =IF(項目一覧!$C$227=0,"",項目一覧!$C$227)
B96: [ﾍ． 電話番号] | G96: =IF(項目一覧!$C$228=0,"",項目一覧!$C$228)
B97: [ﾄ． 作成した設計図書] | G97: =IF(項目一覧!$C$230=0,"",項目一覧!$C$230)
A99: [ | B99: ４． 工事施工者 ]
B100: [ｲ． 氏名] | G100: =IF(項目一覧!$C$55=0,"",項目一覧!$C$55)
B101: [ﾛ． 営業所名] | G101: =IF(項目一覧!$C$56=0,"","建設業の許可 ("&項目一覧!$C$56&") 第 （"&項目一覧!$C$57&"） "&項目一覧!$C$58&" 号") -> 建設業の許可 () 第 （） 号
G102: =IF(項目一覧!$C$59=0,"",項目一覧!$C$59)
B103: [ﾊ． 郵便番号] | G103: =IF(項目一覧!$C$60=0,"",項目一覧!$C$60)
B104: [ﾆ． 所在地] | G104: =IF(項目一覧!$C$61=0,"",項目一覧!$C$61)
B105: [ﾎ． 電話番号] | G105: =IF(項目一覧!$C$62=0,"",項目一覧!$C$62)
A106: [ | B106: ５． 設置する建築物又は工作物 ]
B107: [ｲ． 所在地]
B108: [ﾛ． 名称のフリガナ]
B109: [ﾊ． 名称]
B110: [ﾆ． 用途]
A111: [ | B111: ６． 昇降機の概要 ] | H111: （番号 ）
B112: [ｲ． 種別]
B113: [ﾛ． 用途]
B114: [ﾊ． 積載荷重]
B115: [ﾆ． 最大定員]
B116: [ﾎ． 定格速度]
B117: [ﾍ． その他必要な事項]
A118: [ | B118: ７． 工事着手予定年月日 ] | K118: 年 月 日
A119: [ | B119: ８． 工事完了予定年月日 ] | K119: 年 月 日
A120: [ | B120: ９． 特定工程工事終了予定年月日 ] | R120: （特定工程）
D121: （第 回） | H121: 年 月 日 | O121: （ | X121: ）
D122: （第 回） | H122: 年 月 日 | O122: （ | X122: ）
A123: [ | B123: １０． 備考 ]

Sheet 他の設置者
A1: 確認申請書別紙（他の設置者）印刷画面 | T1: 作業メニュー
B3: 別紙
A4: [ | B4: １． 他の設置者（１） ]
B5: [ｲ． 氏名のフリガナ] | I5: =項目一覧!$C$174
B6: [ﾛ． 氏名] | I6: =項目一覧!$C$173
B7: [ﾊ． 郵便番号] | I7: =項目一覧!$C$175
B8: [ﾆ． 住所] | I8: =項目一覧!$C$176
B9: [ﾎ． 電話番号] | I9: =項目一覧!$C$177
A11: [ | B11: １． 他の設置者（2） ]
B12: [ｲ． 氏名のフリガナ] | I12: =項目一覧!$C$179
B13: [ﾛ． 氏名] | I13: =項目一覧!$C$178
B14: [ﾊ． 郵便番号] | I14: =項目一覧!$C$180
B15: [ﾆ． 住所] | I15: =項目一覧!$C$181
B16: [ﾎ． 電話番号] | I16: =項目一覧!$C$182
A18: [ | B18: １． 他の設置者（3） ]
B19: [ｲ． 氏名のフリガナ] | I19: =項目一覧!$C$185
B20: [ﾛ． 氏名] | I20: =項目一覧!$C$184
B21: [ﾊ． 郵便番号] | I21: =項目一覧!$C$186
B22: [ﾆ． 住所] | I22: =項目一覧!$C$187
B23: [ﾎ． 電話番号] | I23: =項目一覧!$C$188

Sheet 計画変更（昇降機）
A1: 計画変更確認申請書（昇降機） | Q1: 作業メニュー | AE1: ※直接入力してください
B3: =IF(作業メニュー!AM13=TRUE, "第四十二号の八様式（第八条の二の五関係）（昇降機用）（Ａ４） ", "第九号様式（第二条の二、第三条の三関係）（昇降機用）") -> 第九号様式（第二条の二、第三条の三関係）（昇降機用）
E4: =IF(作業メニュー!AM13=TRUE, "建築基準法第87条の４において準用する同法第18条第２項又は第４項の規定による", "")
B5: =IF(作業メニュー!AM13=TRUE, "計画変更通知書 （昇降機）", "計画変更確認申請書 （昇降機）") -> 計画変更確認申請書 （昇降機）
N7: （第一面）
C9: =IF(作業メニュー!AM13=TRUE, " 建築基準法第87条の４において準用する同法第18条第２項又は第４項の規定により計画の変更を通知します。", " 建築基準法第87条の４において準用する同法第６条第１項又は第６条の２第１項の規定による計画の変更の確認を申請します。この申請書及び添付図書に記載の事項は、事実に相違ありません。") -> 建築基準法第87条の４において準用する同法第６条第１項又は第６条の２第１項の規定による計画の変更の確認を申請します。この申請書及び添付図書に記載の事項は、事実に相違ありません。
B15: =IF('確認申請書（建築）入力'!$M$4=0,"",'確認申請書（建築）入力'!$M$4) -> 指定確認検査機関 株式会社東日本住宅評価センター 様
W17: =IF(作業メニュー!AM13=TRUE, "第", "") | AB17: =IF(作業メニュー!AM13=TRUE, "号", "")
U18: 年 月 日
P23: =IF(項目一覧!$C$183=0,"",項目一覧!$C$183)
J24: =IF(作業メニュー!AM13=TRUE, " 通 知 者 官 職", " 申 請 者 氏 名") -> 申 請 者 氏 名 | P24: =IF(項目一覧!$C$4=0,"",項目一覧!$C$4)
C31: =IF(作業メニュー!AM13=TRUE, "[計画を変更する昇降機の直前の審査]", "[計画を変更する昇降機の直前の確認]") -> [計画を変更する昇降機の直前の確認]
D32: [確認済証番号] | M32: 第東日本 | V32: 号
D33: [確認済証交付年月日] | P33: 年 | S33: 月 | V33: 日
D34: [確認済証交付者] | M34: 株式会社 東日本住宅評価センター
D35: [計画変更の概要]
B37: ※ 受付欄 | I37: ※ 決裁欄 | U37: ※ 確認番号欄
I38: 別紙による | U38: 年 月 日
U39: 第 東日本 号
U40: 日付、番号は別紙による
A45: （第二面）
A46: [ | B46: １． 設置者 ]
B47: [ｲ． 氏名のフリガナ] | G47: =IF(項目一覧!$C$21=0,"",項目一覧!$C$21&" ")&IF(項目一覧!$C$5=0,"",項目一覧!$C$5)
B48: [ﾛ． 氏名] | G48: =IF(項目一覧!$C$183=0,"",項目一覧!$C$183&" ")&IF(項目一覧!$C$4=0,"",項目一覧!$C$4)
B49: [ﾊ． 郵便番号] | G49: =IF(項目一覧!$C$6=0,"",項目一覧!$C$6)
B50: [ﾆ． 住所] | G50: =IF(項目一覧!$C$7=0,"",項目一覧!$C$7)
B51: [ﾎ． 電話番号] | G51: =IF(項目一覧!$C$8=0,"",項目一覧!$C$8)
A52: [ | B52: ２． 代理者 ]
B53: [ｲ． 資格] | G53: =IF(項目一覧!$C$9=0,"","("&項目一覧!$C$9&") 建築士 （"&項目一覧!$C$10&"）登録 第 "&項目一覧!$C$11&" 号") -> () 建築士 （）登録 第 号
B54: [ﾛ． 氏名] | G54: =IF(項目一覧!$C$12=0,"",項目一覧!$C$12)
B55: [ﾊ． 建築士事務所名] | G55: =IF(項目一覧!$C$13=0,"","("&項目一覧!$C$13&") 建築士事務所 （"&項目一覧!$C$14&"）知事登録 第 "&項目一覧!$C$15&" 号") -> () 建築士事務所 （）知事登録 第 号
G56: =IF(項目一覧!$C$16=0,"",項目一覧!$C$16)
B57: [ﾆ． 郵便番号] | G57: =IF(項目一覧!$C$17=0,"",項目一覧!$C$17)
B58: [ﾎ． 所在地] | G58: =IF(項目一覧!$C$18=0,"",項目一覧!$C$18)
B59: [ﾍ． 電話番号] | G59: =IF(項目一覧!$C$19=0,"",項目一覧!$C$19)
A60: [ | B60: ３． 設計者 ]
B61: （代表となる設計者）
B62: [ｲ． 資格] | G62: =IF(項目一覧!$C$22=0,"","("&項目一覧!$C$22&") 建築士 （"&項目一覧!$C$23&"）登録 第 "&項目一覧!$C$24&" 号") -> () 建築士 （）登録 第 号
B63: [ﾛ． 氏名] | G63: =IF(項目一覧!$C$25=0,"",項目一覧!$C$25)
B64: [ﾊ． 建築士事務所名] | G64: =IF(項目一覧!$C$27=0,"","("&項目一覧!$C$27&") 建築士事務所 （"&項目一覧!$C$28&"）知事登録 第 "&項目一覧!$C$29&" 号") -> () 建築士事務所 （）知事登録 第 号
G65: =IF(項目一覧!$C$30=0,"",項目一覧!$C$30)
B66: [ﾆ． 郵便番号] | G66: =IF(項目一覧!$C$31=0,"",項目一覧!$C$31)
B67: [ﾎ． 所在地] | G67: =IF(項目一覧!$C$32=0,"",項目一覧!$C$32)
B68: [ﾍ． 電話番号] | G68: =IF(項目一覧!$C$33=0,"",項目一覧!$C$33)
B69: [ﾄ． 作成した設計図書] | G69: =IF(項目一覧!$C$35=0,"",項目一覧!$C$35)
B71: （その他の設計者）
B72: [ｲ． 資格] | G72: =IF(項目一覧!$C$189=0,"","("&項目一覧!$C$189&") 建築士 （"&項目一覧!$C$190&"）登録 第 "&項目一覧!$C$191&" 号") -> () 建築士 （）登録 第 号
B73: [ﾛ． 氏名] | G73: =IF(項目一覧!$C$192=0,"",項目一覧!$C$192)
B74: [ﾊ． 建築士事務所名] | G74: =IF(項目一覧!$C$194=0,"","("&項目一覧!$C$194&") 建築士事務所 （"&項目一覧!$C$195&"）知事登録 第 "&項目一覧!$C$196&" 号") -> () 建築士事務所 （）知事登録 第 号
G75: =IF(項目一覧!$C$197=0,"",項目一覧!$C$197)
B76: [ﾆ． 郵便番号] | G76: =IF(項目一覧!$C$198=0,"",項目一覧!$C$198)
B77: [ﾎ． 所在地] | G77: =IF(項目一覧!$C$199=0,"",項目一覧!$C$199)
B78: [ﾍ． 電話番号] | G78: =IF(項目一覧!$C$200=0,"",項目一覧!$C$200)
B79: [ﾄ． 作成した設計図書] | G79: =IF(項目一覧!$C$202=0,"",項目一覧!$C$202)
B81: [ｲ． 資格] | G81: =IF(項目一覧!$C$203=0,"","("&項目一覧!$C$203&") 建築士 （"&項目一覧!$C$204&"）登録 第 "&項目一覧!$C$205&" 号") -> () 建築士 （）登録 第 号
B82: [ﾛ． 氏名] | G82: =IF(項目一覧!$C$206=0,"",項目一覧!$C$206)
B83: [ﾊ． 建築士事務所名] | G83: =IF(項目一覧!$C$208=0,"","("&項目一覧!$C$208&") 建築士事務所 （"&項目一覧!$C$209&"）知事登録 第 "&項目一覧!$C$210&" 号") -> () 建築士事務所 （）知事登録 第 号
G84: =IF(項目一覧!$C$211=0,"",項目一覧!$C$211)
B85: [ﾆ． 郵便番号] | G85: =IF(項目一覧!$C$212=0,"",項目一覧!$C$212)
B86: [ﾎ． 所在地] | G86: =IF(項目一覧!$C$213=0,"",項目一覧!$C$213)
B87: [ﾍ． 電話番号] | G87: =IF(項目一覧!$C$214=0,"",項目一覧!$C$214)
B88: [ﾄ． 作成した設計図書] | G88: =IF(項目一覧!$C$216=0,"",項目一覧!$C$216)
B90: [ｲ． 資格] | G90: =IF(項目一覧!$C$217=0,"","("&項目一覧!$C$217&") 建築士 （"&項目一覧!$C$218&"）登録 第 "&項目一覧!$C$219&" 号") -> () 建築士 （）登録 第 号
B91: [ﾛ． 氏名] | G91: =IF(項目一覧!$C$220=0,"",項目一覧!$C$220)
B92: [ﾊ． 建築士事務所名] | G92: =IF(項目一覧!$C$222=0,"","("&項目一覧!$C$222&") 建築士事務所 （"&項目一覧!$C$223&"）知事登録 第 "&項目一覧!$C$224&" 号") -> () 建築士事務所 （）知事登録 第 号
G93: =IF(項目一覧!$C$225=0,"",項目一覧!$C$225)
B94: [ﾆ． 郵便番号] | G94: =IF(項目一覧!$C$226=0,"",項目一覧!$C$226)
B95: [ﾎ． 所在地] | G95: =IF(項目一覧!$C$227=0,"",項目一覧!$C$227)
B96: [ﾍ． 電話番号] | G96: =IF(項目一覧!$C$228=0,"",項目一覧!$C$228)
B97: [ﾄ． 作成した設計図書] | G97: =IF(項目一覧!$C$230=0,"",項目一覧!$C$230)
A99: [ | B99: ４． 工事施工者 ]
B100: [ｲ． 氏名] | G100: =IF(項目一覧!$C$55=0,"",項目一覧!$C$55)
B101: [ﾛ． 営業所名] | G101: =IF(項目一覧!$C$56=0,"","建設業の許可 ("&項目一覧!$C$56&") 第 （"&項目一覧!$C$57&"） "&項目一覧!$C$58&" 号") -> 建設業の許可 () 第 （） 号
G102: =IF(項目一覧!$C$59=0,"",項目一覧!$C$59)
B103: [ﾊ． 郵便番号] | G103: =IF(項目一覧!$C$60=0,"",項目一覧!$C$60)
B104: [ﾆ． 所在地] | G104: =IF(項目一覧!$C$61=0,"",項目一覧!$C$61)
B105: [ﾎ． 電話番号] | G105: =IF(項目一覧!$C$62=0,"",項目一覧!$C$62)
A106: [ | B106: ５． 設置する建築物又は工作物 ]
B107: [ｲ． 所在地]
B108: [ﾛ． 名称のフリガナ]
B109: [ﾊ． 名称]
B110: [ﾆ． 用途]
A111: [ | B111: ６． 昇降機の概要 ] | H111: （番号 ）
B112: [ｲ． 種別]
B113: [ﾛ． 用途]
B114: [ﾊ． 積載荷重]
B115: [ﾆ． 最大定員]
B116: [ﾎ． 定格速度]
B117: [ﾍ． その他必要な事項]
A118: [ | B118: ７． 工事着手予定年月日 ] | K118: 年 月 日
A119: [ | B119: ８． 工事完了予定年月日 ] | K119: 年 月 日
A120: [ | B120: ９． 特定工程工事終了予定年月日 ] | R120: （特定工程）
D121: （第 回） | H121: 年 月 日 | O121: （ | X121: ）
D122: （第 回） | H122: 年 月 日 | O122: （ | X122: ）
A123: [ | B123: １０． 備考 ]

Sheet 確認申請書（昇降機以外）
A1: 確認申請書 （昇降機以外の建築設備） | Q1: 作業メニュー | AC1: ※直接入力してください
B3: =IF(作業メニュー!AM13=TRUE, "第四十二号の七様式（第八条の二の二及び第八条の二の五関係）（昇降機以外の建築設備用）（Ａ４） ", " 第八号様式（第一条の三、第二条の二、第三条の三関係）（昇降機以外の建築設備用） ") -> 第八号様式（第一条の三、第二条の二、第三条の三関係）（昇降機以外の建築設備用）
C4: =IF(作業メニュー!AM13=TRUE, "建築基準法第87条の４において準用する同法第18条第２項又は第４項の規定による ", "")
B5: =IF(作業メニュー!AM13=TRUE, "計画通知書 （昇降機以外の建築設備） ", "確認申請書 （昇降機以外の建築設備） ") -> 確認申請書 （昇降機以外の建築設備）
N7: （第一面）
B9: =IF(作業メニュー!AM13=TRUE, " 建築基準法第87条の４において準用する同法第18条第２項又は第４項の規定により計画を通知します。", " 建築基準法第87条の４において準用する同法第６条第１項又は第６条の２第１項の規定による確認を申請します。この申請書及び添付図書に記載の事項は、事実に相違ありません。") -> 建築基準法第87条の４において準用する同法第６条第１項又は第６条の２第１項の規定による確認を申請します。この申請書及び添付図書に記載の事項は、事実に相違ありません。
B16: =IF('確認申請書（建築）入力'!$M$4=0,"",'確認申請書（建築）入力'!$M$4) -> 指定確認検査機関 株式会社東日本住宅評価センター 様
V19: =IF(作業メニュー!AM13=TRUE, "第", "") | AA19: =IF(作業メニュー!AM13=TRUE, "号", "")
T20: 年 月 日
R26: =IF(項目一覧!$C$183=0,"",項目一覧!$C$183)
K27: =IF(作業メニュー!AM13=TRUE, " 通 知 者 官 職", " 申 請 者 氏 名") -> 申 請 者 氏 名 | R27: =IF(項目一覧!$C$4=0,"",項目一覧!$C$4)
C36: ※ 受付欄 | I36: ※ 決裁欄 | U36: ※ 確認番号欄
I37: 別紙による | U37: 年 月 日
U38: 第 | V38: 東日本
Z39: 号
U40: 日付、番号は別紙による
A43: （第二面）
A45: [ | B45: １． 設置者 ]
B46: [ｲ． 氏名のフリガナ] | G46: =IF(項目一覧!$C$21=0,"",項目一覧!$C$21&" ")&IF(項目一覧!$C$5=0,"",項目一覧!$C$5)
B47: [ﾛ． 氏名] | G47: =IF(項目一覧!$C$183=0,"",項目一覧!$C$183&" ")&IF(項目一覧!$C$4=0,"",項目一覧!$C$4)
B48: [ﾊ． 郵便番号] | G48: =IF(項目一覧!$C$6=0,"",項目一覧!$C$6)
B49: [ﾆ． 住所] | G49: =IF(項目一覧!$C$7=0,"",項目一覧!$C$7)
B50: [ﾎ． 電話番号] | G50: =IF(項目一覧!$C$8=0,"",項目一覧!$C$8)
A51: [ | B51: ２． 代理者 ]
B52: [ｲ． 資格] | G52: =IF(項目一覧!$C$9=0,"","("&項目一覧!$C$9&") 建築士 （"&項目一覧!$C$10&"）登録 第 "&項目一覧!$C$11&" 号") -> () 建築士 （）登録 第 号
B53: [ﾛ． 氏名] | G53: =IF(項目一覧!$C$12=0,"",項目一覧!$C$12)
B54: [ﾊ． 建築士事務所名] | G54: =IF(項目一覧!$C$12=0,"","("&項目一覧!$C$13&") 建築士事務所 （"&項目一覧!$C$14&"）知事登録 第 "&項目一覧!$C$15&" 号") -> () 建築士事務所 （）知事登録 第 号
G55: =IF(項目一覧!$C$16=0,"",項目一覧!$C$16)
B56: [ﾆ． 郵便番号] | G56: =IF(項目一覧!$C$17=0,"",項目一覧!$C$17)
B57: [ﾎ． 所在地] | G57: =IF(項目一覧!$C$18=0,"",項目一覧!$C$18)
B58: [ﾍ． 電話番号] | G58: =IF(項目一覧!$C$19=0,"",項目一覧!$C$19)
A59: [ | B59: ３． 設計者 ]
B60: （代表となる設計者）
B61: [ｲ． 資格] | G61: =IF(項目一覧!$C$22=0,"","("&項目一覧!$C$22&") 建築士 （"&項目一覧!$C$23&"）登録 第 "&項目一覧!$C$24&" 号") -> () 建築士 （）登録 第 号
B62: [ﾛ． 氏名] | G62: =IF(項目一覧!$C$25=0,"",項目一覧!$C$25)
B63: [ﾊ． 建築士事務所名] | G63: =IF(項目一覧!$C$27=0,"","("&項目一覧!$C$27&") 建築士事務所 （"&項目一覧!$C$28&"）知事登録 第 "&項目一覧!$C$29&" 号") -> () 建築士事務所 （）知事登録 第 号
G64: =IF(項目一覧!$C$30=0,"",項目一覧!$C$30)
B65: [ﾆ． 郵便番号] | G65: =IF(項目一覧!$C$31=0,"",項目一覧!$C$31)
B66: [ﾎ． 所在地] | G66: =IF(項目一覧!$C$32=0,"",項目一覧!$C$32)
B67: [ﾍ． 電話番号] | G67: =IF(項目一覧!$C$33=0,"",項目一覧!$C$33)
B68: [ﾄ． 作成した設計図書] | G68: =IF(項目一覧!$C$35=0,"",項目一覧!$C$35)
B70: （その他の設計者）
B71: [ｲ． 資格] | G71: =IF(項目一覧!$C$189=0,"","("&項目一覧!$C$189&") 建築士 （"&項目一覧!$C$190&"）登録 第 "&項目一覧!$C$191&" 号") -> () 建築士 （）登録 第 号
B72: [ﾛ． 氏名] | G72: =IF(項目一覧!$C$192=0,"",項目一覧!$C$192)
B73: [ﾊ． 建築士事務所名] | G73: =IF(項目一覧!$C$194=0,"","("&項目一覧!$C$194&") 建築士事務所 （"&項目一覧!$C$195&"）知事登録 第 "&項目一覧!$C$196&" 号") -> () 建築士事務所 （）知事登録 第 号
G74: =IF(項目一覧!$C$197=0,"",項目一覧!$C$197)
B75: [ﾆ． 郵便番号] | G75: =IF(項目一覧!$C$198=0,"",項目一覧!$C$198)
B76: [ﾎ． 所在地] | G76: =IF(項目一覧!$C$199=0,"",項目一覧!$C$199)
B77: [ﾍ． 電話番号] | G77: =IF(項目一覧!$C$200=0,"",項目一覧!$C$200)
B78: [ﾄ． 作成した設計図書] | G78: =IF(項目一覧!$C$202=0,"",項目一覧!$C$202)
B80: [ｲ． 資格] | G80: =IF(項目一覧!$C$203=0,"","("&項目一覧!$C$203&") 建築士 （"&項目一覧!$C$204&"）登録 第 "&項目一覧!$C$205&" 号") -> () 建築士 （）登録 第 号
B81: [ﾛ． 氏名] | G81: =IF(項目一覧!$C$206=0,"",項目一覧!$C$206)
B82: [ﾊ． 建築士事務所名] | G82: =IF(項目一覧!$C$208=0,"","("&項目一覧!$C$208&") 建築士事務所 （"&項目一覧!$C$209&"）知事登録 第 "&項目一覧!$C$210&" 号") -> () 建築士事務所 （）知事登録 第 号
G83: =IF(項目一覧!$C$211=0,"",項目一覧!$C$211)
B84: [ﾆ． 郵便番号] | G84: =IF(項目一覧!$C$212=0,"",項目一覧!$C$212)
B85: [ﾎ． 所在地] | G85: =IF(項目一覧!$C$213=0,"",項目一覧!$C$213)
B86: [ﾍ． 電話番号] | G86: =IF(項目一覧!$C$214=0,"",項目一覧!$C$214)
B87: [ﾄ． 作成した設計図書] | G87: =IF(項目一覧!$C$216=0,"",項目一覧!$C$216)
B89: [ｲ． 資格] | G89: =IF(項目一覧!$C$217=0,"","("&項目一覧!$C$217&") 建築士 （"&項目一覧!$C$218&"）登録 第 "&項目一覧!$C$219&" 号") -> () 建築士 （）登録 第 号
B90: [ﾛ． 氏名] | G90: =IF(項目一覧!$C$220=0,"",項目一覧!$C$220)
B91: [ﾊ． 建築士事務所名] | G91: =IF(項目一覧!$C$222=0,"","("&項目一覧!$C$222&") 建築士事務所 （"&項目一覧!$C$223&"）知事登録 第 "&項目一覧!$C$224&" 号") -> () 建築士事務所 （）知事登録 第 号
G92: =IF(項目一覧!$C$225=0,"",項目一覧!$C$225)
B93: [ﾆ． 郵便番号] | G93: =IF(項目一覧!$C$226=0,"",項目一覧!$C$226)
B94: [ﾎ． 所在地] | G94: =IF(項目一覧!$C$227=0,"",項目一覧!$C$227)
B95: [ﾍ． 電話番号] | G95: =IF(項目一覧!$C$228=0,"",項目一覧!$C$228)
B96: [ﾄ． 作成した設計図書] | G96: =IF(項目一覧!$C$230=0,"",項目一覧!$C$230)
A98: [ | B98: ４． 工事施工者 ]
B99: [ｲ． 氏名] | G99: =IF(項目一覧!$C$55=0,"",項目一覧!$C$55)
B100: [ﾛ． 営業所名] | G100: =IF(項目一覧!$C$56=0,"","建設業の許可 ("&項目一覧!$C$56&") 第 （"&項目一覧!$C$57&"） "&項目一覧!$C$58&" 号") -> 建設業の許可 () 第 （） 号
G101: =IF(項目一覧!$C$59=0,"",項目一覧!$C$59)
B102: [ﾊ． 郵便番号] | G102: =IF(項目一覧!$C$60=0,"",項目一覧!$C$60)
B103: [ﾆ． 所在地] | G103: =IF(項目一覧!$C$61=0,"",項目一覧!$C$61)
B104: [ﾎ． 電話番号] | G104: =IF(項目一覧!$C$62=0,"",項目一覧!$C$62)
A105: [ | B105: ５． 設置する建築物 ]
B106: [ｲ． 所在地]
B107: [ﾛ． 名称のフリガナ]
B108: [ﾊ． 名称]
B109: [ﾆ． 用途]
A110: [ | B110: ６． 建築設備の概要 ]
A117: [ | B117: ７． 工事着手予定年月日 ] | K117: 年 月 日
A118: [ | B118: ８． 工事完了予定年月日 ] | K118: 年 月 日
A119: [ | B119: ９． 特定工程工事終了予定年月日 ] | R119: （特定工程）
D120: （第 回） | H120: 年 月 日 | O120: （ | X120: ）
D121: （第 回） | H121: 年 月 日 | O121: （ | X121: ）
A122: [ | B122: １０． 備考 ]

Sheet 計画変更確認申請書（昇降機以外）
A1: 計画変更確認申請書 （昇降機以外の建築設備） | R1: 作業メニュー | AB1: ※直接入力してください
B3: =IF(作業メニュー!AM13=TRUE, "第四十二号の八様式（第八条の二の五関係）（昇降機以外の建築設備用）（Ａ４）", "第九号様式（第二条の二、第三条の三関係）（昇降機以外の建築設備用）") -> 第九号様式（第二条の二、第三条の三関係）（昇降機以外の建築設備用）
E4: =IF(作業メニュー!AM13=TRUE, "建築基準法第87条の４において準用する同法第18条第２項又は第４項の規定による", "")
B5: =IF(作業メニュー!AM13=TRUE, "計画変更通知書 （昇降機以外の建築設備）", "計画変更確認申請書 （昇降機以外の建築設備）") -> 計画変更確認申請書 （昇降機以外の建築設備）
N7: （第一面）
B9: =IF(作業メニュー!AM13=TRUE, " 建築基準法第87条の４において準用する同法第18条第２項又は第４項の規定により計画の変更を通知します。", " 建築基準法第87条の４において準用する同法第６条第１項又は第６条の２第１項の規定による計画の変更の確認を申請します。この申請書及び添付図書に記載の事項は、事実に相違ありません。") -> 建築基準法第87条の４において準用する同法第６条第１項又は第６条の２第１項の規定による計画の変更の確認を申請します。この申請書及び添付図書に記載の事項は、事実に相違ありません。
B15: =IF('確認申請書（建築）入力'!$M$4=0,"",'確認申請書（建築）入力'!$M$4) -> 指定確認検査機関 株式会社東日本住宅評価センター 様
T17: =IF(作業メニュー!AM13=TRUE, "第", "") | Y17: =IF(作業メニュー!AM13=TRUE, "号", "")
S18: 年 月 日
R22: =IF(項目一覧!$C$183=0,"",項目一覧!$C$183)
L23: =IF(作業メニュー!AM13=TRUE, " 通 知 者 官 職", " 申 請 者 氏 名") -> 申 請 者 氏 名 | R23: =IF(項目一覧!$C$4=0,"",項目一覧!$C$4)
C29: =IF(作業メニュー!AM13=TRUE, "[計画を変更する昇降機の直前の審査]", "[計画を変更する昇降機の直前の確認]") -> [計画を変更する昇降機の直前の確認]
D30: [確認済証番号] | M30: 第 東日本 | V30: 号
D31: [確認済証交付年月日] | P31: 年 | S31: 月 | V31: 日
D32: [確認済証交付者] | M32: 株式会社 東日本住宅評価センター
D33: [計画変更の概要]
C38: ※ 受付欄 | I38: ※ 決裁欄 | U38: ※ 確認番号欄
I39: 別紙による | U39: 年 月 日
U40: 第 | V40: 東日本
Z41: 号
U42: 日付、番号は別紙による
A46: （第二面）
A47: [ | B47: １． 設置者 ]
B48: [ｲ． 氏名のフリガナ] | G48: =IF(項目一覧!$C$21=0,"",項目一覧!$C$21&" ")&IF(項目一覧!$C$5=0,"",項目一覧!$C$5)
B49: [ﾛ． 氏名] | G49: =IF(項目一覧!$C$183=0,"",項目一覧!$C$183&" ")&IF(項目一覧!$C$4=0,"",項目一覧!$C$4)
B50: [ﾊ． 郵便番号] | G50: =IF(項目一覧!$C$6=0,"",項目一覧!$C$6)
B51: [ﾆ． 住所] | G51: =IF(項目一覧!$C$7=0,"",項目一覧!$C$7)
B52: [ﾎ． 電話番号] | G52: =IF(項目一覧!$C$8=0,"",項目一覧!$C$8)
A53: [ | B53: ２． 代理者 ]
B54: [ｲ． 資格] | G54: =IF(項目一覧!$C$9=0,"","("&項目一覧!$C$9&") 建築士 （"&項目一覧!$C$10&"）登録 第 "&項目一覧!$C$11&" 号") -> () 建築士 （）登録 第 号
B55: [ﾛ． 氏名] | G55: =IF(項目一覧!$C$12=0,"",項目一覧!$C$12)
B56: [ﾊ． 建築士事務所名] | G56: =IF(項目一覧!$C$9=0,"","("&項目一覧!$C$9&") 建築士事務所 （"&項目一覧!$C$10&"）知事登録 第 "&項目一覧!$C$11&" 号") -> () 建築士事務所 （）知事登録 第 号
G57: =IF(項目一覧!$C$16=0,"",項目一覧!$C$16)
B58: [ﾆ． 郵便番号] | G58: =IF(項目一覧!$C$17=0,"",項目一覧!$C$17)
B59: [ﾎ． 所在地] | G59: =IF(項目一覧!$C$18=0,"",項目一覧!$C$18)
B60: [ﾍ． 電話番号] | G60: =IF(項目一覧!$C$19=0,"",項目一覧!$C$19)
A61: [ | B61: ３． 設計者 ]
B62: （代表となる設計者）
B63: [ｲ． 資格] | G63: =IF(項目一覧!$C$22=0,"","("&項目一覧!$C$22&") 建築士 （"&項目一覧!$C$23&"）登録 第 "&項目一覧!$C$24&" 号") -> () 建築士 （）登録 第 号
B64: [ﾛ． 氏名] | G64: =IF(項目一覧!$C$25=0,"",項目一覧!$C$25)
B65: [ﾊ． 建築士事務所名] | G65: =IF(項目一覧!$C$27=0,"","("&項目一覧!$C$27&") 建築士事務所 （"&項目一覧!$C$28&"）知事登録 第 "&項目一覧!$C$29&" 号") -> () 建築士事務所 （）知事登録 第 号
G66: =IF(項目一覧!$C$30=0,"",項目一覧!$C$30)
B67: [ﾆ． 郵便番号] | G67: =IF(項目一覧!$C$31=0,"",項目一覧!$C$31)
B68: [ﾎ． 所在地] | G68: =IF(項目一覧!$C$32=0,"",項目一覧!$C$32)
B69: [ﾍ． 電話番号] | G69: =IF(項目一覧!$C$33=0,"",項目一覧!$C$33)
B70: [ﾄ． 作成した設計図書] | G70: =IF(項目一覧!$C$35=0,"",項目一覧!$C$35)
B72: （その他の設計者）
B73: [ｲ． 資格] | G73: =IF(項目一覧!$C$189=0,"","("&項目一覧!$C$189&") 建築士 （"&項目一覧!$C$190&"）登録 第 "&項目一覧!$C$191&" 号") -> () 建築士 （）登録 第 号
B74: [ﾛ． 氏名] | G74: =IF(項目一覧!$C$192=0,"",項目一覧!$C$192)
B75: [ﾊ． 建築士事務所名] | G75: =IF(項目一覧!$C$194=0,"","("&項目一覧!$C$194&") 建築士事務所 （"&項目一覧!$C$195&"）知事登録 第 "&項目一覧!$C$196&" 号") -> () 建築士事務所 （）知事登録 第 号
G76: =IF(項目一覧!$C$197=0,"",項目一覧!$C$197)
B77: [ﾆ． 郵便番号] | G77: =IF(項目一覧!$C$198=0,"",項目一覧!$C$198)
B78: [ﾎ． 所在地] | G78: =IF(項目一覧!$C$199=0,"",項目一覧!$C$199)
B79: [ﾍ． 電話番号] | G79: =IF(項目一覧!$C$200=0,"",項目一覧!$C$200)
B80: [ﾄ． 作成した設計図書] | G80: =IF(項目一覧!$C$202=0,"",項目一覧!$C$202)
B82: [ｲ． 資格] | G82: =IF(項目一覧!$C$203=0,"","("&項目一覧!$C$203&") 建築士 （"&項目一覧!$C$204&"）登録 第 "&項目一覧!$C$205&" 号") -> () 建築士 （）登録 第 号
B83: [ﾛ． 氏名] | G83: =IF(項目一覧!$C$206=0,"",項目一覧!$C$206)
B84: [ﾊ． 建築士事務所名] | G84: =IF(項目一覧!$C$208=0,"","("&項目一覧!$C$208&") 建築士事務所 （"&項目一覧!$C$209&"）知事登録 第 "&項目一覧!$C$210&" 号") -> () 建築士事務所 （）知事登録 第 号
G85: =IF(項目一覧!$C$211=0,"",項目一覧!$C$211)
B86: [ﾆ． 郵便番号] | G86: =IF(項目一覧!$C$212=0,"",項目一覧!$C$212)
B87: [ﾎ． 所在地] | G87: =IF(項目一覧!$C$213=0,"",項目一覧!$C$213)
B88: [ﾍ． 電話番号] | G88: =IF(項目一覧!$C$214=0,"",項目一覧!$C$214)
B89: [ﾄ． 作成した設計図書] | G89: =IF(項目一覧!$C$216=0,"",項目一覧!$C$216)
B91: [ｲ． 資格] | G91: =IF(項目一覧!$C$217=0,"","("&項目一覧!$C$217&") 建築士 （"&項目一覧!$C$218&"）登録 第 "&項目一覧!$C$219&" 号") -> () 建築士 （）登録 第 号
B92: [ﾛ． 氏名] | G92: =IF(項目一覧!$C$220=0,"",項目一覧!$C$220)
B93: [ﾊ． 建築士事務所名] | G93: =IF(項目一覧!$C$222=0,"","("&項目一覧!$C$222&") 建築士事務所 （"&項目一覧!$C$223&"）知事登録 第 "&項目一覧!$C$224&" 号") -> () 建築士事務所 （）知事登録 第 号
G94: =IF(項目一覧!$C$225=0,"",項目一覧!$C$225)
B95: [ﾆ． 郵便番号] | G95: =IF(項目一覧!$C$226=0,"",項目一覧!$C$226)
B96: [ﾎ． 所在地] | G96: =IF(項目一覧!$C$227=0,"",項目一覧!$C$227)
B97: [ﾍ． 電話番号] | G97: =IF(項目一覧!$C$228=0,"",項目一覧!$C$228)
B98: [ﾄ． 作成した設計図書] | G98: =IF(項目一覧!$C$230=0,"",項目一覧!$C$230)
A100: [ | B100: ４． 工事施工者 ]
B101: [ｲ． 氏名] | G101: =IF(項目一覧!$C$55=0,"",項目一覧!$C$55)
B102: [ﾛ． 営業所名] | G102: =IF(項目一覧!$C$56=0,"","建設業の許可 ("&項目一覧!$C$56&") 第 （"&項目一覧!$C$57&"） "&項目一覧!$C$58&" 号") -> 建設業の許可 () 第 （） 号
G103: =IF(項目一覧!$C$59=0,"",項目一覧!$C$59)
B104: [ﾊ． 郵便番号] | G104: =IF(項目一覧!$C$60=0,"",項目一覧!$C$60)
B105: [ﾆ． 所在地] | G105: =IF(項目一覧!$C$61=0,"",項目一覧!$C$61)
B106: [ﾎ． 電話番号] | G106: =IF(項目一覧!$C$62=0,"",項目一覧!$C$62)
A107: [ | B107: ５． 設置する建築物 ]
B108: [ｲ． 所在地]
B109: [ﾛ． 名称のフリガナ]
B110: [ﾊ． 名称]
B111: [ﾆ． 用途]
A112: [ | B112: ６． 建築設備の概要 ]
A119: [ | B119: ７． 工事着手予定年月日 ] | K119: 年 月 日
A120: [ | B120: ８． 工事完了予定年月日 ] | K120: 年 月 日
A121: [ | B121: ９． 特定工程工事終了予定年月日 ] | R121: （特定工程）
D122: （第 回） | H122: 年 月 日 | O122: （ | X122: ）
D123: （第 回） | H123: 年 月 日 | O123: （ | X123: ）
A124: [ | B124: １０． 備考 ]

Sheet 検査添付写真
A1: 検査申請書 添付写真（軸組仕口） | AG1: 作業メニュー | AJ1: ※直接入力してください
B4: 検査申請書 添付写真：「構造耐力上主要な部分の軸組、仕口その他の接合部、鉄筋部分等を写した写真」
R5: 確認済証番号：
M7: 建築物の名称： | R7: =IF(建築名称=0," 邸新築工事",建築名称)
B10: 基礎の配筋の
B11: 工事終了時
M18: （ここに写真を貼付してください）
B27: 撮影日時：
B31: 構造耐力上主要な
B32: 軸組若しくは耐力壁
B33: の工事終了時
M39: （ここに写真を貼付してください）
B48: 撮影日時：
B52: 屋根の小屋組
B53: の工事終了時
M60: （ここに写真を貼付してください）
B69: 撮影日時：
B73: 検査申請書 添付写真：「構造耐力上主要な部分の軸組、仕口その他の接合部、鉄筋部分等を写した写真」
R74: 確認済証番号： | AG74: =AG5 -> 0
M76: 建築物の名称： | R76: =IF('確認申請書（建築）入力'!$M$19=0," ",'確認申請書（建築）入力'!$M$19) & " 邸新築工事" -> 邸新築工事
B79: その他特定行政庁が
B80: 必要と認めて指定する
B81: 工程の終了時
M87: （ここに写真を貼付してください）
B96: 撮影日時：
B100: その他特定行政庁が
B101: 必要と認めて指定する
B102: 工程の終了時
M108: （ここに写真を貼付してください）
B117: 撮影日時：
B121: その他特定行政庁が
B122: 必要と認めて指定する
B123: 工程の終了時
M129: （ここに写真を貼付してください）
B138: 撮影日時：

Sheet 確認（工作物）
A1: 確認申請書（工作物１） | Q1: 作業メニュー | AE1: ※直接入力してください
B3: =IF(作業メニュー!AM13=TRUE, "第四十二号の九様式（第八条の二の六関係）（Ａ４）", "第十号様式（第三条、第三条の三関係）") -> 第十号様式（第三条、第三条の三関係）
F4: =IF(作業メニュー!AM13=TRUE, "建築基準法第88条第１項において準用する同法第18条第２項又は第４項の規定による ", "")
B5: =IF(作業メニュー!AM13=TRUE, "計画通知書 （工作物）", "確認申請書 （工作物）") -> 確認申請書 （工作物）
N7: （第一面）
C9: =IF(作業メニュー!AM13=TRUE, " 建築基準法第88条第１項において準用する同法第18条第２項又は第４項の規定により計画を通知します。", " 建築基準法第８８条第１項において準用する同法第６条第１項又は第６条の２第１項の規定による確認を申請します。この申請書及び添付図書に記載の事項は、事実に相違ありません。") -> 建築基準法第８８条第１項において準用する同法第６条第１項又は第６条の２第１項の規定による確認を申請します。この申請書及び添付図書に記載の事項は、事実に相違ありません。
B15: =IF('確認申請書（建築）入力'!$M$4=0,"",'確認申請書（建築）入力'!$M$4) -> 指定確認検査機関 株式会社東日本住宅評価センター 様
W17: =IF(作業メニュー!AM13=TRUE, "第", "") | AB17: =IF(作業メニュー!AM13=TRUE, "号", "")
U18: 年 月 日
P25: =IF(項目一覧!$C$183=0,"",項目一覧!$C$183)
J26: =IF(作業メニュー!AM13=TRUE, " 通 知 者 官 職", " 申 請 者 氏 名") -> 申 請 者 氏 名 | P26: =IF(項目一覧!$C$4=0,"",項目一覧!$C$4)
B38: ※ 受付欄 | I38: ※ 決裁欄 | U38: ※ 確認番号欄
I39: 別紙による | U39: 年 月 日
U40: 第 東日本 号
U41: 日付、番号は別紙による
A44: （第二面）
A46: [ | B46: １． 築造主 ]
B47: [ｲ． 氏名のフリガナ] | G47: =IF(項目一覧!$C$21=0,"",項目一覧!$C$21&" ")&IF(項目一覧!$C$5=0,"",項目一覧!$C$5)
B48: [ﾛ． 氏名] | G48: =IF(項目一覧!$C$183=0,"",項目一覧!$C$183&" ")&IF(項目一覧!$C$4=0,"",項目一覧!$C$4)
B49: [ﾊ． 郵便番号] | G49: =IF(項目一覧!$C$6=0,"",項目一覧!$C$6)
B50: [ﾆ． 住所] | G50: =IF(項目一覧!$C$7=0,"",項目一覧!$C$7)
B51: [ﾎ． 電話番号] | G51: =IF(項目一覧!$C$8=0,"",項目一覧!$C$8)
A52: [ | B52: ２． 代理者 ]
B53: [ｲ． 資格] | G53: =IF(項目一覧!$C$9=0,"","("&項目一覧!$C$9&") 建築士 （"&項目一覧!$C$10&"）登録 第 "&項目一覧!$C$11&" 号") -> () 建築士 （）登録 第 号
B54: [ﾛ． 氏名] | G54: =IF(項目一覧!$C$12=0,"",項目一覧!$C$12)
B55: [ﾊ． 建築士事務所名] | G55: =IF(項目一覧!$C$13=0,"","("&項目一覧!$C$13&") 建築士事務所 （"&項目一覧!$C$14&"）知事登録 第 "&項目一覧!$C$15&" 号") -> () 建築士事務所 （）知事登録 第 号
G56: =IF(項目一覧!$C$16=0,"",項目一覧!$C$16)
B57: [ﾆ． 郵便番号] | G57: =IF(項目一覧!$C$17=0,"",項目一覧!$C$17)
B58: [ﾎ． 所在地] | G58: =IF(項目一覧!$C$18=0,"",項目一覧!$C$18)
B59: [ﾍ． 電話番号] | G59: =IF(項目一覧!$C$19=0,"",項目一覧!$C$19)
A60: [ | B60: ３． 設計者 ]
B61: （代表となる設計者）
B62: [ｲ． 資格] | G62: =IF(項目一覧!$C$22=0,"","("&項目一覧!$C$22&") 建築士 （"&項目一覧!$C$23&"）登録 第 "&項目一覧!$C$24&" 号") -> () 建築士 （）登録 第 号
B63: [ﾛ． 氏名] | G63: =IF(項目一覧!$C$25=0,"",項目一覧!$C$25)
B64: [ﾊ． 建築士事務所名] | G64: =IF(項目一覧!$C$27=0,"","("&項目一覧!$C$27&") 建築士事務所 （"&項目一覧!$C$28&"）知事登録 第 "&項目一覧!$C$29&" 号") -> () 建築士事務所 （）知事登録 第 号
G65: =IF(項目一覧!$C$30=0,"",項目一覧!$C$30)
B66: [ﾆ． 郵便番号] | G66: =IF(項目一覧!$C$31=0,"",項目一覧!$C$31)
B67: [ﾎ． 所在地] | G67: =IF(項目一覧!$C$32=0,"",項目一覧!$C$32)
B68: [ﾍ． 電話番号] | G68: =IF(項目一覧!$C$33=0,"",項目一覧!$C$33)
B69: [ﾄ． 作成した設計図書] | G69: =IF(項目一覧!$C$35=0,"",項目一覧!$C$35)
B71: （その他の設計者）
B72: [ｲ． 資格] | G72: =IF(項目一覧!$C$189=0,"","("&項目一覧!$C$189&") 建築士 （"&項目一覧!$C$190&"）登録 第 "&項目一覧!$C$191&" 号") -> () 建築士 （）登録 第 号
B73: [ﾛ． 氏名] | G73: =IF(項目一覧!$C$192=0,"",項目一覧!$C$192)
B74: [ﾊ． 建築士事務所名] | G74: =IF(項目一覧!$C$194=0,"","("&項目一覧!$C$194&") 建築士事務所 （"&項目一覧!$C$195&"）知事登録 第 "&項目一覧!$C$196&" 号") -> () 建築士事務所 （）知事登録 第 号
G75: =IF(項目一覧!$C$197=0,"",項目一覧!$C$197)
B76: [ﾆ． 郵便番号] | G76: =IF(項目一覧!$C$198=0,"",項目一覧!$C$198)
B77: [ﾎ． 所在地] | G77: =IF(項目一覧!$C$199=0,"",項目一覧!$C$199)
B78: [ﾍ． 電話番号] | G78: =IF(項目一覧!$C$200=0,"",項目一覧!$C$200)
B79: [ﾄ． 作成した設計図書] | G79: =IF(項目一覧!$C$202=0,"",項目一覧!$C$202)
B81: [ｲ． 資格] | G81: =IF(項目一覧!$C$203=0,"","("&項目一覧!$C$203&") 建築士 （"&項目一覧!$C$204&"）登録 第 "&項目一覧!$C$205&" 号") -> () 建築士 （）登録 第 号
B82: [ﾛ． 氏名] | G82: =IF(項目一覧!$C$206=0,"",項目一覧!$C$206)
B83: [ﾊ． 建築士事務所名] | G83: =IF(項目一覧!$C$208=0,"","("&項目一覧!$C$208&") 建築士事務所 （"&項目一覧!$C$209&"）知事登録 第 "&項目一覧!$C$210&" 号") -> () 建築士事務所 （）知事登録 第 号
G84: =IF(項目一覧!$C$211=0,"",項目一覧!$C$211)
B85: [ﾆ． 郵便番号] | G85: =IF(項目一覧!$C$212=0,"",項目一覧!$C$212)
B86: [ﾎ． 所在地] | G86: =IF(項目一覧!$C$213=0,"",項目一覧!$C$213)
B87: [ﾍ． 電話番号] | G87: =IF(項目一覧!$C$214=0,"",項目一覧!$C$214)
B88: [ﾄ． 作成した設計図書] | G88: =IF(項目一覧!$C$216=0,"",項目一覧!$C$216)
B90: [ｲ． 資格] | G90: =IF(項目一覧!$C$217=0,"","("&項目一覧!$C$217&") 建築士 （"&項目一覧!$C$218&"）登録 第 "&項目一覧!$C$219&" 号") -> () 建築士 （）登録 第 号
B91: [ﾛ． 氏名] | G91: =IF(項目一覧!$C$220=0,"",項目一覧!$C$220)
B92: [ﾊ． 建築士事務所名] | G92: =IF(項目一覧!$C$222=0,"","("&項目一覧!$C$222&") 建築士事務所 （"&項目一覧!$C$223&"）知事登録 第 "&項目一覧!$C$224&" 号") -> () 建築士事務所 （）知事登録 第 号
G93: =IF(項目一覧!$C$225=0,"",項目一覧!$C$225)
B94: [ﾆ． 郵便番号] | G94: =IF(項目一覧!$C$226=0,"",項目一覧!$C$226)
B95: [ﾎ． 所在地] | G95: =IF(項目一覧!$C$227=0,"",項目一覧!$C$227)
B96: [ﾍ． 電話番号] | G96: =IF(項目一覧!$C$228=0,"",項目一覧!$C$228)
B97: [ﾄ． 作成した設計図書] | G97: =IF(項目一覧!$C$230=0,"",項目一覧!$C$230)
A99: [ | B99: ４． 工事施工者 ]
B100: [ｲ． 氏名] | G100: =IF(項目一覧!$C$55=0,"",項目一覧!$C$55)
B101: [ﾛ． 営業所名] | G101: =IF(項目一覧!$C$56=0,"","建設業の許可 ("&項目一覧!$C$56&") 第 （"&項目一覧!$C$57&"） "&項目一覧!$C$58&" 号") -> 建設業の許可 () 第 （） 号
G102: =IF(項目一覧!$C$59=0,"",項目一覧!$C$59)
B103: [ﾊ． 郵便番号] | G103: =IF(項目一覧!$C$60=0,"",項目一覧!$C$60)
B104: [ﾆ． 所在地] | G104: =IF(項目一覧!$C$61=0,"",項目一覧!$C$61)
B105: [ﾎ． 電話番号] | G105: =IF(項目一覧!$C$62=0,"",項目一覧!$C$62)
A106: [ | B106: ５． 敷地の位置 ]
B107: [ｲ． 地名地番] | F107: =IF(項目一覧!$C$69=0,"",IF(項目一覧!$C$71=0,項目一覧!$C$69&項目一覧!$C$70,項目一覧!$C$69&項目一覧!$C$70&項目一覧!$C$71))
B108: [ﾛ． 住居表示] | F108: =IF(項目一覧!$C$72=0,"",IF(項目一覧!$C$74=0,項目一覧!$C$72&項目一覧!$C$73,項目一覧!$C$72&項目一覧!$C$73&項目一覧!$C$74))
A109: [ | B109: ６． 工作物の概要 ] | H109: （番号 | M109: ）
B110: [ｲ． 種類] | E110: （区分 | J110: ）
B111: [ﾛ． 高さ] | L111: ｍ
B112: [ﾊ． 構造]
B113: [ﾆ． 工事種別] | F113: □ | G113: 新築 | I113: □ | J113: 増築 | L113: □ | M113: 改築 | O113: □ | P113: その他（ | AA113: ）
B114: [ﾎ． その他必要な事項]
A115: [ | B115: ７． 工事着手予定年月日 ] | M115: 年 | O115: 月 | Q115: 日
A116: [ | B116: ８． 工事完了予定年月日 ] | M116: 年 | O116: 月 | Q116: 日
A117: [ | B117: ９． 特定工程工事終了予定年月日 ] | U117: ( 特 定 工 程 ）
E118: (第 | H118: 回) | M118: 年 | O118: 月 | Q118: 日 | R118: ( | AA118: )
E119: (第 | H119: 回) | M119: 年 | O119: 月 | Q119: 日 | R119: ( | AA119: )
A120: [ | B120: １０． 備考 ]

Sheet 確認（工作物） (2)
A1: 確認申請書（工作物２） | Q1: 作業メニュー | AE1: ※直接入力してください
B3: =IF(作業メニュー!AM13=TRUE, "第四十二号の十様式（第八条の二の六関係）（Ａ４） ", "第十一号様式（第三条、第三条の三関係）") -> 第十一号様式（第三条、第三条の三関係）
E4: =IF(作業メニュー!AM13=TRUE, "建築基準法第88条第２項において準用する同法第18条第２項又は第４項の規定による", "")
B5: =IF(作業メニュー!AM13=TRUE, "計画通知書 （工作物）", "確認申請書 （工作物）") -> 確認申請書 （工作物）
N7: （第一面）
C9: =IF(作業メニュー!AM13=TRUE, " 建築基準法第８８条第２項において準用する同法第１８条第２項又は第４項の規定により計画を通知します。", " 建築基準法第８８条第２項において準用する同法第６条第１項又は第６条の２第１項の規定による確認を申請します。この申請書及び添付図書に記載の事項は、事実に相違ありません。") -> 建築基準法第８８条第２項において準用する同法第６条第１項又は第６条の２第１項の規定による確認を申請します。この申請書及び添付図書に記載の事項は、事実に相違ありません。
B15: =IF('確認申請書（建築）入力'!$M$4=0,"",'確認申請書（建築）入力'!$M$4) -> 指定確認検査機関 株式会社東日本住宅評価センター 様
W17: =IF(作業メニュー!AM13=TRUE, "第", "") | AB17: =IF(作業メニュー!AM13=TRUE, "号", "")
U18: 年 月 日
P25: =IF(項目一覧!$C$183=0,"",項目一覧!$C$183)
J26: =IF(作業メニュー!AM13=TRUE, " 通 知 者 官 職", " 申 請 者 氏 名") -> 申 請 者 氏 名 | P26: =IF(項目一覧!$C$4=0,"",項目一覧!$C$4)
B38: ※ 受付欄 | I38: ※ 決裁欄 | U38: ※ 確認番号欄
I39: 別紙による | U39: 年 月 日
U40: 第 東日本 号
U41: 日付、番号は別紙による
A46: （第二面）
A48: [ | B48: １． 築造主 ]
B49: [ｲ． 氏名のフリガナ] | G49: =IF(項目一覧!$C$21=0,"",項目一覧!$C$21&" ")&IF(項目一覧!$C$5=0,"",項目一覧!$C$5)
B50: [ﾛ． 氏名] | G50: =IF(項目一覧!$C$183=0,"",項目一覧!$C$183&" ")&IF(項目一覧!$C$4=0,"",項目一覧!$C$4)
B51: [ﾊ． 郵便番号] | G51: =IF(項目一覧!$C$6=0,"",項目一覧!$C$6)
B52: [ﾆ． 住所] | G52: =IF(項目一覧!$C$7=0,"",項目一覧!$C$7)
B53: [ﾎ． 電話番号] | G53: =IF(項目一覧!$C$8=0,"",項目一覧!$C$8)
A54: [ | B54: ２． 代理者 ]
B55: [ｲ． 資格] | G55: =IF(項目一覧!$C$9=0,"","("&項目一覧!$C$9&") 建築士 （"&項目一覧!$C$10&"）登録 第 "&項目一覧!$C$11&" 号") -> () 建築士 （）登録 第 号
B56: [ﾛ． 氏名] | G56: =IF(項目一覧!$C$12=0,"",項目一覧!$C$12)
B57: [ﾊ． 建築士事務所名] | G57: =IF(項目一覧!$C$13=0,"","("&項目一覧!$C$13&") 建築士事務所 （"&項目一覧!$C$14&"）知事登録 第 "&項目一覧!$C$15&" 号") -> () 建築士事務所 （）知事登録 第 号
G58: =IF(項目一覧!$C$16=0,"",項目一覧!$C$16)
B59: [ﾆ． 郵便番号] | G59: =IF(項目一覧!$C$17=0,"",項目一覧!$C$17)
B60: [ﾎ． 所在地] | G60: =IF(項目一覧!$C$18=0,"",項目一覧!$C$18)
B61: [ﾍ． 電話番号] | G61: =IF(項目一覧!$C$19=0,"",項目一覧!$C$19)
A62: [ | B62: ３． 設計者 ]
B63: （代表となる設計者）
B64: [ｲ． 資格] | G64: =IF(項目一覧!$C$22=0,"","("&項目一覧!$C$22&") 建築士 （"&項目一覧!$C$23&"）登録 第 "&項目一覧!$C$24&" 号") -> () 建築士 （）登録 第 号
B65: [ﾛ． 氏名] | G65: =IF(項目一覧!$C$25=0,"",項目一覧!$C$25)
B66: [ﾊ． 建築士事務所名] | G66: =IF(項目一覧!$C$27=0,"","("&項目一覧!$C$27&") 建築士事務所 （"&項目一覧!$C$28&"）知事登録 第 "&項目一覧!$C$29&" 号") -> () 建築士事務所 （）知事登録 第 号
G67: =IF(項目一覧!$C$30=0,"",項目一覧!$C$30)
B68: [ﾆ． 郵便番号] | G68: =IF(項目一覧!$C$31=0,"",項目一覧!$C$31)
B69: [ﾎ． 所在地] | G69: =IF(項目一覧!$C$32=0,"",項目一覧!$C$32)
B70: [ﾍ． 電話番号] | G70: =IF(項目一覧!$C$33=0,"",項目一覧!$C$33)
B71: [ﾄ． 作成した設計図書] | G71: =IF(項目一覧!$C$35=0,"",項目一覧!$C$35)
B73: （その他の設計者）
B74: [ｲ． 資格] | G74: =IF(項目一覧!$C$189=0,"","("&項目一覧!$C$189&") 建築士 （"&項目一覧!$C$190&"）登録 第 "&項目一覧!$C$191&" 号") -> () 建築士 （）登録 第 号
B75: [ﾛ． 氏名] | G75: =IF(項目一覧!$C$192=0,"",項目一覧!$C$192)
B76: [ﾊ． 建築士事務所名] | G76: =IF(項目一覧!$C$194=0,"","("&項目一覧!$C$194&") 建築士事務所 （"&項目一覧!$C$195&"）知事登録 第 "&項目一覧!$C$196&" 号") -> () 建築士事務所 （）知事登録 第 号
G77: =IF(項目一覧!$C$197=0,"",項目一覧!$C$197)
B78: [ﾆ． 郵便番号] | G78: =IF(項目一覧!$C$198=0,"",項目一覧!$C$198)
B79: [ﾎ． 所在地] | G79: =IF(項目一覧!$C$199=0,"",項目一覧!$C$199)
B80: [ﾍ． 電話番号] | G80: =IF(項目一覧!$C$200=0,"",項目一覧!$C$200)
B81: [ﾄ. 作成した設計図書] | G81: =IF(項目一覧!$C$202=0,"",項目一覧!$C$202)
B83: [ｲ． 資格] | G83: =IF(項目一覧!$C$203=0,"","("&項目一覧!$C$203&") 建築士 （"&項目一覧!$C$204&"）登録 第 "&項目一覧!$C$205&" 号") -> () 建築士 （）登録 第 号
B84: [ﾛ． 氏名] | G84: =IF(項目一覧!$C$206=0,"",項目一覧!$C$206)
B85: [ﾊ． 建築士事務所名] | G85: =IF(項目一覧!$C$208=0,"","("&項目一覧!$C$208&") 建築士事務所 （"&項目一覧!$C$209&"）知事登録 第 "&項目一覧!$C$210&" 号") -> () 建築士事務所 （）知事登録 第 号
G86: =IF(項目一覧!$C$211=0,"",項目一覧!$C$211)
B87: [ﾆ． 郵便番号] | G87: =IF(項目一覧!$C$212=0,"",項目一覧!$C$212)
B88: [ﾎ． 所在地] | G88: =IF(項目一覧!$C$213=0,"",項目一覧!$C$213)
B89: [ﾍ． 電話番号] | G89: =IF(項目一覧!$C$214=0,"",項目一覧!$C$214)
B90: [ﾄ. 作成した設計図書] | G90: =IF(項目一覧!$C$216=0,"",項目一覧!$C$216)
B92: [ｲ． 資格] | G92: =IF(項目一覧!$C$217=0,"","("&項目一覧!$C$217&") 建築士 （"&項目一覧!$C$218&"）登録 第 "&項目一覧!$C$219&" 号") -> () 建築士 （）登録 第 号
B93: [ﾛ． 氏名] | G93: =IF(項目一覧!$C$220=0,"",項目一覧!$C$220)
B94: [ﾊ． 建築士事務所名] | G94: =IF(項目一覧!$C$222=0,"","("&項目一覧!$C$222&") 建築士事務所 （"&項目一覧!$C$223&"）知事登録 第 "&項目一覧!$C$224&" 号") -> () 建築士事務所 （）知事登録 第 号
G95: =IF(項目一覧!$C$225=0,"",項目一覧!$C$225)
B96: [ﾆ． 郵便番号] | G96: =IF(項目一覧!$C$226=0,"",項目一覧!$C$226)
B97: [ﾎ． 所在地] | G97: =IF(項目一覧!$C$227=0,"",項目一覧!$C$227)
B98: [ﾍ． 電話番号] | G98: =IF(項目一覧!$C$228=0,"",項目一覧!$C$228)
B99: [ﾄ. 作成した設計図書] | G99: =IF(項目一覧!$C$230=0,"",項目一覧!$C$230)
A101: [ | B101: ４． 工事施工者 ]
B102: [ｲ． 氏名] | G102: =IF(項目一覧!$C$55=0,"",項目一覧!$C$55)
B103: [ﾛ． 営業所名] | G103: =IF(項目一覧!$C$56=0,"","建設業の許可 ("&項目一覧!$C$56&") 第 （"&項目一覧!$C$57&"） "&項目一覧!$C$58&" 号") -> 建設業の許可 () 第 （） 号
G104: =IF(項目一覧!$C$59=0,"",項目一覧!$C$59)
B105: [ﾊ． 郵便番号] | G105: =IF(項目一覧!$C$60=0,"",項目一覧!$C$60)
B106: [ﾆ． 所在地] | G106: =IF(項目一覧!$C$61=0,"",項目一覧!$C$61)
B107: [ﾎ． 電話番号] | G107: =IF(項目一覧!$C$62=0,"",項目一覧!$C$62)
A108: [ | B108: ５． 敷地の位置 ]
B109: [ｲ． 地名地番] | F109: =IF(項目一覧!$C$69=0,"",IF(項目一覧!$C$71=0,項目一覧!$C$69&項目一覧!$C$70,項目一覧!$C$69&項目一覧!$C$70&項目一覧!$C$71))
B110: [ﾛ． 住居表示] | F110: =IF(項目一覧!$C$72=0,"",IF(項目一覧!$C$74=0,項目一覧!$C$72&項目一覧!$C$73,項目一覧!$C$72&項目一覧!$C$73&項目一覧!$C$74))
B111: [ﾊ． 用途地域]
B112: [ﾆ． その他の区域又は地区]
A113: [ | B113: ６． 工作物の概要 ] | H113: （番号 | M113: ）
B114: [ｲ． 種類] | E114: （区分 | J114: ）
B115: [ﾛ． 高さ] | L115: ｍ
B116: [ﾊ． 工事種別] | F116: □ | G116: 新築 | I116: □ | J116: 増築 | L116: □ | M116: 改築 | O116: □ | P116: その他（ | AA116: ）
F117: （ | G117: 申請部分 | M117: ）（ | N117: 申請以外の部分 | T117: ）（ | U117: 合計 | AA117: ）
B118: [ﾆ． 築造面積] | F118: （ | M118: ）（ | T118: ）（ | AA118: ）
B119: [ﾎ． 工作物の数] | F119: （ | M119: ）（ | T119: ）（ | AA119: ）
B120: [ﾍ． その他必要な事項]
A121: [ | B121: ７． 工事着手予定年月日 ] | M121: 年 | O121: 月 | Q121: 日
A122: [ | B122: ８． 工事完了予定年月日 ] | M122: 年 | O122: 月 | Q122: 日
A123: [ | B123: ９． 特定工程工事終了予定年月日 ] | U123: ( 特 定 工 程 ）
E124: (第 | H124: 回) | M124: 年 | O124: 月 | Q124: 日 | R124: ( | AA124: )
E125: (第 | H125: 回) | M125: 年 | O125: 月 | Q125: 日 | R125: ( | AA125: )
A126: [ | B126: １０． 許可等 ]
A128: [ | B128: １１． 備考 ]

Sheet 他の築造主（申請書用）
A1: 確認申請書（工作物）＜別紙＞ | O1: 作業メニュー | T1: ※直接入力してください
B3: 別紙
A4: [ | B4: １． 他の築造主（１） ]
B5: [ｲ． 氏名のフリガナ] | H5: =建築主氏名2フリガナ
B6: [ﾛ． 氏名] | H6: =建築主氏名2
B7: [ﾊ． 郵便番号] | H7: =建築主郵便番号2
B8: [ﾆ． 住所] | H8: =建築主住所2
A11: [ | B11: １． 他の築造主（2） ]
B12: [ｲ． 氏名のフリガナ] | H12: =建築主氏名3フリガナ
B13: [ﾛ． 氏名] | H13: =建築主氏名3
B14: [ﾊ． 郵便番号] | H14: =建築主郵便番号3
B15: [ﾆ． 住所] | H15: =建築主住所3
A18: [ | B18: １． 他の築造主（3） ]
B19: [ｲ． 氏名のフリガナ] | H19: =建築主氏名4フリガナ
B20: [ﾛ． 氏名] | H20: =建築主氏名4
B21: [ﾊ． 郵便番号] | H21: =建築主郵便番号4
B22: [ﾆ． 住所] | H22: =建築主住所4

Sheet 他の築造主（概要書用）
A1: 築造計画概要書（別紙） | M1: 作業メニュー | R1: ※直接入力してください
A2: 築造計画概要書（別紙）
B4: 築造主等の概要
A5: [ | B5: １． 他の築造主（１） ]
B6: [ｲ． 氏名のフリガナ] | H6: =建築主氏名2フリガナ
B7: [ﾛ． 氏名] | H7: =建築主氏名2
B8: [ﾊ． 郵便番号] | H8: =建築主郵便番号2
B9: [ﾆ． 住所] | H9: =建築主住所2
A12: [ | B12: １． 他の築造主（2） ]
B13: [ｲ． 氏名のフリガナ] | H13: =建築主氏名3フリガナ
B14: [ﾛ． 氏名] | H14: =建築主氏名3
B15: [ﾊ． 郵便番号] | H15: =建築主郵便番号3
B16: [ﾆ． 住所] | H16: =建築主住所3
A19: [ | B19: １． 他の築造主（3） ]
B20: [ｲ． 氏名のフリガナ] | H20: =建築主氏名4フリガナ
B21: [ﾛ． 氏名] | H21: =建築主氏名4
B22: [ﾊ． 郵便番号] | H22: =建築主郵便番号4
B23: [ﾆ． 住所] | H23: =建築主住所4

Sheet 計画変更（工作物）
A1: 計画変更確認申請書（工作物１） | Q1: 作業メニュー | AD1: ※直接入力してください
B3: =IF(作業メニュー!AM13=TRUE, "第四十二号の十一様式（第八条の二の六関係）（Ａ４）", "第十三号様式（第三条、第三条の三関係）") -> 第十三号様式（第三条、第三条の三関係）
D4: =IF(作業メニュー!AM13=TRUE, "建築基準法第88条第１項において準用する同法第18条第２項又は第４項の規定による", "")
B5: =IF(作業メニュー!AM13=TRUE, "計画変更通知書 （工作物）", "計画変更確認申請書 （工作物）") -> 計画変更確認申請書 （工作物）
N7: （第一面）
C9: =IF(作業メニュー!AM13=TRUE, " 建築基準法第88条第１項において準用する同法第18条第２項又は第４項の規定により計画の変更を通知します。", " 建築基準法第８８条第１項において準用する同法第６条第１項又は第６条の２第１項の規定による計画の変更の確認を申請します。この申請書及び添付図書に記載の事項は、事実に相違ありません。") -> 建築基準法第８８条第１項において準用する同法第６条第１項又は第６条の２第１項の規定による計画の変更の確認を申請します。この申請書及び添付図書に記載の事項は、事実に相違ありません。
B16: =IF('確認申請書（建築）入力'!$M$4=0,"",'確認申請書（建築）入力'!$M$4) -> 指定確認検査機関 株式会社東日本住宅評価センター 様
W17: =IF(作業メニュー!AM13=TRUE, "第", "") | AB17: =IF(作業メニュー!AM13=TRUE, "号", "")
U19: 年 月 日
P24: =IF(項目一覧!$C$183=0,"",項目一覧!$C$183)
J25: =IF(作業メニュー!AM13=TRUE, " 通 知 者 官 職", " 申 請 者 氏 名") -> 申 請 者 氏 名 | P25: =IF(項目一覧!$C$4=0,"",項目一覧!$C$4)
D32: =IF(作業メニュー!AM13=TRUE, "[計画を変更する工作物の直前の審査]", "[計画を変更する工作物の直前の確認]") -> [計画を変更する工作物の直前の確認]
E33: [確認済証番号] | K33: 第東日本 | T33: 号
E34: [確認済証交付年月日] | N34: 年 | Q34: 月 | T34: 日
E35: [確認済証交付者] | K35: 株式会社 東日本住宅評価センター
E36: [計画変更の概要]
B38: ※ 受付欄 | I38: ※ 決裁欄 | U38: ※ 確認番号欄
I39: 別紙による | U39: 年 月 日
U40: 第 東日本 号
U41: 日付、番号は別紙による
A48: （第二面）
A49: [ | B49: １． 築造主 ]
B50: [ｲ． 氏名のフリガナ] | G50: =IF(項目一覧!$C$21=0,"",項目一覧!$C$21&" ")&IF(項目一覧!$C$5=0,"",項目一覧!$C$5)
B51: [ﾛ． 氏名] | G51: =IF(項目一覧!$C$183=0,"",項目一覧!$C$183&" ")&IF(項目一覧!$C$4=0,"",項目一覧!$C$4)
B52: [ﾊ． 郵便番号] | G52: =IF(項目一覧!$C$6=0,"",項目一覧!$C$6)
B53: [ﾆ． 住所] | G53: =IF(項目一覧!$C$7=0,"",項目一覧!$C$7)
B54: [ﾎ． 電話番号] | G54: =IF(項目一覧!$C$8=0,"",項目一覧!$C$8)
A55: [ | B55: ２． 代理者 ]
B56: [ｲ． 資格] | G56: =IF(項目一覧!$C$9=0,"","("&項目一覧!$C$9&") 建築士 （"&項目一覧!$C$10&"）登録 第 "&項目一覧!$C$11&" 号") -> () 建築士 （）登録 第 号
B57: [ﾛ． 氏名] | G57: =IF(項目一覧!$C$12=0,"",項目一覧!$C$12)
B58: [ﾊ． 建築士事務所名] | G58: =IF(項目一覧!$C$13=0,"","("&項目一覧!$C$13&") 建築士事務所 （"&項目一覧!$C$14&"）知事登録 第 "&項目一覧!$C$15&" 号") -> () 建築士事務所 （）知事登録 第 号
G59: =IF(項目一覧!$C$16=0,"",項目一覧!$C$16)
B60: [ﾆ． 郵便番号] | G60: =IF(項目一覧!$C$17=0,"",項目一覧!$C$17)
B61: [ﾎ． 所在地] | G61: =IF(項目一覧!$C$18=0,"",項目一覧!$C$18)
B62: [ﾍ． 電話番号] | G62: =IF(項目一覧!$C$19=0,"",項目一覧!$C$19)
A63: [ | B63: ３． 設計者 ]
B64: （代表となる設計者）
B65: [ｲ． 資格] | G65: =IF(項目一覧!$C$22=0,"","("&項目一覧!$C$22&") 建築士 （"&項目一覧!$C$23&"）登録 第 "&項目一覧!$C$24&" 号") -> () 建築士 （）登録 第 号
B66: [ﾛ． 氏名] | G66: =IF(項目一覧!$C$25=0,"",項目一覧!$C$25)
B67: [ﾊ． 建築士事務所名] | G67: =IF(項目一覧!$C$27=0,"","("&項目一覧!$C$27&") 建築士事務所 （"&項目一覧!$C$28&"）知事登録 第 "&項目一覧!$C$29&" 号") -> () 建築士事務所 （）知事登録 第 号
G68: =IF(項目一覧!$C$30=0,"",項目一覧!$C$30)
B69: [ﾆ． 郵便番号] | G69: =IF(項目一覧!$C$31=0,"",項目一覧!$C$31)
B70: [ﾎ． 所在地] | G70: =IF(項目一覧!$C$32=0,"",項目一覧!$C$32)
B71: [ﾍ． 電話番号] | G71: =IF(項目一覧!$C$33=0,"",項目一覧!$C$33)
B72: [ﾄ． 作成した設計図書] | G72: =IF(項目一覧!$C$35=0,"",項目一覧!$C$35)
B74: （その他の設計者）
B75: [ｲ． 資格] | G75: =IF(項目一覧!$C$189=0,"","("&項目一覧!$C$189&") 建築士 （"&項目一覧!$C$190&"）登録 第 "&項目一覧!$C$191&" 号") -> () 建築士 （）登録 第 号
B76: [ﾛ． 氏名] | G76: =IF(項目一覧!$C$192=0,"",項目一覧!$C$192)
B77: [ﾊ． 建築士事務所名] | G77: =IF(項目一覧!$C$194=0,"","("&項目一覧!$C$194&") 建築士事務所 （"&項目一覧!$C$195&"）知事登録 第 "&項目一覧!$C$196&" 号") -> () 建築士事務所 （）知事登録 第 号
G78: =IF(項目一覧!$C$197=0,"",項目一覧!$C$197)
B79: [ﾆ． 郵便番号] | G79: =IF(項目一覧!$C$198=0,"",項目一覧!$C$198)
B80: [ﾎ． 所在地] | G80: =IF(項目一覧!$C$199=0,"",項目一覧!$C$199)
B81: [ﾍ． 電話番号] | G81: =IF(項目一覧!$C$200=0,"",項目一覧!$C$200)
B82: [ﾄ． 作成した設計図書] | G82: =IF(項目一覧!$C$202=0,"",項目一覧!$C$202)
B84: [ｲ． 資格] | G84: =IF(項目一覧!$C$203=0,"","("&項目一覧!$C$203&") 建築士 （"&項目一覧!$C$204&"）登録 第 "&項目一覧!$C$205&" 号") -> () 建築士 （）登録 第 号
B85: [ﾛ． 氏名] | G85: =IF(項目一覧!$C$206=0,"",項目一覧!$C$206)
B86: [ﾊ． 建築士事務所名] | G86: =IF(項目一覧!$C$208=0,"","("&項目一覧!$C$208&") 建築士事務所 （"&項目一覧!$C$209&"）知事登録 第 "&項目一覧!$C$210&" 号") -> () 建築士事務所 （）知事登録 第 号
G87: =IF(項目一覧!$C$211=0,"",項目一覧!$C$211)
B88: [ﾆ． 郵便番号] | G88: =IF(項目一覧!$C$212=0,"",項目一覧!$C$212)
B89: [ﾎ． 所在地] | G89: =IF(項目一覧!$C$213=0,"",項目一覧!$C$213)
B90: [ﾍ． 電話番号] | G90: =IF(項目一覧!$C$214=0,"",項目一覧!$C$214)
B91: [ﾄ． 作成した設計図書] | G91: =IF(項目一覧!$C$216=0,"",項目一覧!$C$216)
B93: [ｲ． 資格] | G93: =IF(項目一覧!$C$217=0,"","("&項目一覧!$C$217&") 建築士 （"&項目一覧!$C$218&"）登録 第 "&項目一覧!$C$219&" 号") -> () 建築士 （）登録 第 号
B94: [ﾛ． 氏名] | G94: =IF(項目一覧!$C$220=0,"",項目一覧!$C$220)
B95: [ﾊ． 建築士事務所名] | G95: =IF(項目一覧!$C$222=0,"","("&項目一覧!$C$222&") 建築士事務所 （"&項目一覧!$C$223&"）知事登録 第 "&項目一覧!$C$224&" 号") -> () 建築士事務所 （）知事登録 第 号
G96: =IF(項目一覧!$C$225=0,"",項目一覧!$C$225)
B97: [ﾆ． 郵便番号] | G97: =IF(項目一覧!$C$226=0,"",項目一覧!$C$226)
B98: [ﾎ． 所在地] | G98: =IF(項目一覧!$C$227=0,"",項目一覧!$C$227)
B99: [ﾍ． 電話番号] | G99: =IF(項目一覧!$C$228=0,"",項目一覧!$C$228)
B100: [ﾄ． 作成した設計図書] | G100: =IF(項目一覧!$C$230=0,"",項目一覧!$C$230)
A102: [ | B102: ４． 工事施工者 ]
B103: [ｲ． 氏名] | G103: =IF(項目一覧!$C$55=0,"",項目一覧!$C$55)
B104: [ﾛ． 営業所名] | G104: =IF(項目一覧!$C$56=0,"","建設業の許可 ("&項目一覧!$C$56&") 第 （"&項目一覧!$C$57&"） "&項目一覧!$C$58&" 号") -> 建設業の許可 () 第 （） 号
G105: =IF(項目一覧!$C$59=0,"",項目一覧!$C$59)
B106: [ﾊ． 郵便番号] | G106: =IF(項目一覧!$C$60=0,"",項目一覧!$C$60)
B107: [ﾆ． 住所] | G107: =IF(項目一覧!$C$61=0,"",項目一覧!$C$61)
B108: [ﾎ． 電話番号] | G108: =IF(項目一覧!$C$62=0,"",項目一覧!$C$62)
A109: [ | B109: ５． 敷地の位置 ]
B110: [ｲ． 地名地番] | F110: =IF(項目一覧!$C$69=0,"",IF(項目一覧!$C$71=0,項目一覧!$C$69&項目一覧!$C$70,項目一覧!$C$69&項目一覧!$C$70&項目一覧!$C$71))
B111: [ﾛ． 住居表示] | F111: =IF(項目一覧!$C$72=0,"",IF(項目一覧!$C$74=0,項目一覧!$C$72&項目一覧!$C$73,項目一覧!$C$72&項目一覧!$C$73&項目一覧!$C$74))
A112: [ | B112: ６． 工作物の概要 ] | H112: （番号 | M112: ）
B113: [ｲ． 種類] | E113: （区分 | J113: ）
B114: [ﾛ． 高さ] | L114: ｍ
B115: [ﾊ． 構造]
B116: [ﾆ． 工事種別] | F116: □ | G116: 新築 | I116: □ | J116: 増築 | L116: □ | M116: 改築 | O116: □ | P116: その他（ | AA116: ）
B117: [ﾎ． その他必要な事項]
A118: [ | B118: ７． 工事着手予定年月日 ] | M118: 年 | O118: 月 | Q118: 日
A119: [ | B119: ８． 工事完了予定年月日 ] | M119: 年 | O119: 月 | Q119: 日
A120: [ | B120: ９． 特定工程工事終了予定年月日 ] | U120: ( 特 定 工 程 ）
E121: (第 | H121: 回) | M121: 年 | O121: 月 | Q121: 日 | R121: ( | AA121: )
E122: (第 | H122: 回) | M122: 年 | O122: 月 | Q122: 日 | R122: ( | AA122: )
A123: [ | B123: １０． 備考 ]

Sheet 築造計画概要書
A1: 築造計画概要書 | Q1: 作業メニュー | U1: ※直接入力してください
B3: 第十二号様式 | M3: ※受付欄 | U3: ※確認済証番号
B4: （第三条、第三条の三、第十一条の三関係）
U5: 年 月 日
U7: 第 東日本
AA8: 号
A10: 築造計画概要書 （第一面）
A12: [ | B12: １． 築造主 ] | AE12: 築造主ごとに住所が異なる場合に対応しておりません。
B13: [ｲ． 氏名のフリガナ] | H13: =建築主氏名１フリガナ | AE13: 左側画面に上書きで入力し、修正してください。
B14: [ﾛ． 氏名] | H14: =建築主氏名１
B15: [ﾊ． 郵便番号] | H15: =建築主郵便番号 | AE15: －－－以下は「他の建築主」より参照－－－
B16: [ﾆ． 住所] | H16: =建築主住所 | AF16: （１）
AF17: =建築主氏名2フリガナ
A18: [ | B18: ２． 代理者 ] | AF18: =建築主氏名2
B19: [ｲ． 資格] | H19: ="("&代理者資格&") 建築士 （"&代理者登録種類&"）登録 第 "&代理者登録番号&" 号" -> () 建築士 （）登録 第 号 | AF19: =建築主郵便番号2
B20: [ﾛ． 氏名] | H20: =代理者氏名 | AF20: =建築主住所2
B21: [ﾊ． 建築士事務所名] | H21: ="("&代理者事務所名資格&") 建築士事務所 （"&代理者事務所名登録種類&"）知事登録 第 "&代理者事務所登録番号&" 号" -> () 建築士事務所 （）知事登録 第 号 | AF21: （２）
H22: =代理者事務所名 | AF22: =建築主氏名3フリガナ
B23: [ﾆ． 郵便番号] | H23: =代理者郵便番号 | AF23: =建築主氏名3
B24: [ﾎ． 所在地] | H24: =代理者所在地 | AF24: =建築主郵便番号3
B25: [ﾍ． 電話番号] | H25: =代理者電話番号 | AF25: =建築主住所3
A26: [ | B26: ３． 設計者 ] | AF26: （３）
B27: （代表となる設計者） | AF27: =建築主氏名4フリガナ
B28: [ｲ． 資格] | H28: ="("&設計者資格&") 建築士 （"&設計者登録種類&"）登録 第 "&設計者登録番号&" 号" -> () 建築士 （）登録 第 号 | AF28: =建築主氏名4
B29: [ﾛ． 氏名] | H29: =設計者氏名 | AF29: =建築主郵便番号4
B30: [ﾊ． 建築士事務所名] | H30: ="("&設計者事務所名資格&") 建築士事務所 （"&設計者事務所名登録種類&"）知事登録 第 "&設計者事務所登録番号&" 号" -> () 建築士事務所 （）知事登録 第 号 | AF30: =建築主住所4
H31: =設計者事務所名
B32: [ﾆ． 郵便番号] | H32: =設計者郵便番号
B33: [ﾎ． 所在地] | H33: =項目一覧!$C$32
B34: [ﾍ． 電話番号] | H34: =設計者電話番号
B35: [ﾄ． 作成した設計図書] | H35: =項目一覧!$C$35
B37: （その他の設計者）
B38: [ｲ． 資格] | H38: ="("&設計者資格その他１&") 建築士 （"&設計者登録種類その他１&"）登録 第 "&設計者登録番号その他１&" 号" -> () 建築士 （）登録 第 号
B39: [ﾛ． 氏名] | H39: =設計者氏名その他１
B40: [ﾊ． 建築士事務所名] | H40: ="("&設計者事務所名資格その他１&") 建築士事務所 （"&設計者事務所名登録種類その他１&"）知事登録 第 "&設計者事務所登録番号その他１&" 号" -> () 建築士事務所 （）知事登録 第 号
H41: =設計者事務所名その他１
B42: [ﾆ． 郵便番号] | H42: =設計者郵便番号その他１
B43: [ﾎ． 所在地] | H43: =項目一覧!$C$199
B44: [ﾍ． 電話番号] | H44: =設計者電話番号その他１
B45: [ﾄ． 作成した設計図書] | H45: =項目一覧!$C$202
B47: [ｲ． 資格] | H47: ="("&設計者資格その他２&") 建築士 （"&設計者登録種類その他２&"）登録 第 "&設計者登録番号その他２&" 号" -> () 建築士 （）登録 第 号
B48: [ﾛ． 氏名] | H48: =設計者氏名その他２
B49: [ﾊ． 建築士事務所名] | H49: ="("&設計者事務所名資格その他２&") 建築士事務所 （"&設計者事務所名登録種類その他２&"）知事登録 第 "&設計者事務所登録番号その他２&" 号" -> () 建築士事務所 （）知事登録 第 号
H50: =設計者事務所名その他２
B51: [ﾆ． 郵便番号] | H51: =設計者郵便番号その他２
B52: [ﾎ． 所在地] | H52: =項目一覧!$C$213
B53: [ﾍ． 電話番号] | H53: =設計者電話番号その他２
B54: [ﾄ． 作成した設計図書] | H54: =項目一覧!$C$222
B56: [ｲ． 資格] | H56: () 建築士 （）登録 第 号
B57: [ﾛ． 氏名]
B58: [ﾊ． 建築士事務所名] | H58: () 建築士事務所 （）知事登録 第 号
B60: [ﾆ． 郵便番号]
B61: [ﾎ． 所在地]
B62: [ﾍ． 電話番号]
B63: [ﾄ． 作成した設計図書]
A65: [ | B65: ４． 工事施工者 ]
B66: [ｲ． 氏名] | H66: =施工者氏名
B67: [ﾛ． 営業所名] | H67: ="建設業の許可 ("&施工者営業所名登録種類&") 第 （"&施工者営業所名資格&"）"&施工者営業所登録番号&"号" -> 建設業の許可 () 第 （）号
H68: =施工者営業所名
B69: [ﾊ． 郵便番号] | H69: =施工者郵便番号
B70: [ﾆ． 所在地] | H70: =施工者所在地
B71: [ﾎ． 電話番号] | H71: =施工者電話番号
A72: [ | B72: ５． 敷地の位置 ]
B73: [ｲ． 地名地番] | F73: =地名地番県&地名地番市町&地名地番その他
B74: [ﾛ． 住居表示] | F74: =住居表示県&住居表示市町&住居表示その他
B75: [ﾊ． 用途地域]
B76: [ﾆ． その他の区域又は地区]
A77: [ | B77: ６． 工作物の概要 ]
B78: [ｲ． 種類] | E78: （区分 | J78: ）
B79: [ﾛ． 高さ] | L79: ｍ
B80: [ﾊ． 工事種別] | F80: □ | G80: 新築 | I80: □ | J80: 増築 | L80: □ | M80: 改築 | O80: □ | P80: その他（ | AA80: ）
F81: （ | G81: 申請部分 | M81: ）（ | N81: 申請以外の部分 | T81: ）（ | U81: 合計 | AA81: ）
B82: [ﾆ． 築造面積] | F82: （ | M82: ）（ | T82: ）（ | AA82: ）
B83: [ﾎ． 工作物の数] | F83: （ | M83: ）（ | T83: ）（ | AA83: ）
B84: [ﾍ． その他必要な事項]
A85: [ | B85: ７． 工事着手予定年月日 ] | M85: 年 | O85: 月 | Q85: 日
A86: [ | B86: ８． 工事完了予定年月日 ] | M86: 年 | O86: 月 | Q86: 日
A87: [ | B87: ９． 特定工程工事終了予定年月日 ] | U87: ( 特 定 工 程 ）
E88: (第 | H88: 回) | M88: 年 | O88: 月 | Q88: 日 | R88: ( | AA88: )
E89: (第 | H89: 回) | M89: 年 | O89: 月 | Q89: 日 | R89: ( | AA89: )
A90: [ | B90: １０． 許可等 ]
A92: [ | B92: １１． 備考 ]
A96: 築造計画概要書 （第二面）
B97: （付近見取図）
B121: （配置図）

Sheet 計画変更（工作物） (2)
A1: 計画変更確認申請書（工作物２） | Q1: 作業メニュー | AD1: ※直接入力してください
B3: =IF(作業メニュー!AM13=TRUE, "第四十二号の十二様式（第八条の二の六関係）（Ａ４） ", "第十四号様式（第三条、第三条の三関係）") -> 第十四号様式（第三条、第三条の三関係）
D4: =IF(作業メニュー!AM13=TRUE, "建築基準法第88条第２項において準用する同法第18条第２項又は第４項の規定による ", "")
B5: =IF(作業メニュー!AM13=TRUE, "計画変更通知書 （工作物）", "計画変更確認申請書 （工作物）") -> 計画変更確認申請書 （工作物）
N7: （第一面）
C9: =IF(作業メニュー!AM13=TRUE, " 建築基準法第88条第２項において準用する同法第18条第２項又は第４項の規定により計画の変更を通知します。", " 建築基準法第８８条第２項において準用する同法第６条第１項又は第６条の２第１項の規定による計画の変更の確認を申請します。この申請書及び添付図書に記載の事項は、事実に相違ありません。") -> 建築基準法第８８条第２項において準用する同法第６条第１項又は第６条の２第１項の規定による計画の変更の確認を申請します。この申請書及び添付図書に記載の事項は、事実に相違ありません。
B16: =IF('確認申請書（建築）入力'!$M$4=0,"",'確認申請書（建築）入力'!$M$4) -> 指定確認検査機関 株式会社東日本住宅評価センター 様
W17: =IF(作業メニュー!AM13=TRUE, "第", "") | AB17: =IF(作業メニュー!AM13=TRUE, "号", "")
U19: 年 月 日
P25: =IF(項目一覧!$C$183=0,"",項目一覧!$C$183)
J26: =IF(作業メニュー!AM13=TRUE, " 通 知 者 官 職", " 申 請 者 氏 名") -> 申 請 者 氏 名 | P26: =IF(項目一覧!$C$4=0,"",項目一覧!$C$4)
D33: =IF(作業メニュー!AM13=TRUE, "[計画を変更する工作物の直前の審査]", "[計画を変更する工作物の直前の確認]") -> [計画を変更する工作物の直前の確認]
E34: [確認済証番号] | K34: 第東日本 | T34: 号
E35: [確認済証交付年月日] | N35: 年 | Q35: 月 | T35: 日
E36: [確認済証交付者] | K36: 株式会社 東日本住宅評価センター
E37: [計画変更の概要]
B39: ※ 受付欄 | I39: ※ 決裁欄 | U39: ※ 確認番号欄
I40: 別紙による | U40: 年 月 日
U41: 第 東日本 号
U42: 日付、番号は別紙による
A49: （第二面）
A50: [ | B50: １． 築造主 ]
B51: [ｲ． 氏名のフリガナ] | G51: =IF(項目一覧!$C$21=0,"",項目一覧!$C$21&" ")&IF(項目一覧!$C$5=0,"",項目一覧!$C$5)
B52: [ﾛ． 氏名] | G52: =IF(項目一覧!$C$183=0,"",項目一覧!$C$183&" ")&IF(項目一覧!$C$4=0,"",項目一覧!$C$4)
B53: [ﾊ． 郵便番号] | G53: =IF(項目一覧!$C$6=0,"",項目一覧!$C$6)
B54: [ﾆ． 住所] | G54: =IF(項目一覧!$C$7=0,"",項目一覧!$C$7)
B55: [ﾎ． 電話番号] | G55: =IF(項目一覧!$C$8=0,"",項目一覧!$C$8)
A56: [ | B56: ２． 代理者 ]
B57: [ｲ． 資格] | G57: =IF(項目一覧!$C$9=0,"","("&項目一覧!$C$9&") 建築士 （"&項目一覧!$C$10&"）登録 第 "&項目一覧!$C$11&" 号") -> () 建築士 （）登録 第 号
B58: [ﾛ． 氏名] | G58: =IF(項目一覧!$C$12=0,"",項目一覧!$C$12)
B59: [ﾊ． 建築士事務所名] | G59: =IF(項目一覧!$C$13=0,"","("&項目一覧!$C$13&") 建築士事務所 （"&項目一覧!$C$14&"）知事登録 第 "&項目一覧!$C$15&" 号") -> () 建築士事務所 （）知事登録 第 号
G60: =IF(項目一覧!$C$16=0,"",項目一覧!$C$16)
B61: [ﾆ． 郵便番号] | G61: =IF(項目一覧!$C$17=0,"",項目一覧!$C$17)
B62: [ﾎ． 所在地] | G62: =IF(項目一覧!$C$18=0,"",項目一覧!$C$18)
B63: [ﾍ． 電話番号] | G63: =IF(項目一覧!$C$19=0,"",項目一覧!$C$19)
A64: [ | B64: ３． 設計者 ]
B65: （代表となる設計者）
B66: [ｲ． 資格] | G66: =IF(項目一覧!$C$22=0,"","("&項目一覧!$C$22&") 建築士 （"&項目一覧!$C$23&"）登録 第 "&項目一覧!$C$24&" 号") -> () 建築士 （）登録 第 号
B67: [ﾛ． 氏名] | G67: =IF(項目一覧!$C$25=0,"",項目一覧!$C$25)
B68: [ﾊ． 建築士事務所名] | G68: =IF(項目一覧!$C$27=0,"","("&項目一覧!$C$27&") 建築士事務所 （"&項目一覧!$C$28&"）知事登録 第 "&項目一覧!$C$29&" 号") -> () 建築士事務所 （）知事登録 第 号
G69: =IF(項目一覧!$C$30=0,"",項目一覧!$C$30)
B70: [ﾆ． 郵便番号] | G70: =IF(項目一覧!$C$31=0,"",項目一覧!$C$31)
B71: [ﾎ． 所在地] | G71: =IF(項目一覧!$C$32=0,"",項目一覧!$C$32)
B72: [ﾍ． 電話番号] | G72: =IF(項目一覧!$C$33=0,"",項目一覧!$C$33)
B73: [ﾄ． 作成した設計図書] | G73: =IF(項目一覧!$C$35=0,"",項目一覧!$C$35)
B75: （その他の設計者）
B76: [ｲ． 資格] | G76: =IF(項目一覧!$C$189=0,"","("&項目一覧!$C$189&") 建築士 （"&項目一覧!$C$190&"）登録 第 "&項目一覧!$C$191&" 号") -> () 建築士 （）登録 第 号
B77: [ﾛ． 氏名] | G77: =IF(項目一覧!$C$192=0,"",項目一覧!$C$192)
B78: [ﾊ． 建築士事務所名] | G78: =IF(項目一覧!$C$194=0,"","("&項目一覧!$C$194&") 建築士事務所 （"&項目一覧!$C$195&"）知事登録 第 "&項目一覧!$C$196&" 号") -> () 建築士事務所 （）知事登録 第 号
G79: =IF(項目一覧!$C$197=0,"",項目一覧!$C$197)
B80: [ﾆ． 郵便番号] | G80: =IF(項目一覧!$C$198=0,"",項目一覧!$C$198)
B81: [ﾎ． 所在地] | G81: =IF(項目一覧!$C$199=0,"",項目一覧!$C$199)
B82: [ﾍ． 電話番号] | G82: =IF(項目一覧!$C$200=0,"",項目一覧!$C$200)
B83: [ﾄ． 作成した設計図書] | G83: =IF(項目一覧!$C$202=0,"",項目一覧!$C$202)
B85: [ｲ． 資格] | G85: =IF(項目一覧!$C$203=0,"","("&項目一覧!$C$203&") 建築士 （"&項目一覧!$C$204&"）登録 第 "&項目一覧!$C$205&" 号") -> () 建築士 （）登録 第 号
B86: [ﾛ． 氏名] | G86: =IF(項目一覧!$C$206=0,"",項目一覧!$C$206)
B87: [ﾊ． 建築士事務所名] | G87: =IF(項目一覧!$C$208=0,"","("&項目一覧!$C$208&") 建築士事務所 （"&項目一覧!$C$209&"）知事登録 第 "&項目一覧!$C$210&" 号") -> () 建築士事務所 （）知事登録 第 号
G88: =IF(項目一覧!$C$211=0,"",項目一覧!$C$211)
B89: [ﾆ． 郵便番号] | G89: =IF(項目一覧!$C$212=0,"",項目一覧!$C$212)
B90: [ﾎ． 所在地] | G90: =IF(項目一覧!$C$213=0,"",項目一覧!$C$213)
B91: [ﾍ． 電話番号] | G91: =IF(項目一覧!$C$214=0,"",項目一覧!$C$214)
B92: [ﾄ． 作成した設計図書] | G92: =IF(項目一覧!$C$216=0,"",項目一覧!$C$216)
B94: [ｲ． 資格] | G94: =IF(項目一覧!$C$217=0,"","("&項目一覧!$C$217&") 建築士 （"&項目一覧!$C$218&"）登録 第 "&項目一覧!$C$219&" 号") -> () 建築士 （）登録 第 号
B95: [ﾛ． 氏名] | G95: =IF(項目一覧!$C$220=0,"",項目一覧!$C$220)
B96: [ﾊ． 建築士事務所名] | G96: =IF(項目一覧!$C$222=0,"","("&項目一覧!$C$222&") 建築士事務所 （"&項目一覧!$C$223&"）知事登録 第 "&項目一覧!$C$224&" 号") -> () 建築士事務所 （）知事登録 第 号
G97: =IF(項目一覧!$C$225=0,"",項目一覧!$C$225)
B98: [ﾆ． 郵便番号] | G98: =IF(項目一覧!$C$226=0,"",項目一覧!$C$226)
B99: [ﾎ． 所在地] | G99: =IF(項目一覧!$C$227=0,"",項目一覧!$C$227)
B100: [ﾍ． 電話番号] | G100: =IF(項目一覧!$C$228=0,"",項目一覧!$C$228)
B101: [ﾄ． 作成した設計図書] | G101: =IF(項目一覧!$C$230=0,"",項目一覧!$C$230)
A103: [ | B103: ４． 工事施工者 ]
B104: [ｲ． 氏名] | G104: =IF(項目一覧!$C$55=0,"",項目一覧!$C$55)
B105: [ﾛ． 営業所名] | G105: =IF(項目一覧!$C$56=0,"","建設業の許可 ("&項目一覧!$C$56&") 第 （"&項目一覧!$C$57&"） "&項目一覧!$C$58&" 号") -> 建設業の許可 () 第 （） 号
G106: =IF(項目一覧!$C$59=0,"",項目一覧!$C$59)
B107: [ﾊ． 郵便番号] | G107: =IF(項目一覧!$C$60=0,"",項目一覧!$C$60)
B108: [ﾆ． 住所] | G108: =IF(項目一覧!$C$61=0,"",項目一覧!$C$61)
B109: [ﾎ． 電話番号] | G109: =IF(項目一覧!$C$62=0,"",項目一覧!$C$62)
A110: [ | B110: ５． 敷地の位置 ]
B111: [ｲ． 地名地番] | F111: =IF(項目一覧!$C$69=0,"",IF(項目一覧!$C$71=0,項目一覧!$C$69&項目一覧!$C$70,項目一覧!$C$69&項目一覧!$C$70&項目一覧!$C$71))
B112: [ﾛ． 住居表示] | F112: =IF(項目一覧!$C$72=0,"",IF(項目一覧!$C$74=0,項目一覧!$C$72&項目一覧!$C$73,項目一覧!$C$72&項目一覧!$C$73&項目一覧!$C$74))
B113: [ﾊ． 用途地域]
B114: [ﾆ． その他の区域又は地区]
A115: [ | B115: ６． 工作物の概要 ] | H115: （番号 | M115: ）
B116: [ｲ． 種類] | E116: （区分 | J116: ）
B117: [ﾛ． 高さ] | L117: ｍ
B118: [ﾊ． 工事種別] | F118: □ | G118: 新築 | I118: □ | J118: 増築 | L118: □ | M118: 改築 | O118: □ | P118: その他（ | AA118: ）
F119: （ | G119: 申請部分 | M119: ）（ | N119: 申請以外の部分 | T119: ）（ | U119: 合計 | AA119: ）
B120: [ﾆ． 築造面積] | F120: （ | M120: ）（ | T120: ）（ | AA120: ）
B121: [ﾎ． 工作物の数] | F121: （ | M121: ）（ | T121: ）（ | AA121: ）
B122: [ﾍ． その他必要な事項]
A123: [ | B123: ７． 工事着手予定年月日 ] | M123: 年 | O123: 月 | Q123: 日
A124: [ | B124: ８． 工事完了予定年月日 ] | M124: 年 | O124: 月 | Q124: 日
A125: [ | B125: ９． 特定工程工事終了予定年月日 ] | U125: ( 特 定 工 程 ）
E126: (第 | H126: 回) | M126: 年 | O126: 月 | Q126: 日 | R126: ( | AA126: )
E127: (第 | H127: 回) | M127: 年 | O127: 月 | Q127: 日 | R127: ( | AA127: )
A128: [ | B128: １０． 許可等 ]
A130: [ | B130: １１． 備考 ]

Sheet 仮使用認定申請書印刷
B1: 仮使用認定申請書 印刷 | AD1: ※直接入力してください。
X2: 作業メニュー
A4: =IF(作業メニュー!AM13=TRUE, "第四十二号の二十一様式（第八条の二の二関係）（Ａ４）", "第三十四号様式（第四条の十六関係）（Ａ４）") -> 第三十四号様式（第四条の十六関係）（Ａ４）
A7: 仮使用認定申請書
A8: （第一面）
A13: =IF(作業メニュー!AM13=TRUE, " 建築基準法第18条第38項第２号（同法第87条の４又は第88条第１項若しくは第２項において準用する場合を含む。）の規定による仮使用の認定を申請します。", " 建築基準法第７条の６第１項第2号（同法第87条の４第１項又は第88条第１項若しくは第２項において準用する場合を含む。）の規定による仮使用の認定を申請します。") -> 建築基準法第７条の６第１項第2号（同法第87条の４第１項又は第88条第１項若しくは第２項において準用する場合を含む。）の規定による仮使用の認定を申請します。
A17: 指定確認検査機関 株式会社東日本住宅評価センター 様
V21: =IF(作業メニュー!AM13=TRUE, "第", "") | AB21: =IF(作業メニュー!AM13=TRUE, "号", "")
T22: 年 月 日
P26: =項目一覧!$C$183
J27: =IF(作業メニュー!AM13=TRUE, " 申 請 者 官 職", " 申 請 者 氏 名") -> 申 請 者 氏 名 | P27: =建築主氏名１
A33: 【仮使用の認定を申請する建築物等】
B34: □ | C34: 建築物 | J34: □ | K34: 建築設備（昇降機） | T34: □ | U34: 建築設備（昇降機以外）
B35: □ | C35: 工作物（昇降機） | J35: □ | K35: 工作物（法第88条第１項） | T35: □ | U35: 工作物（法第88条第２項）
A38: ※受付欄 | H38: ※決裁欄 | O38: ※認定番号 | V38: ※特記
H39: 別紙による | O39: 年 月 日
O41: 第仮使
U42: 号
O43: 日付、番号は別紙による
A48: （第二面）
A50: 【1.建築主、設置者又は築造主】
B51: 【ｲ.氏名のﾌﾘｶﾞﾅ】 | G51: =建築主氏名１フリガナ
B52: 【ﾛ.氏名】 | G52: =建築主氏名１
B53: 【ﾊ.郵便番号】 | G53: =建築主郵便番号
B54: 【ﾆ.住所】 | G54: =建築主住所
B55: 【ﾎ.電話番号】 | G55: =建築主電話番号
A57: 【2.代理者】
B58: 【ｲ.資格】 | H58: ="("&代理者資格&") 建築士 （"&代理者登録種類&"）登録 第 "&代理者登録番号&" 号" -> () 建築士 （）登録 第 号
B59: 【ﾛ.氏名】 | H59: =代理者氏名
B60: 【ﾊ.建築士事務所名】 | H60: ="("&代理者事務所名資格&") 建築士事務所 （"&代理者事務所名登録種類&"）知事登録 第 "&代理者事務所登録番号&" 号" -> () 建築士事務所 （）知事登録 第 号
H61: =代理者事務所名
B62: 【ﾆ.郵便番号】 | H62: =代理者郵便番号
B63: 【ﾎ.所在地】 | H63: =代理者所在地
B64: 【ﾍ.電話番号】 | H64: =代理者電話番号
A66: 【3.建築確認】
B67: 【ｲ.確認済証番号】 | J67: 第 | S67: 号
B68: 【ﾛ.確認済証交付年月日】 | J68: 年 月 日
B69: 【ﾊ.確認済証交付者】
A71: 【4.敷地の位置】
B72: 【ｲ.地名地番】 | F72: =地名地番県&地名地番市町&地名地番その他
B74: 【ﾛ.住居表示】 | F74: =住居表示県&住居表示市町&住居表示その他
A76: 【5.設置する建築物又は工作物】
B77: 【ｲ.所在地】
B78: 【ﾛ.名称のﾌﾘｶﾞﾅ】 | G78: =建築名称フリガナ
B79: 【ﾊ.名称】 | G79: =建築名称
A81: 【6.仮使用の用途】
A84: 【7.工事完了予定年月日】 | J84: 年 月 日
A86: 【8.仮使用期間】 | H86: 年 月 日 | P86: から | R86: 年 月 日 | Z86: まで
A88: 【9.申請の理由】
A91: 【10.備考】

Sheet 軽微な変更説明書
A1: 軽微な変更説明書 | R1: 作業メニュー | Y1: ※直接入力してください
A2: 様式C－05
A3: 軽微な変更説明書
A4: （完了検査申請書第３面10.欄、中間検査申請書第３面11.欄 別紙）
A7: 下記について、確認済証又は中間検査合格証の交付を受けた日以降に建築基準法施行規則第３条の２に
A8: 規定される軽微な変更がありますので、当該変更の内容を下記の通り説明します。
B9: 指定確認検査機関 株式会社東日本住宅評価センター様
R10: 年 月 日
M12: 申請者又は代理者 | R12: 氏名
M14: 記
A15: （１） | C15: 確認年月日・番号 | J15: 年 月 日 | R15: 第 東日本 | Y15: 号
A16: （２） | C16: 建築主等氏名＊
A17: （３） | C17: 敷地の地名地番
A18: （４） | C18: 変更の概要 （建築物省エネ法上の軽微な変更を除きます。軽微な変更に該当する理由も記載してください。）
A30: （５） | C30: 添付図書・書類のリスト
A36: （６） | C36: 備考（検査引受後で、番号が確認番号と異なる場合は、引受の年月日・番号）
A38: ※当機関確認欄 （軽微変更の根拠） | S38: ※受付印
A39: 規則3条の2の適用 | B39: □ | C39: 1号 | D39: 道路幅員・接道長さ | K39: □ | L39: 11号 | M39: 構造耐力上主要な部分以外の部分
B40: □ | C40: 2号 | D40: 敷地面積の増加 | K40: □ | L40: 12号 | M40: 天井の材料、構造、位置の変更
B41: □ | C41: 3号 | D41: 高さの減少 | K41: □ | L41: 13号 | M41: 建築物の材料、構造の変更
B42: □ | C42: 4号 | D42: 階数の減少 | K42: □ | L42: 14号 | M42: 井戸の位置変更
B43: □ | C43: 5号 | D43: 建築面積の減少 | K43: □ | L43: 15号 | M43: 開口部の位置、大きさの変更
B44: □ | C44: 6号 | D44: 床面積の合計の減少 | K44: □ | L44: 16号 | M44: 建築設備の材料、位置又は能力
B45: □ | C45: 7号 | D45: 用途の変更（類似用途） | K45: □ | L45: 17号 | M45: 平成28年国交省告1438号で 国土交通大臣が定める変更
B46: □ | C46: 8号 | D46: 基礎杭、二次部材の位置変更
B47: □ | C47: 9号 | D47: 構造耐力上主要な部分 | K47: □ | L47: その他特定行政庁が認めるもの等
B48: □ | C48: 10号 | D48: 特定木造建築物の構造耐力上主要な部分 | K48: □ | L48: 個別照会
A49: □ | B49: 審査特例（令第10条、令第136条の２の11）
A50: □
A51: ＊建築主等には、設置者及び築造主を含みます。

Sheet 記載内容変更訂正届
A1: 記載内容変更訂正届 | R1: 作業メニュー | Y1: ※直接入力してください
A2: 様式Ｃ－02
A4: 記載内容変更訂正届
Q6: ※受 付 欄 | S6: 株式会社東日本
B7: 下記について、株式会社東日本住宅評価センター | S7: 住宅評価センター
B8: 確認検査業務約款第10条第１項の規定により、変更・
B9: 訂正します。
B13: 指定確認検査機関 株式会社東日本住宅評価センター 様
R14: 年 月 日
L16: 申請者又は代理者 | Q16: 氏名
B18: なお、この届出は、次の者にその行為を委任します。
B20: 建築主等の委任を受け、その意思と判断に基づき、当該届け出の提出を行います。
C21: 代理者 | F21: 会社名
F22: 住所
F23: 氏名 | P23: 電話番号
L24: 記
A25: （１） | C25: 確認年月日・番号 | J25: 年 月 日 | R25: 第 東日本 | Y25: 号
A26: （２） | C26: 建築主等氏名 ※
A27: （３） | C27: 敷地の地名地番
A28: （４） | C28: 変更・訂正の内容
A44: （７） | C44: 備考（検査引受後で、番号が確認番号と異なる場合は、引受の年月日・番号）
A46: ※ | B46: 建築主等には、設置者及び築造主を含みます。
A47: ※ | B47: 確認申請時、検査申請時と異なる代理者が当該届出を提出する場合には代理者欄に記載をお願い致します。
A48: ＊ | B48: 対象となる図書・書類の写しを添付してください。 | N48: ＊ | O48: 一の確認番号に係る内容について記載してください。

Sheet 確認取下
A1: 確認申請取り下げ届 | P1: 作業メニュー | U1: ※直接入力してください
B3: 様式Ｂ－０３
B5: =IF(作業メニュー!AM13=TRUE, "計画通知取下げ届", "確認申請取下げ届") -> 確認申請取下げ届
Q7: ※受 付 欄 | S7: 株式会社東日本
S8: 住宅評価センター
C10: 下記の申請は、都合により取下げたいので、株式会社東日本住宅評価センター確認検査業務規程第２３条の規定により届け出ます。
S18: 令和 | V18: 年 | X18: 月 | Z18: 日
C20: 指定確認検査機関 株式会社東日本住宅評価センター 様
P27: 申請者又は代理者 | R27: 氏名
M33: 記
D35: 引受年月日 | K35: 令和 | N35: 年 | P35: 月 | R35: 日
B36: （１）
D37: 及び引受番号 | K37: 第 | L37: 東日本 | T37: 号
B39: （２） | D39: 敷地の地名地番
B42: （３） | D42: 建築物等の用途

Sheet 工事取止
A1: 工事取止め届 | P1: 作業メニュー | U1: ※直接入力してください
B3: 様式C－１６
B5: 工 事 取 止 め 届
Q7: ※受 付 欄 | S7: 株式会社東日本
D8: 下記の確認を受けた建築物（建築設備･工作物）は建築(設置･築造)を取止めましたので、株式会社東日本住宅評価センター確認検査業務約款第11条の２の規定により届け出ます。 | S8: 住宅評価センター
S16: 令和 | V16: 年 | X16: 月 | Z16: 日
C18: 指定確認検査機関 株式会社東日本住宅評価センター 様
P25: 申請者又は代理者 | R25: 氏名
N32: 記
D34: 確認済証交付年月日 | K34: 令和 | N34: 年 | P34: 月 | R34: 日
B35: （１）
D36: 確認済証番号 | K36: 第 | L36: 東日本 | T36: 号
B38: （２） | D38: 敷地の地名地番
B41: （３） | D41: 建築物等の用途
B43: 注） | C43: 業務約款第11条の２の規定に基づき、確認済証（原本）とともに提出願います。
C44: 紙原本で提出願います。

Sheet 中間検査取下
A1: 中間検査申請取下げ届 | P1: 作業メニュー | T1: ※直接入力してください
B3: 様式Ｂ－０９
B5: =IF(作業メニュー!AM13=TRUE, "特定工事終了通知取下げ届", "中間検査申請取下げ届") -> 中間検査申請取下げ届
Q7: ※受 付 欄 | S7: 株式会社東日本
S8: 住宅評価センター
C10: 下記の申請は、都合により取下げたいので、株式会社東日本住宅評価センター確認検査業務規程第３０条の規定により届け出ます。
R18: 令和 | U18: 年 | W18: 月 | Y18: 日
C20: 指定確認検査機関 株式会社東日本住宅評価センター 様
P27: 申請者又は代理者 | R27: 氏名
N33: 記
D35: 引受年月日 | L35: 令和 | O35: 年 | Q35: 月 | S35: 日
B36: （１）
D37: 及び引受番号 | L37: 第東日本 | W37: 号
B38: （２） | D38: 敷地の地名地番
B41: （３） | D41: 建築物等の用途

Sheet 完了検査取下
A1: 完了検査申請取下げ届 | P1: 作業メニュー | T1: ※直接入力してください
B3: 様式Ｂ－１２
B5: =IF(作業メニュー!AM13=TRUE, "工事完了通知取下げ届", "完了検査申請取下げ届") -> 完了検査申請取下げ届
Q7: ※受 付 欄 | S7: 株式会社東日本
S8: 住宅評価センター
C10: 下記の申請は、都合により取下げたいので、株式会社東日本住宅評価センター確認検査業務規程第３６条の規定により届け出ます。
R18: 令和 | U18: 年 | W18: 月 | Y18: 日
C20: 指定確認検査機関 株式会社東日本住宅評価センター 様
P27: 申請者又は代理者 | R27: 氏名
N33: 記
D35: 引受年月日 | L35: 令和 | O35: 年 | Q35: 月 | S35: 日
B36: （１）
D37: 及び引受番号 | L37: 第東日本 | Y37: 号
B38: （２） | D38: 敷地の地名地番
B41: （３） | D41: 建築物等の用途

Sheet 仮使用申請取下
A1: 仮使用申請取下げ届 | P1: 作業メニュー | T1: ※直接入力してください
B3: 様式Ｂ－１３
B5: 仮使用認定申請取下げ届
Q7: ※受 付 欄 | S7: 株式会社東日本
S8: 住宅評価センター
C10: 下記の申請は、都合により取下げたいので、株式会社東日本住宅評価センター確認検査業務規程第４４条第１項の規定により届け出ます。
S18: 令和 | V18: 年 | X18: 月 | Z18: 日
C20: 指定確認検査機関 株式会社東日本住宅評価センター 様
P27: 申請者又は代理者 | R27: 氏名
M33: 記
D35: 引受年月日 | K35: 令和 | N35: 年 | P35: 月 | R35: 日
B36: （１）
D37: 及び引受番号 | K37: 第 | L37: 仮使 | T37: 号
B39: （２） | D39: 敷地の地名地番
B42: （３） | D42: 建築物の用途

Sheet 建築主変更
A1: 建築主変更届 | S1: 作業メニュー | X1: ※直接入力してください
A2: 様式C-06
A3: 建築主等変更届
V5: ※ | X5: 株式会社東日本
V6: 受付欄 | X6: 住宅 評価センター
B7: 下記のとおり建築主等＊を変更したいので、株式会社
B8: 東日本住宅評価センター確認検査業務約款第11条の
B9: 規定により届け出ます。
T14: 令和 | W14: 年 | Z14: 月 | AC14: 日
B15: 指定確認検査機関
B16: 株式会社 東日本住宅評価センター | L16: 様
R19: 申請者又は代理者 | T19: 氏名
A22: 記
A24: （１） | D24: 変更前 | G24: 氏名
A25: 建築主等
G26: 住所
D28: 変更後 | G28: フリガナ
G29: 氏名
G31: 住所 | J31: 郵便番号
U33: 電話番号
B34: （２） | D34: 確認年月日・番号 | M34: 年 | P34: 月 | S34: 日 | U34: 第 東日本 | AD34: 号
B35: （３） | D35: 敷地の地名地番
B36: （４） | D36: 建築物等の用途
B38: （５） | D38: 変更の期日 | K38: 変更の期日 | O38: ： | P38: 令和 | T38: 年 | W38: 月 | Z38: 日
K39: (記入がない場合は届出日と同日とみなす。)
B40: （６） | D40: 確認済証交付後確認済証（原本）添付の有無 | T40: □ | U40: 有 | X40: □ | Y40: 無
B41: （７） | D41: 備考（検査引受後で、番号が確認番号と異なる場合は、引受の年月日・番号）
A43: ＊ | B43: 建築主等には、設置者及び築造主を含みます。
B44: 建築主等が追加される場合は、確認申請書第２面別紙を添付願います。
B45: 確認済証等交付後の日付の建築主等の変更で、（６）にチェックのない場合は、無とみなします。

Sheet 工事監理者届
A1: 工事監理者届 | Q1: 作業メニュー | U1: ※直接入力してください
B3: 様式C-07
A5: 工 事 監 理 者 届
S7: ※受 付 欄 | U7: 株式会社東日本
C8: 下記のとおり工事監理者を選任したので、株式会社東日本住宅評価センター確認検査業務約款第11条の規定により届け出ます。 | U8: 住宅評価センター
S15: 令和 | V15: 年 | X15: 月 | Z15: 日
D17: 指定確認検査機関 株式会社東日本住宅評価センター 様
P21: 申請者又は代理者 | R21: 氏名
B24: 記
B26: （１） | E26: 選任 | G26: 工事監理者 | L26: □ | M26: 代表となる工事監理者 | T26: □ | U26: その他の工事監理者
B27: 工事監理者 | G27: 資 格 | K27: （ ）建築士 （ ）登録 | U27: 第 | Z27: 号
G28: 氏 名
G30: 建築士事務所の | K30: （ | N30: ）建築士事務所 （ | T30: ）登録 | V30: 第 | Z30: 号
G31: 名称
G32: 郵便番号
G33: 所在地
G34: 電話番号 | Q34: 電話 | T34: （ | W34: ）
G35: 工事と照合する 設計図書
C37: （２） | E37: 確認年月日・引受番号 | K37: 令和 | N37: 年 | P37: 月 | R37: 日 | S37: 第東日本 | AA37: 号
C38: （３） | E38: 敷地の地名地番
C39: （４） | E39: 建築物等の用途
E40: 選任の期日
C41: （５） | L41: 令和 | P41: 年 | S41: 月 | V41: 日

Sheet 工事施工者届
A1: 工事施工者届 | Q1: 作業メニュー | U1: ※直接入力してください
B3: 様式C-08
A5: 工 事 施 工 者 届
S7: ※受 付 欄 | U7: 株式会社東日本
C8: 下記のとおり工事施工者を選任したので、株式会社東日本住宅評価センター確認検査業務約款第11条の規定により届け出ます。 | U8: 住宅評価センター
S15: 令和 | V15: 年 | X15: 月 | Z15: 日
D17: 指定確認検査機関 株式会社東日本住宅評価センター 様
P21: 申請者又は代理者 | R21: 氏名
B25: 記
B27: （１） | E27: 選任 | G27: 氏 名
B28: 工事施工者
G29: 営業所名 | K29: 建設業の許可（ | S29: ） | T29: 第 | AA29: 号
G31: 郵便番号
G32: 所在地
G33: 電話番号 | P33: 電話 | T33: （ | W33: ）
C34: （２） | E34: 確認年月日・引受番号 | K34: 令和 | N34: 年 | P34: 月 | R34: 日 | T34: 第 | U34: 東日本 | AA34: 号
C35: （３） | E35: 敷地の地名地番
C36: （４） | E36: 建築物等の用途
E37: 選任の期日
C38: （５） | L38: 令和 | P38: 年 | S38: 月 | V38: 日

Sheet 完了追加説明書
A1: 完了検査追加説明書 | Q1: 作業メニュー | U1: ※直接入力してください
A3: 様式Ｂ－10
A4: 完了検査追加説明書
Q6: ※受 付 欄 | S6: 株式会社東日本
B7: 建築基準法施行規則第４条の５の２に基づき、検査済証 | S7: 住宅評価センター
B8: を交付できない旨の通知書で追加説明を求められましたので、
B9: 株式会社東日本住宅評価センター確認検査業務規程
B10: 第35条の２の規定に基づき、別添を添えて提出します。
B13: 指定確認検査機関 株式会社東日本住宅評価センター 様
R15: 年 月 日
K17: 申請者又は代理者 | Q17: 氏名
K19: 設計者（又は | Q19: 氏名
K20: 工事監理者）
L22: 記
A23: （１） | C23: 確認年月日・番号 | J23: 年 月 日 | R23: 第 東日本 | Y23: 号
A24: （２） | C24: 建築主等氏名＊
A25: （３） | C25: 敷地の地名地番
A26: （４） | C26: 建築物等の用途
A27: （５） | C27: 追加説明の概要 （別添図面参照）
A34: （６） | C34: 添付図書のリスト
A37: （７） | C37: 備考（識別番号又は検査引受後で、番号が確認番号と異なる場合は、引受の年月日・番号）
A40: 当機関確認欄 （手続きの種別）
A41: □ | B41: 計画変更相当
B42: 軽微変更相当 （施行規則第３条の２適用等）下記の該当項目に必ずチェックすること
B43: □ | C43: 1号 | D43: 道路幅員・接道長さ | I43: □ | J43: 8号 | K43: 基礎杭、二次部材の位置変更 | R43: □ | S43: 15号 | T43: 開口部の位置、大きさの変更
B44: □ | C44: 2号 | D44: 敷地面積の増加 | I44: □ | J44: 9号 | K44: 構造耐力上主要な部分 | R44: □ | S44: 16号 | T44: 建築設備の材料、位置又は能力
B45: □ | C45: 3号 | D45: 高さの減少 | I45: □ | J45: 10号 | K45: 特定木造建築物の構造耐力上主要な部分 | R45: □ | S45: 17号 | T45: 平成28年国交省告1438号で 国土交通大臣が定める変更
B46: □ | C46: 4号 | D46: 階数の減少 | I46: □ | J46: 11号 | K46: 構造耐力上主要な部分以外の部分
B47: □ | C47: 5号 | D47: 建築面積の減少 | I47: □ | J47: 12号 | K47: 天井の材料、構造、位置の変更 | R47: □ | S47: その他特定行政庁が認めるもの等
B48: □ | C48: 6号 | D48: 床面積の合計の減少 | I48: □ | J48: 13号 | K48: 建築物の材料、構造の変更 | R48: □ | S48: 個別照会
B49: □ | C49: 7号 | D49: 用途の変更（類似用途） | I49: □ | J49: 14号 | K49: 井戸の位置変更
B50: □ | C50: 審査特例（令第10条、令第136条の２の11）
A51: 注） | B51: １、消防同意を受けた物件は、事前に消防長等との調整を行ってください。
B52: ２、新たに許認可を要することとなる場合は、許認可証の写しを添付してください。
B53: ３、その他関係行政庁と調整が必要であれば事前におこなってください。調整結果等は、備考欄に記入してください。
B54: ４、設計図書の添付がない場合に限り、設計者ではなく工事監理者の記名で差し支えありません。
B55: ５、確認申請書の内容に変更がある場合は、建築計画概要書を添付してください。
A56: ＊ 建築主等には、設置者及び築造主を含みます。

Sheet 注記（確認申請建築時）
A1: 注記（確認申請建築時） | K1: 作業メニュー
A2: =IF(作業メニュー!AM13=TRUE, "（注意）", "")
A3: =IF(作業メニュー!AM13=TRUE, "１． 第２面から第６面までとして別記第２号様式の第２面から第６面までに記載すべき事項を記載した書類を添えてください。", "")
A4: =IF(作業メニュー!AM13=TRUE, "２． 別記第２号様式の（注意）に準じて記入してください。", "")
A5: =IF(作業メニュー!AM13=TRUE, "【下記 別記第2号様式（注意）】", "")
A6: （注意）
A7: １． | B7: 各面共通関係
B8: 数字は算用数字を、単位はメートル法を用いてください。
A10: ２． | B10: 第一面関係
C11: ※印のある欄は記入しないでください。
A13: ３． | B13: 第二面関係
B14: 1) | C14: 建築主が２以上のときは、１欄は代表となる建築主について記入し、別紙に他の建築主についてそれ
C15: ぞれ必要な事項を記入して添えてください。
B16: 2) | C16: 建築主からの委任を受けて申請を行う者がいる場合においては、２欄に記入してください。
B17: 3) | C17: ２欄、３欄及び５欄は､代理者、設計者又は工事監理者が建築士事務所に属しているときは、その名称を
C18: 書き、建築士事務所に属していないときは、所在地はそれぞれ代理者、設計者又は工事監理者の住所を書
C19: いてください。
B20: 4） | C20: ３欄の「ト」は、作成した又は建築士法第２０条の２第３項若しくは第２０条の３第３項の表示をした図書につ
C21: いて記入してください。
B22: 5) | C22: ３欄、４欄及び５欄は、それぞれ代表となる設計者、建築設備の設計に関し意見を聴いた者及び工事監理
C23: 者並びに申請に係る建築物に係る他のすべての設計者、建築設備の設計に関し意見を聴いた者及び工事
C24: 監理者について記入してください。３欄の設計者のうち、構造設計一級建築士又は設備設計一級建築士であ
C25: る旨の表示をした者がいる場合は、該当するチェックボックスに「レ」マークを入れてください。
C26: 記入欄が不足する場合には、別紙に必要な事項を記入して添えてください。
B27: 6) | C27: ４欄は、建築士法第２０条第５項に規定する場合（設計に係る場合に限る。）に、同項に定める資格を有す
C28: る者について記入し、所在地は、その者が勤務しているときは勤務先の所在地を、勤務していないときはそ
C29: の者の住所を、登録番号は建築士法施行規則第１７条の３５第１項の規定による登録を受けている場合の
C30: 当該登録番号を書いてください。
B31: 7) | C31: ５欄及び６欄は、それぞれ工事監理者又は工事施工者が未定のときは、後で定まってから工事着手前に
C32: 届け出てください。
B33: 8) | C33: ６欄は、工事施行者が２以上のときは、代表となる工事施工者について記入し、別紙に他の工事施工者に
C34: について棟別にそれぞれ必要な事項を記入して添えてください。
B35: 9) | C35: ７欄は、該当するチェックボックスに「レ」マークを入れ、申請済の場合には、申請をした都道府県名又は
C36: 指定構造計算適合性判定機関の名称及び事務所の所在地を記入してください。未申請の場合には、
C37: 申請する予定の都道府県名又は指定構造計算適合性判定機関の名称及び事務所の所在地を記入し、
C38: 申請をした後に、遅滞なく、申請をした旨（申請先を変更した場合においては、申請をした都道府県名又は
C39: 指定構造計算適合性判定機関の名称及び事務所の所在地を含む。）を届け出てください。なお、所在地に
C40: ついては、○○県○○市、郡○○町、村、程度で結構です。
B41: 10) | C41: ８欄は、該当するチェックボックスに「レ」マークを入れ、提出済の場合には、提出をした所管行政庁名又は
C42: 登録建築物エネルギー消費性能判定機関の名称及び事務所の所在地を記入してください。
C43: 未提出の場合には、提出する予定の所管行政庁名又は登録建築物エネルギー消費性能判定機関の名称
C44: 及び事務所の所在地を記入し、提出をした後に、遅滞なく、提出をした旨（提出先を変更した場合においては、
C45: 提出をした所管行政庁名又は登録建築物エネルギー消費性能判定機関の名称及び事務所の所在地を
C46: 含む。）を届け出てください。なお、所在地については、〇〇県〇〇市、郡〇〇町、村、程度で結構です。
C47: また、提出不要の場合には、建築物のエネルギー消費性能の向上等に関する法律施行規則
C48: 第２条第１項各号に掲げる特定建築行為のうち該当するものの号番号（同項第１号に該当する場合にあっては、
C49: 号番号及び同号イ又はロのうち該当するもの（気候風土適応住宅に該当する場合にあっては、その旨を含む。））
C50: を記入する等、提出が不要である理由を記入してください。特に必要がある場合には、各階平面図等の図書により
C51: その根拠を明らかにしてください。なお、建築に係る部分の床面積が10平方メートル以下である場合、建築基準法
C52: 第６条の４第１項第３号に掲げる建築物の建築である場合その他の提出が不要であることが明らかな場合は、
C53: 記入する必要はありません。
B54: 11) | C54: 建築物の名称又は工事名が定まっているときは、９欄に記入してください。
A56: ４． | B56: 第三面関係
B57: 1) | C57: 住居表示が定まっているときは、２欄に記入してください。
B58: 2) | C58: ３欄は、該当するチェックボックスに｢レ｣マークを入れてください。ただし、建築物の敷地が都市計画区域、
C59: 準都市計画区域又はこれらの区域以外の区域のうち２以上の区域にわたる場合においては、当該敷地の
C60: 過半の属する区域について記入してください。なお、当該敷地が３の区域にわたる場合で、かつ、当該敷地
C61: の過半の属する区域がない場合においては、都市計画区域又は準都市計画区域のうち、当該敷地の属
C62: する面積が大きい区域について記入してください。
B63: 3) | C63: ４欄は、該当するチェックボックスに｢レ｣マークを入れてください。なお、建築物の敷地が防火地域、準防
C64: 火地域又は指定のない区域のうち２以上の地域又は区域にわたるときは、それぞれの地域又は区域につ
C65: いて記入してください。
B66: 4) | C66: ５欄は、建築物の敷地が存する３欄及び４欄に掲げる区域及び地域以外の区域、地域、地区又は街区を
C67: 記入してください。なお、建築物の敷地が２以上の区域、地域、地区又は街区にわたる場合は、それぞれの
C68: 区域、地域、地区又は街区を記入してください。
B69: 5) | C69: ６欄は、建築物の敷地が２ｍ以上接している道路のうち最も幅員の大きなものについて記入してください。
B70: 6) | C70: ７欄の｢イ｣（１）は、建築物の敷地が、２以上の用途地域、高層住居誘導地区、居住環境向上用途誘導地区
C71: 若しくは特定用途誘導地区、建築基準法第５２条第１項第１号から第８号までに規定する容積率の異なる地域、
C72: 地区若しくは区域又は同法第５３条第１項第１号から第６号までに規定する建蔽率若しくは高層住居誘導地区
C73: に関する都市計画において定められた建築物の建蔽率の最高限度の異なる地域、地区若しくは区域（以下
C74: ｢用途地域が異なる地域等｣という。）にわたる場合においては、用途地域が異なる地域等ごとに、それぞれの
C75: 用途地域が異なる地域等に対応する敷地の面積を記入してください。
C76: ｢イ｣（２）は、同法第５２条第１２項の規定を適合する場合において、同条第１３項の規定に基づき、｢イ｣（１）
C77: で記入した敷地面積に対応する敷地の部分について、建築物の敷地のうち前面道路と壁面線又は壁面の
C78: 位置の制限として定められた限度の線との間の部分を除いた敷地の面積を記入してください。
B79: 7) | C79: ７欄の｢ロ｣、｢ハ｣及び｢ニ｣は、｢イ｣に記入した敷地面積に対応する敷地の部分について、それぞれ記入してください。
B80: 8) | C80: ７欄の｢ホ｣（１）は、｢イ｣（１）の合計とし、｢ホ｣（２）は、｢イ｣（２）の合計とします。
B81: 9) | C81: 建築物の敷地が、建築基準法第５２条第７項若しくは第９項に該当する場合又は同条第８項若しくは第
C82: １２項の規定が適用される場合においては、７欄の｢ヘ｣に、同条第７項又は第９項の規定に基づき定められ
C83: る当該建築物の容積率又は同条第８項若しくは第１２項の規定が適用される場合における当該建築物の
C84: 容積率を記入してください。
B85: 10) | C85: 建築物の敷地について、建築基準法第５７条の２第４項の規定により現に特例容積率の限度が公告され
C86: ているときは、７欄の「チ」にその旨及び当該特例容積率の限度を記入してください。
B87: 11) | C87: 建築物の敷地が建築基準法第５３条第２項若しくは同法第５７条の５第２項に該当する場合又は建築物
C88: が同法第５３条第３項、第５項若しくは第６項に該当する場合においては、７欄の｢ト｣に、同条第２項、第３
C89: 項、第５項又は第６項の規定に基づき定められる当該建築物の建蔽率を記入してください。
B90: 12) | C90: ８欄は、別紙の表の用途の区分に従い対応する記号を記入した上で、主要用途をできるだけ具
C91: 体的に記入してください。
B92: 13) | C92: ９欄は、該当するチェックボックスに｢レ｣マークを入れてください。
B93: 14) | C93: 10欄の「ロ」は、建築物に建築基準法施行令第2条第1項第2号に規定する特例軒等を設ける場合において、当該特例軒等のうち当該建築物の外壁又はこれに代わる柱の中心線から突き出た距離が水平距離１メートル以上５メートル未満のものにあっては当該中心線で囲まれた部分の水平投影面積を、当該中心線から突き出た距離が水平距離５メートル以上のものにあっては当該特例軒等の端から同号に規定する国土交通大臣が定める距離後退した線で囲まれた部分の水平投影面積を記入してください。その他の建築物である場合においては、10欄の「イ」と同じ面積を記入してください。
B99: 15) | C99: 都市計画区域内、準都市計画区域内及び建築基準法第68条の９第１項の規定に基づく条例により建築物の容積率の最高限度が定められた区域内においては、11欄の「ロ」に建築物の地階でその天井が地盤面からの高さ１メートル以下にあるものの住宅又は老人ホーム、福祉ホームその他これらに類するものの用途に供する部分、「ハ」にエレベーターの昇降路の部分、「ニ」に共同住宅又は老人ホーム、福祉ホームその他これらに類するものの共用の廊下又は階段の用に供する部分、「ホ」に住宅又は老人ホーム、福祉ホームその他これらに類するものに設ける機械室その他これに類する建築物の部分（建築基準法施行規則第10条の４の４に規定する建築設備を設置するためのものであって、同規則第10条４の５各号に掲げる基準に適合するものに限る。）で、特定行政庁が交通上、安全上、防火上及び衛生上支障がないと認めるもの、「ヘ」に自動車車庫その他の専ら自動車又は自転車の停留又は駐車のための施設（誘導車路、操車場所及び乗降場を含む。）の用途に供する部分、「ト」に専ら防災のために設ける備蓄倉庫の用途に供する部分、「チ」に蓄電池（床に据え付けるものに限る。）を設ける部分、「リ」に自家発電設備を設ける部分、「ヌ」に貯水槽を設ける部分、「ル」に宅配ボックス（配達された物品（荷受人が不在その他の事由により受け取ることができないものに限る。）の一時保管のための荷受箱をいう。）を設ける部分、「ワ」に住宅の用途に供する部分、「カ」に老人ホーム、福祉ホームその他これらに類するものの用途に供する部分のそれぞれの床面積を記入してください。また、建築基準法令以外の法令の規定により、容積率の算定の基礎となる延べ面積に算入しない部分を有する場合においては、「ヲ」に当該部分の床面積を記入してください。
B115: 16) | C115: 住宅又は老人ホーム、福祉ホームその他これらに類するものについては、11欄の「ロ」の床面積は、その地階の住宅又は老人ホーム、福祉ホームその他これらに類するものの用途に供する部分の床面積から、その地階のエレベーターの昇降路の部分又は共同住宅若しくは老人ホーム、福祉ホームその他これらに類するものの共用の廊下若しくは階段の用に供する部分の床面積を除いた面積とします。
B119: 17) | C119: 11欄の「ヨ」の延べ面積及び「タ」の容積率の算定の基礎となる延べ面積は、各階の床面積の合計から「ロ」に記入した床面積（この面積が敷地内の建築物の住宅及び老人ホーム、福祉ホームその他これらに類するものの用途に供する部分（エレベーターの昇降路の部分又は共同住宅若しくは老人ホーム、福祉ホームその他これらに類するものの共用の廊下若しくは階段の用に供する部分を除く。）の床面積の合計の３分の１を超える場合においては、敷地内の建築物の住宅及び老人ホーム、福祉ホームその他これらに類するものの用途に供する部分（エレベーターの昇降路の部分又は共同住宅若しくは老人ホーム、福祉ホームその他これらに類するものの共用の廊下若しくは階段の用に供する部分を除く。）の床面積の合計の３分の１の面積）、「ハ」から「ホ」までに記入した床面積、「ヘ」から「ル」までに記入した床面積（これらの面積が、次の(1)から(6)までに掲げる建築物の部分の区分に応じ、敷地内の建築物の各階の床面積の合計にそれぞれ(1)から(6)までに定める割合を乗じて得た面積を超える場合においては、敷地内の建築物の各階の床面積の合計にそれぞれ(1)から(6)までに定める割合を乗じて得た面積）及び「ヲ」に記入した床面積を除いた面積とします。また、建築基準法第52条第12項の規定を適用する場合においては、「タ」の容積率の算定の基礎となる敷地面積は、７欄「ホ」(2)によることとします。
C131: (1) | D131: 自動車車庫等の部分 ５分の１
C132: (2) | D132: 備蓄倉庫の部分 50分の１
C133: (3) | D133: 蓄電池の設置部分 50分の１
C134: (4) | D134: 自家発電設備の設置部分 100分の１
C135: (5) | D135: 貯水槽の設置部分 100分の１
C136: (6) | D136: 宅配ボックスの設置部分 100分の１
B137: 18) | C137: １２欄の建築物の数は、延べ面積が１０平方メートルを超えるものについて記入してください。
...

Sheet 注記（仮使用認定）
B1: 仮使用認定申請書 印刷
Y2: 作業メニュー
A4: =IF(作業メニュー!AM13 =TRUE, "（注意）", "")
A5: =IF(作業メニュー!AM13=TRUE, "１． 第２面として別記様式第34号様式の第２面に記載すべき事項を記載した書類を添えてください。", "")
A6: =IF(作業メニュー!AM13=TRUE, "２． 別記様式第34号様式の（注意）に準じて記入してください。", "")
A7: =IF(作業メニュー!AM13=TRUE, "【下記 別記第34号様式の（注意）】", "")
A8: （注意）
A9: 1. | B9: 第一面関係
B10: ① | C10: 「仮使用の認定を申請する建築物等」の欄は、該当するチェックボックスに「レ」マークを入れてください。
C11: 建築基準法第８８条第１項に規定する工作物のうち同法施行令第１３８条第２項第１号に掲げるものにあつては、
C12: 「工作物（昇降機）」のチェックボックスに「レ」マークを入れてください。
B13: ② | C13: ※印のある欄は記入しないでください。
A15: 2. | B15: 第二面関係
B16: ① | C16: 建築主、設置者又は築造主が２以上のときは、１欄は代表となる建築主、設置者又は築造主について記入し、
C17: 別紙に他の建築主、設置者又は築造主についてそれぞれ必要な事項を記入して添えてください。
B18: ② | C18: 建築主、設置者又は築造主からの委任を受けて申請を行う者がいる場合においては、２欄に記入してください。
B19: ③ | C19: ２欄は、代理者が建築士事務所に属しているときは、その名称を書き、建築士事務所に属していないときは、
C20: 所在地は代理者の住所を書いてください。
B21: ④ | C21: ３欄は、計画変更の確認を受けている場合は直前の計画変更の確認について記載してください。
B22: ⑤ | C22: ４欄は建築物又は工作物（昇降機を除く。）について、５欄は昇降機又は建築設備について仮使用の認定を
C23: 受けようとする場合に記入してください。
B24: ⑥ | C24: 住居表示が定まつているときは、４欄の「ロ」に記入してください。
B25: ⑦ | C25: ６欄及び９欄は、できるだけ具体的に書いてください。

Sheet 注記（確認申請昇降機）
A1: 注記（確認申請昇降機） | K1: 作業メニュー
A2: =IF(作業メニュー!AM13=TRUE, "（注意）", "")
A3: =IF(作業メニュー!AM13=TRUE, "１． 第２面として別記第８号様式（昇降機用）の第２面に記載すべき事項を記載した書類を添えてください。", "")
A4: =IF(作業メニュー!AM13=TRUE, "２． 別記第８号様式（昇降機用）の（注意）に準じて記入してください。", "")
A5: =IF(作業メニュー!AM13=TRUE, "【下記 別記第8号様式(昇降機用)の（注意）】", "")
A6: （注意）
A7: １． | B7: 各面共通関係
B8: 数字は算用数字を、単位はメートル法を用いてください。
A10: ２． | B10: 第一面関係
C11: ※印のある欄は記入しないでください。
A13: ３． | B13: 第二面関係
B14: ① 設置者が２以上のときは、１欄は代表となる設置者について記入し、別紙に他の設置者についてそれぞれ
B15: 必要な事項を記入して添えてください。
B16: ② 設置者からの委任を受けて申請を行う者がいる場合においては、２欄に記入してください。
B17: ③ ２欄及び３欄は、代理者又は設計者が建築士事務所に属しているときは、その名称を書き、建築士事務所
B18: に属していないときは、所在地はそれぞれ代理者又は設計者の住所を書いてください。
B19: ④ ３欄は、代表となる設計者並びに申請に係る昇降機に係る他のすべての設計者について記入してください。
B20: 記入欄が不足する場合には、別紙に必要な事項を記入して添えてください。
B21: ⑤ ４欄は、工事施工者が２以上のときは、代表となる工事施工者について記入し、別紙に他の工事施工者に
B22: ついてそれぞれ必要な事項を記入して添えてください。工事施工者が未定のときは、後で定まってから工事
B23: 着手前に届け出てください。
B24: ⑥ ６欄は、複数の昇降機について同時に申請する場合には、申請する昇降機ごとに通し番号を付した上で、
B25: 第二面には第１番目の昇降機について記入し、第２番目以降の昇降機については、別紙に必要な事項を記入
... B37: ⑫ ここに書き表せない事項で特に確認を受けようとする事項は、別紙に記載して添えてください。

Sheet 注記（確認申請昇降機以外）
A1: 注記（確認申請昇降機以外） | K1: 作業メニュー
A2: =IF(作業メニュー!AM13=TRUE, "（注意）", "")
A3: =IF(作業メニュー!AM13=TRUE, "１． 第２面として別記第８号様式（昇降機以外の建築設備用）の第２面に記載すべき事項を記載した書類を添えてください。", "")
A4: =IF(作業メニュー!AM13=TRUE, "２． 別記第８号様式（昇降機以外の建築設備用）の（注意）に準じて記入してください。", "")
A5: =IF(作業メニュー!AM13=TRUE, "【下記 別記第8号様式（昇降機以外の建築設備用）の（注意）】", "")
A6: （注意）
A7: １． | B7: 各面共通関係
B8: 数字は算用数字を、単位はメートル法を用いてください。
A10: ２． | B10: 第一面関係
C11: ※印のある欄は記入しないでください。
A13: ３． | B13: 第二面関係
B14: ① 設置者が２以上のときは、１欄は代表となる設置者について記入し、別紙に他の設置者についてそれぞれ
B15: 必要な事項を記入して添えてください。
B16: ② 設置者からの委任を受けて申請を行う者がいる場合においては、２欄に記入してください。
B17: ③ ２欄及び３欄は、代理者又は設計者が建築士事務所に属しているときは、その名称を書き、建築士事務所
B18: に属していないときは、所在地はそれぞれ代理者又は設計者の住所を書いてください。
B19: ④ ３欄は、代表となる設計者並びに申請に係る建築設備に係る他のすべての設計者について記入してくださ
B20: い。記入欄が不足する場合には、別紙に必要な事項を記入して添えてください。
B21: ⑤ ４欄は、工事施工者が２以上のときは、代表となる工事施工者について記入し、別紙に他の工事施工者に
B22: ついてそれぞれ必要な事項を記入して添えてください。工事施工者が未定のときは、後で定まってから工事
B23: 着手前に届け出てください。
B24: ⑥ 認証型式部材等製造者が製造した当該認証に係る型式部材等を有する場合は、６欄に認証番号を記入す
B25: れば、概要を記載する必要はありません。
... B31: ⑩ ここに書き表せない事項で特に確認を受けようとする事項は、別紙に記載して添えてください。

Sheet 注記（確認申請工作物１）
A1: 注記（確認申請工作物１） | K1: 作業メニュー
A2: =IF(作業メニュー!AM13=TRUE, "（注意）", "")
A3: =IF(作業メニュー!AM13=TRUE, "１． 第２面として別記第10号様式の第２面に記載すべき事項を記載した書類を添えてください。", "")
A4: =IF(作業メニュー!AM13=TRUE, "２． 別記第10号様式の（注意）に準じて記入してください。", "")
A5: =IF(作業メニュー!AM13=TRUE, "【下記 別記第10号様式の（注意）】", "")
A6: （注意）
A7: １． | B7: 各面共通関係
B8: 数字は算用数字を、単位はメートル法を用いてください。
A10: ２． | B10: 第一面関係
B11: ① | C11: ※印のある欄は記入しないでください。
A13: ３． | B13: 第二面関係
B14: ① 築造主が２以上のときは、１欄は代表となる築造主について記入し、別紙に他の築造主についてそれぞれ
B15: 必要な事項を記入して添えてください。
B16: ② 築造主からの委任を受けて申請を行う者がいる場合においては、２欄に記入してください。
B17: ③ ２欄及び３欄は、代理者又は設計者が建築士事務所に属しているときは、その名称を書き、建築士事務所
B18: に属していないときは、所在地はそれぞれ代理者又は設計者の住所を書いてください。
B19: ④ ３欄は、代表となる設計者及び申請に係る工作物に係る他のすべての設計者について記入してください。
B20: 記入欄が不足する場合には、別紙に必要な事項を記入して添えてください。
B21: ⑤ ４欄は、工事施工者が２以上のときは、代表となる工事施工者について記入し、別紙に他の工事施工者に
B22: ついてそれぞれ必要な事項を記入して添えてください。工事施工者が未定のときは、後で定まってから工事
B23: 着手前に届け出てください。
B24: ⑥ 住居表示が定まっているときは、５欄の「ロ」に記入してください。
B25: ⑦ ６欄は、複数の工作物について同時に申請する場合には、申請する工作物ごとに通し番号を付した上で、
... B29: 体的に書いてください。
B31: 工作物の区分 | Y31: 記号
B32: １．煙突（支わく及び支線がある場合においては、これらを含み、ストーブの煙突を除く。） | Y32: 06310
B33: ２．鉄筋コンクリート造の柱、鉄柱、木柱その他これらに類するもの（旗ざお並びに架空 | Y33: 06320
B34: 電線路用並びに電気事業者及び卸供給事業者の保安通信設備用のものを除く。）
B35: ３．広告塔、広告板、装飾塔、記念塔その他これらに類するもの | Y35: 06330
B36: ４．高架水槽、サイロ、物見塔その他これらに類するもの | Y36: 06340
B37: ５．擁壁 | Y37: 06350
B38: ６．ウォーターシュート、コースターその他これに類する高架の遊戯施設 | Y38: 06360
B39: ７．メリーゴーラウンド、観覧車、オクトパス、飛行塔その他これらに類する回転運動をする | Y39: 06370
B40: 遊戯施設で原動機を使用するもの
B42: ⑨ ６欄の「二」は、該当するチェックボックスに｢レ｣マークを入れ、「その他」の場合は、具体的な工事種別を併
B43: せて記入してください。
B44: ⑩ 認証型式部材等製造者が製造した当該認証に係る型式部材等を有する場合は、６欄の「ホ」に認証番号を
B45: 記入してください。
B46: ⑪ 工作物の名称又は工事名が定まっているときは、１０欄に記入してください。
B47: ⑫ 建築物に関する確認申請と併せて申請する場合には、６欄に記載したものを第二号様式に追加添付すれば、
B48: この様式を別途提出する必要はありません。
B49: ⑬ 建築基準法第８８条第１項において準用する同法第８６条の７第２項及び第３項の規定の適用を受ける場合
B50: においては、工事の完了後においても引き続き同法第３条第２項（同法第８６条の９項第１項において準用する
B51: 場合を含む。）の適用を受けない規定並びに当該規定に適合しないこととなった時期及び理由を１０欄又は別
B52: 紙に記載して添えてください。
... B54: ⑮ ここに書き表せない事項で特に確認を受けようとする事項は、別紙に記載して添えてください。

Sheet 注記（確認申請工作物２）
A1: 注記（確認申請工作物２） | K1: 作業メニュー
A2: =IF(作業メニュー!AM13=TRUE, "（注意）", "")
A3: =IF(作業メニュー!AM13=TRUE, "１． 第２面として別記第11号様式の第２面に記載すべき事項を記載した書類を添えてください。", "")
A4: =IF(作業メニュー!AM13=TRUE, "２． 別記第11号様式の（注意）に準じて記入してください。", "")
A5: =IF(作業メニュー!AM13=TRUE, "【下記 別記第11号様式の（注意）】", "")
A6: （注意）
A7: １． | B7: 各面共通関係
B8: 数字は算用数字を、単位はメートル法を用いてください。
A10: ２． | B10: 第一面関係
B11: ※印のある欄は記入しないでください。
A13: ３． | B13: 第二面関係
B14: ① 築造主が２以上のときは、１欄は代表となる築造主について記入し、別紙に他の築造主についてそれぞれ
B15: 必要な事項を記入して添えてください。
B16: ② 築造主からの委任を受けて申請を行う者がいる場合においては、２欄に記入してください。
B17: ③ ２欄及び３欄は、代理者又は設計者が建築士事務所に属しているときは、その名称を書き、建築士事務所
B18: に属していないときは、所在地はそれぞれ代理者又は設計者の住所を書いてください。
B19: ④ ３欄は、代表となる設計者及び申請に係る工作物に係る他のすべての設計者について記入してください。
B20: 記入欄が不足する場合には、別紙に必要な事項を記入して添えてください。
B21: ⑤ ４欄は、工事施工者が２以上のときは、代表となる工事施工者について記入し、別紙に他の工事施工者に
B22: ついてそれぞれ必要な事項を記入して添えてください。工事施工者が未定のときは、後で定まってから工事
B23: 着手前に届け出てください。
B24: ⑥ 住居表示が定まっているときは、５欄の「ロ」に記入してください。
B25: ⑦ ５欄の「ニ」は、都市再生特別地区の内外の別を記入してください。
... B27: だけ具体的に書いてください。
B29: 工作物の用途の区分 | Y29: 記号
B30: １．鉱物、岩石その他の粉砕で原動機を使用するもの、レディミクストコンクリートの製造等 | Y30: 06410
B31: で出力の合計が２．５キロワットを超える原動機を使用するもの及びアスファルト、コー
B32: ルタール、木タール、石油蒸留産物又はその残りかすを原料とする製造を行うもの
B33: ２．自動車車庫の用途に供するもの | Y33: 06420
B34: ３．サイロその他これに類する工作物のうち飼料、肥料、セメントその他これらに類するもの | Y34: 06430
B35: を貯蔵するもの
B36: ４．昇降機、ウォーターシュート、飛行塔その他これに類するもの | Y36: 06440
B37: ５．汚物処理場、ごみ焼却場その他の処理施設の用途に供するもの | Y37: 06450
B38: ６．その他 | Y38: 06460
B40: ⑨ ６欄の「ロ」は、建築基準法施行令第138条第４項第３号に掲げる工作物について記入してください。
B41: ⑩ ６欄の「ハ」は、該当するチェックボックスに｢レ｣マークを入れ、「その他」の場合は、具体的な工事種別を
B42: 併せて記入してください。
B43: ⑪ 建築基準法施行令第138条第４項第1号に掲げる工作物のうち、建築基準法別表第２（ぬ）項第３号（１３の
B44: ２）の用途に供する工作物については、原動機の出力の合計を６欄の「ヘ」に記入してください。
B45: ⑫ １０欄は、工作物に関して許可を受けた場合には、根拠となる法令及び条項、当該許可等の番号、許可等を
B46: 受けた日付について記入してください。
B47: ⑬ 工作物の名称又は工事名が定まっているときは、１１欄に記入してください。
B48: ⑭ 建築基準法第８８条第２項において準用する同法第８６条の７第1項（同法第４８条第１項から第１３項まで及
B49: び同法第５１条に係る部分に限る。）の規定の適用を受ける場合においては、工事の完了後においても引き続
B50: き同法第３条第２項（同法第８６条の９項第１項において準用する場合を含む。）の適用を受けない規定並びに
B51: 当該規定に適合しないこととなった時期及び理由を１１欄又は別紙に記載して添えてください。
... B53: ⑯ ここに書き表せない事項で特に確認を受けようとする事項は、別紙に記載して添えてください。

Sheet 注記（建築計画概要書）
A1: 注記（建築計画概要書） | K1: 作業メニュー
A3: （注意）
A4: １． | B4: 第一面関係及び第二面関係
B5: ① | C5: これらは第二号様式の第二面及び第三面の写しに代えることができます。この場合には、最上段に「建築
C6: 計画概要書（第一面）」及び「建築計画概要書（第二面）」と明示し、第二面の１８欄の事項を第二号様式の
C7: 第三面の写しの１９欄に記載してください。
B8: ② | C8: 第一面の５欄及び６欄は、それぞれ工事監理者又は工事施工者が未定のときは、後で定まってから工事
C9: 着手前に届け出てください。この場合には、特定行政庁が届出のあった旨を明示した上で記入します。
A11: ２． | B11: 第三面関係
B12: ① | C12: 付近見取図には、方位、道路及び目標となる地物を明示してください。
B13: ② | C13: 配置図には、縮尺、方位、敷地境界線、敷地内における建築物の位置、申請に係る建築物と他の建築物と
C14: の別並びに敷地の接する道路の位置及び幅員を明示してください。

Sheet 注記（築造計画概要書）
A1: 注記（築造計画概要書） | K1: 作業メニュー
A3: （注意）
A4: １． | B4: 第一面関係
B5: ① これは第十一号様式の第二面の写しに代えることができます。この場合には、最上段に「築造計画概要
B6: 書（第一面）」と明示してください。
B7: ② ４欄は、工事施工者が未定のときは、後で定まってから工事着手前に届け出てください。この場合には、
B8: 特定行政庁が届出のあった旨を明示した上で記入します。
A10: ２． | B10: 第二面関係
B11: ① 付近見取図には、方位、道路及び目標となる地物を明示してください。
B12: ② 配置図には、縮尺、方位、敷地境界線、敷地内における工作物の位置及び申請に係る工作物と他の工作物
B13: との別（申請に係る工作物が建築基準法施行令第138条第４項第２号ハからチまでに掲げるものである場合に
B14: おいては、当該工作物と建築物との別を含む。）を明示してください。

Sheet 注記（計画変更建築物）
A1: 注記（計画変更建築物） | K1: 作業メニュー
A3: =IF(作業メニュー!AM13=TRUE, "（注意）", "")
A4: =IF(作業メニュー!AM13=TRUE, "別記第４号様式の（注意）に準じて記入してください。", "")
A5: =IF(作業メニュー!AM13=TRUE, "【下記 別記第4号様式の（注意）】", "")
A6: （注意）
B7: ① 数字は算用数字を用いてください。
B8: ② ※印のある欄は記入しないでください。

Sheet 注記（計画変更昇降機）
A1: 注記（計画変更昇降機） | K1: 作業メニュー
A3: =IF(作業メニュー!AM13=TRUE, "（注意）", "")
A4: =IF(作業メニュー!AM13=TRUE, "別記第９号様式（昇降機）の（注意）に準じて記入してください。", "")
A5: =IF(作業メニュー!AM13=TRUE, "【下記 別記第9号様式（昇降機）の（注意）】", "")
A6: （注意）
B7: ① 数字は算用数字を用いてください。
B8: ② ※印のある欄は記入しないでください。

Sheet 注記（計画変更昇降機以外）
A1: 注記（計画変更昇降機以外） | K1: 作業メニュー
A3: =IF(作業メニュー!AM13=TRUE, "（注意）", "")
A4: =IF(作業メニュー!AM13=TRUE, "別記第９号様式（昇降機以外の建築設備用）の（注意）に準じて記入してください。", "")
A5: =IF(作業メニュー!AM13=TRUE, "【下記 別記第9号様式（昇降機以外の建築設備用）の（注意）】", "")
A6: （注意）
B7: ① 数字は算用数字を用いてください。
B8: ② ※印のある欄は記入しないでください。

Sheet 注記（計画変更工作物１）
A1: 注記（計画変更工作物１） | K1: 作業メニュー
A3: =IF(作業メニュー!AM13=TRUE, "（注意）", "")
A4: =IF(作業メニュー!AM13=TRUE, "別記第13号様式の（注意）に準じて記入してください。", "")
A5: =IF(作業メニュー!AM13=TRUE, "【下記 別記第13号様式の（注意）】", "")
A6: （注意）
B7: ① 数字は算用数字を用いてください。
B8: ② ※印のある欄は記入しないでください。

Sheet 注記（計画変更工作物２）
A1: 注記（計画変更工作物２） | K1: 作業メニュー
A3: =IF(作業メニュー!AM13=TRUE, "（注意）", "")
A4: =IF(作業メニュー!AM13=TRUE, "別記第14号様式の（注意）に準じて記入してください。", "")
A5: =IF(作業メニュー!AM13=TRUE, "【下記 別記第14号様式の（注意）】", "")
A6: （注意）
B7: ① | C7: 数字は算用数字を用いてください。
B8: ② | C8: ※印のある欄は記入しないでください。

Sheet 注記（中間検査）
A1: 注記 （中間検査） | K1: 作業メニュー
A3: =IF(作業メニュー!AM13=TRUE, "（注意）", "")
A4: =IF(作業メニュー!AM13=TRUE, "１． 第２面から第４面までとして別記第26号様式の第２面から第４面までに記載すべき事項を記載した書類を添えてください。", "")
A5: =IF(作業メニュー!AM13=TRUE, "２． 別記第26号様式の（注意）に準じて記入してください。", "")
A6: =IF(作業メニュー!AM13=TRUE, "【下記 別記第26号様式の（注意）】", "")
A7: （注意）
A8: １． | B8: 各面共通関係
B9: 数字は算用数字を、単位はメートル法を用いてください。
A11: ２． | B11: 第一面関係
B12: ① | C12: ｢検査を申請する建築物等｣の欄は、該当するチェックボックスに｢レ｣マークを入れてください。
C13: 建築基準法第８８条第１項に規定する工作物のうち同法施行令第１３８条第２項第１号に掲げるものにあって
C14: は、｢工作物（昇降機）｣のチェックボックスに｢レ｣マークを入れてください。
B15: ② | C15: ※印のある欄は記入しないでください。
A17: ３． | B17: 第二面関係
B18: ① | C18: 建築主、設置者又は築造主が２以上のときは、１欄は代表となる建築主、設置者又は築造主について記入
C19: し、別紙に他の建築主、設置者又は築造主についてそれぞれ必要な事項を記入して添えてください。
B20: ② | C20: 建築主、設置者又は築造主からの委任を受けて申請を行う者がいる場合は、２欄に記入してください。
B21: ③ | C21: ２欄、３欄及び５欄は、代理者、設計者又は工事監理者が建築士事務書所に属しているときは、その名称を
C22: 書き、建築士事務所に属していないときは、所在地はそれぞれ代理者、設計者又は工事監理者の住所を書い
C23: てください。
B24: ④ | C24: ３欄、４欄及び５欄は、それぞれ代表となる設計者、工事監理者及び建築設備の工事監理に関し意見を聴い
C25: た者並びに申請に係る建築物に係る他のすべての設計者、工事監理者及び建築設備の工事監理に関し意見を
C26: 聴いた者について記入してください。記入欄が不足する場合には、別紙に必要な事項を記入して添えてください。
B27: ⑤ | C27: ５欄は、建築士法第２０条第５項に規定する場合（工事監理に係る場合に限る。）に、同項に定める資格を
C28: 有する者について記入し、所在地は、その者が勤務しているときは勤務先の住所を、勤務していないときはその
C29: 者の住所を、登録番号は建築士法施行規則（昭和２５年建築省令第３８号）第１７条の３５第１項の規定による
C30: 登録を受けている場合の当該登録番号を書いてください。
B31: ⑥ | C31: ６欄は、工事施工者が２以上のときは、代表となる工事施工者について記入し、別紙に他の工事施工者につ
C32: いて棟別にそれぞれ必要な事項を記入して添えてください。
B33: ⑦ | C33: 建築物又は工作物の名称又は工事名が定まっているときは、７欄に記入してください。
A35: ４． | B35: 第三面関係
B36: ① | C36: 住居表示がさだまっているときは、１欄の｢ロ｣に記入してください。
B37: ② | C37: ２欄の｢イ｣は、建築物が建築基準法施行令第１０条各号に掲げる建築物に該当する場合に、当該各号の
C38: 数字を記入してください。
B39: ③ | C39: ２欄の｢ロ｣は、該当するチェックボックスに｢レ｣マークを入れてください。
B40: ④ | C40: ２欄の｢ハ｣は、認証型式部材等製造者が製造をした当該認証に係る型式部材等を有する場合に、その認証
C41: 番号を記載してください。
B42: ⑤ | C42: ３欄、４欄及び５欄は、計画変更の確認を受けている場合は直前の計画変更の確認について記載してくだ
C43: さい。
B44: ⑥ | C44: ８欄の｢ハ｣は、検査対象となる部分の床面積に相当する面積を記入してください。
B45: ⑦ | C45: ９欄及び１０欄は、記入欄が不足する場合には、別紙に必要な事項を記入して添えてください。
B46: ⑧ | C46: １１欄は、軽微な設計変更が２以上あるときは、その一について記入し、別紙にその他の軽微な設計変更
C47: について、必要な事項を記入して添えてください。
B48: ⑨ | C48: １１欄の｢ロ｣は、変更の内容、変更の理由等の概要を記入してください。
B49: ⑩ | C49: １１欄は、既に中間検査を受けたものにあっては、この申請の直前の中間検査を申請した株式会社東日本
C50: 住宅評価センターに対して行う場合は、確認から直前の中間検査までに生じた軽微な設計変更の概要につい
C51: て記入する必要はありません。また、それ以外の場合で、確認から直前の中間検査までに生じた軽微な設計
C52: 変更の概要についてこの欄に記載すべき事項を記載した書類を別に添付すれば、その部分について記入する
C53: 必要はありません。
B54: ⑪ | C54: １１欄は、申請建築物について変更後も建築物の計画が建築基準関係規定に適合することが明らかなこと
C55: が確かめられた旨の図書を添えてください。
A57: ５． | B57: 第四面関係
B58: ① | C58: 申請建築物（建築基準法第７条の５及び第６８条の２０第２項（建築物である認証型式部材等に限る。）の適
C59: 用を受けず,かつ,建築士法第３条から第３条の３までの規定に含まれないものを除く。以下同じ）に関する当該
C60: 特定工程に係る工事までの工事監理の状況について記載してください。ただし、既に中間検査を受けたものに
C61: あっては、この申請を直前の中間検査申請をした株式会社東日本住宅評価センターに対して行う場合には、確
C62: 認から直前の中間検査までの工事監理の状況について記入する必要はありません。また、それ以外の場合で、
C63: 確認から直前の中間検査までの工事監理の状況についてこの書類に記載すべき事項を記載した書類を別に添
C64: 付すれば、その部分について記入する必要はありません。
B65: ② | C65: 申請建築物が複数の構造方法からなる場合には、それぞれの構造の部分ごとに記載してください。
B66: ③ | C66: 接合状況のうち、鋼材等の金属材料の溶接又は圧接部分に係る内部欠陥の検査、強度検査等の確認につ
C67: いては、当該部分に係る検査を行った者の氏名及び資格並びに当該検査に係るサンプル数及びその結果を記
C68: 載してください。
B69: ④ | C69: 材料のうち、コンクリートについては、四週圧縮強度、塩化物量、アルカリ骨材反応等の試験又は検査（以下
C70: ｢試験等｣という。）を行った者、試験等に係るサンプル数及び試験等の結果について記載して下さい。
B71: ⑤ | C71: 「特定天井に用いる材料の種類並びに当該特定天井の構造及び施工状況」は、建築基準法施行令第３９条
C72: 第３項、第８１条第１項第３号、第８２条の５第７号又は第１３７条の２第１号イ（３）の規定の適用を受ける部分に
C73: ついて記載してください。
B74: ⑥ | C74: 「居室の内装の仕上げに用いる建築材料の種別及び当該建築材料を用いる部分の面積」は、建築基準法施
C75: 行令第２０条の５第１項第３号に規定する内装の仕上げに用いる建築材料の種別並びに当該建築材料を用いる
C76: 内装の仕上げの部分及び当該部分の面積について記載してください。
B77: ⑦ | C77: ｢天井及び壁の室内に面する部分に係る仕上げ｣は、建築基準法第３５条の２の規定の適用を受ける部分に
C78: ついて記載してください。
B79: ⑧ | C79: ｢開口部｣は、防火設備の設置が義務付けられている部分、建築基準法第２８条第１項の規定の適用を受ける
C80: 部分及び同法第３５条の適用を受ける部分について記載してください。
B81: ⑨ | C81: 施工図、工場の検査記録その他照合に必要な図書を用いて設計図書と申請建築物との照合を行つた場合、
C82: 「照合内容」に記載した内容に応じ、「照合方法」にその方法を全て記載して下さい。
B83: ⑩ | C83: ｢照合結果｣は、｢適｣・｢不適｣のいずれかを記入し、工事施工者が注意に従わなかった場合には、｢不適｣を記
C84: 入して下さい。また、不適の場合には建築主に対して行った報告の内容を記載して下さい。
B85: ⑪ １１欄は、申請建築物について変更後も建築物の計画が建築基準関係規定に適合することが明らかなこと | C85: ここに書き表されない事項で特に報告すべき事項は、備考欄又は別紙に記載して添えて下さい。
B86: ⑫ | C86: 建築基準法施行令第121条の2の規定の適用を受ける直通階段で屋外に設けるものがある場合には、
C87: 当該直通階段が木造であるか否かについて、備考欄に記載してください。また、当該直通階段が
C88: 木造である場合には、（注意）５．⑨及び⑩を参酌して、当該直通階段に用いる材料の種類並びに
C89: 当該直通階段の構造、防腐措置及び施工状況に関する照合内容、照合方法並びに照合結果について、
C90: 併せて同欄に記載してください。
B91: ⑬ | C91: この書類に記載すべき事項を含む報告書を別に添付すれば、この書類を別途提出する必要はありません。

Sheet 注記（完了検査）
A1: 注記（完了検査） | K1: 作業メニュー
A3: =IF(作業メニュー!AM13=TRUE, "（注意）", "")
A4: =IF(作業メニュー!AM13=TRUE, "１． 第２面から第４面までとして別記第19号様式の第２面から第４面までに記載すべき事項を記載した書類を添えてください。", "")
A5: =IF(作業メニュー!AM13=TRUE, "２． 別記第19号様式の（注意）に準じて記入してください。", "")
A6: =IF(作業メニュー!AM13=TRUE, "【下記 別記第19号様式の（注意）】", "")
A7: （注意）
A8: １． | B8: 各面共通関係
B9: 数字は算用数字を、単位はメートル法を用いてください。
A11: ２． | B11: 第一面関係
B12: ① | C12: ｢検査を申請する建築物等｣の欄は、該当するチェックボックスに｢レ｣マークを入れてください。
C13: 建築基準法第88条第1項に規定する工作物のうち同法施行令第138条第2項第1号に掲げるものにあっては、
C14: 「工作物（昇降機）」のチェックボックスに｢レ｣マークを入れてください。
B15: ② | C15: ※印のある欄は記入しないでください。
A17: ３． | B17: 第二面関係
B18: ① | C18: 建築主、設置者又は築造主が２以上のときは、１欄は代表となる建築主、設置者又は築造主について記入し、
C19: 別紙に他の建築主、設置者又は築造主についてそれぞれ必要な事項を記入して添えてください。
B20: ② | C20: 建築主、設置者又は築造主からの委任を受けて申請を行う者がいる場合においては、２欄に記入してください。
B21: ③ | C21: ２欄、３欄及び５欄は、代理者、設計者又は工事監理者が建築士事務所に属しているときは、その名称を
C22: 書き、建築士事務所に属していないときは、所在地はそれぞれ代理者、設計者又は工事監理者の住所を書い
C23: てください。
B24: ④ | C24: ３欄、４欄及び５欄は、それぞれ代表となる設計者、工事監理者及び建築設備の工事監理に関し意見を聴い
C25: た者並びに申請に係る建築物に係る他のすべての設計者、工事監理者及び建築設備の工事監理に関し意見を
C26: 聴いた者について記入してください。記入欄が不足する場合には、別紙に必要な事項を記入して添えてください。
B27: ⑤ | C27: ５欄は、建築士法第２０条第５項に規定する場合（工事監理に係る場合に限る。）に、同項に定める資格を
C28: 有する者について記入し、所在地は、その者が勤務しているときは勤務先の住所を、勤務していないときはその
C29: 者の住所を、登録番号は建築士法施行規則（昭和２５年建築省令第３８号）第１７条の３５第１項の規定による
C30: 登録を受けている場合の当該登録番号を書いてください。
B31: ⑥ | C31: ６欄は、工事施工者が２以上のときは、代表となる工事施工者について記入し、別紙に他の工事施工者につ
C32: いて棟別にそれぞれ必要な事項を記入して添えてください。
B33: ⑦ | C33: 建築物又は工作物の名称又は工事名が定まっているときは、７欄に記入してください。
A35: ４． | B35: 第三面関係
B36: ① | C36: 住居表示がさだまっているときは、１欄の｢ロ｣に記入してください。
B37: ② | C37: ２欄の｢イ｣は、建築物が建築基準法施行令第１０条各号に掲げる建築物に該当する場合に、当該各号
C38: の数字を記入してください。
B39: ③ | C39: ２欄の｢ロ｣は、該当するチェックボックスに｢レ｣マークを入れてください。
B40: ④ | C40: ２欄の｢ハ｣は、認証型式部材等製造者が製造した当該認証に係る型式部材等を有する場合に、その認証
C41: 番号を記載してください。
B42: ⑤ | C42: ３欄、４欄及び５欄は、計画変更の確認を受けている場合は直前の計画変更の確認について記載してくだ
C43: さい。
B44: ⑥ | C44: ９欄は、記入欄が不足する場合には、別紙に必要な事項を記入し添えてください。
B45: ⑦ | C45: １０欄は、軽微な設計変更が２以上あるときは、その一について記入し、別紙にその他の軽微な設計変更に
C46: ついて、必要な事項を記入して添えてください。
B47: ⑧ | C47: １０欄の｢ロ｣は、変更の内容、変更の理由等の概要を記入してください。
B48: ⑨ | C48: １０欄は、特定工程に係る建築物にあっては、この申請を直前の中間検査を申請した株式会社東日本住宅
C49: 評価センターに対して行う場合は、確認から直前の中間検査までに生じた軽微な設計変更の概要について記
C50: 入する必要はありません。また、それ以外の場合で、確認から直前の中間検査までに生じた軽微な設計変更
C51: の概要についてこの欄に記載すべき事項を記載した書類を別に添付すれば、その部分について記入する必要
C52: はありません。
B53: ⑩ | C53: １０欄は、申請建築物について変更後も建築物の計画が建築基準関係規定に適合することが明らかなこと
C54: が確かめられた旨の図書を添えてください。
B55: ⑪ | C55: 検査後も引き続き建築基準法第３条第２項（同法第８６条の９第１項において準用する場合を含む。）の規定
C56: の適用を受ける場合は、その根拠となる規定及び不適合の規定を１１欄又は別紙に記載して添えてください。
A58: ５． | B58: 第四面関係
B59: ① | C59: 申請建築物（建築基準法第７条の５及び第６８条の２０第２項（建築物である認証型式部材等に限る。）の適
C60: 用を受けず、かつ、建築士法第３条から第３条の３までの規定に含まれないものを除く。以下同じ）に関する工事
C61: 監理の状況について記載してください。ただし、特定工程に係る建築物にあっては、この申請を直前の中間検
C62: 査申請をした株式会社東日本住宅評価センターに対して行う場合には、確認から直前の中間検査までの工事
C63: 監理の状況について記入する必要はありません。また、それ以外の場合で、確認から直前の中間検査までの
C64: 工事監理の状況についてこの書類に記載すべき事項を記載した書類を別に添付すれば、その部分について記
C65: 入する必要はありません。
B66: ② | C66: 申請建築物が複数の構造方法からなる場合には、それぞれの構造の部分ごとに記載してください。
B67: ③ | C67: 接合状況のうち、鋼材等の金属材料の溶接又は圧接部分に係る内部欠陥の検査、強度検査等の確認につ
C68: いては、当該部分に係る検査を行った者の氏名及び資格並びに当該検査に係るサンプル数及びその結果を記
C69: 載してください。
B70: ④ | C70: 材料のうち、コンクリートについては、四週圧縮強度、塩化物量、アルカリ骨材反応等の試験又は検査（以下
C71: ｢試験等｣という。）を行った者、試験等に係るサンプル数及び試験等の結果について記載して下さい。
B72: ⑤ | C72: 「特定天井に用いる材料の種類並びに当該特定天井の構造及び施工状況」は、建築基準法施行令第３９条
C73: 第３項、第８１条第１項第３号、第８２条の５第７号又は第１３７条の２第１号イ（３）の規定の適用を受ける部分に
C74: ついて記載してください。
B75: ⑥ | C75: 「居室の内装の仕上げに用いる建築材料の種別及び当該建築材料を用いる部分の面積」は、建築基準法施
C76: 行令第２０条の7第１項第１号に規定する内装の仕上げに用いる建築材料の種別並びに当該建築材料を用い
C77: る内装の仕上げの部分及び当該部分の面積について記載してください。
B78: ⑦ | C78: ｢天井及び壁の室内に面する部分に係る仕上げ｣は、建築基準法第３５条の２の規定の適用を受ける部分に
C79: ついて記載してください。
B80: ⑧ | C80: ｢開口部｣は、防火設備の設置が義務付けられている部分、建築基準法第２８条第１項の規定の適用を受け
C81: る部分及び同法第３５条の適用を受ける部分について記載してください。
B82: ⑨ | C82: 施工図、工場の検査記録その他照合に必要な図書を用いて設計図書と申請建築物との照合を行つた場合、
C83: 「照合内容」に記載した内容に応じ、「照合方法」にその方法を全て記載して下さい。
B84: ⑩ | C84: ｢照合結果｣は、｢適｣・｢不適｣のいずれかを記入し、工事施工者が注意に従わなかった場合には、｢不適｣を
C85: 記入して下さい。また、不適の場合には建築主に対して行った報告の内容を記載して下さい。
B86: ⑪ | C86: 消防法（昭和２３年法律第１８６号）第９条の２第１項に規定する住宅用防災機器の位置及び種類
C87: その他ここに書き表されない事項で特に報告すべき事項は、備考欄又は別紙に記載して添えて下さい。
B88: ⑫ | C88: 建築基準法施行令第121条の2の規定の適用を受ける直通階段で屋外に設けるものがある場合には、
C89: 当該直通階段が木造であるか否かについて、備考欄に記載してください。また、当該直通階段が
C90: 木造である場合には、（注意）５．⑨及び⑩を参酌して、当該直通階段に用いる材料の種類並びに
C91: 当該直通階段の構造、防腐措置及び施工状況に関する照合内容、照合方法並びに照合結果について、
C92: 併せて同欄に記載してください。
B93: ⑬ | C93: この書類に記載すべき事項を含む報告書を別に添付すれば、この書類を別途提出する必要はありません。

Sheet 注記（建築工事届）
A1: 注記（建築工事届） | K1: 作業メニュー
A2: （注意） １．各面共通関係 数字は算用数字を、単位はメートル法を用いてください。また、小数点以下の数値は四捨五入してくだ さい。 ２．第一面関係 ① 工事施工者及び除却工事施工者の担当者の氏名欄及び担当者の電話番号欄並びに工事監理者の氏名欄 及び電話番号欄には、受付経由機関等が工事内容について確認を行う際に回答ができる担当者の氏名及 び電話番号を記入してください。 ② ※印のある欄は記入しないでください。 ③ 除却工事施工者欄は、既存の建築物を除却し、引き続き、当該敷地内において建築物を建築しようと する場合に記入してください。 ３．第二面関係 ① ２欄の「イ」及び「ロ」、３欄の「ロ」、４欄並びに６欄の「ニ」は、該当するチェックボックスに 「レ」マークを入れてください。 ② ２欄の「イ」において、「会社」とは、株式会社、合名会社、合資会社及び合同会社をいい、特別の 法律により設立された法人で会社であるものを含みます。 ③ ２欄の「ロ」は、建築主が会社であるときのみ記入してください。 ④ ３欄の「ロ」において、「区域区分非設定都市計画区域」とは、区域区分が定められていない都市計 画区域をいいます。 ⑤ 増築と改築とを同時に行うときは、４欄は床面積の大きい方の工事によつて区分してください。 ⑥ ５欄は、居住専用建築物の場合は、次の表の記号の中から該当するものを選んで記入してください。
A22: 主要用途の区分 | AA22: 記号
A23: 居住専用住宅 | I23: 住宅、住宅附属建築物（物置、車庫等） | AA23: 01
A24: 居住専用準住宅 | I24: 寮、合宿所、寄宿舎、準住宅附属建築物（物置、車庫等） | AA24: 02
A25: ⑦ ５欄は、居住産業併用建築物又は産業専用建築物の場合は、産業の用に供する部分について、次の表 の記号の中から該当するものを選んで記入してください。また、一敷地内に既存の建築物があるとき は、記入に際しては、その部分と新たに建築する部分とを総合して判断してください。
A27: 主要用途の区分 | AA27: 記号
AA28: 居住 産業 併用 | AC28: 産業 専用
A29: 農林水産業 | I29: 農業、林業、漁業、水産養殖業 | AA29: 10 | AC29: 30
A30: 鉱業、採石業、砂利採取業、建設業 | AA30: 11 | AC30: 31
A31: 製造業 | I31: 食料品製造業、飲料・たばこ・飼料製造業、繊維工業、木材・木製品製造業、家具・装備品製造業、パルプ・紙・紙加工品製造業、印刷・同関連業、化学工業、石油製品・石炭製品製造業、プラスチック製品製造業、ゴム製品製造業、なめし革・同製品・毛皮製造業、窯業・土石製品製造業、鉄鋼業、非鉄金属製造業、金属製品製造業、はん用機械器具製造業、生産用機械器具製造業、業務用機械器具製造業、電子部品・デバイス・電子回路製造業、電気機械器具製造業、情報通信機械器具製造業、輸送用機械器具製造業、その他の製造業 | AA31: 12 | AC31: 32
A32: 電気・ガス・熱供給・水道業 | AA32: 13 | AC32: 33
A33: 情報通信業 | I33: 通信業、放送業、情報サービス業、インターネット附随サービス業、映像・音声・文字情報制作業 | AA33: 14 | AC33: 34
A34: 運輸業 | I34: 鉄道業、道路旅客運送業、道路貨物運送業、水運業、航空運輸業、倉庫業、運輸に附帯するサービス業 | AA34: 15 | AC34: 35
A35: 卸売業、小売業 | AA35: 16 | AC35: 36
A36: 金融業、保険業 | AA36: 17 | AC36: 37
A37: 不動産業 | I37: 不動産取引業、不動産賃貸業・管理業 | AA37: 18 | AC37: 38
A38: 宿泊業、飲食サービス業 | I38: 宿泊業、飲食店、持ち帰り・配達飲食サービス業 | AA38: 19 | AC38: 39
A39: 教育、学習支援業 | I39: 学校教育、その他の教育、学習支援業（社会教育、学習塾及び教養・技能教授業ほか） | AA39: 20 | AC39: 40
A40: 医療、福祉 | I40: 医療業、保健衛生、社会保険・社会福祉・介護事業 | AA40: 21 | AC40: 41
A41: その他のサービス業 | I41: 郵便業（信書便事業を含む。）、郵便局、学術・開発研究機関、政治・経済・文化団体、旅行業、娯楽業、宗教、物品賃貸業、専門サービス業、広告業、技術サービス業、洗濯・理容・美容・浴場業、その他の生活関連サービス業、協同組合、サービス業 | AA41: 22 | AC41: 42
A42: 国家公務、地方公務 | AA42: 23 | AC42: 43
A43: 他に分類されないもの | AA43: 24 | AC43: 44
A45: ⑧ ６欄は、一の建築物（１棟）ごとに各列に記入してください。 ⑨ ６欄の「イ」は、建築物の数が１のときは「１」と記入し、建築物の数が２以上のときは、一の建築 物（１棟）ごとに通し番号を付し、その番号を記入してください。 ⑩ ６欄の「ロ」は、届出時点の物件名を記入してください。 ⑪ ６欄の「ハ」は、居住専用建築物の場合は、次の表の記号の中から該当するものを選んで記入してく ださい。
A51: 用途の分類 | AB51: 記号
A52: 一戸建ての住宅 | AB52: 08010
A53: 長屋 | AB53: 08020
A54: 共同住宅 | AB54: 08030
A55: 寄宿舎 | AB55: 08040
A56: 下宿 | AB56: 08050
A58: ⑫ ６欄の「ハ」は、居住産業併用建築物又は産業専用建築物の場合は、産業の用に供する部分につい て、次の表の記号の中から該当するものを選んで記入してください。一の建築物に、２種類以上の用途 （既存部分があるときは、その用途を含む。）があるときは、一番大きい床面積の用途について記入 し、３種類以上の用途（既存部分があるときは、その用途を含む。）があるときは、「多用途」のチェ ックボックスに「レ」マークを入れてください。
A64: 用途の分類 | AB64: 記号
A65: 一戸建ての住宅 | AA65: 08010 | AB65: 08010
A66: 長屋 | AA66: 08020 | AB66: 08020
A67: 共同住宅 | AA67: 08030 | AB67: 08030
A68: 寄宿舎 | AA68: 08040 | AB68: 08040
A69: 下宿 | AA69: 08050 | AB69: 08050
A70: 住宅で事務所、店舗その他これらに類する用途を兼ねるもの | AA70: 08060 | AB70: 08060
A71: 幼稚園 | AB71: 08070
A72: 小学校 | AB72: 08080
A73: 義務教育学校 | AB73: 08082
A74: 中学校、高等学校又は中等教育学校 | AB74: 08090
A75: 特別支援学校 | AB75: 08100
A76: 大学又は高等専門学校 | AB76: 08110
A77: 専修学校 | AB77: 08120
A78: 各種学校 | AB78: 08130
A79: 幼保連携型認定こども園 | AB79: 08132
A80: 図書館その他これに類するもの | AB80: 08140
A81: 博物館その他これに類するもの | AB81: 08150
A82: 美術館その他これに類するもの | AB82: 08152
... A137: その他 | AB137: 08990
A139: ⑬ ６欄の「ニ」は、次の表の記号の中から該当するものを選んで記入してください。工事部分が２種類 以上の構造からなるときは、床面積が最も大きい部分の構造について記入してください。
A141: 構造の区分 | AB141: 記号
A142: 木造 | AB142: 01
A143: 鉄骨鉄筋コンクリート造 | AB143: 02
A144: 鉄筋コンクリート造 | AB144: 03
A145: 鉄骨造 | AB145: 04
A146: コンクリートブロック造 | AB146: 05
A147: その他 | AB147: 06
A149: ⑭ ６欄の「ホ」は、その建築物の規模に見合った月数を記入してください。 ⑮ ６欄の「ト」は、床面積が大きい順に３種類までの用途について、（注意）３．⑫に準じて該当する 記号を記入してください。 ⑯ ６欄の「チ」は、建築設備費を含んだ額を記入してください。消費税込みの金額である場合は、チェ ックボックスに「レ」マークを入れてください。
A154: ４．第三面関係 ① １欄は、建築物が居住専用住宅又は居住産業併用建築物（工事部分が産業の用のみに供する部分であ る場合を除く。）である場合に記入してください。当該建築物の数が２以上のときは、一の建築物（１ 棟）ごとに記入してください。 ② ２欄は、既存の建築物を除却し、引き続き、当該敷地内において建築物を建築しようとする場合にお いて、当該除却しようとする建築物について記入してください。 ③ １欄の「イ」は、第二面の６欄の「イ」に記入した番号と同じ番号を記入してください。 ④ １欄の「ロ」から「ト」までは、該当するチェックボックスに「レ」マークを入れてください。ただ し、建築物が住宅の附属建築物の場合においては、「ニ」から「ト」までは、当該建築物が附属する住 宅が該当するチェックボックスに「レ」マークを入れてください。 ⑤ １欄の「ロ」において、「新設」とは、新築、増築又は改築によって居室、台所及び便所のある独立 して居住し得る住宅が新たに造られるものをいいます。例えば、既存住宅の棟続きであっても、居室、 台所又は便所を整えて独立して居住し得るものは「新設」に含まれます。「その他」とは、住宅の附属 建築物又は増築若しくは改築によって造られる住宅で新設に該当しないものをいいます。例えば、一敷 地内に既存住宅があって、別棟に50平方メートルの居室だけを建築しても、新たに造られた部分だけで は独立して居住し得ないから「その他」に含まれます。
A169: ⑥ １欄の「ハ」は、当該住宅が新設のときのみ記入してください。「民間資金住宅」とは、国、地方公 共団体、独立行政法人住宅金融支援機構等の公的な機関の資金に全くよらず、民間資金のみで建てる住 宅をいいます。「住宅金融支援機構住宅」とは、独立行政法人住宅金融支援機構から建設資金の融資を 受けた住宅をいい、融資額の大小は問いません。「都市再生機構住宅」とは、独立行政法人都市再生機 構が分譲又は賃貸を目的として建てた住宅をいいます。 ⑦ １欄の「ニ」において、「在来工法」とは、プレハブ工法及び枠組壁工法以外の工法をいいます。 「プレハブ工法」とは、住宅の壁、柱、床、はり、屋根又は階段等の主要構造部材を工場で生産し、現 場で組立建築する工法をいいます。「枠組壁工法」とは、木材で組まれた枠組に構造用合板その他これ に類するものを打ち付けた床及び壁により建築物を建築する工法で、一般には、ツーバイフォー工法と いわれるものです。 ⑧ １欄の「ホ」において、「専用住宅」とは、専ら居住の目的だけのために建築するもので、住宅内に 店舗、事務所、作業場等の業務の用に供する部分がないものをいいます。「併用住宅」とは、住宅内に 店舗、事務所、作業場等の業務の用に供する部分があつて居住部分と機能的に結合して戸をなしている もので、居住部分の床面積の合計が建築物の床面積の合計の５分の１以上のものをいいます。「その他 の住宅」とは、主に工場、学校、官公署、旅館、下宿屋、浴場、社寺等の建築物に付属して、これと結 合している住宅をいいます。

Sheet 注記（建築物除却届）
A1: 注記（建築物除却届） | K1: 作業メニュー
A2: （注意） １．第一面関係 ① 担当者の氏名欄及び担当者の電話番号欄には、受付経由機関等が工事内容について確認を 行う際に回答ができる担当者の氏名及び電話番号を記入してください。 ② ※印のある欄は記入しないでください。 ２．第二面関係 ① 各欄は、除却しようとする建築物について記入してください。 ② ４欄は、居住専用建築物の場合は、次の表の記号の中から該当するものを選んで記入して ください。
A16: 主要用途の区分 | AB16: 記号
A17: 居住専用 住宅 | F17: 住宅、住宅附属建築物（物置、車庫等） | AB17: 01
A18: 居住専用 準住宅 | F18: 寮、合宿所、寄宿舎、準住宅附属建築物（物置、車庫等） | AB18: 02
A20: ③ ４欄は、居住産業併用建築物又は産業専用建築物の場合は、次の表の記号の中から該当す るものを選んで記入してください。また、一敷地内に除却しようとする建築物以外に既存の 建築物があるときは、記入に際しては、その部分と除却しようとする部分とを総合して判断 してください。
A23: 主要用途の区分 | AB23: 記号
AB24: 居住 産業 併用 | AD24: 産業 専用
A25: 農林水産業 | F25: 農業、林業、漁業、水産養殖業 | AB25: 10 | AD25: 30
A26: 鉱業、採石業、砂利採取業、建設業 | AB26: 11 | AD26: 31
A27: 製造業 | F27: 食料品製造業、飲料・たばこ・飼料製造業、繊維工業、木材・木製品製造業、家具・装備品製造業、パルプ・紙・紙加工品製造業、印刷・同関連業、化学工業、石油製品・石炭製品製造業、プラスチック製品製造業、ゴム製品製造業、なめし革・同製品・毛皮製造業、窯業・土石製品製造業、鉄鋼業、非鉄金属製造業、金属製品製造業、はん用機械器具製造業、生産用機械器具製造業、業務用機械器具製造業、電子部品・デバイス・電子回路製造業、電気機械器具製造業、情報通信機械器具製造業、輸送用機械器具製造業、その他の製造業 | AB27: 12 | AD27: 32
A28: 電気・ガス・熱供給・水道業 | AB28: 13 | AD28: 33
A29: 情報通信業 | F29: 通信業、放送業、情報サービス業、インターネット附随サービス業、映像・音声・文字情報制作業 | AB29: 14 | AD29: 34
A30: 運輸業 | F30: 鉄道業、道路旅客運送業、道路貨物運送業、水運業、航空運輸業、倉庫業、運輸に附帯するサービス業 | AB30: 15 | AD30: 35
A31: 卸売業、小売業 | AB31: 16 | AD31: 36
A32: 金融業、保険業 | AB32: 17 | AD32: 37
A33: 不動産業 | F33: 不動産取引業、不動産賃貸業・管理業 | AB33: 18 | AD33: 38
A34: 宿泊業、飲食サービス業 | F34: 宿泊業、飲食店、持ち帰り・配達飲食サービス業 | AB34: 19 | AD34: 39
A35: 教育、学習支援業 | F35: 学校教育、その他の教育、学習支援業（社会教育、学習塾及び教養・技能教授業ほか） | AB35: 20 | AD35: 40
A36: 医療、福祉 | F36: 医療業、保健衛生、社会保険・社会福祉・介護事業 | AB36: 21 | AD36: 41
A37: その他のサービス業 | F37: 郵便業（信書便事業を含む。）、郵便局、学術・開発研究機関、政治・経済・文化団体、旅行業、娯楽業、宗教、物品賃貸業、専門サービス業、広告業、技術サービス業、洗濯・理容・美容・浴場業、その他の生活関連サービス業、協同組合、サービス業 | AB37: 22 | AD37: 42
A38: 国家公務、地方公務 | AB38: 23 | AD38: 43
A39: 他に分類されないもの | AB39: 24 | AD39: 44
A41: ④ ５欄及び６欄は、該当するチェックボックスに「レ」マークを入れてください。 ⑤ ９欄及び10欄は、小数点以下の数値は四捨五入してください。

Sheet 値一覧項目
A1: メーカー名 | B1: 支店 | C1: 県 | D1: 建築士登録 | E1: 建築士 | F1: 建設業の許可番号種類 | G1: センター交付・申請者 | H1: 建築物用途 | I1: 建築物構造 | J1: 建築物種類 | K1: 耐火建築物 | L1: 便所の種類 | M1: 適用の区分 | N1: 区域-地区-地域-街区 | O1: 特定工程 | P1: 地上階数 | Q1: 地下階数 | R1: 回数 | S1: 居住・主要用途 | T1: 居住産業併用、産業専用 | U1: 階数 | V1: 地上階数 | W1: 地下階数 | AA1: 中間検査 | AB1: 完了検査 | AC1: 準耐火時間 | AE1: 建築物エネルギー消費性能確保計画の提出 | AF1: 昇降機の概要
S2: 01:居住専用住宅（付属建築物を除く） | T2: 11:農業、林業、漁業、水産養殖業 | AA2: 検査を申請する建築物 | AB2: 検査を申請する建築物 | AE2: 第二条1項一号イ | AF2: エレベーター
B3: 神奈川支店 | C3: 東京都 | D3: 大臣 | E3: 1級 | F3: 特-25 | H3: 第一種低層住居専用地域 | I3: 木造 | J3: 新築 | K3: 耐火建築物 | L3: 水洗 | N3: 第１種高度地区 | O3: 基礎配筋完了時 | P3: 0 | Q3: 0 | R3: 第1回 | S3: 02:居住専用住宅付属建築物（物置、車庫等） | T3: 12:鉱業 | U3: PH | V3: 1階 | W3: 1階 | X3: 建築物 | Y3: 建築物 | Z3: Ｆ☆☆☆☆ | AA3: 建築物 | AB3: 建築物 | AC3: 45 | AE3: 第二条1項一号ロ | AF3: ホームエレベーター
B4: 東京支店 | C4: 埼玉県 | D4: 東京都知事 | E4: 2級 | F4: 特-26 | H4: 第二種低層住居専用地域 | I4: 無筋コンクリート造 | J4: 増築 | K4: 準耐火建築物（イ－１） | L4: 汲み取り | N4: 第２種高度地区 | O4: 基礎躯体緊結完了時 | P4: 1 | Q4: 1 | R4: 第2回 | S4: 03:寮、寄宿舎、合宿所（付属建築物を除く） | T4: 13:建設業 | U4: 1階 | V4: 2階 | W4: 2階 | X4: 建築設備（昇降機） | Y4: 建築設備（昇降機） | Z4: Ｆ☆☆☆ | AA4: 建築設備（昇降機） | AB4: 建築設備（昇降機） | AC4: 60 | AE4: 第二条1項二号 | AF4: 手入力欄
B5: 東関東支店 | C5: 神奈川県 | D5: 埼玉県知事 | E5: 木造 | F5: 特-27 | H5: 第一種中高層住居専用地域 | I5: 補強コンクリートブロック造 | J5: 改築 | K5: 準耐火建築物（イ－２） | L5: 汲み取り（改良） | N5: 第2種特別工業地区 | O5: 全軸組緊結完了時 | P5: 2 | Q5: 2 | R5: 第3回 | S5: 04:寮、寄宿舎、合宿所付属建築物 | T5: 14:食品製造業、飲料・たばこ・資料製造業、繊維工業、衣服 | U5: 2階 | V5: 3階 | W5: 3階 | X5: 建築設備（昇降機以外） | Y5: 建築設備（昇降機以外） | Z5: 告示対象外 | AA5: 建築設備（昇降機以外） | AB5: 建築設備（昇降機以外） | AC5: 75 | AE5: 第二条1項三号 | AF5: 乗用
B6: 埼玉支店 | C6: 千葉県 | D6: 神奈川県知事 | F6: 特-28 | H6: 第二種中高層住居専用地域 | I6: 薄板軽量形鋼造 | J6: 移転 | K6: 準耐火建築物（ロ－１） | N6: 第2種風致地区 | O6: 屋根工事完了時 | P6: 3 | Q6: 3 | R6: 第4回 | S6: 05:他に分類されない居住専用建築物 | T6: 15 | U6: 3階 | V6: 4階 | W6: 4階 | X6: 工作物（昇降機） | Y6: 工作物（昇降機） | AA6: 工作物（昇降機） | AB6: 工作物（昇降機） | AC6: 90 | AE6: その他（入力してください） | AF6: 寝台
B7: 静岡支店 | C7: 栃木県 | D7: 千葉県知事 | F7: 特-29 | H7: 第一種住居地域 | I7: 鉄骨鉄筋コンクリート造 | J7: 用途変更 | K7: 準耐火建築物（ロ－２） | N7: 第３種高度地区 | O7: ２階の床工事 | P7: 4 | Q7: 4 | R7: 第5回 | U7: 4階 | V7: 5階 | W7: 4階 | Z7: 工作物（法第８８条第１項） | AA7: 工作物（法第８８条第１項） | AB7: 工作物（法第８８条第１項） | AD7: 工作物（法第８８条第２項） | AF7: 手入力欄
B8: 北関東支店 | C8: 群馬県 | D8: 栃木県知事 | F8: 特-30 | H8: 第二種住居地域 | I8: 鉄骨造 | J8: 大規模の修繕 | K8: 耐火構造建築物 | N8: 第４種高度地区 | O8: 屋根工事及び軸組みの工事 | P8: 5 | Q8: 5 | U8: 5階 | V8: 6階 | W8: 地下1階 | AB8: 工作物（法第８８条第２項）
B9: 群馬支店 | C9: 茨城県 | D9: 群馬県知事 | F9: 般-25 | H9: 準住居地域 | I9: 鉄筋コンクリート造 | J9: 大規模の模様替 | K9: 特定避難時間倒壊等防止建築物 | N9: 第５種高度地区 | O9: 屋根工事及び耐力壁の工事 | P9: 6 | Q9: 6 | U9: 6階 | V9: 7階 | W9: 地下2階
B10: 東北支店 | C10: 静岡県 | D10: 茨城県知事 | F10: 般-26 | H10: 近隣商業地域 | I10: 組積造 | K10: その他 | N10: 第６種高度地区 | O10: 小屋組工事完了時 | P10: 7 | Q10: 7 | U10: 7階 | V10: 8階 | W10: 地下3階
B11: 札幌事務所 | C11: 山梨県 | D11: 山梨県知事 | F11: 般-27 | H11: 商業地域 | I11: 軽量鉄骨造 | N11: 第７種高度地区 | O11: １階鉄骨建て方完了時 | P11: 8 | Q11: 8 | U11: 8階 | W11: 地下4階
C12: 山形県 | D12: 静岡県知事 | F12: 般-28 | H12: 準工業地域 | N12: 地区計画区域内 | O12: 屋根の小屋組工事及び構造耐力上主要な軸組工事
C13: 宮城県 | D13: 宮城県知事 | F13: 般-29 | H13: 指定なし | N13: 土地区画整理事業計画区域 | O13: 屋根の小屋組工事及び耐力壁の工事
C14: 北海道 | D14: 山形県知事 | F14: 般-30 | H14: 工業地域 | N14: 法第22条区域 | O14: 1階の建て方工事
C15: 福島県 | D15: 北海道知事 | H15: 工業専用地域 | N15: 下水道処理区域 | O15: 2階の床版の取付け工事
C16: 岩手県 | D16: 福島県知事 | H16: 田園住居地域 | N16: 特定用途制限地域 | O16: 2階の床版の配筋工事
C17: 長野県 | D17: 岩手県知事
D18: 大阪府知事

Sheet 主要用途
A1: 系列 | B1: 入力用 | C1: 区分 | D1: 主要用途 | E1: 備考
A3: 住居系 | B3: =C3&":"&D3 -> 08010:一戸建ての住宅 | C3: 08010 | D3: 一戸建ての住宅
A4: 住居系 | B4: =C4&":"&D4 -> 08020:長屋 | C4: 08020 | D4: 長屋
A5: 住居系 | B5: =C5&":"&D5 -> 08030:共同住宅 | C5: 08030 | D5: 共同住宅
A6: 住居系 | B6: =C6&":"&D6 -> 08040:寄宿舎 | C6: 08040 | D6: 寄宿舎
A7: 住居系 | B7: =C7&":"&D7 -> 08050:下宿 | C7: 08050 | D7: 下宿
A8: 住居系 | B8: =C8&":"&D8 -> 08060:住宅で事務所、店舗その他これらに類する用途を兼ねるもの | C8: 08060 | D8: 住宅で事務所、店舗その他これらに類する用途を兼ねるもの
A9: 学校系 | B9: =C9&":"&D9 -> 08070:幼稚園 | C9: 08070 | D9: 幼稚園
A10: 学校系 | B10: =C10&":"&D10 -> 08080:小学校 | C10: 08080 | D10: 小学校
A11: 学校系 | B11: =C11&":"&D11 -> 08090:中学校、高等学校又は中等教育学校 | C11: 08090 | D11: 中学校、高等学校又は中等教育学校
A12: 学校系 | B12: =C12&":"&D12 -> 08100:養護学校、盲学校又は聾学校 | C12: 08100 | D12: 養護学校、盲学校又は聾学校
A13: 学校系 | B13: =C13&":"&D13 -> 08110:大学又は高等専門学校 | C13: 08110 | D13: 大学又は高等専門学校
A14: 学校系 | B14: =C14&":"&D14 -> 08120:専修学校 | C14: 08120 | D14: 専修学校
... A21: 福祉公衆系 | B21: =C21&":"&D21 -> 08190:助産所 | C21: 08190 | D21: 助産所
A22: 福祉公衆系 | B22: =C22&":"&D22 -> 08210:児童福祉施設等 | C22: 08210 | D22: 児童福祉施設等 | E22: 前３項に掲げるものを除く
A23: 福祉公衆系 | B23: =C23&":"&D23 -> 08230:公衆浴場（個室付浴場業に係る公衆浴場を除く） | C23: 08230 | D23: 公衆浴場（個室付浴場業に係る公衆浴場を除く）
A24: 医療系 | B24: =C24&":"&D24 -> 08240:診療所（患者の収容施設のあるものに限る。） | C24: 08240 | D24: 診療所（患者の収容施設のあるものに限る。）
A25: 医療系 | B25: =C25&":"&D25 -> 08250:診療所（患者の収容施設のないものに限る。） | C25: 08250 | D25: 診療所（患者の収容施設のないものに限る。）
A26: 医療系 | B26: =C26&":"&D26 -> 08260:病院 | C26: 08260 | D26: 病院
A27: 公共系 | B27: =C27&":"&D27 -> 08280:公衆電話所 | C27: 08280 | D27: 公衆電話所
A28: 公共系 | B28: =C28&":"&D28 -> 08310:公衆便所、休憩所又は路線バスの停留所の上家 | C28: 08310 | D28: 公衆便所、休憩所又は路線バスの停留所の上家
A29: 公共系 | B29: =C29&":"&D29 -> 08320:建築基準法施行令第130条の4第5号に基づき建設大臣が指定する施設 | C29: 08320 | D29: 建築基準法施行令第130条の4第5号に基づき建設大臣が指定する施設
A30: 工場系 | B30: =C30&":"&D30 -> 08340:工場（自動車修理工場を除く） | C30: 08340 | D30: 工場（自動車修理工場を除く）
A31: 工場系 | B31: =C31&":"&D31 -> 08350:自動車修理工場 | C31: 08350 | D31: 自動車修理工場
A32: 工場系 | B32: =C32&":"&D32 -> 08360:危険物の貯蔵又は処理に供するもの | C32: 08360 | D32: 危険物の貯蔵又は処理に供するもの
A33: 体育系 | B33: =C33&":"&D33 -> 08370:ボーリング場、スケート場、水泳場、スキー場、ゴルフ練習場又はバッティング練習場 | C33: 08370 | D33: ボーリング場、スケート場、水泳場、スキー場、ゴルフ練習場又はバッティング練習場
A34: 体育系 | B34: =C34&":"&D34 -> 08380:体育館又はスポーツの練習場 | C34: 08380 | D34: 体育館又はスポーツの練習場 | E34: 前項に掲げるものを除く
A35: 風俗 公害系 | B35: =C35&":"&D35 -> 08390:マージャン屋、ぱちんこ屋、射的場、勝馬投票券発売所、場外車券売場その他これらに類するもの又はカラオケボックスその他これらに類するもの | C35: 08390 | D35: マージャン屋、ぱちんこ屋、射的場、勝馬投票券発売所、場外車券売場その他これらに類するもの又はカラオケボックスその他これらに類するもの
A36: 風俗 公害系 | B36: =C36&":"&D36 -> 08400:ホテル又は旅館 | C36: 08400 | D36: ホテル又は旅館
A37: 風俗 公害系 | B37: =C37&":"&D37 -> 08410:自動車教習所 | C37: 08410 | D37: 自動車教習所
A38: 風俗 公害系 | B38: =C38&":"&D38 -> 08420:畜舎 | C38: 08420 | D38: 畜舎
A39: 風俗 公害系 | B39: =C39&":"&D39 -> 08430:堆肥舎又は水産物の増殖場若しくは養殖場 | C39: 08430 | D39: 堆肥舎又は水産物の増殖場若しくは養殖場
A40: サービス 事務系 | B40: =C40&":"&D40 -> 08438:日用品の販売を主たる目的とする店舗 | C40: 08438 | D40: 日用品の販売を主たる目的とする店舗
A41: サービス 事務系 | B41: =C41&":"&D41 -> 08440:百貨店、マーケットその他の物品販売業を営む店舗 | C41: 08440 | D41: 百貨店、マーケットその他の物品販売業を営む店舗 | E41: 前項に掲げるもの及び専ら性的好奇心をそそる写真その他の物品の販売を行うものを除く
A42: サービス 事務系 | B42: =C42&":"&D42 -> 08450:飲食店 | C42: 08450 | D42: 飲食店 | E42: 食堂又は喫茶店を除く
A43: サービス 事務系 | B43: =C43&":"&D43 -> 08452:食堂又は喫茶店 | C43: 08452 | D43: 食堂又は喫茶店
A44: サービス 事務系 | B44: =C44&":"&D44 -> 08456:理髪店、美容院、クリーニング取次店、質屋、貸衣装屋、貸本屋その他これらに類するサービス業を営む店舗等 | C44: 08456 | D44: 理髪店、美容院、クリーニング取次店、質屋、貸衣装屋、貸本屋その他これらに類するサービス業を営む店舗等 | E44: Ｂ・Ｃ：作業場の床面積の合計が50㎡以内（原動機使用の場合は出力合計0.75kw以下） Ａ・Ｄ：制限なし
A45: サービス 事務系 | B45: =C45&":"&D45 -> 08458:銀行の支店、損害保険代理店、宅地建物取引業を営む店舗そのたこれらに類するサービス業を営む店舗 | C45: 08458 | D45: 銀行の支店、損害保険代理店、宅地建物取引業を営む店舗そのたこれらに類するサービス業を営む店舗
A46: サービス 事務系 | B46: =C46&":"&D46 -> 08460:物品販売業を営む店舗以外の店舗 | C46: 08460 | D46: 物品販売業を営む店舗以外の店舗 | E46: 前２項に掲げるものを除く
A47: サービス 事務系 | B47: =C47&":"&D47 -> 08470:事務所 | C47: 08470 | D47: 事務所
A48: 特建系 | B48: =C48&":"&D48 -> 08480:映画スタジオ又はテレビスタジオ | C48: 08480 | D48: 映画スタジオ又はテレビスタジオ
A49: 特建系 | B49: =C49&":"&D49 -> 08490:自動車車庫 | C49: 08490 | D49: 自動車車庫
A50: 特建系 | B50: =C50&":"&D50 -> 08500:自転車駐車場 | C50: 08500 | D50: 自転車駐車場
A51: 特建系 | B51: =C51&":"&D51 -> 08510:倉庫業を営む倉庫 | C51: 08510 | D51: 倉庫業を営む倉庫
A52: 特建系 | B52: =C52&":"&D52 -> 08520:倉庫業を営まない倉庫 | C52: 08520 | D52: 倉庫業を営まない倉庫
A53: 特建系 | B53: =C53&":"&D53 -> 08530:劇場、映画館又は演芸場 | C53: 08530 | D53: 劇場、映画館又は演芸場
A54: 特建系 | B54: =C54&":"&D54 -> 08540:観覧場 | C54: 08540 | D54: 観覧場
A55: 特建系 | B55: =C55&":"&D55 -> 08550:公会堂又は集会場 | C55: 08550 | D55: 公会堂又は集会場
A56: 特建系 | B56: =C56&":"&D56 -> 08560:展示場 | C56: 08560 | D56: 展示場
A57: 特建系 | B57: =C57&":"&D57 -> 08570:料理店 | C57: 08570 | D57: 料理店
A58: 特建系 | B58: =C58&":"&D58 -> 08580:キャバレー、カフェー、ナイトクラブ又はバー | C58: 08580 | D58: キャバレー、カフェー、ナイトクラブ又はバー
... A68: 公共系 | B68: =C68&":"&D68 -> 08330:税務署、警察署、保健所又は消防署その他これらに類するもの | C68: 08330 | D68: 税務署、警察署、保健所又は消防署その他これらに類するもの
B69: =IF(C69="","",C69&":"&D69) -> 08630:農産物の生産、集荷、処理又は貯蔵に供するもの | C69: 08630 | D69: 農産物の生産、集荷、処理又は貯蔵に供するもの
B70: =IF(C70="","",C70&":"&D70) -> 08640:農業の生産資材の貯蔵に供するもの | C70: 08640 | D70: 農業の生産資材の貯蔵に供するもの
B71: =IF(C71="","",C71&":"&D71) -> 08650:田園住居地域及びその周辺の地域で生産された農産物販売店等 | C71: 08650 | D71: 田園住居地域及びその周辺の地域で生産された農産物販売店等
B72: =IF(C72="","",C72&":"&D72)

Sheet 担当者登録
A1: 戻る | B1: 氏名 | C1: 資格 | D1: 資格登録 | E1: 登録番号 | G1: 事務所名 | H1: 事務所資格 | I1: 事務所資格登録 | J1: 事務所登録番号 | K1: 郵便番号 | L1: 所在地 | M1: 電話番号
A2: =ROW()-1 -> 1
A3: =ROW()-1 -> 2
A4: =ROW()-1 -> 3
A5: =ROW()-1 -> 4
A6: =ROW()-1 -> 5
A7: =ROW()-1 -> 6
A8: =ROW()-1 -> 7
A9: =ROW()-1 -> 8
A10: =ROW()-1 -> 9
A11: =ROW()-1 -> 10
A12: =ROW()-1 -> 11
A13: =ROW()-1 -> 12
... A51: =ROW()-1 -> 50

Sheet 構造・設備担当者登録
A1: 戻る | B1: 氏名 | C1: 登録番号
A2: =ROW()-1 -> 1
A3: =ROW()-1 -> 2
A4: =ROW()-1 -> 3
A5: =ROW()-1 -> 4
A6: =ROW()-1 -> 5
A7: =ROW()-1 -> 6
A8: =ROW()-1 -> 7
A9: =ROW()-1 -> 8
A10: =ROW()-1 -> 9
A11: =ROW()-1 -> 10
A12: =ROW()-1 -> 11
A13: =ROW()-1 -> 12
... A51: =ROW()-1 -> 50

Sheet 施工者登録
A1: 戻る | B1: 氏名 | C1: 資格登録 | D1: 許可番号 | E1: 登録番号 | F1: 事務所名 | G1: 郵便番号 | H1: 所在地 | I1: 電話番号
A2: =ROW()-1 -> 1
A3: =ROW()-1 -> 2
A4: =ROW()-1 -> 3
A5: =ROW()-1 -> 4
A6: =ROW()-1 -> 5
A7: =ROW()-1 -> 6
A8: =ROW()-1 -> 7
A9: =ROW()-1 -> 8
A10: =ROW()-1 -> 9
A11: =ROW()-1 -> 10
A12: =ROW()-1 -> 11
A13: =ROW()-1 -> 12
... A51: =ROW()-1 -> 50

Sheet 項目一覧
A1: 戻る | B1: フィールド名 | C1: 入力項目 | D1: 値1 | E1: 値2 | F1: 値3 | G1: 値4 | H1: 値5 | I1: 値6 | J1: 値7 | K1: 値8 | L1: 値9 | M1: 値10 | N1: 値11 | O1: 値12 | P1: 値13 | Q1: 値14 | R1: 値15 | S1: 値16
A2: 1 | B2: メーカー会社名 | C2: =IF('確認申請書（建築）入力'!$AT$27="","",'確認申請書（建築）入力'!$AT$27) | S2: ""
A3: 2 | B3: メーカー事業所 | C3: =IF('確認申請書（建築）入力'!$AT$28="","",'確認申請書（建築）入力'!$AT$28) | S3: ""
A4: 3 | B4: 建築主氏名１ | C4: =IF('確認申請書（建築）入力'!$M$19="","",'確認申請書（建築）入力'!$M$19) | S4: ""
A5: 4 | B5: 建築主氏名１フリガナ | C5: =IF('確認申請書（建築）入力'!$M$18="","",'確認申請書（建築）入力'!$M$18) | S5: ""
A6: 5 | B6: 建築主郵便番号 | C6: =IF('確認申請書（建築）入力'!$M$20="","",'確認申請書（建築）入力'!$M$20) | S6: ""
A7: 6 | B7: 建築主住所 | C7: =IF('確認申請書（建築）入力'!$M$21="","",'確認申請書（建築）入力'!$M$21) | S7: ""
A8: 7 | B8: 建築主電話番号 | C8: =IF('確認申請書（建築）入力'!$M$22="","",'確認申請書（建築）入力'!$M$22) | S8: ""
A9: 8 | B9: 代理者資格 | C9: =IF('確認申請書（建築）入力'!$N$26="","",'確認申請書（建築）入力'!$N$26) | D9: 1 | S9: ""
A10: 9 | B10: 代理者登録種類 | C10: =IF('確認申請書（建築）入力'!$V$26="","",'確認申請書（建築）入力'!$V$26) | D10: 1 | S10: ""
A11: 10 | B11: 代理者登録番号 | C11: =IF('確認申請書（建築）入力'!$AE$26="","",'確認申請書（建築）入力'!$AE$26) | S11: ""
A12: 11 | B12: 代理者氏名 | C12: =IF('確認申請書（建築）入力'!$M$27="","",'確認申請書（建築）入力'!$M$27) | S12: ""
A13: 12 | B13: 代理者事務所名資格 | C13: =IF('確認申請書（建築）入力'!$N$28="","",'確認申請書（建築）入力'!$N$28) | D13: 1 | S13: ""
A14: 13 | B14: 代理者事務所名登録種類 | C14: =IF('確認申請書（建築）入力'!$W$28="","",'確認申請書（建築）入力'!$W$28) | D14: 1 | S14: ""
A15: 14 | B15: 代理者事務所登録番号 | C15: =IF('確認申請書（建築）入力'!$AE$28="","",'確認申請書（建築）入力'!$AE$28) | S15: ""
A16: 15 | B16: 代理者事務所名 | C16: =IF('確認申請書（建築）入力'!$M$29="","",'確認申請書（建築）入力'!$M$29) | S16: ""
A17: 16 | B17: 代理者郵便番号 | C17: =IF(OR('確認申請書（建築）入力'!$M$30="",'確認申請書（建築）入力'!$M$30=0),"",'確認申請書（建築）入力'!$M$30) | S17: ""
A18: 17 | B18: 代理者所在地 | C18: =IF(OR('確認申請書（建築）入力'!$M$31="",'確認申請書（建築）入力'!$M$31=0),"",'確認申請書（建築）入力'!$M$31) | S18: ""
A19: 18 | B19: 代理者電話番号 | C19: =IF(OR('確認申請書（建築）入力'!$M$32="",'確認申請書（建築）入力'!$M$32=0),"",'確認申請書（建築）入力'!$M$32) | S19: ""
A20: 19 | B20: 代理者FAX番号 | C20: =IF('確認申請書（建築）入力'!$M$33="","",'確認申請書（建築）入力'!$M$33) | S20: ""
A21: 20 | B21: 建築主会社名フリガナ | C21: =IF('確認申請書（建築）入力'!$M$15="","",'確認申請書（建築）入力'!$M$15) | S21: ""
A22: 21 | B22: 設計者資格 | C22: =IF('確認申請書（建築）入力'!$N$36="","",'確認申請書（建築）入力'!$N$36) | D22: 1 | S22: ""
A23: 22 | B23: 設計者登録種類 | C23: =IF('確認申請書（建築）入力'!$V$36="","",'確認申請書（建築）入力'!$V$36) | D23: 1 | S23: ""
A24: 23 | B24: 設計者登録番号 | C24: =IF('確認申請書（建築）入力'!$AE$36="","",'確認申請書（建築）入力'!$AE$36) | S24: ""
A25: 24 | B25: 設計者氏名 | C25: =IF('確認申請書（建築）入力'!$M$37="","",'確認申請書（建築）入力'!$M$37) | S25: ""
A26: 25 | B26: 設計者実担当氏名 | C26: =IF('確認申請書（建築）入力'!$AS$37="","",'確認申請書（建築）入力'!$AS$37) | S26: ""
A27: 26 | B27: 設計者事務所名資格 | C27: =IF('確認申請書（建築）入力'!$N$38="","",'確認申請書（建築）入力'!$N$38) | D27: 1 | S27: ""
A28: 27 | B28: 設計者事務所名登録種類 | C28: =IF('確認申請書（建築）入力'!$W$38="","",'確認申請書（建築）入力'!$W$38) | D28: 1 | S28: ""
A29: 28 | B29: 設計者事務所登録番号 | C29: =IF('確認申請書（建築）入力'!$AE$38="","",'確認申請書（建築）入力'!$AE$38) | S29: ""
A30: 29 | B30: 設計者事務所名 | C30: =IF('確認申請書（建築）入力'!$M$39="","",'確認申請書（建築）入力'!$M$39) | S30: ""
A31: 30 | B31: 設計者郵便番号 | C31: =IF(OR('確認申請書（建築）入力'!$M$40="",'確認申請書（建築）入力'!$M$40=0),"",'確認申請書（建築）入力'!$M$40) | S31: ""
A32: 31 | B32: 設計者所在地 | C32: =IF(OR('確認申請書（建築）入力'!$M$41="",'確認申請書（建築）入力'!$M$41=0),"",'確認申請書（建築）入力'!$M$41) | S32: ""
A33: 32 | B33: 設計者電話番号 | C33: =IF(OR('確認申請書（建築）入力'!$M$42="",'確認申請書（建築）入力'!$M$42=0),"",'確認申請書（建築）入力'!$M$42) | S33: ""
A34: 33 | B34: 設計者FAX番号 | C34: =IF('確認申請書（建築）入力'!$AS$42="","",'確認申請書（建築）入力'!$AS$42) | S34: ""
A35: 34 | B35: 設計者作成した設計図書 | C35: =IF('確認申請書（建築）入力'!$M$43="","",'確認申請書（建築）入力'!$M$43) | S35: ""
A36: 35 | B36: 建築設備氏名 | C36: =IF('確認申請書（建築）入力'!$M$97="","",'確認申請書（建築）入力'!$M$97) | S36: ""
A37: 36 | B37: 建築設備勤務先 | C37: =IF('確認申請書（建築）入力'!$M$98="","",'確認申請書（建築）入力'!$M$98) | S37: ""
A38: 37 | B38: 建築設備郵便番号 | C38: =IF('確認申請書（建築）入力'!$M$99="","",'確認申請書（建築）入力'!$M$99) | S38: ""
A39: 38 | B39: 建築設備所在地 | C39: =IF('確認申請書（建築）入力'!$M$100="","",'確認申請書（建築）入力'!$M$100) | S39: ""
A40: 39 | B40: 建築設備電話番号 | C40: =IF('確認申請書（建築）入力'!$M$101="","",'確認申請書（建築）入力'!$M$101) | S40: ""
A41: 40 | B41: 設計意見建築設備登録番号 | C41: =IF('確認申請書（建築）入力'!$M$102="","",'確認申請書（建築）入力'!$M$102)
A42: 41 | B42: 設計意見建築設備設計図書 | C42: =IF('確認申請書（建築）入力'!$M$103="","",'確認申請書（建築）入力'!$M$103) | S42: ""
A43: 42 | B43: 監理者資格 | C43: =IF('確認申請書（建築）入力'!$N$132="","",'確認申請書（建築）入力'!$N$132) | D43: 1 | S43: ""
A44: 43 | B44: 監理者登録種類 | C44: =IF('確認申請書（建築）入力'!$V$132="","",'確認申請書（建築）入力'!$V$132) | D44: 1 | S44: ""
A45: 44 | B45: 監理者登録番号 | C45: =IF('確認申請書（建築）入力'!$AE$132="","",'確認申請書（建築）入力'!$AE$132) | S45: ""
A46: 45 | B46: 監理者氏名 | C46: =IF('確認申請書（建築）入力'!$M$133="","",'確認申請書（建築）入力'!$M$133) | S46: ""
A47: 46 | B47: 監理者事務所名資格 | C47: =IF('確認申請書（建築）入力'!$N$134="","",'確認申請書（建築）入力'!$N$134) | D47: 1 | S47: ""
A48: 47 | B48: 監理者事務所名登録種類 | C48: =IF('確認申請書（建築）入力'!$W$134="","",'確認申請書（建築）入力'!$W$134) | D48: 1 | S48: ""
A49: 48 | B49: 監理者事務所登録番号 | C49: =IF('確認申請書（建築）入力'!$AE$134="","",'確認申請書（建築）入力'!$AE$134) | S49: ""
A50: 49 | B50: 監理者事務所名 | C50: =IF('確認申請書（建築）入力'!$M$135="","",'確認申請書（建築）入力'!$M$135) | S50: ""
A51: 50 | B51: 監理者郵便番号 | C51: =IF(OR('確認申請書（建築）入力'!$M$136="",'確認申請書（建築）入力'!$M$136=0),"",'確認申請書（建築）入力'!$M$136) | S51: ""
A52: 51 | B52: 監理者所在地 | C52: =IF(OR('確認申請書（建築）入力'!$M$137="",'確認申請書（建築）入力'!$M$137=0),"",'確認申請書（建築）入力'!$M$137) | S52: ""
A53: 52 | B53: 監理者電話番号 | C53: =IF(OR('確認申請書（建築）入力'!$M$138="",'確認申請書（建築）入力'!$M$138=0),"",'確認申請書（建築）入力'!$M$138) | S53: ""
A54: 53 | B54: 監理者設計図書 | C54: =IF('確認申請書（建築）入力'!$M$139="","",'確認申請書（建築）入力'!$M$139) | S54: ""
A55: 54 | B55: 施工者氏名 | C55: =IF('確認申請書（建築）入力'!$M$206="","",'確認申請書（建築）入力'!$M$206) | S55: ""
A56: 55 | B56: 施工者営業所名登録種類 | C56: =IF('確認申請書（建築）入力'!$S$207="","",'確認申請書（建築）入力'!$S$207) | D56: 1 | S56: ""
A57: 56 | B57: 施工者営業所名資格 | C57: =IF('確認申請書（建築）入力'!$Z$207="","",'確認申請書（建築）入力'!$Z$207) | D57: 1 | S57: " "
A58: 57 | B58: 施工者営業所登録番号 | C58: =IF('確認申請書（建築）入力'!$AE$207="","",'確認申請書（建築）入力'!$AE$207) | S58: ""
A59: 58 | B59: 施工者営業所名 | C59: =IF('確認申請書（建築）入力'!$M$208="","",'確認申請書（建築）入力'!$M$208) | S59: ""
A60: 59 | B60: 施工者郵便番号 | C60: =IF(OR('確認申請書（建築）入力'!$M$209="",'確認申請書（建築）入力'!$M$209=0),"",'確認申請書（建築）入力'!$M$209) | S60: ""
A61: 60 | B61: 施工者所在地 | C61: =IF(OR('確認申請書（建築）入力'!$M$210="",'確認申請書（建築）入力'!$M$210=0),"",'確認申請書（建築）入力'!$M$210) | S61: ""
A62: 61 | B62: 施工者電話番号 | C62: =IF(OR('確認申請書（建築）入力'!$M$211="",'確認申請書（建築）入力'!$M$211=0),"",'確認申請書（建築）入力'!$M$211) | S62: ""
A63: 62 | B63: 施工者実担当氏名 | C63: =IF('確認申請書（建築）入力'!$AS$206="","",'確認申請書（建築）入力'!$AS$206) | S63: ""
A64: 63 | B64: 施工者実電話番号 | C64: =IF('確認申請書（建築）入力'!$AS$209="","",'確認申請書（建築）入力'!$AS$209) | S64: ""
A65: 64 | B65: 施工者実FAX番号 | C65: =IF('確認申請書（建築）入力'!$AS$210="","",'確認申請書（建築）入力'!$AS$210) | S65: ""
A66: 65 | B66: 一面備考 | C66: =IF('確認申請書（建築）入力'!$M$233="","",'確認申請書（建築）入力'!$M$233) | S66: ""
A67: 66 | B67: 建築名称 | C67: =IF('確認申請書（建築）入力'!$M$11="","",'確認申請書（建築）入力'!$M$11) | S67: ""
A68: 67 | B68: 建築名称フリガナ | C68: =IF('確認申請書（建築）入力'!$M$10="","",'確認申請書（建築）入力'!$M$10) | S68: ""
A69: 68 | B69: 地名地番県 | C69: =IF(INDEX(値一覧項目!$C$2:$C24,$D$69)="","",INDEX(値一覧項目!$C$2:$C24,$D$69)) | D69: 1 | S69: ""
A70: 69 | B70: 地名地番市町 | C70: =IF('確認申請書（建築）入力'!$R$238="","",'確認申請書（建築）入力'!$R$238) | S70: ""
A71: 70 | B71: 地名地番その他 | C71: =IF('確認申請書（建築）入力'!$AA$238="","",'確認申請書（建築）入力'!$AA$238) | S71: ""
A72: 71 | B72: 住居表示県 | C72: =IF(INDEX(値一覧項目!$C$2:$C24,$D$72)="","",INDEX(値一覧項目!$C$2:$C24,$D$72)) | D72: 1 | S72: ""
A73: 72 | B73: 住居表示市町 | C73: =IF('確認申請書（建築）入力'!$R$239="","",'確認申請書（建築）入力'!$R$239) | S73: ""
A74: 73 | B74: 住居表示その他 | C74: =IF('確認申請書（建築）入力'!$AA$239="","",'確認申請書（建築）入力'!$AA$239) | S74: ""
A75: 74 | B75: 都市計画区域内外 | C75: =IF($D$75 = TRUE,"内",IF($E$75 = TRUE,"準都市",IF($F$75 = TRUE,"外",""))) | D75: FALSE | E75: FALSE | F75: FALSE | S75: ""
A76: 75 | B76: 市街化選択 | C76: =IF($D$76=TRUE,"市街化区域",IF($E$76=TRUE,"市街化調整区域",IF($F$76=TRUE,"区域区分未設定都市計画区域",""))) | D76: FALSE | E76: FALSE | F76: FALSE | S76: ""
A77: 76 | B77: 市街化選択2
A78: 77 | B78: 防火地域1 | C78: =IF($D$78=TRUE,"防火地域",IF($E$78=TRUE,"準防火地域",IF($F$78=TRUE,"指定無し",""))) | D78: FALSE | E78: FALSE | F78: FALSE | S78: ""
A79: 78 | B79: 防火地域2
A80: 79 | B80: その他の区域1 | C80: =IF(INDEX(値一覧項目!$N$2:$N17,$D$80)="","",INDEX(値一覧項目!$N$2:$N17,$D$80)) | D80: 1 | S80: ""
A81: 80 | B81: その他の区域2 | C81: =IF(INDEX(値一覧項目!$N$2:$N17,$D$81)="","",INDEX(値一覧項目!$N$2:$N17,$D$81)) | D81: 1 | S81: ""
A82: 81 | B82: その他の区域3 | C82: =IF(INDEX(値一覧項目!$N$2:$N18,$D$82)="","",INDEX(値一覧項目!$N$2:$N18,$D$82)) | D82: 1 | S82: ""
A83: 82 | B83: その他の区域4 | C83: =IF(INDEX(値一覧項目!$N$2:$N19,$D$83)="","",INDEX(値一覧項目!$N$2:$N19,$D$83)) | D83: 1 | S83: ""
A84: 83 | B84: その他の区域5 | C84: =IF(INDEX(値一覧項目!$N$2:$N20,$D$84)="","",INDEX(値一覧項目!$N$2:$N20,$D$84)) | D84: 1 | S84: ""
A85: 84 | B85: その他の区域6 | C85: =IF('確認申請書（建築）入力'!$AI$249="","",'確認申請書（建築）入力'!$AI$249) | S85: ""
A86: 85 | B86: 道路幅員 | C86: =IF('確認申請書（建築）入力'!$N$252="","",TEXT('確認申請書（建築）入力'!$N$252,"#0.000")) | S86: ""
A87: 86 | B87: 道路接道 | C87: =IF('確認申請書（建築）入力'!$N$253="","",TEXT('確認申請書（建築）入力'!$N$253,"#0.000")) | S87: ""
A88: 87 | B88: 敷地面積a | C88: =IF('確認申請書（建築）入力'!$N$256="","",TEXT('確認申請書（建築）入力'!$N$256,"#0.00")) | S88: ""
A89: 88 | B89: 敷地面積b | C89: =IF('確認申請書（建築）入力'!$T$256="","",TEXT('確認申請書（建築）入力'!$T$256,"#0.00")) | S89: ""
A90: 89 | B90: 敷地面積c | C90: =IF('確認申請書（建築）入力'!$Z$256="","",TEXT('確認申請書（建築）入力'!$Z$256,"#0.00")) | S90: ""
A91: 90 | B91: 敷地面積d | C91: =IF('確認申請書（建築）入力'!$AF$256="","",TEXT('確認申請書（建築）入力'!$AF$256,"#0.00")) | S91: ""
A92: 91 | B92: 敷地面積a壁面後退部分 | C92: =IF('確認申請書（建築）入力'!$N$257="","",TEXT('確認申請書（建築）入力'!$N$257,"#0.00")) | S92: ""
A93: 92 | B93: 敷地面積b壁面後退部分 | C93: =IF('確認申請書（建築）入力'!$T$257="","",TEXT('確認申請書（建築）入力'!$T$257,"#0.00")) | S93: ""
A94: 93 | B94: 敷地面積c壁面後退部分 | C94: =IF('確認申請書（建築）入力'!$Z$257="","",TEXT('確認申請書（建築）入力'!$Z$257,"#0.00")) | S94: ""
A95: 94 | B95: 敷地面積d壁面後退部分 | C95: =IF('確認申請書（建築）入力'!$AF$257="","",TEXT('確認申請書（建築）入力'!$AF$257,"#0.00")) | S95: ""
A96: 95 | B96: 用途地域a | C96: =IF(INDEX(値一覧項目!$H$2:$H16,$D$96)="","",INDEX(値一覧項目!$H$2:$H16,$D$96)) | D96: 1 | S96: ""
A97: 96 | B97: 用途地域b | C97: =IF(INDEX(値一覧項目!$H$2:$H17,$D$97)="","",INDEX(値一覧項目!$H$2:$H17,$D$97)) | D97: 1 | S97: ""
A98: 97 | B98: 用途地域c | C98: =IF(INDEX(値一覧項目!$H$2:$H18,$D$98)="","",INDEX(値一覧項目!$H$2:$H18,$D$98)) | D98: 1 | S98: ""
A99: 98 | B99: 用途地域d | C99: =IF(INDEX(値一覧項目!$H$2:$H19,$D$99)="","",INDEX(値一覧項目!$H$2:$H19,$D$99)) | D99: 1 | S99: ""
A100: 99 | B100: 容積率a | C100: =IF('確認申請書（建築）入力'!$N$260="","",TEXT('確認申請書（建築）入力'!$N$260,"#0.00")) | S100: ""
...

Sheet 項目一覧②
A1: 出力列順 | B1: 大項目 | C1: 中項目 | D1: 小項目 | E1: フィールド名 | F1: 入力項目 | G1: 値1 | H1: 値2 | I1: 値3 | J1: 値4 | K1: 値5 | L1: 値6 | M1: 値7 | N1: 値8 | O1: 値9 | P1: 値10 | Q1: 値11 | R1: 値12 | S1: 値13 | T1: 値14 | U1: 値15 | V1: 値16
A2: 1 | B2: 第4面 | C2: 1 | E2: 棟番号 | F2: ='確認申請書（建築）入力'!$M$343 -> 1
A3: =A2+1 -> 2 | B3: 第4面 | C3: 1 | E3: 用途区分a | F3: =IF(INDEX(主要用途!$C$2:$C63,$G$3)="","",INDEX(主要用途!$C$2:$C63,$G$3)) | G3: 1
A4: =A3+1 -> 3 | B4: 第4面 | C4: 1 | E4: 用途区分b | F4: =IF(INDEX(主要用途!$C$2:$C64,$G$4)="","",INDEX(主要用途!$C$2:$C64,$G$4)) | G4: 1
A5: =A4+1 -> 4 | B5: 第4面 | C5: 1 | E5: 用途区分c | F5: =IF(INDEX(主要用途!$C$2:$C65,$G$5)="","",INDEX(主要用途!$C$2:$C65,$G$5)) | G5: 1
A6: =A5+1 -> 5 | B6: 第4面 | C6: 1 | E6: 用途表示a | F6: =IF('確認申請書（建築）入力'!$S$345="","",'確認申請書（建築）入力'!$S$345)
A7: =A6+1 -> 6 | B7: 第4面 | C7: 1 | E7: 用途表示b | F7: =IF('確認申請書（建築）入力'!$S$346="","",'確認申請書（建築）入力'!$S$346)
A8: =A7+1 -> 7 | B8: 第4面 | C8: 1 | E8: 用途表示c | F8: =IF('確認申請書（建築）入力'!$S$347="","",'確認申請書（建築）入力'!$S$347)
A9: =A8+1 -> 8 | B9: 第4面 | C9: 1 | E9: 工事種別 | F9: =IF($G$9=TRUE,"新築",IF($H$9=TRUE,"増築",IF($I$9=TRUE,"改築",IF($J$9=TRUE,"移転",IF($K$9=TRUE,"用途変更",IF($L$9=TRUE,"大規模の修繕",IF($M$9=TRUE,"大規模の模様替",""))))))) | G9: FALSE | H9: FALSE | I9: FALSE | J9: FALSE | K9: FALSE | L9: FALSE | M9: FALSE
A10: =A9+1 -> 9 | B10: 第4面 | C10: 1 | E10: 構造 | F10: =IF(INDEX(値一覧項目!$I$2:$I218,$G$10)="","",INDEX(値一覧項目!$I$2:$I218,$G$10)) | G10: 1
A11: =A10+1 -> 10 | B11: 第4面 | C11: 1 | E11: 耐火建築物 | F11: =IF($G$11=TRUE,'確認申請書（建築）入力'!$N$354,"")&IF($H$11=TRUE,"/"&'確認申請書（建築）入力'!$N$356,"")&IF($I$11=TRUE,"/"&'確認申請書（建築）入力'!$Z$354,"")&IF($J$11=TRUE,"/"&'確認申請書（建築）入力'!$AG$354,"")&IF($K$11=TRUE,"/"&'確認申請書（建築）入力'!$N$357,"")&IF($L$11=TRUE,"/"&'確認申請書（建築）入力'!$U$357,"")&IF($M$11=TRUE,"/"&'確認申請書（建築）入力'!$AA$357,"")&IF($N$11=TRUE,"/"&'確認申請書（建築）入力'!$AK$357,"") | G11: FALSE | H11: FALSE | I11: FALSE | J11: FALSE | K11: FALSE | L11: FALSE | M11: FALSE | N11: FALSE
A12: =A11+1 -> 11 | B12: 第4面 | C12: 1 | E12: 耐火建築物その他 | F12: =IF('確認申請書（建築）入力'!$AN$357="","",'確認申請書（建築）入力'!$AN$357)
A13: =A12+1 -> 12 | B13: 第4面 | C13: 1 | E13: 階数イ | F13: =IF(INDEX(値一覧項目!$P$2:$P52,$G$13)="","",INDEX(値一覧項目!$P$2:$P52,$G$13)) | G13: 1
A14: =A13+1 -> 13 | B14: 第4面 | C14: 1 | E14: 階数ロ | F14: =IF(INDEX(値一覧項目!$P$2:$P53,$G$14)="","",INDEX(値一覧項目!$P$2:$P53,$G$14)) | G14: 1
A15: =A14+1 -> 14 | B15: 第4面 | C15: 1 | E15: 階数ハ | F15: =IF(INDEX(値一覧項目!$P$2:$P54,$G$15)="","",INDEX(値一覧項目!$P$2:$P54,$G$15)) | G15: 1
A16: =A15+1 -> 15 | B16: 第4面 | C16: 1 | E16: 階数ニ | F16: =IF(INDEX(値一覧項目!$P$2:$P55,$G$16)="","",INDEX(値一覧項目!$P$2:$P55,$G$16)) | G16: 1
A17: =A16+1 -> 16 | B17: 第4面 | C17: 1 | E17: 最高の高さ | F17: =IF('確認申請書（建築）入力'!$M$383="","",TEXT('確認申請書（建築）入力'!$M$383,"#0.000"))
A18: =A17+1 -> 17 | B18: 第4面 | C18: 1 | E18: 最高の軒の高さ | F18: =IF('確認申請書（建築）入力'!$M$384="","",TEXT('確認申請書（建築）入力'!$M$384,"#0.000"))
A19: =A18+1 -> 18 | B19: 第4面 | C19: 1 | E19: 設備の種類 | F19: =IF('確認申請書（建築）入力'!$M$386="","",'確認申請書（建築）入力'!$M$386)
A20: =A19+1 -> 19 | B20: 第4面 | C20: 1 | E20: 特例適用有無1 | F20: =IF($G$20=TRUE,"有",IF($H$20=TRUE,"無","")) | G20: FALSE | H20: FALSE
A21: =A20+1 -> 20 | B21: 第4面 | C21: 1 | E21: 特例適用有無2 | F21: =IF($G$21=TRUE,"有",IF($H$21=TRUE,"無","")) | G21: FALSE | H21: FALSE
A22: =A21+1 -> 21 | B22: 第4面 | C22: 1 | E22: 建築物区分 | F22: =IF('確認申請書（建築）入力'!$Z$399="","",'確認申請書（建築）入力'!$Z$399)
A23: =A22+1 -> 22 | B23: 第4面 | C23: 1 | E23: 当該認定形式認定番号1 | F23: =IF('確認申請書（建築）入力'!$Z$401="","",'確認申請書（建築）入力'!$Z$401)
A24: =A23+1 -> 23 | B24: 第4面 | C24: 1 | E24: 当該認定形式認定番号2 | F24: =IF('確認申請書（建築）入力'!$Z$408="","",'確認申請書（建築）入力'!$Z$408)
A25: =A24+1 -> 24 | B25: 第4面 | C25: 1 | E25: 床面積階数a | F25: =IF(INDEX(値一覧項目!$U$2:$U11,$G$25)="","",INDEX(値一覧項目!$U$2:$U11,$G$25)) | G25: 1
A26: =A25+1 -> 25 | B26: 第4面 | C26: 1 | E26: 床面積階数b | F26: =IF(INDEX(値一覧項目!$U$2:$U12,$G$26)="","",INDEX(値一覧項目!$U$2:$U12,$G$26)) | G26: 1
A27: =A26+1 -> 26 | B27: 第4面 | C27: 1 | E27: 床面積階数c | F27: =IF(INDEX(値一覧項目!$U$2:$U13,$G$27)="","",INDEX(値一覧項目!$U$2:$U13,$G$27)) | G27: 1
A28: =A27+1 -> 27 | B28: 第4面 | C28: 1 | E28: 床面積階数d | F28: =IF(INDEX(値一覧項目!$U$2:$U14,$G$28)="","",INDEX(値一覧項目!$U$2:$U14,$G$28)) | G28: 1
A29: =A28+1 -> 28 | B29: 第4面 | C29: 1 | E29: 床面積階数e | F29: =IF(INDEX(値一覧項目!$U$2:$U15,$G$29)="","",INDEX(値一覧項目!$U$2:$U15,$G$29)) | G29: 1
A30: =A29+1 -> 29 | B30: 第4面 | C30: 1 | E30: 床面積階数f | F30: =IF(INDEX(値一覧項目!$U$2:$U16,$G$30)="","",INDEX(値一覧項目!$U$2:$U16,$G$30)) | G30: 1
A31: =A30+1 -> 30 | B31: 第4面 | C31: 1 | E31: 床面積階数g | F31: =IF(INDEX(値一覧項目!$U$2:$U17,$G$31)="","",INDEX(値一覧項目!$U$2:$U17,$G$31)) | G31: 1
A32: =A31+1 -> 31 | B32: 第4面 | C32: 1 | E32: 床面積申請部分a | F32: =IF('確認申請書（建築）入力'!$S$412="","",TEXT('確認申請書（建築）入力'!$S$412,"#0.00"))
A33: =A32+1 -> 32 | B33: 第4面 | C33: 1 | E33: 床面積申請部分b | F33: =IF('確認申請書（建築）入力'!$S$413="","",TEXT('確認申請書（建築）入力'!$S$413,"#0.00"))
A34: =A33+1 -> 33 | B34: 第4面 | C34: 1 | E34: 床面積申請部分c | F34: =IF('確認申請書（建築）入力'!$S$414="","",TEXT('確認申請書（建築）入力'!$S$414,"#0.00"))
A35: =A34+1 -> 34 | B35: 第4面 | C35: 1 | E35: 床面積申請部分d | F35: =IF('確認申請書（建築）入力'!$S$415="","",TEXT('確認申請書（建築）入力'!$S$415,"#0.00"))
A36: =A35+1 -> 35 | B36: 第4面 | C36: 1 | E36: 床面積申請部分e | F36: =IF('確認申請書（建築）入力'!$S$416="","",TEXT('確認申請書（建築）入力'!$S$416,"#0.00"))
A37: =A36+1 -> 36 | B37: 第4面 | C37: 1 | E37: 床面積申請部分f | F37: =IF('確認申請書（建築）入力'!$S$417="","",TEXT('確認申請書（建築）入力'!$S$417,"#0.00"))
A38: =A37+1 -> 37 | B38: 第4面 | C38: 1 | E38: 床面積申請部分g | F38: =IF('確認申請書（建築）入力'!$S$418="","",TEXT('確認申請書（建築）入力'!$S$418,"#0.00"))
A39: =A38+1 -> 38 | B39: 第4面 | C39: 1 | E39: 床面積申請以外a | F39: =IF('確認申請書（建築）入力'!$Y$412="","",TEXT('確認申請書（建築）入力'!$Y$412,"#0.00"))
A40: =A39+1 -> 39 | B40: 第4面 | C40: 1 | E40: 床面積申請以外b | F40: =IF('確認申請書（建築）入力'!$Y$413="","",TEXT('確認申請書（建築）入力'!$Y$413,"#0.00"))
A41: =A40+1 -> 40 | B41: 第4面 | C41: 1 | E41: 床面積申請以外c | F41: =IF('確認申請書（建築）入力'!$Y$414="","",TEXT('確認申請書（建築）入力'!$Y$414,"#0.00"))
A42: =A41+1 -> 41 | B42: 第4面 | C42: 1 | E42: 床面積申請以外d | F42: =IF('確認申請書（建築）入力'!$Y$415="","",TEXT('確認申請書（建築）入力'!$Y$415,"#0.00"))
A43: =A42+1 -> 42 | B43: 第4面 | C43: 1 | E43: 床面積申請以外e | F43: =IF('確認申請書（建築）入力'!$Y$416="","",TEXT('確認申請書（建築）入力'!$Y$416,"#0.00"))
A44: =A43+1 -> 43 | B44: 第4面 | C44: 1 | E44: 床面積申請以外f | F44: =IF('確認申請書（建築）入力'!$Y$417="","",TEXT('確認申請書（建築）入力'!$Y$417,"#0.00"))
A45: =A44+1 -> 44 | B45: 第4面 | C45: 1 | E45: 床面積申請以外g | F45: =IF('確認申請書（建築）入力'!$Y$418="","",TEXT('確認申請書（建築）入力'!$Y$418,"#0.00"))
A46: =A45+1 -> 45 | B46: 第4面 | C46: 1 | E46: 床面積合計a | F46: =IF('確認申請書（建築）入力'!$AE$412=0,"",TEXT('確認申請書（建築）入力'!$AE$412,"#0.00"))
A47: =A46+1 -> 46 | B47: 第4面 | C47: 1 | E47: 床面積合計b | F47: =IF('確認申請書（建築）入力'!$AE$413=0,"",TEXT('確認申請書（建築）入力'!$AE$413,"#0.00"))
A48: =A47+1 -> 47 | B48: 第4面 | C48: 1 | E48: 床面積合計c | F48: =IF('確認申請書（建築）入力'!$AE$414=0,"",TEXT('確認申請書（建築）入力'!$AE$414,"#0.00"))
A49: =A48+1 -> 48 | B49: 第4面 | C49: 1 | E49: 床面積合計d | F49: =IF('確認申請書（建築）入力'!$AE$415=0,"",TEXT('確認申請書（建築）入力'!$AE$415,"#0.00"))
A50: =A49+1 -> 49 | B50: 第4面 | C50: 1 | E50: 床面積合計e | F50: =IF('確認申請書（建築）入力'!$AE$416=0,"",TEXT('確認申請書（建築）入力'!$AE$416,"#0.00"))
A51: =A50+1 -> 50 | B51: 第4面 | C51: 1 | E51: 床面積合計f | F51: =IF('確認申請書（建築）入力'!$AE$417=0,"",TEXT('確認申請書（建築）入力'!$AE$417,"#0.00"))
A52: =A51+1 -> 51 | B52: 第4面 | C52: 1 | E52: 床面積合計g | F52: =IF('確認申請書（建築）入力'!$AE$418=0,"",TEXT('確認申請書（建築）入力'!$AE$418,"#0.00"))
A53: =A52+1 -> 52 | B53: 第4面 | C53: 1 | E53: 床面積申請部分合計 | F53: =IF('確認申請書（建築）入力'!$S$420=0,"",TEXT('確認申請書（建築）入力'!$S$420,"#0.00"))
A54: =A53+1 -> 53 | B54: 第4面 | C54: 1 | E54: 床面積申請以外合計 | F54: =IF('確認申請書（建築）入力'!$Y$420=0,"",TEXT('確認申請書（建築）入力'!$Y$420,"#0.00"))
A55: =A54+1 -> 54 | B55: 第4面 | C55: 1 | E55: 床面積合計合計 | F55: =IF('確認申請書（建築）入力'!$AE$420=0,"",TEXT('確認申請書（建築）入力'!$AE$420,"#0.00"))
A56: =A55+1 -> 55 | B56: 第4面 | C56: 1 | E56: 屋根 | F56: =IF('確認申請書（建築）入力'!$M$423="","",'確認申請書（建築）入力'!$M$423)
A57: =A56+1 -> 56 | B57: 第4面 | C57: 1 | E57: 外壁 | F57: =IF('確認申請書（建築）入力'!$M$424="","",'確認申請書（建築）入力'!$M$424)
A58: =A57+1 -> 57 | B58: 第4面 | C58: 1 | E58: 軒裏 | F58: =IF('確認申請書（建築）入力'!$M$425="","",'確認申請書（建築）入力'!$M$425)
A59: =A58+1 -> 58 | B59: 第4面 | C59: 1 | E59: 居室の床の高さ | F59: =IF('確認申請書（建築）入力'!$M$426="","",TEXT('確認申請書（建築）入力'!$M$426,"#0.000"))
A60: =A59+1 -> 59 | B60: 第4面 | C60: 1 | E60: 便所の種類 | F60: =IF(INDEX(値一覧項目!$L$2:$L6,$G$60)="","",INDEX(値一覧項目!$L$2:$L6,$G$60)) | G60: 1
A61: =A60+1 -> 60 | B61: 第4面 | C61: 1 | E61: その他必要な事項 | F61: =IF('確認申請書（建築）入力'!$M$429="","",'確認申請書（建築）入力'!$M$429)
A62: =A61+1 -> 61 | B62: 第4面 | C62: 1 | E62: 備考 | F62: =IF('確認申請書（建築）入力'!$M$431="","",'確認申請書（建築）入力'!$M$431)
A63: =A62+1 -> 62 | B63: 第5面 | C63: 1 | D63: 1 | E63: 番号 | F63: =IF('確認申請書（建築）入力'!$M$436="","",'確認申請書（建築）入力'!$M$436) -> 1
A64: =A63+1 -> 63 | B64: 第5面 | C64: 1 | D64: 1 | E64: 階 | F64: =IF('確認申請書（建築）入力'!$M$437="","",'確認申請書（建築）入力'!$M$437)
A65: =A64+1 -> 64 | B65: 第5面 | C65: 1 | D65: 1 | E65: 柱の小径 | F65: =IF('確認申請書（建築）入力'!$M$438="","",TEXT('確認申請書（建築）入力'!$M$438,"#0.000"))
A66: =A65+1 -> 65 | B66: 第5面 | C66: 1 | D66: 1 | E66: 横架材の垂直距離 | F66: =IF('確認申請書（建築）入力'!$M$439="","",TEXT('確認申請書（建築）入力'!$M$439,"#0.000"))
A67: =A66+1 -> 66 | B67: 第5面 | C67: 1 | D67: 1 | E67: 階の高さ | F67: =IF('確認申請書（建築）入力'!$M$440="","",TEXT('確認申請書（建築）入力'!$M$440,"#0.000"))
A68: =A67+1 -> 67 | B68: 第5面 | C68: 1 | D68: 1 | E68: 居室の天井の高さ | F68: =IF('確認申請書（建築）入力'!$M$441="","",TEXT('確認申請書（建築）入力'!$M$441,"#0.000"))
A69: =A68+1 -> 68 | B69: 第5面 | C69: 1 | D69: 1 | E69: 特定天井有無 | F69: =IF($G$69=TRUE,"有",IF($H$69=TRUE,"無","")) | G69: FALSE | H69: FALSE
A70: =A69+1 -> 69 | B70: 第5面 | C70: 1 | D70: 1 | E70: 用途別床面積区分イ | F70: =IF(INDEX(主要用途!$C$2:$C$63,$G$70)="","",INDEX(主要用途!$C$2:$C$63,$G$70)) | G70: 1
A71: =A70+1 -> 70 | B71: 第5面 | C71: 1 | D71: 1 | E71: 用途別床面積区分ロ | F71: =IF(INDEX(主要用途!$C$2:$C$63,$G$71)="","",INDEX(主要用途!$C$2:$C$63,$G$71)) | G71: 1
A72: =A71+1 -> 71 | B72: 第5面 | C72: 1 | D72: 1 | E72: 用途別床面積区分ハ | F72: =IF(INDEX(主要用途!$C$2:$C$63,$G$72)="","",INDEX(主要用途!$C$2:$C$63,$G$72)) | G72: 1
A73: =A72+1 -> 72 | B73: 第5面 | C73: 1 | D73: 1 | E73: 用途別床面積区分ニ | F73: =IF(INDEX(主要用途!$C$2:$C$63,$G$73)="","",INDEX(主要用途!$C$2:$C$63,$G$73)) | G73: 1
A74: =A73+1 -> 73 | B74: 第5面 | C74: 1 | D74: 1 | E74: 用途別床面積区分ホ | F74: =IF(INDEX(主要用途!$C$2:$C$63,$G$74)="","",INDEX(主要用途!$C$2:$C$63,$G$74)) | G74: 1
A75: =A74+1 -> 74 | B75: 第5面 | C75: 1 | D75: 1 | E75: 用途別床面積区分ヘ | F75: =IF(INDEX(主要用途!$C$2:$C$63,$G$75)="","",INDEX(主要用途!$C$2:$C$63,$G$75)) | G75: 1
A76: =A75+1 -> 75 | B76: 第5面 | C76: 1 | D76: 1 | E76: 用途別床面積名称イ | F76: =IF(INDEX(主要用途!$D$2:$D$63,$G$70)="","",INDEX(主要用途!$D$2:$D$63,$G$70))
A77: =A76+1 -> 76 | B77: 第5面 | C77: 1 | D77: 1 | E77: 用途別床面積名称ロ | F77: =IF(INDEX(主要用途!$D$2:$D$63,$G$71)="","",INDEX(主要用途!$D$2:$D$63,$G$71))
A78: =A77+1 -> 77 | B78: 第5面 | C78: 1 | D78: 1 | E78: 用途別床面積名称ハ | F78: =IF(INDEX(主要用途!$D$2:$D$63,$G$72)="","",INDEX(主要用途!$D$2:$D$63,$G$72))
A79: =A78+1 -> 78 | B79: 第5面 | C79: 1 | D79: 1 | E79: 用途別床面積名称ニ | F79: =IF(INDEX(主要用途!$D$2:$D$63,$G$73)="","",INDEX(主要用途!$D$2:$D$63,$G$73))
A80: =A79+1 -> 79 | B80: 第5面 | C80: 1 | D80: 1 | E80: 用途別床面積名称ホ | F80: =IF(INDEX(主要用途!$D$2:$D$63,$G$74)="","",INDEX(主要用途!$D$2:$D$63,$G$74))
A81: =A80+1 -> 80 | B81: 第5面 | C81: 1 | D81: 1 | E81: 用途別床面積名称ヘ | F81: =IF(INDEX(主要用途!$D$2:$D$63,$G$75)="","",INDEX(主要用途!$D$2:$D$63,$G$75))
A82: =A81+1 -> 81 | B82: 第5面 | C82: 1 | D82: 1 | E82: 用途別床面積イ | F82: =IF('確認申請書（建築）入力'!$AE$445="","",TEXT('確認申請書（建築）入力'!$AE$445,"#0.00"))
A83: =A82+1 -> 82 | B83: 第5面 | C83: 1 | D83: 1 | E83: 用途別床面積ロ | F83: =IF('確認申請書（建築）入力'!$AE$446="","",TEXT('確認申請書（建築）入力'!$AE$446,"#0.00"))
A84: =A83+1 -> 83 | B84: 第5面 | C84: 1 | D84: 1 | E84: 用途別床面積ハ | F84: =IF('確認申請書（建築）入力'!$AE$447="","",TEXT('確認申請書（建築）入力'!$AE$447,"#0.00"))
A85: =A84+1 -> 84 | B85: 第5面 | C85: 1 | D85: 1 | E85: 用途別床面積ニ | F85: =IF('確認申請書（建築）入力'!$AE$448="","",TEXT('確認申請書（建築）入力'!$AE$448,"#0.00"))
A86: =A85+1 -> 85 | B86: 第5面 | C86: 1 | D86: 1 | E86: 用途別床面積ホ | F86: =IF('確認申請書（建築）入力'!$AE$449="","",TEXT('確認申請書（建築）入力'!$AE$449,"#0.00"))
A87: =A86+1 -> 86 | B87: 第5面 | C87: 1 | D87: 1 | E87: 用途別床面積ヘ | F87: =IF('確認申請書（建築）入力'!$AE$450="","",TEXT('確認申請書（建築）入力'!$AE$450,"#0.00"))
A88: =A87+1 -> 87 | B88: 第5面 | C88: 1 | D88: 1 | E88: その他必要な事項 | F88: =IF('確認申請書（建築）入力'!$N$452="","",'確認申請書（建築）入力'!$N$452)
A89: =A88+1 -> 88 | B89: 第5面 | C89: 1 | D89: 1 | E89: 備考 | F89: =IF('確認申請書（建築）入力'!$N$455="","",'確認申請書（建築）入力'!$N$455)
A90: =A89+1 -> 89 | B90: 第5面 | C90: 1 | D90: 2 | E90: 番号 | F90: =IF('確認申請書（建築）入力'!$N$459="","",'確認申請書（建築）入力'!$N$459) -> 1
A91: =A90+1 -> 90 | B91: 第5面 | C91: 1 | D91: 2 | E91: 階 | F91: =IF('確認申請書（建築）入力'!$N$460="","",'確認申請書（建築）入力'!$N$460)
A92: =A91+1 -> 91 | B92: 第5面 | C92: 1 | D92: 2 | E92: 柱の小径 | F92: =IF('確認申請書（建築）入力'!$N$461="","",TEXT('確認申請書（建築）入力'!$N$461,"#0.000"))
A93: =A92+1 -> 92 | B93: 第5面 | C93: 1 | D93: 2 | E93: 横架材の垂直距離 | F93: =IF('確認申請書（建築）入力'!$N$462="","",TEXT('確認申請書（建築）入力'!$N$462,"#0.000"))
A94: =A93+1 -> 93 | B94: 第5面 | C94: 1 | D94: 2 | E94: 階の高さ | F94: =IF('確認申請書（建築）入力'!$N$463="","",TEXT('確認申請書（建築）入力'!$N$463,"#0.000"))
A95: =A94+1 -> 94 | B95: 第5面 | C95: 1 | D95: 2 | E95: 居室の天井の高さ | F95: =IF('確認申請書（建築）入力'!$N$464="","",TEXT('確認申請書（建築）入力'!$N$464,"#0.000"))
A96: =A95+1 -> 95 | B96: 第5面 | C96: 1 | D96: 2 | E96: 特定天井有無 | F96: =IF($G$96=TRUE,"有",IF($H$96=TRUE,"無","")) | G96: FALSE | H96: FALSE
A97: =A96+1 -> 96 | B97: 第5面 | C97: 1 | D97: 2 | E97: 用途別床面積区分イ | F97: =IF($G$97=1,"",INDEX(主要用途!$C$2:$C$63,$G$97)) | G97: 1
A98: =A97+1 -> 97 | B98: 第5面 | C98: 1 | D98: 2 | E98: 用途別床面積区分ロ | F98: =IF($G$98=1,"",INDEX(主要用途!$C$2:$C$63,$G$98)) | G98: 1
A99: =A98+1 -> 98 | B99: 第5面 | C99: 1 | D99: 2 | E99: 用途別床面積区分ハ | F99: =IF($G$99=1,"",INDEX(主要用途!$C$2:$C$63,$G$99)) | G99: 1
A100: =A99+1 -> 99 | B100: 第5面 | C100: 1 | D100: 2 | E100: 用途別床面積区分ニ | F100: =IF($G$100=1,"",INDEX(主要用途!$C$2:$C$63,$G$100)) | G100: 1
...

Sheet 更新履歴
A1: 更新履歴 | G1: 作業メニュー
A2: 平成18年
A3: 38875 | B3: 完了検査申込書の（注意）を更新しました（第四面関係⑨）
A4: 38882 | B4: 完了検査申込書（建築主複数）の（注意）を更新しました（第四面関係⑨）
B5: 中間検査申込書・完了検査申込書の日付表記を訂正しました（誤：火・月→正：月・日）
A6: 38979 | B6: 建築工事届の表記を訂正しました（誤：建設主→正：建築主）
A7: 39000 | B7: 建築確認申込書の１４．許可・認定等の欄のセルの設定について、折り返して全体を表示するようにしました。
A8: 39017 | B8: 建築計画概要書に建築基準法令による処分等の概要書を追加しました。
A9: 39052 | B9: 工事施工者の建設業の許可について、プルダウンメニューの項目を追加しました。
A11: 平成19年
A12: 39105 | B12: 代理者等の「代表者」を「氏名」に変更しました（全書式）
B13: 中間・完了検査申込書における「検査を申請する建築物等」に「建築設備（昇降機以外）」を追加しました。
B14: 別記第27号書式「確認申込書（昇降機以外の建築設備）」を追加しました
B15: 別記第28号書式「計画変更確認申込書（昇降機以外の建築設備）」を追加しました
B16: 別記第29号書式「確認済証交付証明申込書」を追加しました
B17: 別記第30号書式「検査済証交付証明申込書」を追加しました
B18: 事前調査表を削除しました
A19: 39122 | B19: 中間検査申込書、完了検査申込書の第一面を変更しました。
A20: 39139 | B20: 建設業の許可番号種類のプルダウンメニューについて、項目を追加しました
B21: 同 リンク不具合を修正しました
B22: トップページより更新履歴のページにリンクをはりました
B23: 帳票右下フッターに更新した日付を表示しました
B24: 更新履歴フッターのページを追加しました
A25: 39173 | B25: 社長名を変更しました
A26: 39245 | B26: 建築基準法施行規則等の一部の改正に係る書式の全面変更しました
A27: 39252 | B27: 代表取締役名表示を中止しました
A28: 39266 | B28: 作成した設計図書等の表示スペースを２行にしました（フッターの変更なし）
A29: 39269 | B29: 支店のプルダウンメニューに東京支店と群馬事務所を追加しました（フッターの変更なし）
A30: 39275 | B30: 「検査添付写真（軸組仕口）」を追加しました。
B31: ｢完了検査添付資料」を「完了検査添付写真（内装仕上）」に変更しました。
A32: 39296 | B32: 地名地番・住居表示の表示スペースを２行にしました（フッターの変更なし）
B33: シートの保護を解除しました（フッターの変更なし）
B34: 印刷領域を示す点線を消去しました（フッターの変更なし）
B35: 「確認審査追加説明書」を追加しました
B36: 「完了検査追加説明書」を追加しました
A37: 39300 | B37: 「確認申請書（建築物）入力」第四面10.床面積の入力欄を増やし、第五面も追加しました。
B38: 「確認申請書（建築物入力）」建物別概要2.用途をプルダウンからコード選択の際に自動入力（手修正可能）に変更しました。
A39: 39321 | B39: 「軽微な変更説明書」を追加しました
A40: 39343 | B40: 「完了検査申請書」「完了検査申請書（申請者複数）」の第三面について、「工事完了予定年月日」を「工事完了年月日」に訂正しました。
A41: 39360 | B41: 「確認審査追加説明書」を一部修正しました
A42: 39400 | B42: 建築基準法施行規則見直しにより、「確認申請書（建築物)注記」、「完了検査申請書注記」および「中間検査申請書注記」を修正しました。
A44: 平成20年
A45: 39552 | B45: 「工事監理者届」を一部修正しました
A46: 39560 | B46: 「建築計画概要書」を一部修正しました
A47: 39619 | B47: 業務規程改定に伴い下記の帳票について一部修正または削除しました
B48: 「軽微変更報告書」
B49: 「確認申請取り下げ届」
B50: 「工事取り止め届」
B51: 「検査取り下げ届」
B52: 「建築主変更届」
B53: 「工事監理者届」
B54: 「工事施工者届」
B55: 「確認審査追加説明書」
B56: 「完了検査追加説明書」
B57: 「軽微な変更説明書」 | H57: (削除)
A58: 39645 | B58: 「工事監理者届」 | H58: 一部修正をしました
A59: 平成21年
A60: 39819 | B60: 建築基準法施行規則の改正による
B61: 「建築工事届」の様式変更
A62: 39868 | B62: 「確認申請書（建築物入力画面」
B63: 『5.その他の区域、地域、地区又は街区』 入力スペースを増やしました。
A64: 40127 | B64: 建築基準法施行規則の改正による
B65: 「確認申請書（建築物入力画面）」の変更
B66: ｢確認申請書{建築物）」、「建築計画概要書」、「計画変更確認申請書（建築物）」の変更
A67: 平成22年
A68: 40240 | B68: 「確認申請書（建築物）」の「建物別概要入力」欄を増やしました。
A69: 40323 | B69: 建築基準法施行規則の改正による
B70: 「完了検査申請書（注記）」の変更
B71: 「中間検査申請書（注記）」の変更
A72: 40328 | B72: 「確認審査追加説明書」の変更
A73: 平成24年
A74: 40948 | B74: 「他の建築主」「他の建築主(2)」のタブ名称と位置の変更
A75: 41172 | B75: 国土交通省令第76号による
B76: 確認申請書（建築物）、計画変更確認申請書（建築物）の第3面、建築計画概要書の第2面の変更
A77: 平成25年
A78: 平成26年
A79: 41730 | B79: 「確認申請書（建築物入力画面）」の変更
B80: ｢確認申請書{建築物）」、「計画変更確認申請書（建築物）」の変更
B81: 「完了検査申請書」の変更
B82: 「中間検査申請書」の変更
B83: 「完了検査申請書（注記）」の変更
B84: 「中間検査申請書（注記）」の変更
A85: 41821 | B85: 項目追加 【11.延べ面積】【ﾊ.エレベーターの昇格路の部分】
B86: 確認申請書（建築物）、計画変更確認申請書（建築物）、建築計画概要書の変更
A87: 41852 | B87: 「主要用途」が３つまで入力できるようになりました。
A88: 41992 | B88: 以下の届につき、届出者に「代理者」を追加する
B89: 確認申請取り下げ届、工事取り止め届、軽微変更報告書、工事監理者届、工事施工者届、中間検査申請取り下げ届、完了検査追加説明書、完了検査申請取り下げ届
A90: 平成27年
A91: 42156 | B91: 確認申請書、建築物別概要 入力画面の変更
C92: （第二面） | F92: 7.構造計算適合性判定の申請 | N92: の追加
C93: （第三面） | F93: 11.延べ面積
G94: ﾛ.地階の住宅又は老人ホーム、福祉ホームその他これらに類するものの部分 | Y94: 表記の変更
G95: ﾙ.老人ホーム、福祉ホームその他これらに類するものの部分 | U95: の追加
C96: （第四面） | F96: 5.耐火建築物等 | K96: 表記の変更
F97: 9.確認の特例
G98: ｲ.建築基準法第６条の３第１項ただし書又は法第１８条第４項ただし書の規定による審査の特例の適用の有無 | AH98: 項目追加
G99: ﾛ～ﾎ | J99: 表記の変更
C100: （第六面） | F100: 建築物独立部分別概要
B101: 印刷 | D101: 確認申請書
D102: 計画変更確認申請書
...

Sheet 更新履歴フッター
A1: 更新履歴フッター一覧 | G1: 作業メニュー | T1: ※直接入力してください
A3: ※各ページのフッターとリンクしているわけではありません。
B5: 確認申請書入力 | C5: 070123
B6: 他の建築主入力 | C6: 070123
B7: 第５面（５～１４）入力 | E7: 0700806
B8: 確認申請書（注記） | C8: 070123 | D8: 070620
A10: (1) | B10: 確認申請書（建築物） | C10: 070123 | D10: 070620 | E10: 0700806
B11: 建築主１名用
B12: 建築主複数名用 | C12: 070123 | D12: 070620 | E12: 0700806
B13: 別紙（他の建築主） | C13: 070123 | D13: 070620
B14: 第５面（５～１４） | E14: 0700806
A15: (2) | B15: 確認申請書（昇降機） | C15: 070123 | D15: 070620
B16: 別紙（他の設置者） | C16: 070123 | D16: 070620
A17: (3) | B17: 確認申請書（昇降機以外の建築設備） | C17: 070123 | D17: 070620
B18: 別紙（他の設置者） | C18: 070123 | D18: 070620
A19: (4) | B19: 確認申請書（工作物１） | C19: 070123 | D19: 070620
B20: （法第８８条第１項）
B21: 別紙（他の築造主） | C21: 070123 | D21: 070620
A22: (5) | B22: 確認申請書（工作物２） | C22: 070123 | D22: 070620
B23: （法第８８条第２項）
B24: 別紙（他の築造主） | C24: 070123 | D24: 070620
A25: (6) | B25: 建築計画概要書 | C25: 070123 | D25: 070620
B26: 建築主１名用
B27: 建築主複数名用 | C27: 070123 | D27: 070620
B28: 別紙（他の建築主） | C28: 070123 | D28: 070620
A29: (7) | B29: 築造計画概要書 | C29: 070123 | D29: 070620
B30: 築造主１名用
B31: 築造主複数名用 | C31: 070123 | D31: 070620
B32: 別紙（他の築造主） | C32: 070123 | D32: 070620
A33: (8) | B33: 計画変更確認申請書（建築物） | C33: 070123 | D33: 070620 | E33: 0700806
B34: 建築主１名用
B35: 建築主複数名用 | C35: 070123 | D35: 070620 | E35: 0700806
B36: 第５面（５～１４） | E36: 0700806
A37: (9) | B37: 計画変更確認申請書（昇降機） | C37: 070123 | D37: 070620
A38: (10) | B38: 計画変更確認申請書 | C38: 070123 | D38: 070620
B39: （昇降機以外の建築設備）
A40: (11) | B40: 計画変更確認申請書（工作物１） | C40: 070123 | D40: 070620
A41: (12) | B41: 計画変更確認申請書（工作物２） | C41: 070123 | D41: 070620
A42: (13) | B42: 中間検査申請書 | C42: 070206 | D42: 070620
B43: 建築主１名用
B44: 建築主複数名用 | C44: 070206 | D44: 070620
A45: (14) | B45: 完了検査申請書 | C45: 070206 | D45: 070620 | E45: 070918
B46: 建築主１名用
B47: 建築主複数名用 | C47: 070206 | D47: 070620 | E47: 070918
A48: (15) | B48: 検査添付写真（軸組仕口） | C48: 070123 | D48: 070620
A49: (16) | B49: 完了検査添付写真（内装仕上） | E49: 070721
A50: (17) | B50: 建築工事届 | C50: 070123 | D50: 070620
A51: (18) | B51: 軽微変更報告書 | C51: 070123 | D51: 070620
A52: (19) | B52: 確認申請取り下げ届 | C52: 070123 | D52: 070620
A53: (20) | B53: 工事取り止め届 | C53: 070123 | D53: 070620
A54: (21) | B54: 検査取り下げ届 | C54: 070123 | D54: 070620
A55: (22) | B55: 建築主等変更届 | C55: 070123 | D55: 070620
A56: (23) | B56: 工事監理者届 | C56: 070123 | D56: 070620
A57: (24) | B57: 工事施工者届 | C57: 070123 | D57: 070620
A58: (25) | B58: 確認審査追加説明書 | E58: 070802 | F58: 071005
A59: (26) | B59: 完了検査追加説明書 | E59: 070802
A60: (27) | B60: 軽微な変更説明書 | E60: 070827
B62: プルダウンメニュー値一覧 | C62: 070226 | D62: 070620
B63: 主要用途一覧 | C63: 070123 | D63: 070620
